 Dungeon Crawl Stone Soup version 0.32-a0-814-g0968bab981 (webtiles) character file.

Game seed: 16181856957570322191

5871059 Xpym the Annihilator (level 27, 273/273 HPs)
             Began as a Ghoul Earth Elementalist on Mar 16, 2024.
             Was an Initiate of Gozag.
             Escaped with the Orb
             ... and 11 runes on Apr 3, 2024!
             The game lasted 14:11:55 (195561 turns).

Xpym the Annihilator (Ghoul Earth Elementalist)   Turns: 195561, Time: 14:11:56

Health: 273/273    AC: 54    Str: 38    XL:     27
Magic:  61/63      EV: 24    Int: 45    God:    Gozag
Gold:   77252      SH:  0    Dex: 20    Spells: 3/80 levels left

rFire   + + .        a - +3 Elemental Staff {ele, rElec rF+ rC+ AC+3}
rCold   + + +        I - orb {mayhem}
rNeg    + + +        q - +8 orange crystal plate armour {Archmagi, Int+3 Clar}
rPois   ∞            g - +0 helmet of Cynicism {Str+4 Dex+3 Slay+2 SInv}
rElec   +            P - +1 cloak of the Blessed Realm {+Inv Will+ Dex+2}
rCorr   +            r - +0 pair of gloves "Eproalae" {+Inv Int+5 Dex+3}
SInv    +            j - +2 pair of boots of the Wonderful God {Will+ rCorr MP+9}
Will    ++++.        o - macabre finger necklace {Finger+ rN+}
Stlth   +            U - ring "Kicisegaon" {rF+ rC+ Str+6 Int+2}
HPRegen 0.65/turn    D - ring of Rublem {+Blink Str+6 Int+3 Dex+3}
MPRegen 0.38/turn    k - ring "Nushrie" {rN+ Str+6 Int+8}

%: mayhem, clarity, archmagi
@: studying 2 skills
A: claws 1, cold resistance 1, negative energy resistance 3, inhibited
regeneration, torment resistance 2, devour on kill
0: Orb of Zot
}: 11/15 runes: decaying, slimy, silver, golden, abyssal, demonic, glowing,
magical, fiery, dark, gossamer
a: Renounce Religion, Evoke Blink, Evoke Invisibility, Potion Petition, Call
Merchant, Bribe Branch


You escaped.
You worshipped Gozag.
Gozag was exalted by your worship.
You visited 14 branches of the dungeon, and saw 60 of its levels.
You visited Pandemonium 2 times, and saw 14 of its levels.
You visited the Abyss 3 times.
You completed 7 ziggurats, and saw 189 of their levels.
You also visited: Trove, Gauntlet, Wizlab and Desolation.

You collected 271675 gold pieces.
You spent 11227 gold pieces at shops.
You paid 183196 gold pieces to Gozag.


Innate Abilities, Weirdness & Mutations

You are immune to poison.
You have sharp fingernails.
Your flesh is cold resistant. (rC+)
You are immune to negative energy. (rN+++)
You do not regenerate when monsters are visible.
You are immune to unholy pain and torment.
You thrive by killing the living.


   Skills:
 O Level 27 Fighting
 O Level 27 Short Blades
 O Level 27 Long Blades
 O Level 27 Axes
 O Level 27 Maces & Flails
 O Level 27 Polearms
 O Level 27 Staves
 O Level 27 Ranged Weapons
 O Level 27 Throwing
 O Level 27 Armour
 O Level 27 Dodging
 O Level 27 Stealth
 O Level 27 Shields
 O Level 27 Unarmed Combat
 O Level 27 Spellcasting
 O Level 27 Conjurations
 O Level 27 Hexes
 O Level 27 Summonings
 O Level 27 Necromancy
 O Level 27 Translocations
 O Level 27 Fire Magic
 O Level 27 Ice Magic
 O Level 27 Air Magic
 O Level 27 Earth Magic
 O Level 27 Alchemy
 O Level 27 Invocations
 O Level 27 Evocations


You had 3 spell levels left.
You knew the following spells:

 Your Spells              Type           Power      Damage    Failure   Level
f - Fire Storm            Conj/Fire      96%        8d24      1%          9
g - Chain Lightning       Conj/Air       96%        3d128     1%          9
i - Swiftness             Air            100%       N/A       0%          3
l - Maxwell's Capacitive  Air            96%        ∞         1%          8
n - Apportation           Tloc           100%       N/A       0%          1
o - Passage of Golubria   Tloc           100%       N/A       0%          4
t - Ignition              Fire           96%        3d24      1%          8
u - Disjunction           Tloc           83%        N/A       1%          8
B - Blink                 Tloc           100%       N/A       0%          2
S - Shatter               Erth           96%        3d69*     1%          9
X - Polar Vortex          Ice            96%        12d12*    1%          9
Y - Ozocubu's Refrigerat  Ice            96%        4d28      0%          7

Your spell library contained the following spells:

 Spells                   Type           Power      Damage    Failure   Level
 Foxfire                  Conj/Fire      100%       2x1d9     0%          1
 Freeze                   Ice            100%       1d10      0%          1
 Kiss of Death            Conj/Necr      100%       2d13      0%          1
 Magic Dart               Conj           100%       1d8       0%          1
 Necrotise                Necr           100%       1d9       0%          1
 Sandblast                Erth           100%       2d20      0%          1
 Shock                    Conj/Air       100%       1d9       0%          1
 Slow                     Hex            100%       N/A       0%          1
 Sting                    Conj/Alch      100%       1d9       0%          1
 Summon Small Mammal      Summ           100%       N/A       0%          1
 Call Imp                 Summ           100%       N/A       0%          2
 Cigotuvi's Dreadful Rot  Necr/Alch/Air  100%       N/A       0%          2
 Ensorcelled Hibernation  Hex/Ice        100%       N/A       0%          2
 Jinxbite                 Hex            100%       N/A       0%          2
 Lesser Beckoning         Tloc           100%       N/A       0%          2
 Mercury Vapours          Alch/Air       100%       N/A       0%          2
 Momentum Strike          Conj/Tloc      100%       3d10      0%          2
 Scorch                   Fire           100%       2d9       0%          2
 Searing Ray              Conj           100%       2d8       0%          2
 Static Discharge         Conj/Air       100%       3-8/arc   0%          2
 Call Canine Familiar     Summ           100%       N/A       0%          3
 Confusing Touch          Hex            100%       N/A       0%          3
 Dazzling Flash           Conj/Hex       100%       N/A       0%          3
 Frozen Ramparts          Ice            100%       1d16      0%          3
 Fugue of the Fallen      Necr           100%       N/A       0%          3
 Gell's Gravitas          Tloc           100%       N/A       0%          3
 Hailstorm                Conj/Ice       100%       3d16      0%          3
 Inner Flame              Hex/Fire       100%       N/A       0%          3
 Mephitic Cloud           Conj/Alch/Air  100%       N/A       0%          3
 Ozocubu's Armour         Ice            100%       N/A       0%          3
 Passwall                 Erth           100%       N/A       0%          3
 Sigil of Binding         Hex            100%       N/A       0%          3
 Stone Arrow              Conj/Erth      100%       3d13      0%          3
 Summon Ice Beast         Ice/Summ       100%       N/A       0%          3
 Teleport Other           Tloc           100%       N/A       0%          3
 Tukima's Dance           Hex            100%       N/A       0%          3
 Vampiric Draining        Necr           100%       2d13      0%          3
 Volatile Blastmotes      Fire/Tloc      100%       2d18      0%          3
 Airstrike                Air            96%        2d(14-30) 0%          4
 Anguish                  Hex/Necr       83%        N/A       0%          4
 Animate Armour           Summ/Erth      100%       N/A       0%          4
 Brom's Barrelling Bould  Conj/Erth      100%       2d11      0%          4
 Cause Fear               Hex            83%        N/A       0%          4
 Dimensional Bullseye     Hex/Tloc       83%        N/A       0%          4
 Dispel Undead            Necr           100%       3d31      0%          4
 Flame Wave               Conj/Fire      100%       2d21      0%          4
 Fulminant Prism          Conj/Alch      83%        3d33      0%          4
 Ignite Poison            Fire/Alch      100%       N/A       0%          4
 Iskenderun's Mystic Bla  Conj/Tloc      100%       2d19      0%          4
 Leda's Liquefaction      Alch/Erth      96%        N/A       0%          4
 Manifold Assault         Tloc           100%       N/A       0%          4
 Martyr's Knell           Necr/Summ      100%       N/A       0%          4
 Olgreb's Toxic Radiance  Alch           100%       N/A       0%          4
 Petrify                  Alch/Erth      100%       N/A       0%          4
 Sticky Flame             Fire/Alch      100%       2d15      0%          4
 Summon Blazeheart Golem  Fire/Summ      100%       N/A       0%          4
 Summon Lightning Spire   Summ/Air       100%       N/A       0%          4
 Vhi's Electric Charge    Tloc/Air       100%       N/A       0%          4
 Alistair's Intoxication  Alch           100%       N/A       0%          5
 Arcjolt                  Conj/Air       96%        1d106     0%          5
 Borgnjor's Vile Clutch   Necr/Erth      96%        N/A       0%          5
 Curse of Agony           Necr           100%       N/A       0%          5
 Fireball                 Conj/Fire      96%        3d35      0%          5
 Freezing Cloud           Conj/Ice/Air   100%       6-21      0%          5
 Irradiate                Conj/Alch      83%        3d39      0%          5
 Iskenderun's Battlesphe  Conj           100%       2d15      0%          5
 Lee's Rapid Deconstruct  Erth           96%        3d42*     0%          5
 Metabolic Englaciation   Hex/Ice        96%        N/A       0%          5
 Silence                  Hex/Air        96%        N/A       0%          5
 Summon Forest            Summ/Tloc      83%        N/A       0%          5
 Summon Mana Viper        Hex/Summ       100%       N/A       0%          5
 Yara's Violent Unravell  Hex/Alch       83%        3d30      0%          5
 Bombard                  Conj/Erth      96%        9d15      0%          6
 Conjure Ball Lightning   Conj/Air       96%        3x3d37    0%          6
 Death Channel            Necr           83%        N/A       0%          6
 Dispersal                Tloc           83%        N/A       0%          6
 Eringya's Noxious Bog    Alch           83%        4d6       0%          6
 Permafrost Eruption      Ice/Erth       100%       2x4d27    0%          6
 Plasma Beam              Fire/Air       100%       2x1d120   0%          6
 Sculpt Simulacrum        Ice/Alch       96%        N/A       0%          6
 Starburst                Conj/Fire      96%        6d24      0%          6
 Summon Cactus Giant      Summ           83%        N/A       0%          6
 Enfeeble                 Hex            83%        N/A       0%          7
 Haunt                    Necr/Summ      83%        N/A       0%          7
 Malign Gateway           Summ/Tloc      83%        N/A       0%          7
 Monstrous Menagerie      Summ           83%        N/A       0%          7
 Orb of Destruction       Conj           83%        9d18      0%          7
 Spellforged Servitor     Conj/Summ      83%        N/A       0%          7
 Summon Hydra             Summ           83%        N/A       0%          7
 Discord                  Hex            83%        N/A       1%          8
 Infestation              Necr           83%        N/A       1%          8
 Lehudib's Crystal Spear  Conj/Erth      96%        10d21     1%          8
 Summon Horrible Things   Summ           83%        N/A       1%          8
 Dragon's Call            Summ           83%        N/A       1%          9
 Sublimation of Blood     Necr           Unusable   N/A       N/A         2
 Animate Dead             Necr           Unusable   N/A       N/A         4

Inventory:

Hand Weapons
 a - the +3 Elemental Staff (weapon) {ele, rElec rF+ rC+ AC+3}
   (You acquired it in Pandemonium)

   AC+3:      It affects your AC (+3).
   rF+:       It protects you from fire.
   rC+:       It protects you from cold.
   rElec:     It insulates you from electricity.
 b - the +8 mithril axe "Arga" {speed, Will+}
   (You found it on level 5 of the Pits of Slime)

   Will+:     It increases your willpower.
 n - the +5 Force Lance {heavy, knockback}
   (You found it on level 10 of a ziggurat)
 w - the +12 morningstar "Launaol" {distort, MP+9 Dex+5}
   (You took it off a deep elf annihilator on level 3 of the Elven Halls)

   Dex+5:     It affects your dexterity (+5).
   MP+9:      It affects your magic capacity (+9).
 E - the +8 lance "Wyrmbane" {slay drac, rPois rF+ rC+ AC+3}
   (You found it on level 15 of a ziggurat)

   AC+3:      It affects your AC (+3).
   rF+:       It protects you from fire.
   rC+:       It protects you from cold.
   rPois:     It protects you from poison.
 F - the +27 heavy crossbow "Sniper" {heavy, Acc+∞ SInv}
   (You found it on level 21 of a ziggurat)

   Acc+∞: It never misses its target.
   SInv:      It lets you see invisible.
 H - the +10 zealot's sword {holy, Zealotry, *Rage rN+ EV+3}
   (You found it on level 21 of a ziggurat)

   Zealotry:  Whenever the wielder enters a berserk rage, their allies are
   berserked alongside them.
   EV+3:      It affects your evasion (+3).
   rN+:       It protects you from negative energy.
   *Rage:     It berserks you when you make melee attacks (+20% chance).
 M - the +7 sceptre of Torment {pain, torment}
   (You found it on level 27 of a ziggurat)
Missiles
 v - 241 silver javelins (quivered)
 x - 25 throwing nets {=f}
Armour
 g - the +0 helmet of Cynicism (worn) {Str+4 Dex+3 Slay+2 SInv}
   (You found it on level 12 of a ziggurat)

   Str+4:     It affects your strength (+4).
   Dex+3:     It affects your dexterity (+3).
   Slay+2:    It affects your accuracy & damage with ranged weapons and melee
   (+2).
   SInv:      It lets you see invisible.
 j - the +2 pair of boots of the Wonderful God (worn) {Will+ rCorr MP+9}
   (You found it on level 21 of a ziggurat)

   Will+:     It increases your willpower.
   MP+9:      It affects your magic capacity (+9).
   rCorr:     It protects you from acid and corrosion.
 q - the +8 orange crystal plate armour (worn) {Archmagi, Int+3 Clar}
   (You found it on level 9 of a ziggurat)

   Int+3:     It affects your intelligence (+3).
   Clar:      It protects you from confusion, rage, mesmerisation and fear.
 r - the +0 pair of gloves "Eproalae" (worn) {+Inv Int+5 Dex+3}
   (You bought it in a shop on level 4 of the Depths)

   Int+5:     It affects your intelligence (+5).
   Dex+3:     It affects your dexterity (+3).
   +Inv:      It lets you turn invisible.
 t - the +3 Mad Mage's Maulers {Infuse+∞ VampMP -Cast}
   (You acquired it on level 14 of a ziggurat)

   Infuse+∞: It empowers its wearer's blows with all of their magic.
   VampMP:    Blows struck in melee replenish the wearer's magic.
   -Cast:     It prevents spellcasting.
 A - the +0 cloak "Oloqyec" {MP+9 Str+4}
   (You acquired it on level 14 of a ziggurat)

   Str+4:     It affects your strength (+4).
   MP+9:      It affects your magic capacity (+9).
 I - an orb of mayhem (worn)
 K - the +1 pair of boots "Venost" {rElec Regen+ Stlth+}
   (You acquired it on level 23 of a ziggurat)

   rElec:     It insulates you from electricity.
   Regen+:    It increases your rate of health regeneration.
   Stlth+:    It makes you more stealthy.
 P - the +1 cloak of the Blessed Realm (worn) {+Inv Will+ Dex+2}
   (You found it on level 24 of a ziggurat)

   Dex+2:     It affects your dexterity (+2).
   Will+:     It increases your willpower.
   +Inv:      It lets you turn invisible.
Jewellery
 k - the ring "Nushrie" (on amulet) {rN+ Str+6 Int+8}
   (You found it on level 18 of a ziggurat)

   [ring of strength]

   Str+6:     It affects your strength (+6).
   Int+8:     It affects your intelligence (+8).
   rN+:       It protects you from negative energy.
 o - the macabre finger necklace (around neck) {Finger+ rN+}
   (You found it on level 14 of a ziggurat)

   [amulet of nothing]

   Finger+:   It enables you to equip an extra ring.
   rN+:       It protects you from negative energy.
 C - the ring of Usmiq {rC+ Str+6 Int+2 SInv}
   (You acquired it on level 14 of a ziggurat)

   [ring of strength]

   Str+6:     It affects your strength (+6).
   Int+2:     It affects your intelligence (+2).
   rC+:       It protects you from cold.
   SInv:      It lets you see invisible.
 D - the ring of Rublem (right hand) {+Blink Str+6 Int+3 Dex+3}
   (You found it on level 20 of a ziggurat)

   [ring of strength]

   Str+6:     It affects your strength (+6).
   Int+3:     It affects your intelligence (+3).
   Dex+3:     It affects your dexterity (+3).
   +Blink:    It lets you blink.
 L - a ring of the Octopus King {rN+ HP+2 AC+2 EV+2 SH+2}
   (You found it on level 23 of a ziggurat)

   [ring of positive energy]

   AC+2:      It affects your AC (+2).
   EV+2:      It affects your evasion (+2).
   rN+:       It protects you from negative energy.
   HP+2:      It affects your health (+2).
   SH+2:      It affects your SH (+2).
 U - the ring "Kicisegaon" (left hand) {rF+ rC+ Str+6 Int+2}
   (You acquired it on level 23 of a ziggurat)

   [ring of strength]

   Str+6:     It affects your strength (+6).
   Int+2:     It affects your intelligence (+2).
   rF+:       It protects you from fire.
   rC+:       It protects you from cold.
Wands
 u - a wand of acid (372)
 B - a wand of iceblast (538)
Scrolls
 l - 74 scrolls of blinking
 y - 9 scrolls of summoning
 J - 191 scrolls of teleportation {@r2}
 T - 124 scrolls of fog
Potions
 c - 11 potions of ambrosia
 h - 11 potions of invisibility
 i - 48 potions of cancellation
 m - 14 potions of brilliance
 p - 49 potions of curing {@q1}
 s - 33 potions of magic
 N - 28 potions of heal wounds {@q2}
 X - 44 potions of haste {@q3}
Miscellaneous
 d - the horn of Geryon
 e - a lightning rod (4/4)
 f - a phantom mirror
 z - 2 +7 figurines of a ziggurat
 G - a phial of floods

Dungeon Overview and Level Annotations

Branches:
Dungeon (15/15)            Temple (1/1) D:7            Lair (5/5) D:9
  Swamp (4/4) Lair:2       Spider (4/4) Lair:2        Slime (5/5) Lair:5
    Orc (2/2) D:12            Elf (3/3) Orc:2        Vaults (5/5) D:14
  Crypt (3/3) Vaults:2       Tomb (3/3) Crypt:3      Depths (4/4) D:15
   Hell (visited)             Dis (0/7) Hell            Geh (0/7) Hell
    Coc (0/7) Hell            Tar (0/7) Hell            Zot (5/5) Depths:4
 WizLab (visited)         Desolation (visited)      Gauntlet (visited)

Altars:
Ashenzari
Cheibriados
Dithmenos
Fedhas
Gozag
Hepliaklqana
Kikubaaqudgha
Makhleb
Nemelex Xobeh
Okawaru
Qazlal
Ru
Sif Muna
Trog
Uskayaw
Vehumet
Wu Jian
Xom
Yredelemnul
Beogh
Jiyva
Lugonu

Shops:
D:3 (   Orc:1 *   Orc:2 [([[   Elf:1 (   Vaults:4 =*((   Vaults:5 =?!=
Depths:1 =   Depths:2 =   Depths:3 =:*(   Depths:4 ([[[?=[[[!**?[=[**[[[[[[[[=[

Portals:
Hell: Depths:1 Depths:2 Depths:3 Depths:4
Abyss: Depths:1 Depths:3
Pandemonium: Depths:2 Depths:3 Depths:4

Annotations:
Depths:1 3 runed translucent doors

#################
#................
##.#.#####.....###
######..#.#............
#######.............#.....###
#.......[##+++##..#.##....#
#.######.#.....#..#.#####.#
#.# #.[.#.....#.##.# ##.##
##.##
#.#.#..@..#.##(####...##
#...#
#.#.#.....#.#...÷>......
#.#.#
#...##'''##....####...##
#...# #.#........###.# ##.##
##.## #.#.#..###.(.#.# #.#
##.# #.#.#.## ###.#.# #.#
##..####.#.#.######.#.#####.#
#.#......#.#.#...........##.#
##..######.#.#.#####.#.#.##.#


There were no monsters in sight!


Message History

There is a stone staircase leading down here.
There is a stone staircase leading up here.
You climb upwards.
There is a stone staircase leading down here.
You see here a potion of berserk rage {!q}.
You see here a hobgoblin skeleton.
Things that are here:
a +0 short sword; an orc skeleton You see here a bullfrog skeleton.
There is a stone staircase leading up here.
You climb upwards.
There is a stone staircase leading down here.
There is a stone staircase leading up here.
You climb upwards.
There is a stone staircase leading down here.
An ice devil comes into view.
Casting: Chain Lightning (mildly dangerous; 1% risk of failure)
Confirm with . or Enter, or press ? or * to list all spells.
You feel a strong surge of power! Lightning arcs from your hands!
The bolt of lightning hits the ice devil!!!
You kill the ice devil!
Ythrum Afob comes into view.
There is a stone staircase leading up here.
You climb upwards.
There is a stone staircase leading down here.
Okay, then.
You see here a stone.
There is an open gate here.
There is a staircase leading out of the dungeon here.
You have escaped!

Skill      XL: |  1  2  3  4  5  6  7  8  9 10 11 12 13 14 15 16 17 18 19 20 21 22 23 24 25 26 27 |
---------------+----------------------------------------------------------------------------------+-----
Conjurations   | 1 2 3 4 6 7 8 9 10 12 27 | 27.0
Spellcasting   | 2 3 5 7 8 11 13 14 15 16 17 18 27 | 27.0
Earth Magic    | 4 5 6 7 8 9 14 16 19 22 27 | 27.0
Shields        | 1 5 27 | 27.0
Fire Magic     | 3 7 9 10 11 13 27 | 27.0
Stealth        | 4 5 27 | 27.0
Fighting       | 2 5 7 9 10 13 14 15 16 18 27 | 27.0
Armour         | 2 3 4 5 7 8 27 | 27.0
Translocations | 2 3 4 27 | 27.0
Evocations     | 1 3 5 6 8 9 27 | 27.0
Throwing       | 3 5 27 | 27.0
Alchemy        | 3 4 5 27 | 27.0
Dodging        | 2 5 7 8 27 | 27.0
Ice Magic      | 5 6 9 10 14 16 19 21 22 27 | 27.0
Air Magic      | 5 27 | 27.0
Axes           | 27 | 27.0
Short Blades   | 27 | 27.0
Long Blades    | 27 | 27.0
Staves         | 27 | 27.0
Ranged Weapons | 27 | 27.0
Unarmed Combat | 27 | 27.0
Hexes          | 27 | 27.0
Summonings     | 27 | 27.0
Necromancy     | 27 | 27.0
Invocations    | 27 | 27.0
Maces & Flails | 27 | 27.0
Polearms       | 27 | 27.0

Action                     |  1- 3 |  4- 6 |  7- 9 | 10-12 | 13-15 | 16-18 | 19-21 | 22-24 | 25-27 || total
---------------------------+-------+-------+-------+-------+-------+-------+-------+-------+-------++-------
  Melee: Flail             |       |       |     2 |     5 |     2 |    10 |       |       |       ||    19
         Staff             |       |       |       |       |     4 |     3 |     6 |       |    20 ||    33
   Fire: Sling             |       |    13 |    74 |    28 |       |       |       |       |     2 ||   117
  Throw: Dart              |       |     8 |    11 |    46 |    28 |    41 |     2 |       |       ||   136
         Javelin           |       |       |       |       |       |       |       |       |    32 ||    32
   Cast: Sandblast         |    38 |    86 |   129 |    58 |    24 |    22 |    16 |       |       ||   373
         Stone Arrow       |       |     6 |    68 |   184 |   384 |   196 |       |       |       ||   838
         Flame Wave        |       |       |       |    25 |    42 |    47 |    16 |     2 |       ||   132
         Magic Dart        |       |       |       |    46 |   150 |   108 |       |       |       ||   304
         Volatile Blastmot |       |       |       |    21 |    38 |     2 |       |       |       ||    61
         Sticky Flame      |       |       |       |     4 |    19 |    28 |     7 |       |       ||    58
         Iskenderun's Myst |       |       |       |       |    17 |    26 |    19 |     4 |       ||    66
         Bombard           |       |       |       |       |    54 |   171 |    38 |    23 |    34 ||   320
         Permafrost Erupti |       |       |       |       |       |   218 |   427 |   319 |  1208 ||  2172
         Lee's Rapid Decon |       |       |       |       |       |     5 |    72 |    12 |       ||    89
         Blink             |       |       |       |       |       |     1 |     2 |     2 |     9 ||    14
         Ozocubu's Refrige |       |       |       |       |       |       |    27 |    59 |   240 ||   326
         Shatter           |       |       |       |       |       |       |       |   112 |   794 ||   906
         Apportation       |       |       |       |       |       |       |       |     4 |    10 ||    14
         Swiftness         |       |       |       |       |       |       |       |     1 |     3 ||     4
         Lehudib's Crystal |       |       |       |       |       |       |       |    20 |   144 ||   164
         Polar Vortex      |       |       |       |       |       |       |       |     2 |   367 ||   369
         Ignition          |       |       |       |       |       |       |       |       |   733 ||   733
         Chain Lightning   |       |       |       |       |       |       |       |       |   349 ||   349
         Plasma Beam       |       |       |       |       |       |       |       |       |   107 ||   107
         Fire Storm        |       |       |       |       |       |       |       |       |   100 ||   100
         Maxwell's Capacit |       |       |       |       |       |       |       |       |    41 ||    41
         Disjunction       |       |       |       |       |       |       |       |       |    23 ||    23
 Invoke: Potion Petition   |       |       |       |       |       |       |       |       |   263 ||   263
         Call Merchant     |       |       |       |       |       |       |       |       |    27 ||    27
Ability: Evoke Invisibilit |       |       |       |       |       |       |       |       |   111 ||   111
         Evoke Blink       |       |       |       |       |       |       |       |       |     4 ||     4
  Evoke: Wand              |       |       |     1 |     5 |     4 |    12 |     9 |     1 |     8 ||    40
         Condenser vane    |       |       |       |       |     1 |       |       |       |       ||     1
         Lightning rod     |       |       |       |       |       |       |     5 |     4 |     2 ||    11
         Figurine of a zig |       |       |       |       |       |       |       |       |     6 ||     6
         Phial of floods   |       |       |       |       |       |       |       |       |     1 ||     1
    Use: Scroll            |       |       |     5 |    12 |    12 |     6 |    13 |     5 |    47 ||   100
         Potion            |       |       |     3 |     5 |     4 |     2 |       |       |    69 ||    83
 Armour: Robe              |     6 |    41 |    44 |    18 |   199 |   273 |    33 |       |       ||   614
         Troll leather arm |       |       |       |   110 |    11 |       |       |       |       ||   121
         Leather armour    |       |       |       |       |       |    42 |   155 |   108 |   442 ||   747
         Quicksilver drago |       |       |       |       |       |       |       |       |   771 ||   771
         Crystal plate arm |       |       |       |       |       |       |       |       |   740 ||   740
  Dodge: Dodged            |     6 |    33 |    47 |   109 |   188 |   229 |   131 |    48 |   798 ||  1589
  Block: Buckler           |       |       |    16 |    61 |    85 |    93 |    59 |    33 |   163 ||   510
         Reflection        |       |       |       |       |     3 |    18 |    12 |     6 |    12 ||    51

Levels and vault maps discovered:
D:1:      dpeg_arrival_windows_large_door, layout_loops_ring,
          ebering_ecumenical_altar_box, chequers_decorated_corner,
          bh_walls_and_bars
D:2:      layout_rooms
D:3:      layout_loops_ring, nicolae_hepliaklqana_monster_ancestors,
          led_sif_book, serial_shops, nicolae_shop_bloodbath_and_beyond,
          dreamdust_princess_bridge, minmay_misc_feat_cross, minmay_diced_spiral
D:4:      layout_layer_cave, lemuel_coloured_pillars_altar, tso_altar,
          minmay_manual_monstrance, uniq_robin, uniq_eustachio
D:5:      layout_basic, cheibrodos_ashenzari_chains, moated_statue,
          kennysheep_generic_room_11
D:6:      layout_loops_cross
D:7:      minmay_chambers_of_sevens, layout_rooms, slow_altar_2,
          grunt_temple_overflow_open, minmay_temple_entry_hall
D:8:      layout_loops_ring
D:9:      layout_basic, mainiacjoe_overflow_catwalk, erik_lair_dragon,
          ebering_ghost_reflecting_pool, chequers_hall_statues_y
D:10:     minmay_tri_box, layout_loops_corners, uniq_urug
D:11:     layout_roguey, corexii_checkpoint
D:12:     layout_irregular_city, orc_0_dummy
D:13:     layout_small_grid, st_stairs_11
D:14:     layout_loops_ring, erik_vaults_1, chequers_avenue, bloody_makhleb
D:15:     grunt_enter_depths_giant_problem, layout_loops_ring,
          corexii_corridor_pit, uniq_nessos
Temple:   nicolae_temple_ecumenical_triangle
Lair:1:   layout_cave_pods, portal_ice_cave_entry_pillars_1, basic_altar,
          uniq_grum
Lair:2:   layout_gridlike, mainiacjoe_swamp_entry_angry_trees,
          spider_nest_entry_a
Lair:3:   wander_river, layout_regular_city, serial_forest,
          infiniplex_forest_straight_4, infiniplex_forest_corner_1,
          infiniplex_forest_clump_double, infiniplex_forest_clump_small,
          infiniplex_forest_lined_1, infiniplex_forest_end_1,
          chequers_serial_rivers_marsh, lemuel_fruit_fields,
          lemuel_fruit_fields, infiniplex_staircase_pool_2, serial_bayou_shore_b
Lair:4:   layout_layer_cave, ebering_ghost_xom, basic_altar,
          infiniplex_staircase_pool
Lair:5:   due_jungle_book, layout_regular_city, slime_entry_1,
          gauntlet_entry_generic, ebering_ghost_reflecting_pool,
          grunt_megastairs_1
Swamp:1:  layout_basic_swamp, gammafunk_ghost_split, serial_swamp_ruin,
          evilmike_swamp_ruin_house_4, evilmike_swamp_ruin_house_6,
          evilmike_swamp_ruin_rubble_2
Swamp:2:  layout_basic_swamp, gammafunk_ghost_arena, nicolae_swamp_bean_lake
Swamp:3:  layout_falls_marsh, evilmike_swamp_ruin_rubble_1, swamp_pool_3,
          nicolae_swamp_decorative_isthmus
Swamp:4:  swamp_fiery, layout_basic_swamp
Spider:1: layout_spider_delve, drop_trap
Spider:2: layout_spider_delve
Spider:3: layout_spider_delve, drop_trap, uniq_arachne
Spider:4: grunt_spider_rune_circles, nicolae_spider_some_kinda_spiderbox
Slime:1:  layout_caves, cheibrodos_slime_lost_civilization_5
Slime:2:  layout_caves
Slime:3:  layout_caves, uniq_dissolution
Slime:4:  layout_caves
Slime:5:  slime_pit_nicolae_inversion
Orc:1:    layout_caves, nicolae_orc_beogh_chapel, nicolae_shop_clearance,
          uniq_snorg
Orc:2:    st_orc_ogre_mass, layout_caves
Elf:1:    eino_elf_arrival_shootout, layout_geoelf_octagon, serial_shops, shop,
          nicolae_trove_entry_diagonal, guppyfry_library_mini, hex_tiny,
          dk_noncrumbling_2, serial_library_hellmonk_octagon, uniq_agnes
Elf:2:    elven_hall_of_blades_hangedman_original [nicolae_blade_bullseye],
          layout_onion_city, gammafunk_ghost_wrathful_warriors
Elf:3:    elf_hall, layout_geoelf_grid, minmay_fountain_box, uniq_donald,
          uniq_saint_roka, uniq_louise
Vaults:1: vaults_mumra_hex, hangedman_vaults_slice, nicolae_vaults_house_2,
          nicolae_vaults_diamond_1, vaults_mumra_minichess,
          nicolae_vaults_oozy_zoo, nicolae_vaults_specimen_jars,
          nicolae_vaults_ring_of_whatevers, layout_vaults_omnigrid
Vaults:2: portal_desolation_entry_holy_temple,
          nicolae_vaults_storage_room_doors, nicolae_vaults_tetromino_L_2,
          minmay_orc_keep, v_alt_pattern_4, nicolae_vaults_house_2,
          nicolae_vaults_heart-shaped_vault, v_misc_27,
          nicolae_vaults_apartment_2, st_quartered_hall,
          ontoclasm_vaults_loading_screen, vaults_room_pools, v_misc_4,
          nicolae_vaults_house_1, vaults_dpeg_hooks, nicolae_vaults_trapezoid_2,
          layout_vaults_ring, uniq_margery
Vaults:3: v_rooms_5, v_misc_18, v_misc_8, ontoclasm_vaults_ring_square,
          st_greater_box_3, ontoclasm_vaults_claustrophobia, v_alt_pattern_1,
          vaults_standard_mumra_x, nicolae_vaults_heist,
          nicolae_vaults_trapezoid_2, hangedman_vaults_hat,
          nicolae_vaults_turnstiles, nicolae_vaults_double_plus_1,
          vaults_dpeg_emergency_exit, layout_vaults_maze
Vaults:4: vaults_room_grunt_arrival_ludios, hangedman_vaults_trim,
          ontoclasm_vaults_gateway, nicolae_vaults_mitosis,
          nicolae_vaults_hallways_thing, nicolae_vaults_variable_pillar_hall,
          v_pattern_4, nicolae_vaults_security_offices_5, v_misc_23,
          nicolae_vaults_tetromino_Z_1, vaults_room_door_ring,
          nicolae_vaults_storage_room_statues, layout_vaults_big_cross,
          serial_shops, nicolae_shop_peninsula, nicolae_shop_stone,
          nicolae_shop_overgrown_old_shop, nicolae_shop_crystal, uniq_mara
Vaults:5
Crypt:1:  layout_basic, special_room [special_room_morgue], mu_enter_wizlab_2,
          nzn_life_drinkers, uniq_grunn, uniq_sojobo
Crypt:2:  layout_chaotic_city, lemuel_hellish_altar
Crypt:3:  church_of_pain_bobbens, layout_chaotic_city, tomb_entry_shell_bobbens
Tomb:1
Tomb:2
Tomb:3
Depths:1: minmay_the_grid_triangle_9x9_line_8_mashed
          [minmay_the_grid_triangle_9x9_corrupted_corridor,
          minmay_the_grid_triangle_9x9_impossible_snake,
          minmay_the_grid_triangle_9x9_sparse_checkered,
          minmay_the_grid_triangle_9x9_sprig,
          minmay_the_grid_triangle_9x9_empty,
          minmay_the_grid_triangle_9x9_longest,
          minmay_the_grid_triangle_9x9_odd_lines,
          minmay_the_grid_triangle_9x9_prize_schism], layout_small_grid,
          hangedman_ru_absence, serial_shops, shop, pf_hell_entry_tar_spiral,
          abyss_entry, gammafunk_ghost_cemetery, dancing_weapons_uskayaw
Depths:2: minmay_inner_zag, layout_basic, hangedman_coc_ice_floe,
          serial_sigils_hangedman_snap, serial_shops,
          nicolae_shop_advertising_works [nicolae_subvault_shop_adworks],
          rand_demon_pan_entry_4
Depths:3: minmay_tearing_corner, layout_honeycomb, pan_entry, abyss_entry,
          hell_entry, gammafunk_ghost_ooze, serial_library_hellmonk_open_square,
          led_xom_imps, minmay_shoptagon
Depths:4: grunt_twist_and_shout, layout_cave_pools, enter_ziggurat_a,
          serial_shops, shop, rand_demon_pan_entry_3, hell_entry,
          serial_bayou_pond_c
Hell
Zot:1:    layout_misc_corridors, regret_index_zotdec_serpentine_coiled,
          grunt_megastairs_5
Zot:2:    nicolae_zot_draconian_monastery, layout_basic, st_stairs_4,
          uniq_tiamat
Zot:3:    grunt_zot_stairs_faceoff, layout_misc_corridors,
          hellmonk_ghost_happy_afterlife, uniq_parghit
Zot:4:    gammafunk_its_a_trap, layout_cathedral_of_symmetry
Zot:5:    layout_basic

Notes
Turn   | Place    | Note
-------+----------+-------------------------------------------
     0 | D:1      | Xpym the Ghoul Earth Elementalist began the quest for the
                  | Orb.
     0 | D:1      | Reached XP level 1. HP: 14/14 MP: 3/3
   136 | D:1      | Reached skill level 1 in Conjurations
   320 | D:1      | Reached skill level 2 in Spellcasting
   320 | D:1      | Reached XP level 2. HP: 20/20 MP: 1/5
   416 | D:1      | Found a faded altar of an unknown god.
   864 | D:2      | Reached XP level 3. HP: 26/26 MP: 2/6
   868 | D:2      | Learned a level 3 spell: Passwall
  1129 | D:2      | Reached skill level 4 in Earth Magic
  1206 | D:2      | Identified the +2 scale mail of Words of Power {Harm rCorr
                  | Str+5 Dex-2}
  1314 | D:2      | Reached XP level 4. HP: 33/33 MP: 5/7
  1715 | D:3      | Reached skill level 2 in Conjurations
  1792 | D:3      | Noticed a black bear
  1902 | D:3      | Reached XP level 5. HP: 38/38 MP: 6/9
  2029 | D:3      | Learned a level 3 spell: Stone Arrow
  2089 | D:3      | Found a hazy altar of Hepliaklqana.
  2124 | D:3      | Found Qainaeke's Weapon Boutique.
  2136 | D:3      | Reached skill level 3 in Spellcasting
  2162 | D:3      | Bought a +0 sling for 19 gold pieces
  2461 | D:3      | Found a shimmering blue altar of Sif Muna.
  2999 | D:4      | Reached skill level 5 in Earth Magic
  2999 | D:4      | Reached XP level 6. HP: 39/45 MP: 2/10
  3060 | D:4      | Reached skill level 3 in Conjurations
  3157 | D:4      | Noticed Robin
  3366 | D:4      | Noticed Eustachio
  3686 | D:4      | Killed Robin
  3808 | D:4      | Found a sacrificial altar of Ru.
  3867 | D:3      | Killed a black bear
  3868 | D:3      | Reached skill level 6 in Earth Magic
  3868 | D:3      | Reached XP level 7. HP: 50/50 MP: 1/11
  3980 | D:4      | Reached skill level 4 in Conjurations
  4603 | D:4      | Killed Eustachio
  4604 | D:4      | Reached skill level 7 in Earth Magic
  4990 | D:5      | Entered Level 5 of the Dungeon
  4997 | D:5      | Reached XP level 8. HP: 20/57 MP: 4/12
  5390 | D:5      | Reached skill level 5 in Conjurations
  5944 | D:5      | Found a broken altar of Ashenzari.
  6520 | D:6      | Reached skill level 8 in Earth Magic
  7072 | D:6      | Reached skill level 6 in Conjurations
  7351 | D:6      | Reached skill level 1 in Shields
  7617 | D:7      | Noticed a hornet
  7626 | D:6      | Killed a hornet
  7627 | D:6      | Reached XP level 9. HP: 57/62 MP: 0/13
  7756 | D:7      | Found a staircase to the Ecumenical Temple.
  7762 | Temple   | Entered the Ecumenical Temple
  7785 | D:7      | Reached skill level 2 in Shields
  7785 | D:7      | Reached skill level 9 in Earth Magic
  7993 | D:7      | Reached skill level 3 in Shields
  8092 | D:7      | Found a radiant altar of Vehumet.
  8095 | D:7      | Found a basalt altar of Yredelemnul.
  8096 | D:7      | Found an ornate altar of the Wu Jian Council.
  8096 | D:7      | Found a bloodstained altar of Trog.
  8100 | D:7      | Became a worshipper of Vehumet
  8673 | D:7      | Reached skill level 4 in Shields
  8673 | D:7      | Reached skill level 1 in Fire Magic
  8943 | D:7      | Reached skill level 3 in Stealth
  8956 | D:7      | Noticed a cyclops
  8960 | D:7      | HP: 4/62 [gnoll sergeant/+0 spear (10)]
  9193 | D:7      | HP: 1/62 [orc warrior/arrow (15)]
  9415 | D:8      | Reached skill level 2 in Fire Magic
  9822 | D:8      | Noticed a two-headed ogre
  9929 | D:8      | Reached skill level 5 in Shields
  9935 | D:7      | Reached * piety under Vehumet
  9935 | D:7      | Offered knowledge of Magic Dart by Vehumet.
  9938 | D:7      | Learned a level 1 spell: Magic Dart
  9943 | D:7      | Learned a level 4 spell: Flame Wave
 10078 | D:8      | Reached skill level 4 in Stealth
 10078 | D:8      | Reached skill level 7 in Conjurations
 10078 | D:8      | Reached skill level 3 in Fire Magic
 10211 | D:8      | Reached XP level 10. HP: 69/69 MP: 7/14
 10407 | D:7      | Reached skill level 4 in Fire Magic
 10486 | D:8      | Reached skill level 5 in Stealth
 10606 | D:8      | Identified 2 potions of resistance
 10891 | D:9      | Noticed a two-headed ogre
 11324 | D:9      | Reached skill level 5 in Fire Magic
 11653 | D:9      | Reached ** piety under Vehumet
 11653 | D:9      | Offered knowledge of Foxfire by Vehumet.
 11726 | D:9      | Reached skill level 6 in Fire Magic
 11782 | D:9      | Reached skill level 8 in Conjurations
 11938 | D:9      | Found an iron altar of Okawaru.
 12356 | D:9      | Reached skill level 1 in Fighting
 12479 | D:9      | Reached skill level 1 in Armour
 12479 | D:9      | Reached skill level 7 in Fire Magic
 12624 | D:9      | Reached skill level 2 in Fighting
 12863 | D:9      | Found a staircase to the Lair.
 13056 | D:10     | Entered Level 10 of the Dungeon
 13056 | D:10     | Noticed Urug
 13366 | D:10     | Noticed a manticore
 13369 | D:10     | Killed a manticore
 13370 | D:10     | Reached skill level 2 in Armour
 13370 | D:10     | Reached XP level 11. HP: 78/81 MP: 5/15
 13467 | D:10     | Noticed a skeletal warrior
 13518 | D:10     | Noticed a cyclops
 13552 | D:10     | Reached skill level 3 in Fighting
 14289 | Lair:1   | Entered Level 1 of the Lair of Beasts
 14419 | D:9      | HP: 7/82 [cane toad (14)]
 14547 | D:9      | Reached skill level 3 in Armour
 14547 | D:9      | Reached skill level 8 in Fire Magic
 14597 | Lair:1   | HP: 8/83 [black mamba (13)]
 14599 | Lair:1   | Reached skill level 4 in Fighting
 15032 | Lair:1   | Reached skill level 9 in Conjurations
 15171 | Lair:1   | Found a radiant altar of Vehumet.
 15175 | Lair:1   | Noticed Grum
 15360 | Lair:1   | Reached skill level 5 in Fighting
 15400 | Lair:1   | Offered knowledge of Volatile Blastmotes by Vehumet.
 15406 | Lair:1   | Learned a level 3 spell: Volatile Blastmotes
 15504 | Lair:1   | Identified a scroll of acquirement
 15505 | Lair:1   | Acquired 1097 gold pieces
 16378 | Lair:2   | Reached skill level 9 in Fire Magic
 16516 | Lair:2   | Reached skill level 4 in Spellcasting
 16516 | Lair:2   | Reached skill level 1 in Translocations
 16607 | Lair:2   | Noticed a seven-headed hydra
 16619 | Lair:2   | Killed a seven-headed hydra
 16705 | Lair:2   | Found a hole to the Spider Nest.
 16817 | Lair:2   | Noticed a seven-headed hydra
 16834 | Lair:2   | Killed a seven-headed hydra
 16835 | Lair:2   | Reached skill level 2 in Translocations
 17151 | Lair:2   | Noticed a spriggan druid
 17310 | Lair:3   | Reached skill level 5 in Spellcasting
 17573 | Lair:3   | Noticed a skyshark
 17581 | Lair:3   | Killed a skyshark
 17581 | Lair:3   | Reached *** piety under Vehumet
 17584 | Lair:3   | Noticed a skyshark
 17586 | Lair:3   | Noticed a five-headed hydra
 17671 | Lair:3   | Reached skill level 1 in Evocations
 17671 | Lair:3   | Reached XP level 12. HP: 94/94 MP: 12/20
 17672 | Lair:3   | Reached skill level 1 in Throwing
 17676 | Lair:2   | Reached skill level 3 in Translocations
 18039 | Lair:3   | Killed a skyshark
 18193 | Lair:3   | Killed a five-headed hydra
 18194 | Lair:3   | Reached skill level 2 in Throwing
 18194 | Lair:3   | Reached skill level 2 in Evocations
 18628 | Lair:3   | Reached skill level 6 in Fighting
 18628 | Lair:3   | Reached skill level 6 in Spellcasting
 18966 | Lair:3   | Offered knowledge of Iskenderun's Mystic Blast by Vehumet.
 18981 | Lair:3   | Learned a level 4 spell: Sticky Flame
 18986 | Lair:3   | Learned a level 4 spell: Iskenderun's Mystic Blast
 19084 | Lair:3   | Reached skill level 3 in Throwing
 19351 | Lair:3   | Reached skill level 10 in Fire Magic
 19351 | Lair:3   | Reached skill level 3 in Evocations
 19511 | Lair:3   | Reached skill level 1 in Alchemy
 20199 | Lair:4   | Reached skill level 2 in Alchemy
 20276 | Lair:4   | Noticed a death yak
 20285 | Lair:4   | Noticed a death yak
 20295 | Lair:4   | Killed a death yak
 20296 | Lair:4   | Reached skill level 7 in Fighting
 20303 | Lair:4   | Found a runed translucent door.
 20303 | Lair:4   | Found a shimmering altar of Xom.
 20303 | Lair:4   | Noticed Urontig's ghost (journeyman AtMo)
 20316 | Lair:4   | Noticed a death yak
 20407 | Lair:4   | Killed a death yak
 20586 | Lair:4   | Reached skill level 3 in Alchemy
 20631 | Lair:4   | Found a hazy altar of Hepliaklqana.
 20686 | Lair:4   | Reached skill level 7 in Spellcasting
 20810 | Lair:4   | Reached XP level 13. HP: 103/107 MP: 13/23
 21372 | Lair:4   | Reached skill level 8 in Fighting
 21373 | Lair:4   | Reached skill level 4 in Alchemy
 21529 | Lair:4   | Identified the +1 robe of the Valley {rF+ rN+ Regen+}
 21581 | Lair:4   | Identified the +7 eveningstar "Dein Wopott" {chaos, Int+5
                  | Dex+2}
 22177 | Lair:5   | Entered Level 5 of the Lair of Beasts
 22182 | Lair:5   | Reached **** piety under Vehumet
 22185 | Lair:5   | Identified a potion of experience
 22186 | Lair:5   | Reached skill level 9 in Fighting
 22186 | Lair:5   | Reached skill level 2 in Dodging
 22186 | Lair:5   | Reached XP level 14. HP: 118/118 MP: 20/25
 22240 | Lair:4   | Reached skill level 3 in Dodging
 22313 | Lair:5   | Offered knowledge of Arcjolt by Vehumet.
 22445 | Lair:4   | Reached skill level 4 in Throwing
 22514 | Lair:5   | Reached skill level 4 in Translocations
 22514 | Lair:5   | Reached skill level 4 in Evocations
 22632 | Lair:5   | Found a gate leading to a gauntlet.
 22643 | Gauntlet | Entered a Gauntlet
 22643 | Gauntlet | Found a transporter.
 22643 | Gauntlet | Found a transporter.
 22643 | Gauntlet | Found a transporter.
 22672 | Gauntlet | Found a transporter.
 22673 | Gauntlet | Found a transporter.
 22676 | Gauntlet | Found a transporter.
 22682 | Gauntlet | Found a transporter.
 22685 | Gauntlet | Found a transporter.
 22687 | Gauntlet | Found a transporter.
 22689 | Gauntlet | Found a transporter.
 22695 | Gauntlet | Found a transporter.
 22698 | Gauntlet | Found a transporter.
 22996 | Gauntlet | Reached skill level 1 in Ice Magic
 23153 | Gauntlet | Reached skill level 5 in Alchemy
 23593 | Lair:4   | Reached skill level 2 in Ice Magic
 23986 | Lair:5   | Reached skill level 4 in Dodging
 24077 | Lair:5   | Reached skill level 10 in Fighting
 24086 | Lair:4   | Reached skill level 5 in Throwing
 24086 | Lair:4   | Reached skill level 3 in Ice Magic
 24572 | Lair:5   | Found a staircase to the Slime Pits.
 24603 | Lair:5   | Found a runed translucent door.
 24614 | Lair:5   | Noticed Riskot's ghost (journeyman OpAl)
 24672 | Lair:5   | Reached skill level 5 in Evocations
 25281 | Lair:5   | Reached skill level 4 in Ice Magic
 25880 | Lair:5   | Reached skill level 5 in Dodging
 25945 | Lair:5   | Noticed a dire elephant
 25945 | Lair:5   | Noticed a dire elephant
 26379 | D:3      | Got Sif Muna's Atlas of Carcasses
 26551 | D:3      | Found a shimmering blue altar of Sif Muna.
 26616 | D:3      | Found Qainaeke's Weapon Boutique.
 26634 | D:3      | Found a hazy altar of Hepliaklqana.
 27362 | D:7      | Found a snail-covered altar of Cheibriados.
 27512 | D:7      | Reached skill level 5 in Ice Magic
 27685 | D:7      | Reached ***** piety under Vehumet
 28117 | Lair:1   | Killed Grum
 28117 | Lair:1   | Offered knowledge of Bombard by Vehumet.
 28252 | Lair:2   | Found a staircase to the Swamp.
 28585 | Lair:5   | Killed Riskot's ghost
 28586 | Lair:5   | Reached XP level 15. HP: 68/128 MP: 1/26
 28728 | Lair:5   | Learned a level 6 spell: Bombard
 30425 | D:12     | Found a staircase to the Orcish Mines.
 30443 | D:12     | Reached skill level 10 in Earth Magic
 31366 | D:12     | Got the Discursus on Glaciation and Gloom
 31553 | Orc:1    | Entered Level 1 of the Orcish Mines
 32327 | D:12     | Found a staircase to the Orcish Mines.
 32811 | D:12     | Reached skill level 11 in Earth Magic
 32957 | Orc:1    | Noticed Snorg
 33007 | Orc:1    | Found a roughly hewn altar of Beogh.
 33374 | Orc:2    | Entered Level 2 of the Orcish Mines
 33380 | Orc:2    | Noticed an orc warlord
 33513 | Orc:1    | Reached skill level 10 in Conjurations
 33636 | Orc:1    | Killed Snorg
 34025 | Orc:1    | Found Maalam's CLEARANCE SALE!.
 34036 | Orc:1    | Bought a potion of curing for 12 gold pieces
 34268 | Orc:2    | Found a staircase to the Elven Halls.
 34292 | Orc:1    | Killed an orc warlord
 34293 | Orc:1    | Reached skill level 12 in Earth Magic
 35663 | Orc:2    | Reached skill level 13 in Earth Magic
 36732 | Orc:2    | Found Fyfrinit's Armour Emporium.
 36732 | Orc:2    | Found Moirurch's Armour Boutique.
 36745 | Orc:2    | Reached skill level 6 in Ice Magic
 36891 | Orc:2    | Found Ymugu's Weapon Emporium.
 36891 | Orc:2    | Found Icomm's Armour Shop.
 37251 | Orc:2    | Bought a +2 buckler of reflection for 259 gold pieces
 37673 | D:13     | Reached skill level 8 in Spellcasting
 37673 | D:13     | Reached skill level 14 in Earth Magic
 38306 | D:13     | Reached XP level 16. HP: 127/136 MP: 8/28
 39500 | D:14     | Reached skill level 7 in Ice Magic
 39705 | D:14     | Found a burning altar of Makhleb.
 40467 | D:14     | Found a gate to the Vaults.
 40652 | D:15     | Entered Level 15 of the Dungeon
 40803 | D:15     | Noticed Nessos
 40990 | D:15     | Found a staircase to the Depths.
 41160 | D:15     | Reached skill level 8 in Ice Magic
 42025 | D:15     | Identified the +8 dagger of Objectivity {drain, rF- rC-
                  | Str+2 Dex+6}
 42358 | D:10     | Identified the amulet of Ignis's Envy {Acrobat rPois rC-
                  | Str+4 Int+2}
 42391 | D:10     | Reached skill level 9 in Spellcasting
 42998 | Swamp:1  | Entered Level 1 of the Swamp
 43216 | Swamp:1  | Offered knowledge of Lee's Rapid Deconstruction by Vehumet.
 43278 | Swamp:1  | Reached skill level 9 in Ice Magic
 43915 | Swamp:1  | Learned a level 5 spell: Lee's Rapid Deconstruction
 44015 | Swamp:1  | Found a runed translucent gate.
 44015 | Swamp:1  | Found a runed translucent gate.
 44016 | Swamp:1  | Found a runed translucent gate.
 44017 | Swamp:1  | Noticed fpsbossfight's ghost (adept SpBe)
 44082 | Swamp:1  | Reached skill level 10 in Spellcasting
 44236 | Swamp:1  | Noticed a thorn hunter
 44383 | Swamp:1  | Noticed a fenstrider witch
 44394 | Swamp:1  | Killed a fenstrider witch
 45619 | Swamp:2  | Reached skill level 11 in Spellcasting
 46418 | Swamp:2  | Noticed Filo's ghost (adept MiBe)
 46422 | Swamp:2  | Noticed a tentacled monstrosity
 46491 | Swamp:2  | Found a transporter.
 46618 | Swamp:2  | Found a transporter.
 46720 | Swamp:2  | Learned a level 2 spell: Blink
 46775 | Swamp:2  | Reached XP level 17. HP: 141/141 MP: 6/32
 47528 | Swamp:3  | Reached skill level 12 in Spellcasting
 48872 | Swamp:4  | Entered Level 4 of the Swamp
 48974 | Swamp:4  | Reached skill level 13 in Spellcasting
 49143 | Swamp:4  | Reached skill level 11 in Fighting
 49245 | Swamp:4  | Offered knowledge of Conjure Ball Lightning by Vehumet.
 49255 | Swamp:3  | Learned a level 6 spell: Permafrost Eruption
 49647 | Swamp:4  | Reached skill level 12 in Fighting
 50281 | Swamp:4  | Got a decaying rune of Zot
 50319 | Swamp:4  | Reached skill level 13 in Fighting
 50906 | Spider:1 | Entered Level 1 of the Spider Nest
 51260 | Spider:1 | Reached skill level 4 in Armour
 51261 | Spider:1 | Reached skill level 6 in Evocations
 51556 | Spider:1 | Reached XP level 18. HP: 102/157 MP: 13/35
 52563 | Spider:2 | Reached ****** piety under Vehumet
 52564 | Spider:2 | Reached skill level 5 in Armour
 52842 | Spider:2 | Offered knowledge of Starburst by Vehumet.
 52950 | Spider:2 | Reached skill level 7 in Evocations
 53258 | Spider:3 | Noticed Arachne
 54110 | Spider:3 | Killed Arachne
 54111 | Spider:3 | Reached skill level 14 in Fighting
 54759 | Spider:3 | Identified the +2 leather armour of Olicalug {Str+4 SInv}
 54760 | Spider:3 | Acquired 1020 gold pieces
 54940 | Spider:4 | Entered Level 4 of the Spider Nest
 55872 | Spider:4 | Reached skill level 10 in Ice Magic
 56313 | Spider:4 | Reached skill level 8 in Evocations
 56870 | Spider:4 | Offered knowledge of Plasma Beam by Vehumet.
 57096 | Spider:4 | Reached skill level 14 in Spellcasting
 57315 | Spider:4 | Got a gossamer rune of Zot
 57663 | Lair:5   | Reached XP level 19. HP: 161/168 MP: 22/37
 58653 | Swamp:1  | Killed fpsbossfight's ghost
 58792 | Swamp:1  | Reached skill level 11 in Ice Magic
 59034 | D:9      | Found a runed translucent door.
 59034 | D:9      | Noticed Mll's ghost (novice MiFi)
 59044 | D:9      | Killed Mll's ghost
 59046 | D:9      | Reached skill level 15 in Fighting
 59792 | D:9      | Killed Urug
 59979 | D:15     | Reached skill level 9 in Evocations
 60060 | D:15     | Killed Nessos
 60248 | Elf:1    | Entered Level 1 of the Elven Halls
 60992 | Elf:1    | Found Lamank's Weapon Shop.
 61764 | Elf:1    | Reached skill level 12 in Ice Magic
 61881 | Elf:1    | Found a portal to a secret trove of treasure.
 61904 | Elf:1    | You paid a toll of 4 scrolls of fog to enter a treasure
                  | trove
 61905 | Trove    | Entered a treasure trove
 61919 | Trove    | Got Qofah's Directory of Projective Calling
 61922 | Trove    | Learned a level 1 spell: Apportation
 61924 | Trove    | Got the Information on the Scintillating Crevasse
 61945 | Trove    | Got the Omnibus of Articulation
 61972 | Trove    | Got Sif Muna's Book of Non-Euclidean Confrontation
 61975 | Trove    | Got Sif Muna's Codex of the Coals
 62204 | Elf:1    | Noticed Agnes
 62397 | Elf:1    | Killed Agnes
 63082 | Elf:2    | Noticed shadizar's ghost (adept DjCj)
 63164 | Elf:2    | Offered knowledge of Eringya's Noxious Bog by Vehumet.
 63165 | Elf:2    | Reached skill level 15 in Spellcasting
 63266 | Elf:2    | Found a transporter.
 63267 | Elf:2    | Found a bloodstained altar of Trog.
 63472 | Elf:2    | Reached skill level 13 in Ice Magic
 63498 | Elf:3    | Entered Level 3 of the Elven Halls
 63498 | Elf:3    | Noticed Saint Roka
 64204 | Elf:2    | Reached skill level 14 in Ice Magic
 64293 | Elf:2    | Found a runed translucent gate.
 64293 | Elf:2    | Found a runed translucent gate.
 64293 | Elf:2    | Found a runed translucent gate.
 64416 | Elf:2    | Found a transporter.
 64629 | Elf:2    | Reached XP level 20. HP: 178/178 MP: 26/39
 64758 | Elf:3    | Noticed Donald
 64964 | Elf:3    | Noticed Louise
 64973 | Elf:3    | Killed Donald
 65161 | Elf:3    | Identified the +4 robe of the Resonant God {Int+4}
 65223 | Elf:3    | Killed Louise
 65502 | Elf:3    | Killed Saint Roka
 65503 | Elf:3    | Reached skill level 15 in Ice Magic
 65960 | Elf:3    | Identified the +0 leather armour of Botuzagy {Rampage Fly
                  | rC++ Slay-4}
 66175 | Elf:3    | Offered knowledge of Lehudib's Crystal Spear by Vehumet.
 66352 | Elf:3    | Learned a level 8 spell: Lehudib's Crystal Spear
 66406 | Elf:3    | Identified the +12 morningstar "Launaol" {distort, MP+9
                  | Dex+5}
 66540 | Elf:3    | Identified the amulet "Lummes" {Acrobat rElec rCorr Str+5}
 66586 | Elf:3    | Identified the +10 rapier "Xucsosch" {freeze, rElec}
 66998 | Elf:3    | Identified the +7 scale mail of Teikk {Int+4}
 66999 | Elf:3    | Reached skill level 16 in Ice Magic
 67232 | Elf:3    | Identified the +8 halberd of the Destroying Fool {speed,
                  | Dex+2}
 67764 | Elf:3    | Identified the +3 sling of the Growing Queen {speed, rElec
                  | Will+ rCorr}
 67822 | Elf:3    | Got the Exposition on Ironbound Fumes
 67827 | Elf:3    | Learned a level 3 spell: Swiftness
 68027 | Vaults:1 | Entered Level 1 of the Vaults
 68225 | Vaults:1 | Reached skill level 16 in Spellcasting
 68233 | Vaults:1 | Learned a level 7 spell: Ozocubu's Refrigeration
 68443 | Vaults:1 | Found a runed translucent door.
 68543 | Vaults:1 | Reached skill level 15 in Earth Magic
 69847 | Vaults:2 | Noticed Margery
 69878 | Vaults:2 | Reached skill level 16 in Earth Magic
 70035 | Vaults:2 | Found a crumbling gateway.
 70207 | Desolati | Entered the Desolation of Salt
 70259 | Desolati | Reached XP level 21. HP: 184/184 MP: 24/41
 70776 | Desolati | Reached skill level 17 in Earth Magic
 71445 | Desolati | Got Sif Muna's Almanac of Ill-omened Conduction
 71452 | Desolati | Identified the +7 plate armour "Wuih Qoi" {+Blink rCorr
                  | Int-2 Dex+3}
 71488 | Desolati | Identified the +3 quarterstaff "Beetleslayer" {freeze,
                  | rElec MP+9 Int-5}
 71624 | Desolati | Identified the ring of the Hero {rCorr Dex+3}
 71630 | Desolati | Identified the +2 pair of gloves of the Fletcher {+Blink
                  | Int+2}
 71869 | Desolati | Reached skill level 18 in Earth Magic
 72138 | Desolati | Identified the ring of Hynafuif {rC+ Str+2 Dex-5 SInv}
 72360 | Vaults:2 | Found a staircase to the Crypt.
 72393 | Vaults:2 | Reached skill level 1 in Air Magic
 72685 | Vaults:2 | Reached skill level 2 in Air Magic
 72993 | Vaults:2 | Reached skill level 3 in Air Magic
 73373 | Vaults:2 | Reached skill level 4 in Air Magic
 73997 | Vaults:2 | Reached skill level 5 in Air Magic
 74001 | Vaults:2 | Reached skill level 19 in Earth Magic
 74247 | Vaults:2 | Identified the +0 plate armour of the Stars {Slay+3}
 74443 | Vaults:2 | Killed Margery
 74471 | Vaults:2 | Identified the amulet "Yrih" {Faith Will+ Slay+5}
 74717 | Vaults:2 | Reached XP level 22. HP: 192/192 MP: 26/42
 74905 | Vaults:2 | You fall into a shaft and drop 2 floors!
 74911 | Vaults:4 | Reached skill level 20 in Earth Magic
 75078 | Vaults:4 | Found Hoem's Weapon Shoppe.
 75358 | Vaults:4 | Found Fitocepyru's Assorted Antiques.
 75367 | Vaults:4 | Bought a potion of heal wounds for 220 gold pieces
 75367 | Vaults:4 | Bought a scroll of fog for 176 gold pieces
 75367 | Vaults:4 | Bought a scroll of vulnerability for 176 gold pieces
 75467 | Vaults:4 | Found Fiexeargh's Antique Weapon Emporium.
 75656 | Vaults:4 | Reached skill level 21 in Earth Magic
 76441 | Vaults:4 | Noticed Mara
 76460 | Vaults:4 | Killed Mara
 76595 | Vaults:4 | Found Ankexan's Jewellery Boutique.
 76836 | Vaults:3 | Identified the ring of Faggeun {EV+5 Str+3}
 77011 | Vaults:3 | Reached skill level 22 in Earth Magic
 77809 | Vaults:3 | Noticed a dread lich
 77821 | Vaults:3 | Killed a dread lich
 77956 | Vaults:3 | Reached XP level 23. HP: 199/199 MP: 34/43
 78265 | Vaults:3 | Reached skill level 17 in Spellcasting
 78395 | Vaults:3 | Identified the +4 chain mail "Coyluyhu" {rCorr}
 79494 | Vaults:2 | Learned a level 9 spell: Shatter
 79494 | Vaults:2 | Acquired the ring "Vimarego" {Wiz rElec}
 79589 | Vaults:3 | Identified the ring of the Four Heavens {rF+ MP+9 Str+3}
 80777 | Lair:5   | Found a staircase to the Slime Pits.
 81316 | Lair:5   | Killed Urontig's ghost
 81920 | Swamp:2  | Found a transporter.
 81921 | Swamp:2  | Found a transporter.
 82072 | Swamp:2  | Killed Filo's ghost
 82435 | Elf:2    | Reached skill level 17 in Ice Magic
 83191 | Elf:2    | Reached skill level 18 in Ice Magic
 83346 | Elf:2    | Killed shadizar's ghost
 83571 | Depths:1 | Entered Level 1 of the Depths
 83962 | Depths:1 | Found a hide-covered altar of Uskayaw.
 84175 | Depths:1 | Found a runed translucent gate.
 84175 | Depths:1 | Found a runed translucent gate.
 84175 | Depths:1 | Found a runed translucent gate.
 84176 | Depths:1 | Noticed Mafape's ghost (veteran OnGl)
 84176 | Depths:1 | Noticed Galebb's ghost (adept MiFi)
 84176 | Depths:1 | Noticed Jymib's ghost (veteran DgCj)
 84374 | Depths:1 | Found a one-way gate to the infinite horrors of the Abyss.
 84431 | Depths:1 | Found Yrchadef's Jewellery Emporium.
 84595 | Depths:1 | Found a sacrificial altar of Ru.
 84778 | Depths:1 | Found a gateway to Hell.
 84961 | Depths:1 | Noticed a juggernaut
 84966 | Depths:1 | Killed a juggernaut
 85243 | Depths:1 | Identified the stafffire of Currency {rF+ Str+6 Fire}
 85247 | Depths:1 | Identified the staffearth of Bloody Death {rC+ MP+9 Earth}
 85459 | Depths:1 | Killed Jymib's ghost
 85464 | Depths:1 | Killed Mafape's ghost
 85467 | Depths:1 | Killed Galebb's ghost
 85603 | Depths:1 | Identified the ring "Erphuw" {Str+6 SInv}
 85621 | Depths:1 | Reached skill level 19 in Ice Magic
 85693 | Depths:2 | Reached XP level 24. HP: 206/206 MP: 44/44
 85794 | Depths:2 | Reached skill level 11 in Conjurations
 86086 | Depths:2 | Found Poblout's Jewellery Shoppe.
 86340 | Depths:2 | Found a one-way gate leading to the halls of Pandemonium.
 86634 | Depths:3 | Found Lole's Book Emporium.
 86636 | Depths:3 | Found Dusuv's Weapon Shoppe.
 86636 | Depths:3 | Found Guseu's Jewellery Emporium.
 86719 | Depths:3 | Found Plog's General Store.
 86722 | Depths:3 | Bought the ring "Lisielio" {Wiz rElec rC+ Dex+3} for 1203
                  | gold pieces
 86732 | Depths:3 | Bought a potion of cancellation for 112 gold pieces
 86732 | Depths:3 | Bought a scroll of torment for 133 gold pieces
 86732 | Depths:3 | Bought a scroll of summoning for 133 gold pieces
 86830 | Depths:3 | Found a runed translucent gate.
 86831 | Depths:3 | Found a runed translucent gate.
 86831 | Depths:3 | Found a runed translucent gate.
 86831 | Depths:3 | Noticed Rehacw's ghost (adept HOMo)
 87252 | Depths:3 | Reached skill level 20 in Ice Magic
 87391 | Depths:3 | Found a shimmering altar of Xom.
 87496 | Depths:3 | Reached skill level 12 in Conjurations
 87639 | Depths:3 | Identified the +5 great sword "Igros" {drain, rPois rN+
                  | Will+ Dex+3}
 87682 | Depths:3 | Noticed a caustic shrike
 87687 | Depths:3 | Killed a caustic shrike
 87721 | Depths:3 | Noticed a juggernaut
 87724 | Depths:3 | Killed a juggernaut
 87787 | Depths:3 | Learned a level 9 spell: Polar Vortex
 88178 | Depths:3 | Reached skill level 21 in Ice Magic
 88183 | Depths:3 | Killed Rehacw's ghost
 88290 | Depths:3 | Found a viscous altar of Jiyva.
 88338 | Depths:4 | Entered Level 4 of the Depths
 88424 | Depths:4 | Reached XP level 25. HP: 213/213 MP: 18/44
 88496 | Depths:4 | Reached skill level 22 in Ice Magic
 88748 | Depths:4 | Found a gate to the Realm of Zot.
 88843 | Depths:4 | Found a one-way gateway to a ziggurat.
 88957 | Depths:4 | Found Rily's Antique Armour Emporium.
 88970 | Depths:4 | Bought a faintly humming robe for 239 gold pieces
 88970 | Depths:4 | Identified the +0 robe of Insecurity {rElec Int+3} (You
                  | bought it in a shop on level 4 of the Depths)
 89534 | Vaults:5 | Entered Level 5 of the Vaults
 89535 | Vaults:5 | Noticed a dread lich
 89537 | Vaults:5 | Killed a dread lich
 89833 | Vaults:5 | Noticed a dread lich
 89838 | Vaults:5 | Reached skill level 6 in Dodging
 89839 | Vaults:5 | Reached skill level 6 in Armour
 89840 | Vaults:5 | Found Viashedwe's Distillery.
 89847 | Vaults:5 | Killed a dread lich
 89848 | Vaults:5 | Noticed a dread lich
 89849 | Vaults:5 | Reached skill level 11 in Fire Magic
 89849 | Vaults:5 | Killed a dread lich
 89849 | Vaults:5 | Found Soery's Magic Scroll Shoppe.
 89860 | Vaults:5 | Bought a scroll of revelation for 127 gold pieces
 89866 | Vaults:5 | Noticed an ancient lich
 89866 | Vaults:5 | Found Homoji's Jewellery Shoppe.
 89867 | Vaults:5 | Reached skill level 16 in Fighting
 89867 | Vaults:5 | Killed an ancient lich
 89868 | Vaults:5 | Reached skill level 7 in Armour
 89868 | Vaults:5 | Reached skill level 7 in Dodging
 89868 | Vaults:5 | Found Rehauwn's Jewellery Boutique.
 89947 | Vaults:5 | Reached XP level 26. HP: 225/225 MP: 35/44
 90058 | Vaults:5 | Reached skill level 18 in Spellcasting
 90129 | Vaults:5 | Bought a potion of cancellation for 104 gold pieces
 90129 | Vaults:5 | Bought a potion of brilliance for 52 gold pieces
 90129 | Vaults:5 | Bought a potion of magic for 104 gold pieces
 90129 | Vaults:5 | Bought a potion of magic for 104 gold pieces
 90129 | Vaults:5 | Bought a potion of curing for 39 gold pieces
 90129 | Vaults:5 | Bought a potion of curing for 39 gold pieces
 90389 | Vaults:5 | Identified the +3 ring mail "Pihofa" {*Corrode +Inv Str+5
                  | Dex+3}
 90602 | Vaults:5 | Got a silver rune of Zot
 91453 | Slime:1  | Entered Level 1 of the Pits of Slime
 91743 | Slime:1  | You fall into a shaft and drop 1 floor!
 91913 | Slime:2  | Reached skill level 8 in Armour
 91913 | Slime:2  | Reached skill level 8 in Dodging
 92582 | Slime:3  | Noticed Dissolution
 92589 | Slime:3  | Killed Dissolution
 92590 | Slime:3  | Reached skill level 12 in Fire Magic
 92693 | Slime:3  | Reached skill level 17 in Fighting
 93512 | Slime:5  | Entered Level 5 of the Pits of Slime
 93525 | Slime:5  | Identified the +2 cloak of the Present {rCorr}
 93532 | Slime:5  | Noticed the Royal Jelly
 93579 | Slime:5  | Found the +8 mithril axe "Arga" {speed, Will+}
 93736 | Slime:5  | Identified the +4 ring mail of Dokoips {Harm Dex+3}
 93737 | Slime:5  | Identified the +5 dagger "Tocow" {freeze, +Blink rElec MP+9
                  | Int-4}
 93848 | Slime:4  | HP: 16/229 [azure jelly[the Royal Jelly] (12)]
 93848 | Slime:4  | HP: 7/229 [azure jelly[the Royal Jelly] (9)]
 94318 | Slime:5  | Identified the ring of Irarig {rElec rC+ Str+6}
 94702 | Slime:5  | Killed the Royal Jelly
 94752 | Slime:5  | Got a slimy rune of Zot
 94993 | Slime:5  | Found the +7 great mace "Firestarter" {flame, immolate,
                  | rFlCloud rF++}
 95002 | Slime:5  | Identified the +7 mace "Kyefag" {antimagic, rElec Str+2}
 95074 | Slime:5  | Found the ring of Shadows {Umbra +Inv Stlth+}
 95108 | Slime:5  | Identified the staffdeath of Meunob {rN+ Hexes Necro}
 96114 | Zot:1    | Entered Level 1 of the Realm of Zot
 96206 | Zot:1    | Reached skill level 18 in Fighting
 96206 | Zot:1    | Noticed an electric golem
 96301 | Zot:1    | Reached skill level 13 in Fire Magic
 96304 | Zot:1    | Killed an electric golem
 96456 | Zot:1    | Reached XP level 27. HP: 238/238 MP: 26/45
 96601 | Zot:1    | Reached skill level 19 in Spellcasting
 96603 | Zot:1    | Noticed a curse toe
 96614 | Zot:1    | Killed a curse toe
 96769 | Zot:1    | Found a snail-covered altar of Cheibriados.
 96878 | Zot:1    | Found a snail-covered altar of Cheibriados.
 97263 | Zot:2    | Noticed an electric golem
 97266 | Zot:2    | Killed an electric golem
 97536 | Zot:2    | Found the +4 dragonskin cloak {Aegis}
 97536 | Zot:2    | Noticed Tiamat
 98331 | Zot:2    | Reached skill level 19 in Fighting
 98599 | Zot:2    | Found a corrupted altar of Lugonu.
 98609 | Zot:2    | Got the Compilation of the Zealot
 98624 | Zot:2    | Reached skill level 14 in Fire Magic
 98754 | Zot:2    | Killed Tiamat
 99038 | Zot:2    | Learned a level 8 spell: Ignition
 99196 | Zot:3    | Found a runed translucent door.
 99200 | Zot:3    | Noticed Jafujy's ghost (legendary MiAK)
 99562 | Zot:3    | Noticed Parghit
 99564 | Zot:3    | Acquired 1328 gold pieces
 99960 | Zot:3    | Identified the ring of Qilacw {rElec rPois rCorr EV+5 Str+5
                  | Stlth-}
100034 | Zot:3    | Identified the +7 arbalest "Dufoudghi" {antimagic, rPois
                  | rF+}
100275 | Zot:3    | Reached skill level 5 in Translocations
100283 | Zot:3    | Killed Jafujy's ghost
100706 | Zot:3    | Killed Parghit
100748 | Zot:3    | Noticed a curse toe
101281 | Zot:3    | Killed a curse toe
101282 | Zot:3    | Reached skill level 6 in Air Magic
101475 | Zot:4    | Reached skill level 13 in Conjurations
101543 | Zot:4    | Noticed a curse toe
101546 | Zot:4    | Killed a curse toe
101887 | Zot:4    | Found a transporter.
101942 | Zot:4    | Reached skill level 20 in Fighting
102121 | Zot:4    | Reached skill level 20 in Spellcasting
102514 | Zot:4    | Found a transporter.
102957 | Zot:4    | Noticed an orb of fire
103015 | Zot:5    | Entered Level 5 of the Realm of Zot
103527 | Zot:4    | Noticed an orb of fire
103532 | Zot:4    | Killed an orb of fire
103594 | Zot:4    | Killed an orb of fire
103749 | Zot:4    | Identified the amulet "Hoeroatoka" {rN+ RegenMP+ Dex+4}
103770 | Zot:4    | Identified the ring of Hoez {rF+ rC++ rCorr Dex-4 SInv}
103844 | Zot:3    | Reached skill level 7 in Air Magic
104027 | Depths:3 | Voluntarily entered the Abyss.
104070 | Abyss:2  | Found a corrupted altar of Lugonu.
104071 | Abyss:2  | Found a corrupted altar of Lugonu.
104077 | Abyss:2  | Found a corrupted altar of Lugonu.
104121 | Abyss:3  | Found a corrupted altar of Lugonu.
104129 | Abyss:3  | Found a corrupted altar of Lugonu.
104224 | Abyss:5  | Got an abyssal rune of Zot
104233 | Abyss:5  | Reached skill level 15 in Fire Magic
104287 | Depths:3 | You pass through the gate.
104287 | Depths:3 | Escaped the Abyss
104415 | Pan      | Entered Pandemonium
104657 | Pan      | Noticed Muwufoeci the pandemonium lord
104680 | Pan      | Killed Muwufoeci the pandemonium lord
104681 | Pan      | Reached skill level 9 in Armour
104954 | Pan      | Acquired 1329 gold pieces
106289 | Pan      | Noticed Pahyew the pandemonium lord
106306 | Pan      | HP: 23/246 [sun demon (2)]
106803 | Pan      | Killed Pahyew the pandemonium lord
106979 | Pan      | Identified the +6 hand axe "Asenalet" {drain, ^Fragile
                  | Int+5}
107001 | Pan      | Identified the +2 long sword "Zuecw" {freeze, Dex+5}
107117 | Pan      | Reached skill level 8 in Air Magic
107120 | Pan      | Reached skill level 10 in Armour
107165 | Pan      | Found a runed translucent door.
107171 | Pan      | Found a runed translucent door.
107175 | Pan      | Found a runed translucent door.
107186 | Pan      | Found a runed translucent door.
107596 | Pan      | Noticed Gefay the pandemonium lord
107600 | Pan      | Reached skill level 14 in Conjurations
108004 | Pan      | Killed Gefay the pandemonium lord
108160 | Pan      | Reached skill level 21 in Spellcasting
108613 | Pan      | Noticed Guadwoufo the pandemonium lord
108619 | Pan      | Killed Guadwoufo the pandemonium lord
108673 | Pan      | Found an exit through the horrors of the Abyss.
108705 | Pan      | Reached skill level 11 in Armour
109450 | Pan      | Took an exit into the Abyss.
109450 | Abyss:5  | You pass through the gate.
109450 | Abyss:5  | Escaped into the Abyss
109508 | Depths:3 | You pass through the gate.
109508 | Depths:3 | Escaped the Abyss
109590 | Pan      | Entered Pandemonium
109639 | Pan      | Noticed Naelyeg the pandemonium lord
109644 | Pan      | Killed Naelyeg the pandemonium lord
109699 | Pan      | Reached skill level 9 in Air Magic
110055 | Pan      | Learned a level 8 spell: Maxwell's Capacitive Coupling
110414 | Pan      | Noticed Kystienent the pandemonium lord
110428 | Pan      | Entered the realm of Gloorx Vloq.
110737 | Pan      | Reached skill level 12 in Armour
111123 | Pan      | Reached skill level 10 in Evocations
111176 | Pan      | Noticed a curse skull
111184 | Pan      | Killed a curse skull
111491 | Pan      | Noticed a curse skull
111498 | Pan      | Killed a curse skull
111509 | Pan      | Reached skill level 10 in Air Magic
111881 | Pan      | Reached skill level 11 in Evocations
112103 | Pan      | Identified the +4 chain mail of Bodghoen {rElec Int+2}
112107 | Pan      | Noticed Gloorx Vloq
112124 | Pan      | Killed Gloorx Vloq
112314 | Pan      | Got a dark rune of Zot
112491 | Pan      | Reached skill level 15 in Conjurations
112727 | Pan      | Reached skill level 11 in Air Magic
113175 | Pan      | Reached skill level 12 in Evocations
113438 | Pan      | Noticed Emimyth the pandemonium lord
113445 | Pan      | Killed Emimyth the pandemonium lord
113892 | Pan      | Reached skill level 22 in Spellcasting
114260 | Pan      | Noticed Govyuhojepp the pandemonium lord
114267 | Pan      | Killed Govyuhojepp the pandemonium lord
114268 | Pan      | Reached skill level 12 in Air Magic
114796 | Pan      | Got a demonic rune of Zot
114851 | Pan      | Reached skill level 13 in Evocations
116351 | Pan      | Identified the +4 halberd "Xeat" {venom, rElec rC+ Str-4
                  | Dex+2}
116847 | Pan      | Noticed Tysyum the pandemonium lord
116851 | Pan      | Killed Tysyum the pandemonium lord
116852 | Pan      | Reached skill level 13 in Air Magic
116881 | Pan      | Reached skill level 14 in Evocations
116895 | Pan      | Learned a level 6 spell: Plasma Beam
117141 | Pan      | Entered the realm of Lom Lobon.
117933 | Pan      | Identified the +11 shortbow of the Bedazzled God {drain,
                  | rPois rC++ Str+3 SInv}
117954 | Pan      | Noticed Lom Lobon
117958 | Pan      | Killed Lom Lobon
118005 | Pan      | Paralysed by a fenstrider witch for 5 turns
118050 | Pan      | Acquired the +3 Elemental Staff {ele, rElec rF+ rC+ AC+3}
118050 | Pan      | Found the +3 Elemental Staff {ele, rElec rF+ rC+ AC+3}
118086 | Pan      | Got a magical rune of Zot
118175 | Pan      | Reached skill level 14 in Air Magic
118706 | Pan      | Noticed Kuacy the pandemonium lord
118715 | Pan      | Killed Kuacy the pandemonium lord
119360 | Pan      | Entered the realm of Cerebov.
119361 | Pan      | Identified the +4 morningstar "Yhieg Peism" {spect, rPois
                  | rN+}
119438 | Pan      | Found the +6 sword of Cerebov {flame}
119438 | Pan      | Noticed Cerebov
119442 | Pan      | Killed Cerebov
119443 | Pan      | Reached skill level 15 in Evocations
119477 | Pan      | Got a fiery rune of Zot
119511 | Pan      | Reached skill level 21 in Fighting
119524 | Pan      | Reached skill level 15 in Air Magic
119672 | Pan      | Identified the +8 falchion of Watchfulness {flame, Str+4
                  | SInv}
119674 | Pan      | Identified the amulet "Fulacwesm" {Acrobat -Cast rF++ Str-5
                  | Dex+5}
119765 | Pan      | Identified the ring of Knowledge {Will+ AC+4 Int+2 Stlth+}
119774 | Pan      | Identified the +5 long sword of Fortitude {flame, +Blink
                  | rElec rPois Str+3}
119775 | Pan      | Identified the ring of Accord {rC+ Str+2 Dex+3 SInv Stlth-}
119778 | Pan      | Identified the staffconjuration of Judgement {rPois rF+
                  | Conj Necro}
120086 | Pan      | Entered the realm of Mnoleg.
120093 | Pan      | Found a corrupted altar of Lugonu.
120136 | Pan      | Noticed Mnoleg
120146 | Pan      | Killed Mnoleg
120478 | Pan      | Reached skill level 16 in Fire Magic
120789 | Pan      | Got a glowing rune of Zot
121382 | Pan      | Found an exit through the horrors of the Abyss.
121632 | Pan      | Took an exit into the Abyss.
121632 | Abyss:5  | You pass through the gate.
121632 | Abyss:5  | Escaped into the Abyss
121783 | Abyss:5  | Reached skill level 23 in Earth Magic
121801 | Abyss:5  | Reached skill level 22 in Fighting
121801 | Depths:4 | You pass through the gate.
121801 | Depths:4 | Escaped the Abyss
122049 | Crypt:1  | Entered Level 1 of the Crypt
122140 | Crypt:1  | Reached skill level 23 in Ice Magic
122157 | Crypt:1  | Found a magical portal.
122158 | Crypt:1  | Noticed Sojobo
122163 | WizLab   | Entered Yara's Duelist Academy
122482 | WizLab   | Reached skill level 13 in Armour
122587 | WizLab   | Identified the +1 whip of Nolo Contendere {freeze, rElec
                  | rPois rCorr Dex+2}
122661 | Crypt:1  | Killed Sojobo
122792 | Crypt:1  | Found a burning altar of Makhleb.
124405 | Crypt:2  | Found an ancient bone altar of Kikubaaqudgha.
124694 | Crypt:2  | Reached skill level 16 in Evocations
124956 | Crypt:3  | Entered Level 3 of the Crypt
125096 | Crypt:3  | Reached skill level 16 in Conjurations
125189 | Crypt:3  | Reached skill level 23 in Fighting
125194 | Crypt:3  | Noticed a curse skull
125271 | Crypt:3  | Killed a curse skull
125516 | Crypt:3  | Found a staircase to the Tomb.
125561 | Crypt:3  | Found an ancient bone altar of Kikubaaqudgha.
125636 | Crypt:3  | Identified the +2 arbalest "Ox" {freeze, rCorr Int+3 Dex+2
                  | Stlth-}
126345 | Tomb:1   | Entered Level 1 of the Tomb of the Ancients
126524 | Tomb:1   | Noticed a royal mummy
126525 | Tomb:1   | Reached skill level 16 in Air Magic
126527 | Tomb:1   | Killed a royal mummy
126527 | Tomb:1   | Noticed a royal mummy
126531 | Tomb:1   | Noticed a royal mummy
126532 | Tomb:1   | Killed a royal mummy
126550 | Tomb:1   | Killed a royal mummy
126614 | Tomb:1   | Noticed a royal mummy
126618 | Tomb:1   | Killed a royal mummy
126713 | Tomb:1   | Noticed a royal mummy
126721 | Tomb:1   | Killed a royal mummy
126851 | Tomb:1   | Identified a +0 crystal plate armour
126915 | Tomb:1   | Noticed a royal mummy
126924 | Tomb:1   | Killed a royal mummy
126925 | Tomb:1   | Noticed a royal mummy
126930 | Tomb:1   | Killed a royal mummy
126943 | Tomb:1   | Noticed a royal mummy
126948 | Tomb:1   | Killed a royal mummy
127251 | Tomb:1   | Noticed a royal mummy
127258 | Tomb:1   | Killed a royal mummy
127290 | Tomb:1   | Noticed a royal mummy
127293 | Tomb:1   | Killed a royal mummy
127318 | Tomb:1   | Noticed a royal mummy
127323 | Tomb:1   | Killed a royal mummy
127372 | Tomb:1   | Noticed a royal mummy
127376 | Tomb:1   | Killed a royal mummy
127376 | Tomb:1   | Noticed a royal mummy
127378 | Tomb:1   | Killed a royal mummy
127460 | Tomb:1   | Reached skill level 14 in Armour
127859 | Tomb:1   | Noticed a royal mummy
127864 | Tomb:1   | Killed a royal mummy
128053 | Tomb:2   | Paralysed by a Zot trap for 4 turns
128153 | Tomb:2   | Noticed a royal mummy
128153 | Tomb:2   | Noticed a royal mummy
128159 | Tomb:2   | Killed a royal mummy
128160 | Tomb:2   | Killed a royal mummy
128168 | Tomb:2   | Killed a royal mummy
128168 | Tomb:2   | Noticed a royal mummy
128179 | Tomb:2   | Reached skill level 24 in Fighting
128181 | Tomb:2   | Killed a royal mummy
128182 | Tomb:2   | Reached skill level 17 in Fire Magic
128570 | Tomb:3   | Entered Level 3 of the Tomb of the Ancients
128592 | Tomb:3   | Reached skill level 24 in Earth Magic
128597 | Tomb:3   | Noticed a royal mummy
128597 | Tomb:3   | Noticed a royal mummy
128602 | Tomb:3   | Noticed a royal mummy
128605 | Tomb:2   | Killed a royal mummy
128970 | Tomb:3   | Noticed a royal mummy
128973 | Tomb:3   | Killed a royal mummy
128977 | Tomb:3   | Killed a royal mummy
128979 | Tomb:3   | Killed a royal mummy
128980 | Tomb:3   | Reached skill level 24 in Ice Magic
128988 | Tomb:3   | Noticed a royal mummy
128988 | Tomb:3   | Noticed a royal mummy
128992 | Tomb:3   | Killed a royal mummy
128993 | Tomb:3   | Killed a royal mummy
128994 | Tomb:3   | Noticed a royal mummy
128994 | Tomb:3   | Noticed a royal mummy
128994 | Tomb:3   | Noticed a royal mummy
128996 | Tomb:3   | Killed a royal mummy
128997 | Tomb:3   | Killed a royal mummy
128998 | Tomb:3   | Killed a royal mummy
129078 | Tomb:3   | Identified the +2 longbow "Xemoatorch" {speed, MP+9 Dex+3}
129083 | Tomb:3   | Identified the ring "Yrphemni" {Str+4 Int+6 Stlth+}
129120 | Tomb:3   | Identified the +1 arbalest of No Interval {flame, rElec
                  | Will++}
129241 | Tomb:3   | Got a golden rune of Zot
129400 | Tomb:3   | Acquired the +0 pair of boots of Bidok {rPois rF++ Will+}
129875 | Orc:2    | Bought the +9 scales of the Dragon King {rPois rF+ rC+
                  | Will+} for 1622 gold pieces
129875 | Orc:2    | Found the +9 scales of the Dragon King {rPois rF+ rC+
                  | Will+}
130144 | Depths:1 | Upgraded the game from 0.32-a0-732-ga344392067 to
                  | 0.32-a0-747-gc8563f6773
130327 | Depths:2 | Bought the ring of Qiyliaf {rCorr Str-3 Int+6 Dex+5 Slay+5}
                  | for 1033 gold pieces
130715 | Tomb:3   | Identified a +0 crystal plate armour
132355 | Zig:1    | Entered Level 1 of a ziggurat
132359 | Zig:1    | Reached skill level 17 in Evocations
132393 | Zig:2    | Entered Level 2 of a ziggurat
132421 | Zig:3    | Entered Level 3 of a ziggurat
132424 | Zig:3    | Noticed a juggernaut
132428 | Zig:3    | Killed a juggernaut
132468 | Zig:4    | Entered Level 4 of a ziggurat
132471 | Zig:4    | Noticed Tun Paf the pandemonium lord
132476 | Zig:4    | Killed Tun Paf the pandemonium lord
132506 | Zig:5    | Entered Level 5 of a ziggurat
132522 | Zig:6    | Entered Level 6 of a ziggurat
132546 | Zig:6    | Identified the +4 ring mail "Ynwaleck" {rPois rF- rCorr
                  | Slay+2}
132550 | Zig:6    | Identified the ring "Liemneo" {rPois MP+9}
132554 | Zig:7    | Entered Level 7 of a ziggurat
132589 | Zig:7    | Identified the +6 shortbow of the People {antimagic, rCorr
                  | Int+3}
132590 | Zig:7    | Identified the +0 leather armour of Inquiry {rF+ SInv}
132594 | Zig:7    | Identified the ring of the Little Devil {rC+ Dex+4}
132602 | Zig:8    | Entered Level 8 of a ziggurat
132674 | Zig:9    | Entered Level 9 of a ziggurat
132681 | Zig:9    | Found the +3 warlock's mirror {omnireflect}
132682 | Zig:9    | Noticed Tuir the pandemonium lord
132682 | Zig:9    | Noticed Huuck the pandemonium lord
132682 | Zig:9    | Noticed Ykuto the pandemonium lord
132686 | Zig:9    | Reached skill level 17 in Conjurations
132686 | Zig:9    | Killed Tuir the pandemonium lord
132687 | Zig:9    | Killed Huuck the pandemonium lord
132689 | Zig:9    | Killed Ykuto the pandemonium lord
132750 | Zig:9    | Identified the ring "Koziguh" {Ice *Corrode *Slow rPois
                  | Str+5}
132757 | Zig:9    | Identified the +5 sling of Ru's Hope {antimagic, rElec rC-
                  | Will+ Stlth+}
132774 | Zig:10   | Entered Level 10 of a ziggurat
132786 | Zig:10   | Reached skill level 15 in Armour
132810 | Zig:10   | Identified the +1 robe of the Lotus Blossom {rPois}
132812 | Zig:10   | Identified the staff "Xpym's Death" {+Blink rF+ rC- Stlth+
                  | Tloc Fire}
132831 | Zig:10   | Reached skill level 25 in Fighting
132831 | Zig:10   | Reached skill level 17 in Air Magic
132832 | Zig:10   | Reached skill level 18 in Evocations
132836 | Zig:11   | Entered Level 11 of a ziggurat
132845 | Zig:11   | Noticed an orb of fire
132850 | Zig:11   | Killed an orb of fire
132882 | Zig:11   | Identified the +3 spear of Xadwaeri {speed, rF+}
132883 | Zig:11   | Identified the staff "Zusarpho" {Int+3 Earth}
132889 | Zig:11   | Identified the staff "Suemmass" {rC+ Int+3 Necro Ice}
132916 | Zig:12   | Entered Level 12 of a ziggurat
132965 | Zig:12   | Identified the +5 mace of Popular Demand {heavy, Str+2}
133001 | Zig:13   | Entered Level 13 of a ziggurat
133057 | Zig:13   | Identified the +7 double sword "Jyufaje" {flame, rC+ rN++
                  | Will++}
133061 | Zig:13   | Identified the +5 war axe "Nuaf" {flame, rF+ rCorr Stlth+}
133064 | Zig:13   | Identified the ring of Abstinence {Fire rN++ Str+4 Dex-3}
133065 | Zig:13   | Identified the +1 mace of Ijefot {freeze, Will++}
133070 | Zig:13   | Identified the +4 troll leather armour of Forking Paths
                  | {Will+ Regen+ Slay+3}
133075 | Zig:13   | Identified the +7 orcbow of Expedience {freeze, *Slow rCorr
                  | Str-5 SInv}
133085 | Zig:13   | Identified the ring "Rucuhani" {Will+ MP+9 Str+3 Int-4}
133129 | Zig:13   | Learned a level 9 spell: Chain Lightning
133130 | Zig:14   | Entered Level 14 of a ziggurat
133148 | Zig:14   | Reached skill level 18 in Fire Magic
133149 | Zig:14   | Reached skill level 23 in Spellcasting
133171 | Zig:14   | Identified the +1 long sword "Leviticus" {flame, SInv}
133173 | Zig:14   | Identified the +2 mace "Beetleslayer" {venom, rElec Will+
                  | SInv}
133178 | Zig:14   | Identified the staff "Mehebril" {Str+5 Dex-2 Conj}
133217 | Zig:15   | Entered Level 15 of a ziggurat
133225 | Zig:15   | Noticed an ancient lich
133225 | Zig:15   | Noticed an ancient lich
133228 | Zig:15   | Killed an ancient lich
133228 | Zig:15   | Killed an ancient lich
133229 | Zig:15   | Reached skill level 26 in Fighting
133229 | Zig:15   | Noticed an ancient lich
133232 | Zig:15   | Killed an ancient lich
133258 | Zig:15   | Identified the ring of Sunlight {Will+ Slay+6}
133260 | Zig:15   | Identified the ring "Saigruol" {rPois rF+ Str+6}
133262 | Zig:15   | Identified the ring "Finum" {Fire Dex+3}
133317 | Zig:16   | Entered Level 16 of a ziggurat
133337 | Zig:16   | Reached skill level 18 in Conjurations
133375 | Zig:16   | Identified the +4 ring mail of Magic {Harm rC+}
133384 | Zig:16   | Identified the +0 chain mail of the Sun {rF+ Slay+4 Stlth+}
133388 | Zig:16   | Identified the ring of Ackesas {Ice Will+ Dex-4 Slay+3}
133440 | Zig:17   | Entered Level 17 of a ziggurat
133534 | Zig:17   | Found the +4 consecrated labrys {holy, Valiant ^Fragile Fly
                  | SInv}
133534 | Zig:17   | Found the +9 staff of Olgreb {rPois∞}
133578 | Zig:17   | Identified the +3 short sword "Sauzoato" {spect, rElec
                  | rCorr Str-3}
133610 | Zig:18   | Entered Level 18 of a ziggurat
133618 | Zig:18   | Noticed a caustic shrike
133623 | Zig:18   | Killed a caustic shrike
133624 | Zig:18   | Reached skill level 18 in Air Magic
133625 | Zig:18   | Noticed a caustic shrike
133627 | Zig:18   | Noticed a caustic shrike
133627 | Zig:18   | Noticed a caustic shrike
133629 | Zig:18   | Reached skill level 6 in Throwing
133629 | Zig:18   | Killed a caustic shrike
133631 | Zig:18   | Killed a caustic shrike
133632 | Zig:18   | Killed a caustic shrike
133659 | Zig:18   | Identified the +12 dagger "Gyorothu" {freeze, *Noise rCorr
                  | Int+3}
133671 | Zig:18   | Identified the ring "Lofez" {Int+3 Dex+2 SInv}
133678 | Zig:18   | Identified the +8 flail of Imminent Death {elec, rElec
                  | rPois}
133728 | Zig:19   | Entered Level 19 of a ziggurat
133747 | Zig:19   | Noticed a caustic shrike
133748 | Zig:19   | Noticed a caustic shrike
133748 | Zig:19   | Killed a caustic shrike
133750 | Zig:19   | Killed a caustic shrike
133751 | Zig:19   | Reached skill level 19 in Evocations
133799 | Zig:19   | Identified the +1 orcbow of Accord {heavy, rPois rF++ SInv
                  | Stlth-}
133811 | Zig:19   | Identified the staff "Ceczas" {rElec rF- rN+++ Conj}
133818 | Zig:19   | Identified the staff "Rayngen" {rCorr Conj Summ}
133871 | Zig:20   | Entered Level 20 of a ziggurat
133896 | Zig:20   | Reached skill level 7 in Throwing
133979 | Zig:20   | Identified the +3 scale mail of Tulips {Will+ Str+3}
133980 | Zig:20   | Identified the +6 chain mail of Indemnity {rElec}
133982 | Zig:20   | Identified the +1 morningstar of Irritation {freeze, SInv}
134050 | Zig:21   | Entered Level 21 of a ziggurat
134072 | Zig:21   | Reached skill level 8 in Throwing
134129 | Zig:21   | Identified the +5 falchion "Yfetz" {drain, Dex+3}
134155 | Zig:21   | Reached skill level 20 in Evocations
134160 | Zig:21   | Reached skill level 24 in Spellcasting
134160 | Zig:21   | Reached skill level 19 in Conjurations
134172 | Zig:21   | Learned a level 9 spell: Fire Storm
134233 | Zig:22   | Entered Level 22 of a ziggurat
134252 | Zig:22   | Reached skill level 9 in Throwing
134259 | Zig:22   | Reached skill level 19 in Air Magic
134292 | Zig:22   | Identified a +2 buckler of resistance
134299 | Zig:22   | Identified the +3 spear "Met Jabb" {venom, rCorr}
134301 | Zig:22   | Identified the +5 flail "Curaqiukuw" {flame, ^Fragile rPois
                  | Int+5}
134305 | Zig:22   | Identified the +5 long sword of Baoshee {drain, ^Contam
                  | Str+6 Dex+3}
134309 | Zig:22   | Identified the +11 long sword of Patience {heavy, rPois
                  | rN+}
134375 | Zig:23   | Entered Level 23 of a ziggurat
134397 | Zig:23   | Reached skill level 10 in Throwing
134480 | Zig:23   | Found the +5 moon troll leather armour {Spirit, Regen++
                  | MP+5}
134487 | Zig:23   | Identified the +6 war axe "Fasilah" {venom, Int+3 Stlth+}
134563 | Zig:24   | Entered Level 24 of a ziggurat
134580 | Zig:24   | Noticed an ancient lich
134581 | Zig:24   | Killed an ancient lich
134582 | Zig:24   | Noticed a dread lich
134582 | Zig:24   | Noticed an ancient lich
134586 | Zig:24   | Killed a dread lich
134587 | Zig:24   | Noticed an ancient lich
134587 | Zig:24   | Killed an ancient lich
134589 | Zig:24   | Noticed a dread lich
134590 | Zig:24   | Killed an ancient lich
134590 | Zig:24   | Noticed a dread lich
134591 | Zig:24   | Killed a dread lich
134592 | Zig:24   | Noticed an ancient lich
134592 | Zig:24   | Noticed a dread lich
134592 | Zig:24   | Killed a dread lich
134593 | Zig:24   | Noticed an ancient lich
134594 | Zig:24   | Killed an ancient lich
134595 | Zig:24   | Reached skill level 11 in Throwing
134596 | Zig:24   | Killed a dread lich
134597 | Zig:24   | Reached skill level 21 in Evocations
134597 | Zig:24   | Killed an ancient lich
134611 | Zig:24   | Found the +5 Storm Queen's Shield {shock, Fly rElec}
134631 | Zig:24   | Found the +8 whip "Snakebite" {venom, curare, rPois}
134643 | Zig:24   | Identified the scarf of Immorality {harm, rElec}
134658 | Zig:24   | Identified the +1 sling of Ruination {freeze, rC+ Int+6}
134747 | Zig:25   | Entered Level 25 of a ziggurat
134761 | Zig:25   | Noticed a curse skull
134765 | Zig:25   | Noticed a curse skull
134767 | Zig:25   | Noticed a curse skull
134768 | Zig:25   | Killed a curse skull
134769 | Zig:25   | Noticed a curse skull
134769 | Zig:25   | Noticed a dread lich
134769 | Zig:25   | Noticed a curse skull
134770 | Zig:25   | Noticed a curse skull
134771 | Zig:25   | Killed a curse skull
134771 | Zig:25   | Killed a curse skull
134771 | Zig:25   | Noticed a curse skull
134773 | Zig:25   | Killed a curse skull
134773 | Zig:25   | Killed a curse skull
134773 | Zig:25   | Killed a curse skull
134773 | Zig:25   | Killed a curse skull
134777 | Zig:25   | Reached skill level 20 in Conjurations
134777 | Zig:25   | Noticed a curse skull
134779 | Zig:25   | Killed a dread lich
134780 | Zig:25   | Killed a curse skull
134782 | Zig:25   | Noticed an ancient lich
134783 | Zig:25   | Killed an ancient lich
134882 | Zig:25   | Found the +5 glaive of the Guard {elec, spectral}
134883 | Zig:25   | Found the +6 arbalest "Damnation" {damnation}
134897 | Zig:25   | Identified the ring of Creativity {rElec rF+ MP+9 Int+2
                  | SInv}
134901 | Zig:25   | Identified the +4 trident "Mykkeluz" {protect, rF+ rN++
                  | Str-3}
134961 | Zig:26   | Entered Level 26 of a ziggurat
134983 | Zig:26   | Reached skill level 20 in Air Magic
134986 | Zig:26   | Reached skill level 12 in Throwing
135017 | Zig:26   | Found the +8 trishula "Condemnation" {holy, anguish, *Noise
                  | Fly rN+}
135024 | Zig:26   | Identified the +6 sling of the Hurtling Moth {flame,
                  | Stlth+}
135025 | Zig:26   | Identified the +4 orcbow "Arenn" {drain, rN+}
135032 | Zig:26   | Acquired 811 gold pieces
135053 | Zig:26   | Identified the +4 ice dragon scales of the Seven Loafs {rF-
                  | rC++ Regen+ Dex+2}
135124 | Zig:26   | Reached skill level 25 in Spellcasting
135150 | Zig:27   | Entered Level 27 of a ziggurat
135162 | Zig:27   | Noticed a curse skull
135166 | Zig:27   | Noticed a curse skull
135168 | Zig:27   | Killed a curse skull
135169 | Zig:27   | Killed a curse skull
135171 | Zig:27   | Noticed a curse skull
135171 | Zig:27   | Noticed a curse skull
135174 | Zig:27   | Noticed a curse skull
135175 | Zig:27   | Noticed a curse skull
135175 | Zig:27   | Noticed a dread lich
135176 | Zig:27   | Killed a curse skull
135176 | Zig:27   | Killed a curse skull
135178 | Zig:27   | Killed a curse skull
135178 | Zig:27   | Noticed a curse skull
135179 | Zig:27   | Reached skill level 13 in Throwing
135179 | Zig:27   | Killed a curse skull
135179 | Zig:27   | Killed a dread lich
135180 | Zig:27   | Noticed a curse skull
135180 | Zig:27   | Noticed a dread lich
135180 | Zig:27   | Noticed an ancient lich
135182 | Zig:27   | Reached skill level 22 in Evocations
135182 | Zig:27   | Killed an ancient lich
135183 | Zig:27   | Killed a curse skull
135183 | Zig:27   | Killed a curse skull
135183 | Zig:27   | Killed a dread lich
135278 | Zig:27   | Identified the staff of Wrath {Conj Necro}
135279 | Zig:27   | Identified the +1 leather armour "Cyjips" {-Cast rF+ rC-
                  | Will+++}
135297 | Zig:27   | Identified the +10 spear "Spiderslayer" {flame, rElec
                  | Stlth+}
135313 | Zig:27   | Identified the +0 robe of Virtue {rC+ SInv}
135828 | Zot:5    | Reached skill level 14 in Throwing
135987 | Zot:5    | Noticed an orb of fire
135993 | Zot:5    | Killed an orb of fire
135994 | Zot:5    | Reached skill level 21 in Conjurations
136066 | Zot:5    | Noticed an orb of fire
136079 | Zot:5    | Killed an orb of fire
136122 | Zot:5    | Noticed an ancient lich
136124 | Zot:5    | Killed an ancient lich
136170 | Zot:5    | Noticed an ancient lich
136171 | Zot:5    | Noticed an electric golem
136172 | Zot:5    | Killed an ancient lich
136173 | Zot:5    | Noticed an orb of fire
136178 | Zot:5    | Reached skill level 21 in Air Magic
136178 | Zot:5    | Killed an orb of fire
136179 | Zot:5    | Killed an electric golem
136181 | Zot:5    | Noticed an ancient lich
136182 | Zot:5    | Killed an ancient lich
136183 | Zot:5    | Reached skill level 15 in Throwing
136250 | Zot:5    | Noticed an electric golem
136254 | Zot:5    | Killed an electric golem
136488 | Zot:5    | Noticed an orb of fire
136493 | Zot:5    | Killed an orb of fire
136538 | Zot:5    | Noticed an ancient lich
136541 | Zot:5    | Killed an ancient lich
136585 | Zot:5    | Noticed an orb of fire
136587 | Zot:5    | Noticed an orb of fire
136589 | Zot:5    | Killed an orb of fire
136590 | Zot:5    | Noticed a dread lich
136593 | Zot:5    | Killed an orb of fire
136595 | Zot:5    | Killed a dread lich
136772 | Zot:5    | Noticed an ancient lich
136774 | Zot:5    | Killed an ancient lich
136938 | Zot:5    | Reached skill level 26 in Spellcasting
137232 | Hell     | Entered the Vestibule of Hell
137232 | Hell     | Noticed Geryon
137381 | Hell     | Killed Geryon
137495 | Hell     | Reached skill level 22 in Conjurations
137705 | Hell     | Found a gateway to the decaying netherworld of Tartarus.
137744 | Hell     | Found a gateway to the freezing wastes of Cocytus.
137938 | Hell     | Found a gateway to the Iron City of Dis.
138056 | Hell     | Found a gateway to the ashen valley of Gehenna.
138136 | Zig:1    | Entered Level 1 of a ziggurat
138153 | Zig:2    | Entered Level 2 of a ziggurat
138192 | Zig:2    | Identified the +4 flail of Osyo {antimagic, rPois rF+ rC+}
138195 | Zig:3    | Entered Level 3 of a ziggurat
138197 | Zig:3    | Reached skill level 22 in Air Magic
138221 | Zig:4    | Entered Level 4 of a ziggurat
138221 | Zig:4    | Noticed a dread lich
138221 | Zig:4    | Noticed an ancient lich
138222 | Zig:4    | Killed a dread lich
138223 | Zig:4    | Killed an ancient lich
138249 | Zig:5    | Entered Level 5 of a ziggurat
138251 | Zig:5    | Noticed a juggernaut
138255 | Zig:5    | Killed a juggernaut
138299 | Zig:6    | Entered Level 6 of a ziggurat
138330 | Zig:6    | Identified the +1 shortbow "Heed" {freeze, rPois Int+2}
138331 | Zig:6    | Identified the staff "Eviscerator" {rC+ Int+3 Dex+2 Ice}
138358 | Zig:7    | Entered Level 7 of a ziggurat
138385 | Zig:7    | Identified the ring of Generosity {rElec rF+ Str+6 Int-4
                  | Dex+3}
138413 | Zig:8    | Entered Level 8 of a ziggurat
138420 | Zig:8    | Found the +7 staff of the Meek {protect, meekguard}
138487 | Zig:8    | Identified the +0 plate armour of Prudence {rN++ Dex-2}
138488 | Zig:8    | Identified the +0 robe of Activism {Harm ^Drain Regen+}
138519 | Zig:9    | Entered Level 9 of a ziggurat
138524 | Zig:9    | Noticed a dread lich
138524 | Zig:9    | Noticed a dread lich
138525 | Zig:9    | Noticed an ancient lich
138526 | Zig:9    | Noticed an ancient lich
138527 | Zig:9    | Killed a dread lich
138527 | Zig:9    | Killed an ancient lich
138527 | Zig:9    | Killed an ancient lich
138527 | Zig:9    | Noticed an ancient lich
138528 | Zig:9    | Killed a dread lich
138529 | Zig:9    | Noticed an ancient lich
138529 | Zig:9    | Found the +1 cloak of Starlight {*Dazzle EV+4 Stlth--}
138530 | Zig:9    | Killed an ancient lich
138532 | Zig:9    | Killed an ancient lich
138553 | Zig:9    | Identified the +11 sling of Bymaig {elec, Will+ Str+3}
138598 | Zig:10   | Entered Level 10 of a ziggurat
138606 | Zig:10   | Reached skill level 23 in Conjurations
138610 | Zig:10   | Reached skill level 23 in Air Magic
138633 | Zig:10   | Identified the +5 battleaxe of Wyixzamu {flame, ^Fragile
                  | Str+6}
138635 | Zig:10   | Identified the ring "Ceoguapt" {^Contam rPois rC+ MP+9
                  | Slay+2}
138673 | Zig:11   | Entered Level 11 of a ziggurat
138682 | Zig:11   | Noticed a royal mummy
138683 | Zig:11   | Noticed a royal mummy
138683 | Zig:11   | Noticed a royal mummy
138686 | Zig:11   | Killed a royal mummy
138686 | Zig:11   | Killed a royal mummy
138687 | Zig:11   | Killed a royal mummy
138766 | Zig:11   | Identified the +0 orcbow of Qetaimm {speed, Str+2}
138768 | Zig:11   | Identified the +1 robe of Orthodoxy {Str+2}
138777 | Zig:11   | Got Sif Muna's Cyclopedia of the Phantasmal Quarry
138819 | Zig:12   | Entered Level 12 of a ziggurat
138825 | Zig:12   | Noticed a juggernaut
138826 | Zig:12   | Noticed a juggernaut
138826 | Zig:12   | Noticed a juggernaut
138827 | Zig:12   | Noticed a juggernaut
138829 | Zig:12   | Noticed a juggernaut
138830 | Zig:12   | Killed a juggernaut
138830 | Zig:12   | Killed a juggernaut
138830 | Zig:12   | Killed a juggernaut
138831 | Zig:12   | Killed a juggernaut
138833 | Zig:12   | Killed a juggernaut
138846 | Zig:12   | Identified the +2 leather armour of Zin's Supremacy {Regen+
                  | Int+3 Dex+4 Slay-4}
138847 | Zig:12   | Identified the +0 helmet of Duotozua {+Inv rF+ Int+3
                  | Stlth-}
138849 | Zig:12   | Identified the +3 morningstar of the Muttering Asp {heavy,
                  | Dex+5}
138853 | Zig:12   | Identified the +7 chain mail of Huruzum {Rampage Str+3 SInv
                  | Stlth+}
138866 | Zig:12   | Identified the +2 troll leather armour of Watchfulness
                  | {^Contam rPois Will+ Regen+ Dex+3}
138903 | Zig:13   | Entered Level 13 of a ziggurat
138915 | Zig:13   | Reached skill level 9 in Dodging
138926 | Zig:13   | Identified the staff of Oozing Pus {Dex+5 Conj Earth}
138939 | Zig:13   | Identified the +7 hand axe of Indomitability {flame, ^Drain
                  | MP+9 Str+2 Int+6}
138981 | Zig:14   | Entered Level 14 of a ziggurat
139004 | Zig:14   | Reached skill level 6 in Translocations
139034 | Zig:14   | Identified the +6 quarterstaff of the Unstoppable Hosts
                  | {freeze, rC- Will+ Dex+3}
139036 | Zig:14   | Identified the +8 long sword of Misery {freeze, Dex+3}
139038 | Zig:14   | Identified the amulet "Tokliss" {Regen+ MP+9 Dex+6}
139039 | Zig:14   | Identified a +1 robe of resistance
139089 | Zig:15   | Entered Level 15 of a ziggurat
139104 | Zig:15   | Reached skill level 7 in Translocations
139121 | Zig:15   | Found the +7 captain's cutlass {speed, disarm}
139125 | Zig:15   | Found the +9 sword of Zonguldrok {reap}
139129 | Zig:15   | Identified the ring "Jufyf" {rC- EV+5 Str+7}
139136 | Zig:15   | Identified the +6 falchion "Paostrase" {drain, rC+ Int+3}
139146 | Zig:15   | Identified the +1 mace of Salt {freeze, Fly rF- Int+2}
139151 | Zig:15   | Identified the +1 chain mail "Felademe" {rC++ Dex-5}
139154 | Zig:15   | Identified the +5 mace of Resourcefulness {holy, rN++ Str+5
                  | Stlth-}
139159 | Zig:15   | Identified the +1 chain mail of the Catfish {Str+6}
139217 | Zig:15   | Acquired 751 gold pieces
139234 | Zig:16   | Entered Level 16 of a ziggurat
139247 | Zig:16   | Reached skill level 24 in Conjurations
139247 | Zig:16   | Reached skill level 19 in Fire Magic
139249 | Zig:16   | Reached skill level 16 in Armour
139251 | Zig:16   | Reached skill level 10 in Dodging
139251 | Zig:16   | Reached skill level 8 in Translocations
139255 | Zig:16   | Reached skill level 25 in Earth Magic
139280 | Zig:16   | Identified the +0 ring mail "Ovvan" {rN++}
139293 | Zig:16   | Identified the staff of Xosask {rC+ Dex+7 Ice}
139298 | Zig:16   | Identified the +9 shortbow of the Wilderness {heavy,
                  | ^Contam *Corrode rF+ Int+8}
139366 | Zig:17   | Entered Level 17 of a ziggurat
139371 | Zig:17   | Noticed a juggernaut
139373 | Zig:17   | Noticed a juggernaut
139375 | Zig:17   | Noticed a juggernaut
139376 | Zig:17   | Noticed a juggernaut
139377 | Zig:17   | Killed a juggernaut
139377 | Zig:17   | Killed a juggernaut
139377 | Zig:17   | Noticed a juggernaut
139377 | Zig:17   | Killed a juggernaut
139378 | Zig:17   | Reached skill level 25 in Ice Magic
139378 | Zig:17   | Reached skill level 24 in Air Magic
139378 | Zig:17   | Killed a juggernaut
139380 | Zig:17   | Killed a juggernaut
139381 | Zig:17   | Reached skill level 9 in Translocations
139430 | Zig:17   | Identified the ring of Darkness {rCorr Str+6 Int+3 Slay+3}
139435 | Zig:17   | Identified a +1 crystal plate armour
139440 | Zig:17   | Identified the ring "Nudac" {rC+ Dex+4}
139442 | Zig:17   | Identified the ring of Puly {Fire Slay+5}
139513 | Zig:18   | Entered Level 18 of a ziggurat
139540 | Zig:18   | Reached skill level 10 in Translocations
139548 | Zig:18   | Reached skill level 11 in Dodging
139550 | Zig:18   | Found the +7 hand cannon "Mule" {flame, backblast, rF+}
139622 | Zig:18   | Identified the +1 long sword "Nigienk" {flame, rPois Dex+6}
139630 | Zig:18   | Identified the staff of the Peculiar Leylines {rPois rC+
                  | rN+ SInv Necro}
139631 | Zig:18   | Identified the +6 battleaxe of Dominance {freeze, rElec
                  | rPois rC+}
139711 | Zig:19   | Entered Level 19 of a ziggurat
139719 | Zig:19   | Noticed a juggernaut
139723 | Zig:19   | Noticed a juggernaut
139724 | Zig:19   | Noticed a juggernaut
139724 | Zig:19   | Killed a juggernaut
139725 | Zig:19   | Noticed a juggernaut
139729 | Zig:19   | Killed a juggernaut
139729 | Zig:19   | Killed a juggernaut
139731 | Zig:19   | Found the brooch of Shielding {Spirit SH+8}
139732 | Zig:19   | Killed a juggernaut
139768 | Zig:19   | Identified the amulet of the Burgomaster {Reflect Dex+6
                  | SH+5}
139771 | Zig:19   | Identified the +3 lajatang "Juvides" {antimagic, rF+}
139772 | Zig:19   | Identified the ring of Tophext {rF+ Will+++ Str-4 Slay+3
                  | Stlth-}
139787 | Zig:19   | Identified the staff "Conservator" {rF- rC+++ rN+ Str-2
                  | Necro Fire}
139882 | Zig:19   | Acquired a manual of Axes
139911 | Zig:20   | Entered Level 20 of a ziggurat
139924 | Zig:20   | Reached skill level 11 in Translocations
139931 | Zig:20   | Reached skill level 17 in Armour
139939 | Zig:20   | Found the +0 pair of gloves of the gadgeteer {Gadgeteer
                  | Wandboost ^Fragile}
139987 | Zig:20   | Identified the ring "Poacs" {rF+ rC+}
139988 | Zig:20   | Identified the +4 morningstar of the Viper {flame, Fly rC+
                  | rCorr}
140086 | Zig:21   | Entered Level 21 of a ziggurat
140096 | Zig:21   | Noticed a curse skull
140096 | Zig:21   | Noticed a curse skull
140096 | Zig:21   | Noticed a curse skull
140096 | Zig:21   | Noticed a curse skull
140096 | Zig:21   | Noticed a curse skull
140098 | Zig:21   | Noticed a curse skull
140099 | Zig:21   | Noticed a curse skull
140100 | Zig:21   | Killed a curse skull
140100 | Zig:21   | Killed a curse skull
140100 | Zig:21   | Killed a curse skull
140100 | Zig:21   | Killed a curse skull
140100 | Zig:21   | Killed a curse skull
140100 | Zig:21   | Killed a curse skull
140100 | Zig:21   | Killed a curse skull
140100 | Zig:21   | Noticed a curse skull
140100 | Zig:21   | Noticed a curse skull
140100 | Zig:21   | Noticed a dread lich
140101 | Zig:21   | Noticed an ancient lich
140102 | Zig:21   | Noticed a curse skull
140103 | Zig:21   | Killed a curse skull
140103 | Zig:21   | Killed a curse skull
140103 | Zig:21   | Killed an ancient lich
140103 | Zig:21   | Killed a curse skull
140104 | Zig:21   | Killed a dread lich
140105 | Zig:21   | Reached skill level 12 in Translocations
140105 | Zig:21   | Noticed a dread lich
140109 | Zig:21   | Reached skill level 12 in Dodging
140109 | Zig:21   | Killed a dread lich
140110 | Zig:21   | Noticed an ancient lich
140110 | Zig:21   | Killed an ancient lich
140113 | Zig:21   | Noticed a dread lich
140114 | Zig:21   | Killed a dread lich
140151 | Zig:21   | Found the +6 lightning scales {swift, rElec}
140183 | Zig:21   | Found the +3 salamander hide armour {Flames, rFlCloud rF++
                  | rC--}
140194 | Zig:21   | Identified the amulet "Jiaxt" {Acrobat Stlth+}
140198 | Zig:21   | Identified the orb of Zaurul {*channel, -Tele Dex+5 Stlth+}
140199 | Zig:21   | Identified the +8 executioner's axe "Xomoicla" {flame,
                  | rElec rC+ Will+}
140200 | Zig:21   | Identified the +1 leather armour "Atwionn" {Rampage rC++
                  | Int+2 Dex-4}
140305 | Zig:22   | Entered Level 22 of a ziggurat
140326 | Zig:22   | Reached skill level 20 in Fire Magic
140326 | Zig:22   | Reached skill level 26 in Earth Magic
140329 | Zig:22   | Reached skill level 13 in Translocations
140329 | Zig:22   | Reached skill level 26 in Ice Magic
140331 | Zig:22   | Found the +8 demon blade "Leech" {evervamp, Harm ^Drain
                  | rN+}
140354 | Zig:22   | Identified the ring of Xom's Whimsicality {Wiz rCorr Int+3
                  | SInv}
140355 | Zig:22   | Identified the +6 rapier "Jyep" {venom, rN+ Str+5 Int+5}
140360 | Zig:22   | Identified the +3 ring mail of Ramoh {Will++ Slay-6}
140384 | Zig:22   | Identified the ring of Hepliaklqana's Favour {AC+4 Str+8}
140502 | Zig:22   | Identified the death talisman of a sewer {rElec rF- Int+2
                  | SInv}
140505 | Zig:23   | Entered Level 23 of a ziggurat
140532 | Zig:23   | Reached skill level 18 in Armour
140532 | Zig:23   | Reached skill level 14 in Translocations
140543 | Zig:23   | Reached skill level 13 in Dodging
140554 | Zig:23   | Learned a level 8 spell: Disjunction
140559 | Zig:23   | Learned a level 4 spell: Passage of Golubria
140565 | Zig:23   | Identified the +12 short sword of Ascent {flame, Str+3}
140569 | Zig:23   | Identified the +0 broad axe "Globulus" {freeze, rF++ Str-2
                  | Dex+5}
140583 | Zig:23   | Identified the +0 orcbow of Abuse {heavy, ^Drain +Blink
                  | rPois Dex-3}
140708 | Zig:23   | Acquired the ring "Kicisegaon" {rF+ rC+ Str+6 Int+2}
140722 | Zig:24   | Entered Level 24 of a ziggurat
140745 | Zig:24   | Reached skill level 25 in Conjurations
140745 | Zig:24   | Reached skill level 25 in Air Magic
140747 | Zig:24   | Reached skill level 15 in Translocations
140801 | Zig:24   | Found the +7 Spriggan's Knife {stab, EV+4 Stlth+}
140834 | Zig:24   | Identified the amulet "Adar" {Faith rN++ Regen+ Str-4 SInv}
140841 | Zig:24   | Identified the +6 scimitar "Ynuc" {heavy, +Blink Str-4
                  | Dex+3 Stlth+}
140847 | Zig:24   | Identified the +0 ring mail of the Untouchables {Dex+3}
140851 | Zig:24   | Identified the +7 flail "Enkeof" {freeze, Int+3}
140854 | Zig:24   | Identified the staff "Arcanum" {rPois rN+ Will+ Conj Fire}
140973 | Zig:25   | Entered Level 25 of a ziggurat
140983 | Zig:25   | Noticed a royal mummy
140984 | Zig:25   | Noticed a royal mummy
140984 | Zig:25   | Noticed a royal mummy
140984 | Zig:25   | Noticed a royal mummy
140984 | Zig:25   | Noticed a royal mummy
140986 | Zig:25   | Killed a royal mummy
140987 | Zig:25   | Noticed a royal mummy
140988 | Zig:25   | Noticed a royal mummy
140988 | Zig:25   | Killed a royal mummy
140989 | Zig:25   | Killed a royal mummy
140989 | Zig:25   | Killed a royal mummy
140989 | Zig:25   | Killed a royal mummy
140989 | Zig:25   | Noticed a royal mummy
140990 | Zig:25   | Noticed a royal mummy
140990 | Zig:25   | Noticed a royal mummy
140991 | Zig:25   | Killed a royal mummy
140991 | Zig:25   | Noticed a royal mummy
140991 | Zig:25   | Killed a royal mummy
140992 | Zig:25   | Killed a royal mummy
140992 | Zig:25   | Killed a royal mummy
140992 | Zig:25   | Noticed a royal mummy
140993 | Zig:25   | Killed a royal mummy
140993 | Zig:25   | Noticed a royal mummy
140994 | Zig:25   | Killed a royal mummy
140995 | Zig:25   | Killed a royal mummy
140996 | Zig:25   | Killed a royal mummy
140997 | Zig:25   | Reached skill level 14 in Dodging
140997 | Zig:25   | Noticed a royal mummy
140999 | Zig:25   | Noticed a royal mummy
140999 | Zig:25   | Noticed a royal mummy
141000 | Zig:25   | Killed a royal mummy
141000 | Zig:25   | Killed a royal mummy
141001 | Zig:25   | Killed a royal mummy
141001 | Zig:25   | Noticed a royal mummy
141002 | Zig:25   | Noticed a royal mummy
141003 | Zig:25   | Killed a royal mummy
141004 | Zig:25   | Reached skill level 16 in Translocations
141004 | Zig:25   | Killed a royal mummy
141004 | Zig:25   | Noticed a royal mummy
141006 | Zig:25   | Killed a royal mummy
141007 | Zig:25   | Noticed a royal mummy
141010 | Zig:25   | Killed a royal mummy
141288 | Zig:25   | Acquired 1067 gold pieces
141295 | Zig:25   | Reached skill level 19 in Armour
141435 | Zig:26   | Entered Level 26 of a ziggurat
141449 | Zig:26   | Noticed a curse skull
141450 | Zig:26   | Noticed Tefur's ghost (legendary GnFi)
141450 | Zig:26   | Noticed a curse skull
141450 | Zig:26   | Noticed Has Pue's ghost (legendary FoFi)
141451 | Zig:26   | Noticed Gealluifoe's ghost (legendary DrFi)
141451 | Zig:26   | Noticed Poalor's ghost (legendary GnWn)
141451 | Zig:26   | Noticed a curse skull
141452 | Zig:26   | Killed a curse skull
141452 | Zig:26   | Killed a curse skull
141452 | Zig:26   | Killed a curse skull
141452 | Zig:26   | Noticed a curse skull
141452 | Zig:26   | Noticed Kyik Kue's ghost (legendary DEFE)
141452 | Zig:26   | Noticed Tefur's ghost (legendary GnFi)
141452 | Zig:26   | Noticed ViolentViolet's ghost (legendary CoAr)
141453 | Zig:26   | Reached skill level 21 in Fire Magic
141453 | Zig:26   | Noticed Neapotai's ghost (veteran DsMo)
141453 | Zig:26   | Noticed Tenar's ghost (legendary MDCA)
141454 | Zig:26   | Noticed mopl's ghost (master DEFE)
141454 | Zig:26   | Killed a curse skull
141454 | Zig:26   | Killed mopl's ghost
141454 | Zig:26   | Noticed Hiz Mun's ghost (veteran MfGl)
141454 | Zig:26   | Noticed Minism's ghost (legendary MiFi)
141454 | Zig:26   | Noticed Tefur's ghost (legendary GnFi)
141454 | Zig:26   | Noticed Qatt's ghost (legendary GnWn)
141454 | Zig:26   | Noticed Gealluifoe's ghost (legendary DrFi)
141454 | Zig:26   | Noticed Amovulon's ghost (legendary GrEE)
141454 | Zig:26   | Noticed Diylu's ghost (veteran DsCj)
141455 | Zig:26   | Killed ViolentViolet's ghost
141455 | Zig:26   | Killed Kyik Kue's ghost
141455 | Zig:26   | Noticed Qyuhokk's ghost (veteran MDFE)
141456 | Zig:26   | Noticed Qyuhokk's ghost (veteran MDFE)
141457 | Zig:26   | Noticed Gealluifoe's ghost (legendary DrFi)
141457 | Zig:26   | Noticed Diylu's ghost (veteran DsCj)
141457 | Zig:26   | Killed Qatt's ghost
141457 | Zig:26   | Killed Diylu's ghost
141457 | Zig:26   | Killed Has Pue's ghost
141457 | Zig:26   | Killed Neapotai's ghost
141457 | Zig:26   | Noticed Diylu's ghost (veteran DsCj)
141457 | Zig:26   | Noticed Piash's ghost (master OnEE)
141457 | Zig:26   | Noticed Hahenefa's ghost (legendary DsWn)
141458 | Zig:26   | Killed Minism's ghost
141458 | Zig:26   | Killed Tenar's ghost
141459 | Zig:26   | Killed Qyuhokk's ghost
141459 | Zig:26   | Noticed NotYourErnst's ghost (legendary DsAl)
141460 | Zig:26   | Killed Amovulon's ghost
141460 | Zig:26   | Killed Piash's ghost
141460 | Zig:26   | Killed Tefur's ghost
141461 | Zig:26   | Reached skill level 17 in Translocations
141463 | Zig:26   | Killed a curse skull
141463 | Zig:26   | Killed Qyuhokk's ghost
141465 | Zig:26   | Killed Poalor's ghost
141466 | Zig:26   | Killed Gealluifoe's ghost
141466 | Zig:26   | Killed Diylu's ghost
141466 | Zig:26   | Killed Diylu's ghost
141469 | Zig:26   | Killed Gealluifoe's ghost
141469 | Zig:26   | Noticed a curse skull
141470 | Zig:26   | Killed a curse skull
141470 | Zig:26   | Killed Hahenefa's ghost
141471 | Zig:26   | Noticed a curse toe
141471 | Zig:26   | Noticed Jataj's ghost (legendary GrFi)
141475 | Zig:26   | Killed NotYourErnst's ghost
141499 | Zig:26   | Noticed a curse toe
141501 | Zig:26   | Killed a curse toe
141505 | Zig:26   | Noticed Zaib's ghost (legendary CeHu)
141507 | Zig:26   | Noticed Dirtsage's ghost (legendary TrSh)
141508 | Zig:26   | Killed Hiz Mun's ghost
141509 | Zig:26   | Reached skill level 15 in Dodging
141510 | Zig:26   | Noticed Beofaps's ghost (legendary HuCj)
141510 | Zig:26   | Noticed Has Pue's ghost (legendary FoFi)
141513 | Zig:26   | Noticed Qatt's ghost (legendary GnWn)
141514 | Zig:26   | Killed Zaib's ghost
141515 | Zig:26   | Noticed a curse toe
141516 | Zig:26   | Killed Has Pue's ghost
141516 | Zig:26   | Killed a curse toe
141518 | Zig:26   | Killed a curse toe
141521 | Zig:26   | Killed Qatt's ghost
141521 | Zig:26   | Killed Tefur's ghost
141521 | Zig:26   | Killed Beofaps's ghost
141523 | Zig:26   | Killed Jataj's ghost
141523 | Zig:26   | Killed Tefur's ghost
141525 | Zig:26   | Killed Dirtsage's ghost
141526 | Zig:26   | Noticed Tefur's ghost (legendary GnFi)
141527 | Zig:26   | Killed Gealluifoe's ghost
141528 | Zig:26   | Killed Tefur's ghost
141555 | Zig:26   | Noticed Qyuhokk's ghost (veteran MDFE)
141559 | Zig:26   | HP: 26/271 [Qyuhokk's ghost/great blast of fire (44)]
141597 | Zig:26   | Killed Qyuhokk's ghost
141607 | Zig:26   | Noticed a curse toe
141610 | Zig:26   | Killed a curse toe
141982 | Zig:26   | Identified the staff "Viuzxixt" {*Corrode +Blink rC+ Will+
                  | Summ Ice}
141994 | Zig:26   | Identified the +4 rapier of Uskayaw's Pride {vamp, Will+
                  | Str+2}
142002 | Zig:26   | Reached skill level 18 in Translocations
142015 | Zig:26   | Identified the ring of Neriw {rN+ Dex+6}
142017 | Zig:26   | Identified the staff "Nuthexur" {rF+ MP+9 Dex+3 Fire}
142041 | Zig:27   | Entered Level 27 of a ziggurat
142065 | Zig:27   | Reached skill level 20 in Armour
142071 | Zig:27   | Reached skill level 16 in Dodging
142071 | Zig:27   | Reached skill level 26 in Conjurations
142071 | Zig:27   | Reached skill level 26 in Air Magic
142149 | Zig:27   | Identified the +3 ring mail "Fied" {+Blink rElec Str+4
                  | SInv}
142154 | Zig:27   | Identified the ring of Acluhou {Wiz rPois Will+}
142157 | Zig:27   | Identified the +1 plate armour of Faoloud {+Blink}
142171 | Zig:27   | Reached skill level 22 in Fire Magic
142179 | Zig:27   | Identified the +6 mace "Zumotos" {freeze, rElec}
142569 | Temple   | Fell from the grace of Vehumet
142569 | Temple   | Became a worshipper of Gozag Ym Sagoz the Greedy
142801 | Depths:4 | Bought the ring of the Mage {Wiz Archmagi} for 1224 gold
                  | pieces
142801 | Depths:4 | Found the ring of the Mage {Wiz Archmagi}
142862 | Zig:1    | Entered Level 1 of a ziggurat
142906 | Zig:2    | Entered Level 2 of a ziggurat
142908 | Zig:2    | Noticed a caustic shrike
142910 | Zig:2    | Killed a caustic shrike
142973 | Zig:3    | Entered Level 3 of a ziggurat
142977 | Zig:3    | Noticed Tofon the pandemonium lord
142985 | Zig:3    | Killed Tofon the pandemonium lord
143133 | Zig:4    | Entered Level 4 of a ziggurat
143133 | Zig:4    | Noticed a royal mummy
143135 | Zig:4    | Noticed a royal mummy
143139 | Zig:4    | Killed a royal mummy
143140 | Zig:4    | Killed a royal mummy
143302 | Zig:4    | Identified the +9 plate armour of Shadows and Fog {rCorr
                  | Dex+3}
143306 | Zig:5    | Entered Level 5 of a ziggurat
143405 | Zig:6    | Entered Level 6 of a ziggurat
143412 | Zig:6    | Reached skill level 21 in Armour
143493 | Zig:6    | Identified the +0 robe of Refuge {Rampage Fly rElec Int-5}
143499 | Zig:6    | Identified the staff of Peril {rF+ MP-9 Stlth+ Conj Necro}
143507 | Zig:6    | Identified the ring of Qogisaoc {Fire *Corrode Dex+3
                  | Stlth+}
143661 | Zig:7    | Entered Level 7 of a ziggurat
143813 | Zig:8    | Entered Level 8 of a ziggurat
143816 | Zig:8    | Noticed a royal mummy
143817 | Zig:8    | Killed a royal mummy
143817 | Zig:8    | Noticed a royal mummy
143819 | Zig:8    | Killed a royal mummy
143819 | Zig:8    | Noticed a royal mummy
143819 | Zig:8    | Noticed a royal mummy
143821 | Zig:8    | Killed a royal mummy
143823 | Zig:8    | Noticed a royal mummy
143825 | Zig:8    | Killed a royal mummy
143827 | Zig:8    | Killed a royal mummy
144008 | Zig:9    | Entered Level 9 of a ziggurat
144012 | Zig:9    | Noticed an ancient lich
144012 | Zig:9    | Noticed a curse skull
144012 | Zig:9    | Noticed an ancient lich
144013 | Zig:9    | Noticed a dread lich
144013 | Zig:9    | Noticed a dread lich
144013 | Zig:9    | Noticed an ancient lich
144015 | Zig:9    | Killed a curse skull
144015 | Zig:9    | Killed an ancient lich
144015 | Zig:9    | Killed a dread lich
144016 | Zig:9    | Noticed a dread lich
144016 | Zig:9    | Noticed a dread lich
144016 | Zig:9    | Killed an ancient lich
144017 | Zig:9    | Killed an ancient lich
144017 | Zig:9    | Killed a dread lich
144017 | Zig:9    | Killed a dread lich
144017 | Zig:9    | Noticed a dread lich
144018 | Zig:9    | Reached skill level 23 in Fire Magic
144019 | Zig:9    | Noticed a dread lich
144019 | Zig:9    | Noticed a dread lich
144021 | Zig:9    | Killed a dread lich
144021 | Zig:9    | Killed a dread lich
144022 | Zig:9    | Reached skill level 27 in Conjurations
144022 | Zig:9    | Killed a dread lich
144025 | Zig:9    | Killed a dread lich
144204 | Zig:9    | Reached skill level 22 in Armour
144238 | Zig:10   | Entered Level 10 of a ziggurat
144246 | Zig:10   | Reached skill level 27 in Fighting
144247 | Zig:10   | Reached skill level 27 in Ice Magic
144247 | Zig:10   | Reached skill level 27 in Earth Magic
144378 | Zig:10   | Identified the +3 trident of Disaster {heavy, rF+ rC+}
144381 | Zig:11   | Entered Level 11 of a ziggurat
144387 | Zig:11   | Noticed Sicyhubb the pandemonium lord
144387 | Zig:11   | Noticed Voczezex the pandemonium lord
144387 | Zig:11   | Noticed Peinkog the pandemonium lord
144387 | Zig:11   | Noticed Urufinoi the pandemonium lord
144387 | Zig:11   | Noticed Jucsymp the pandemonium lord
144388 | Zig:11   | Noticed Heump the pandemonium lord
144389 | Zig:11   | Noticed Uckil Nish the pandemonium lord
144390 | Zig:11   | Reached skill level 27 in Spellcasting
144390 | Zig:11   | Reached skill level 27 in Air Magic
144390 | Zig:11   | Killed Urufinoi the pandemonium lord
144390 | Zig:11   | Banished Jucsymp the pandemonium lord
144391 | Zig:11   | Noticed Socefouc the pandemonium lord
144391 | Zig:11   | Killed Voczezex the pandemonium lord
144391 | Zig:11   | Killed Heump the pandemonium lord
144391 | Zig:11   | Killed Uckil Nish the pandemonium lord
144391 | Zig:11   | Killed Peinkog the pandemonium lord
144392 | Zig:11   | Reached skill level 23 in Armour
144392 | Zig:11   | Killed Sicyhubb the pandemonium lord
144394 | Zig:11   | Noticed Ytust the pandemonium lord
144395 | Zig:11   | Noticed Wurgho the pandemonium lord
144395 | Zig:11   | Noticed Qihy the pandemonium lord
144396 | Zig:11   | Killed Socefouc the pandemonium lord
144396 | Zig:11   | Killed Inkuec the pandemonium lord
144396 | Zig:11   | Noticed Pusegroo the pandemonium lord
144397 | Zig:11   | Killed Qihy the pandemonium lord
144398 | Zig:11   | Noticed Esueguta the pandemonium lord
144401 | Zig:11   | Killed Wurgho the pandemonium lord
144401 | Zig:11   | Killed Ytust the pandemonium lord
144401 | Zig:11   | Killed Esueguta the pandemonium lord
144410 | Zig:11   | Killed Pusegroo the pandemonium lord
144494 | Zig:11   | Identified the +3 sling "Xuvup" {heavy, rF+ Dex+3}
144558 | Zig:12   | Entered Level 12 of a ziggurat
144564 | Zig:12   | Reached skill level 24 in Armour
144568 | Zig:12   | Reached skill level 24 in Fire Magic
144568 | Zig:12   | Found the +5 demon whip "Spellbinder" {antimagic, disrupt,
                  | Will+}
144702 | Zig:12   | Identified the ring "Ethreuteo" {rN+ Will+}
144759 | Zig:12   | Reached skill level 25 in Armour
144768 | Zig:13   | Entered Level 13 of a ziggurat
144770 | Zig:13   | Noticed a caustic shrike
144771 | Zig:13   | Noticed a caustic shrike
144771 | Zig:13   | Noticed a caustic shrike
144771 | Zig:13   | Noticed a caustic shrike
144771 | Zig:13   | Noticed a caustic shrike
144771 | Zig:13   | Noticed a caustic shrike
144773 | Zig:13   | Killed a caustic shrike
144773 | Zig:13   | Killed a caustic shrike
144774 | Zig:13   | Killed a caustic shrike
144775 | Zig:13   | Noticed a caustic shrike
144776 | Zig:13   | Reached skill level 26 in Armour
144776 | Zig:13   | Noticed a caustic shrike
144776 | Zig:13   | Killed a caustic shrike
144777 | Zig:13   | Killed a caustic shrike
144779 | Zig:13   | Noticed an ancient lich
144782 | Zig:13   | Killed an ancient lich
144959 | Zig:13   | Identified the +7 trident "Xucwebb" {freeze, Will+ Int+4
                  | SInv}
144963 | Zig:13   | Identified the +0 chain mail of the Shining One's Whim
                  | {Will- rCorr Str+3 SInv}
144964 | Zig:13   | Identified the +6 battleaxe of Xuyt Sae {antimagic, rF+
                  | Str+7 Int+4}
144970 | Zig:13   | Identified the ring of Autumn {Fire Will+ Int+3 Dex+2}
144972 | Zig:13   | Acquired 405 gold pieces
145003 | Zig:14   | Entered Level 14 of a ziggurat
145011 | Zig:14   | Reached skill level 27 in Armour
145242 | Zig:14   | Identified the +4 flail of the Fox {freeze, Fly Dex+5
                  | Stlth+}
145243 | Zig:14   | Identified the +10 dagger "Nauduray" {pain, rN+ Int+3
                  | Dex+3}
145290 | Zig:14   | Identified the ring "Zaafej" {Will+ rCorr MP+9 Slay+3 SInv}
145339 | Zig:14   | Upgraded the game from 0.32-a0-747-gc8563f6773 to
                  | 0.32-a0-768-g0f6f1dd4b9
145350 | Zig:15   | Entered Level 15 of a ziggurat
145359 | Zig:15   | Noticed an ancient lich
145359 | Zig:15   | Noticed a dread lich
145361 | Zig:15   | Reached skill level 2 in Axes
145361 | Zig:15   | Reached skill level 25 in Fire Magic
145361 | Zig:15   | Killed an ancient lich
145362 | Zig:15   | Reached skill level 3 in Axes
145362 | Zig:15   | Noticed a dread lich
145362 | Zig:15   | Noticed an ancient lich
145362 | Zig:15   | Noticed a dread lich
145363 | Zig:15   | Killed an ancient lich
145363 | Zig:15   | Killed a dread lich
145363 | Zig:15   | Noticed a dread lich
145364 | Zig:15   | Reached skill level 5 in Axes
145364 | Zig:15   | Killed a dread lich
145364 | Zig:15   | Killed a dread lich
145365 | Zig:15   | Reached skill level 16 in Throwing
145365 | Zig:15   | Killed a dread lich
145365 | Zig:15   | Noticed a dread lich
145366 | Zig:15   | Reached skill level 6 in Axes
145366 | Zig:15   | Noticed an ancient lich
145371 | Zig:15   | Reached skill level 17 in Dodging
145371 | Zig:15   | Killed a dread lich
145372 | Zig:15   | Reached skill level 7 in Axes
145372 | Zig:15   | Killed an ancient lich
145374 | Zig:15   | Reached skill level 8 in Axes
145455 | Zig:15   | Identified the +2 leather armour of Fahim {-Tele rC++ rN+++
                  | Dex-4}
145456 | Zig:15   | Identified the ring of Sogepn {rElec rN+ Str+3}
145458 | Zig:15   | Identified the +2 war axe of the Final Decision {freeze,
                  | rF+}
145459 | Zig:15   | Identified the +6 shortbow of Qalugeuh {freeze, Str+3
                  | Dex+4}
145466 | Zig:15   | Identified the +2 trident "Medomeurph" {freeze, rElec rPois
                  | Stlth+}
145647 | Zig:16   | Entered Level 16 of a ziggurat
145655 | Zig:16   | Reached skill level 9 in Axes
145655 | Zig:16   | Reached skill level 17 in Throwing
145660 | Zig:16   | Reached skill level 10 in Axes
145660 | Zig:16   | Reached skill level 18 in Throwing
145849 | Zig:16   | Identified the +4 morningstar "Alinwa Jysa" {drain, rPois
                  | Will+ Str+3 Int-2}
145873 | Zig:16   | Identified the +3 trident of Growing Extinguishment {spect,
                  | rElec rN++ Will++}
145992 | Zig:16   | Identified the staff of the Candle {rCorr Conj}
145997 | Zig:16   | Identified the +7 hand axe of the Flying Jester {freeze,
                  | *Noise rElec Str+3 Dex+3}
146006 | Zig:16   | Reached skill level 11 in Axes
146006 | Zig:16   | Reached skill level 18 in Dodging
146019 | Zig:17   | Entered Level 17 of a ziggurat
146027 | Zig:17   | Reached skill level 12 in Axes
146031 | Zig:17   | Reached skill level 19 in Throwing
146031 | Zig:17   | Reached skill level 26 in Fire Magic
146145 | Zig:17   | Identified the +5 rapier "Foseivat" {flame, Dex+5}
146409 | Zig:18   | Entered Level 18 of a ziggurat
146413 | Zig:18   | Noticed Woxt the pandemonium lord
146413 | Zig:18   | Noticed Abehalob the pandemonium lord
146415 | Zig:18   | Killed Abehalob the pandemonium lord
146415 | Zig:18   | Noticed Bemouzy the pandemonium lord
146416 | Zig:18   | Noticed Fesche the pandemonium lord
146418 | Zig:18   | Noticed Fasaatt the pandemonium lord
146421 | Zig:18   | Noticed Nuriev the pandemonium lord
146421 | Zig:18   | Noticed Evvoy the pandemonium lord
146421 | Zig:18   | Noticed Furicse the pandemonium lord
146421 | Zig:18   | Noticed Qukaun the pandemonium lord
146421 | Zig:18   | Noticed Jidoeduk the pandemonium lord
146422 | Zig:18   | Noticed Daduyhoa the pandemonium lord
146423 | Zig:18   | Killed Evvoy the pandemonium lord
146423 | Zig:18   | Killed Jidoeduk the pandemonium lord
146423 | Zig:18   | Killed Furicse the pandemonium lord
146423 | Zig:18   | Killed Fesche the pandemonium lord
146424 | Zig:18   | Reached skill level 13 in Axes
146424 | Zig:18   | Killed Daduyhoa the pandemonium lord
146424 | Zig:18   | Killed Nuriev the pandemonium lord
146424 | Zig:18   | Noticed Puef the pandemonium lord
146425 | Zig:18   | Noticed Simar the pandemonium lord
146425 | Zig:18   | Noticed Opa Doas the pandemonium lord
146425 | Zig:18   | Noticed Seufackiarr the pandemonium lord
146425 | Zig:18   | Noticed Titratek the pandemonium lord
146426 | Zig:18   | Killed Qukaun the pandemonium lord
146427 | Zig:18   | Reached skill level 20 in Throwing
146427 | Zig:18   | Noticed Tugroy the pandemonium lord
146427 | Zig:18   | Killed Woxt the pandemonium lord
146428 | Zig:18   | Reached skill level 19 in Dodging
146428 | Zig:18   | Noticed Yweif the pandemonium lord
146429 | Zig:18   | Killed Puef the pandemonium lord
146429 | Zig:18   | Killed Tugroy the pandemonium lord
146429 | Zig:18   | Killed Bemouzy the pandemonium lord
146429 | Zig:18   | Killed Fasaatt the pandemonium lord
146430 | Zig:18   | Killed Opa Doas the pandemonium lord
146430 | Zig:18   | Killed Seufackiarr the pandemonium lord
146430 | Zig:18   | Killed Ejaimuyl the pandemonium lord
146431 | Zig:18   | Killed Yweif the pandemonium lord
146431 | Zig:18   | Noticed Hanacyu the pandemonium lord
146432 | Zig:18   | Noticed Tiufiuh the pandemonium lord
146432 | Zig:18   | Noticed Wateitih the pandemonium lord
146432 | Zig:18   | Noticed Semmyini the pandemonium lord
146432 | Zig:18   | Noticed Falaom the pandemonium lord
146433 | Zig:18   | Noticed Paesih the pandemonium lord
146433 | Zig:18   | Noticed Wubak the pandemonium lord
146434 | Zig:18   | Noticed Zodistowk the pandemonium lord
146434 | Zig:18   | Noticed Amacs the pandemonium lord
146434 | Zig:18   | Noticed Gutiahia the pandemonium lord
146434 | Zig:18   | Noticed Fixyrchof the pandemonium lord
146435 | Zig:18   | Killed Falaom the pandemonium lord
146435 | Zig:18   | Killed Tiufiuh the pandemonium lord
146435 | Zig:18   | Killed Titratek the pandemonium lord
146435 | Zig:18   | Killed Paesih the pandemonium lord
146435 | Zig:18   | Noticed Ihenwial the pandemonium lord
146436 | Zig:18   | Noticed Ula Ogok the pandemonium lord
146436 | Zig:18   | Noticed Dixaac the pandemonium lord
146436 | Zig:18   | Noticed Xitamm the pandemonium lord
146436 | Zig:18   | Noticed Rom Icuu the pandemonium lord
146437 | Zig:18   | Noticed Gulla the pandemonium lord
146437 | Zig:18   | Killed Hanacyu the pandemonium lord
146437 | Zig:18   | Killed Wateitih the pandemonium lord
146438 | Zig:18   | Killed Gutiahia the pandemonium lord
146438 | Zig:18   | Killed Ihenwial the pandemonium lord
146438 | Zig:18   | Killed Zodistowk the pandemonium lord
146438 | Zig:18   | Killed Ula Ogok the pandemonium lord
146438 | Zig:18   | Killed Fixyrchof the pandemonium lord
146438 | Zig:18   | Killed Semmyini the pandemonium lord
146440 | Zig:18   | Reached skill level 14 in Axes
146440 | Zig:18   | Killed Simar the pandemonium lord
146440 | Zig:18   | Killed Amacs the pandemonium lord
146441 | Zig:18   | Killed Dixaac the pandemonium lord
146442 | Zig:18   | Killed Gulla the pandemonium lord
146442 | Zig:18   | Killed Rom Icuu the pandemonium lord
146444 | Zig:18   | Killed Xitamm the pandemonium lord
146445 | Zig:18   | Reached skill level 21 in Throwing
146447 | Zig:18   | Killed Wubak the pandemonium lord
146576 | Zig:18   | Found the +16 obsidian axe {drain, demonic, Mesm ^Drain Fly
                  | SInv}
146670 | Zig:18   | Identified the +9 spear of Fee Simple {heavy, Stlth+}
146687 | Zig:18   | Identified the +1 robe "Aklev" {Regen+ SInv}
146691 | Zig:18   | Identified the +8 spear of Winter {pain, *Rage ^Fragile
                  | rElec rCorr}
146708 | Zig:18   | Reached skill level 20 in Dodging
146716 | Zig:19   | Entered Level 19 of a ziggurat
146720 | Zig:19   | Noticed Beofaps's ghost (legendary HuCj)
146720 | Zig:19   | Noticed Neapotai's ghost (veteran DsMo)
146720 | Zig:19   | Noticed Gealluifoe's ghost (legendary DrFi)
146720 | Zig:19   | Noticed Juunidd's ghost (veteran BaHu)
146720 | Zig:19   | Noticed Jataj's ghost (legendary GrFi)
146721 | Zig:19   | Noticed Qyuhokk's ghost (veteran MDFE)
146721 | Zig:19   | Noticed Juunidd's ghost (veteran BaHu)
146722 | Zig:19   | Noticed a curse skull
146723 | Zig:19   | Noticed Hiz Mun's ghost (veteran MfGl)
146724 | Zig:19   | Noticed Beofaps's ghost (legendary HuCj)
146724 | Zig:19   | Noticed Piash's ghost (master OnEE)
146724 | Zig:19   | Noticed Qyuhokk's ghost (veteran MDFE)
146724 | Zig:19   | Noticed Beofaps's ghost (legendary HuCj)
146724 | Zig:19   | Noticed a curse toe
146724 | Zig:19   | Noticed Qatt's ghost (legendary GnWn)
146726 | Zig:19   | Killed a curse skull
146726 | Zig:19   | Noticed Poalor's ghost (legendary GnWn)
146726 | Zig:19   | Noticed Neapotai's ghost (veteran DsMo)
146727 | Zig:19   | Noticed Hahenefa's ghost (legendary DsWn)
146727 | Zig:19   | Killed a curse toe
146727 | Zig:19   | Noticed a curse skull
146727 | Zig:19   | Noticed Neapotai's ghost (veteran DsMo)
146729 | Zig:19   | Killed Qyuhokk's ghost
146729 | Zig:19   | Killed a curse skull
146729 | Zig:19   | Killed Neapotai's ghost
146729 | Zig:19   | Killed Neapotai's ghost
146729 | Zig:19   | Noticed Zaib's ghost (legendary CeHu)
146729 | Zig:19   | Noticed a curse skull
146730 | Zig:19   | Reached skill level 15 in Axes
146730 | Zig:19   | Killed Gealluifoe's ghost
146730 | Zig:19   | Killed a curse skull
146730 | Zig:19   | Killed Piash's ghost
146730 | Zig:19   | Noticed Piash's ghost (master OnEE)
146730 | Zig:19   | Noticed Zycouta's ghost (legendary DrSh)
146730 | Zig:19   | Killed Beofaps's ghost
146730 | Zig:19   | Killed Piash's ghost
146731 | Zig:19   | Noticed Jecaful's ghost (legendary NaMo)
146731 | Zig:19   | Noticed Hahenefa's ghost (legendary DsWn)
146732 | Zig:19   | Killed Beofaps's ghost
146732 | Zig:19   | Noticed a curse skull
146732 | Zig:19   | Noticed Juunidd's ghost (veteran BaHu)
146732 | Zig:19   | Noticed Neapotai's ghost (veteran DsMo)
146733 | Zig:19   | Noticed a curse skull
146733 | Zig:19   | Noticed Hahenefa's ghost (legendary DsWn)
146733 | Zig:19   | Noticed a curse toe
146733 | Zig:19   | Noticed Neapotai's ghost (veteran DsMo)
146733 | Zig:19   | Noticed Kyik Kue's ghost (legendary DEFE)
146733 | Zig:19   | Noticed Poalor's ghost (legendary GnWn)
146733 | Zig:19   | Noticed a curse skull
146733 | Zig:19   | Noticed Piash's ghost (master OnEE)
146733 | Zig:19   | Noticed Has Pue's ghost (legendary FoFi)
146733 | Zig:19   | Killed a curse skull
146733 | Zig:19   | Killed a curse skull
146733 | Zig:19   | Killed Has Pue's ghost
146733 | Zig:19   | Killed Beofaps's ghost
146734 | Zig:19   | Killed Zycouta's ghost
146734 | Zig:19   | Killed Jataj's ghost
146734 | Zig:19   | Killed Neapotai's ghost
146734 | Zig:19   | Killed Hahenefa's ghost
146734 | Zig:19   | Killed Kyik Kue's ghost
146734 | Zig:19   | Killed Qatt's ghost
146735 | Zig:19   | Reached skill level 27 in Fire Magic
146735 | Zig:19   | Killed Poalor's ghost
146737 | Zig:19   | Killed Jecaful's ghost
146737 | Zig:19   | Killed Qyuhokk's ghost
146737 | Zig:19   | Killed Juunidd's ghost
146737 | Zig:19   | Killed Hiz Mun's ghost
146737 | Zig:19   | Killed a curse toe
146737 | Zig:19   | Killed Hahenefa's ghost
146738 | Zig:19   | Killed Piash's ghost
146738 | Zig:19   | Killed Juunidd's ghost
146738 | Zig:19   | Killed a curse skull
146738 | Zig:19   | Killed Piash's ghost
146739 | Zig:19   | Killed Hahenefa's ghost
146740 | Zig:19   | Reached skill level 22 in Throwing
146744 | Zig:19   | Killed Neapotai's ghost
146746 | Zig:19   | Killed Juunidd's ghost
146750 | Zig:19   | Killed Neapotai's ghost
146751 | Zig:19   | Killed Zaib's ghost
146752 | Zig:19   | Reached skill level 16 in Axes
146761 | Zig:19   | Killed Poalor's ghost
147127 | Zig:19   | Identified the +1 double sword of the Valley {freeze,
                  | +Blink rC++ Will+ Str+2}
147136 | Zig:19   | Identified the staff of Pride {^Drain rElec Will- Str+7
                  | Summ Air}
147137 | Zig:19   | Identified the +1 scimitar "Jiuteam" {flame, Str+4}
147138 | Zig:19   | Identified the death talisman "Xoaxil" {rElec Will- Dex+6
                  | SInv}
147229 | Zig:20   | Entered Level 20 of a ziggurat
147237 | Zig:20   | Reached skill level 21 in Dodging
147505 | Zig:20   | Identified the +0 scale mail of the Sacrificial Victim
                  | {Str+2 Int+8}
147522 | Zig:20   | Identified the +10 whip of Igaga {venom, Dex+4}
147598 | Zig:21   | Entered Level 21 of a ziggurat
147603 | Zig:21   | Identified the +0 tower shield "Nomeid" {rC+ MP+9 Int+4}
147606 | Zig:21   | Reached skill level 17 in Axes
147607 | Zig:21   | Noticed a seraph
147608 | Zig:21   | Identified +0 pearl dragon scales
147608 | Zig:21   | Noticed a seraph
147608 | Zig:21   | Identified +1 pearl dragon scales
147608 | Zig:21   | Noticed a seraph
147609 | Zig:21   | Identified +1 pearl dragon scales
147609 | Zig:21   | Noticed a seraph
147610 | Zig:21   | Killed a seraph
147610 | Zig:21   | Killed a seraph
147612 | Zig:21   | Reached skill level 23 in Throwing
147612 | Zig:21   | Identified the +3 tower shield of Wuysake {rPois Will+}
147613 | Zig:21   | Reached skill level 22 in Dodging
147614 | Zig:21   | Killed a seraph
147616 | Zig:21   | Identified the +0 tower shield of Qelihyss {Str+3 Int+3}
147617 | Zig:21   | Reached skill level 18 in Axes
147632 | Zig:21   | Killed a seraph
148086 | Zig:21   | Identified the +0 dagger of Heabyo {freeze, Will+}
148087 | Zig:21   | Identified the +0 orcbow "Ganef" {drain, rF+ Str+5 Int-3}
148092 | Zig:21   | Identified the staff of Moderation {rN+ Int+5 Necro Fire}
148145 | Zig:22   | Entered Level 22 of a ziggurat
148159 | Zig:22   | Reached skill level 24 in Throwing
148165 | Zig:22   | Reached skill level 19 in Axes
148181 | Zig:22   | Reached skill level 23 in Dodging
148578 | Zig:22   | Identified the +1 chain mail of Leaves {Stlth+}
148579 | Zig:22   | Identified the ring of the Messenger {+Blink Fly rPois
                  | Will+}
148591 | Zig:22   | Identified the +2 leather armour of Giuxtaf {rC+ Int+2
                  | Slay-4}
148630 | Zig:23   | Entered Level 23 of a ziggurat
148634 | Zig:23   | Identified a +2 robe of resistance
148650 | Zig:23   | Reached skill level 20 in Axes
148656 | Zig:23   | Reached skill level 25 in Throwing
148657 | Zig:23   | Reached skill level 24 in Dodging
148661 | Zig:23   | Noticed Zuukkyri the pandemonium lord
148663 | Zig:23   | Killed Zuukkyri the pandemonium lord
148755 | Zig:23   | Found the +13 scythe of Curses {drain, curses, ^Drain}
148784 | Zig:23   | Identified the +5 rapier "Vosmuopp" {pain, rN+ Will+}
148797 | Zig:23   | Identified the staff of the Snake Pit {rElec Int+4 Air}
148803 | Zig:23   | Identified the +3 leather armour of the Abyss {Int-5 Dex+3}
149035 | Zig:23   | Identified the +10 morningstar "Ithauxukk" {spect, rElec
                  | Str+4}
149048 | Zig:23   | Reached skill level 21 in Axes
149056 | Zig:24   | Entered Level 24 of a ziggurat
149060 | Zig:24   | Noticed a juggernaut
149061 | Zig:24   | Noticed a juggernaut
149061 | Zig:24   | Noticed a juggernaut
149063 | Zig:24   | Noticed a juggernaut
149066 | Zig:24   | Noticed a juggernaut
149066 | Zig:24   | Noticed a juggernaut
149067 | Zig:24   | Noticed a juggernaut
149067 | Zig:24   | Killed a juggernaut
149067 | Zig:24   | Killed a juggernaut
149068 | Zig:24   | Killed a juggernaut
149069 | Zig:24   | Reached skill level 22 in Axes
149069 | Zig:24   | Killed a juggernaut
149069 | Zig:24   | Noticed a juggernaut
149070 | Zig:24   | Killed a juggernaut
149070 | Zig:24   | Killed a juggernaut
149070 | Zig:24   | Killed a juggernaut
149070 | Zig:24   | Noticed a juggernaut
149071 | Zig:24   | Reached skill level 26 in Throwing
149071 | Zig:24   | Reached skill level 25 in Dodging
149071 | Zig:24   | Noticed a juggernaut
149072 | Zig:24   | Noticed a juggernaut
149073 | Zig:24   | Killed a juggernaut
149073 | Zig:24   | Killed a juggernaut
149074 | Zig:24   | Killed a juggernaut
149074 | Zig:24   | Killed a juggernaut
149075 | Zig:24   | Reached skill level 23 in Axes
149075 | Zig:24   | Noticed a juggernaut
149075 | Zig:24   | Noticed a juggernaut
149082 | Zig:24   | Killed a juggernaut
149084 | Zig:24   | Killed a juggernaut
149418 | Zig:24   | Identified the +1 robe of the Three Heavens {-Tele rCorr
                  | Str+8 Int+4}
149423 | Zig:24   | Identified the +1 rapier "Koliley" {freeze, Fly Will- rCorr
                  | SInv}
149426 | Zig:24   | Identified the staff of Generosity {rF+ rN+ Hexes Fire}
149427 | Zig:24   | Identified the ring of Deudwypn {Ice +Blink rPois Str+6
                  | Dex-3}
149429 | Zig:24   | Identified the staff of Xpym's Anguish {rPois rF+ Str+2
                  | Earth Alchemy}
149470 | Zig:24   | Identified the ring of the Screaming Gods {rN+ Will+ MP+9
                  | Dex+3}
149483 | Zig:25   | Entered Level 25 of a ziggurat
149488 | Zig:25   | Noticed a curse skull
149488 | Zig:25   | Noticed a curse skull
149488 | Zig:25   | Noticed a curse skull
149489 | Zig:25   | Noticed an ancient lich
149489 | Zig:25   | Noticed a dread lich
149490 | Zig:25   | Noticed a dread lich
149490 | Zig:25   | Noticed a dread lich
149490 | Zig:25   | Noticed a curse skull
149490 | Zig:25   | Noticed a curse skull
149491 | Zig:25   | Noticed a curse skull
149491 | Zig:25   | Noticed a curse skull
149492 | Zig:25   | Killed a curse skull
149492 | Zig:25   | Noticed a dread lich
149493 | Zig:25   | Noticed a curse skull
149493 | Zig:25   | Killed a curse skull
149493 | Zig:25   | Killed a curse skull
149493 | Zig:25   | Noticed a dread lich
149493 | Zig:25   | Noticed a dread lich
149493 | Zig:25   | Noticed a curse skull
149494 | Zig:25   | Noticed an ancient lich
149494 | Zig:25   | Killed a curse skull
149494 | Zig:25   | Killed an ancient lich
149495 | Zig:25   | Noticed an ancient lich
149495 | Zig:25   | Noticed an ancient lich
149495 | Zig:25   | Noticed an ancient lich
149495 | Zig:25   | Killed a dread lich
149495 | Zig:25   | Killed a curse skull
149495 | Zig:25   | Noticed a curse skull
149495 | Zig:25   | Noticed a curse skull
149496 | Zig:25   | Noticed an ancient lich
149496 | Zig:25   | Noticed an ancient lich
149496 | Zig:25   | Noticed a curse skull
149496 | Zig:25   | Killed a curse skull
149496 | Zig:25   | Killed a curse skull
149496 | Zig:25   | Killed a curse skull
149496 | Zig:25   | Killed a dread lich
149496 | Zig:25   | Noticed a curse skull
149497 | Zig:25   | Noticed an ancient lich
149497 | Zig:25   | Noticed a dread lich
149497 | Zig:25   | Noticed a curse skull
149497 | Zig:25   | Noticed a curse skull
149497 | Zig:25   | Noticed a dread lich
149498 | Zig:25   | Killed a dread lich
149498 | Zig:25   | Killed a dread lich
149498 | Zig:25   | Killed an ancient lich
149498 | Zig:25   | Killed a dread lich
149498 | Zig:25   | Killed an ancient lich
149498 | Zig:25   | Killed a curse skull
149499 | Zig:25   | Reached skill level 24 in Axes
149499 | Zig:25   | Reached skill level 27 in Throwing
149499 | Zig:25   | Reached skill level 26 in Dodging
149499 | Zig:25   | Noticed an ancient lich
149499 | Zig:25   | Noticed a dread lich
149499 | Zig:25   | Noticed an ancient lich
149499 | Zig:25   | Noticed an ancient lich
149499 | Zig:25   | Noticed an ancient lich
149500 | Zig:25   | Noticed a curse skull
149500 | Zig:25   | Noticed an ancient lich
149501 | Zig:25   | Noticed a curse skull
149501 | Zig:25   | Killed a dread lich
149502 | Zig:25   | Killed a curse skull
149502 | Zig:25   | Killed an ancient lich
149502 | Zig:25   | Killed an ancient lich
149502 | Zig:25   | Killed an ancient lich
149502 | Zig:25   | Killed a dread lich
149503 | Zig:25   | Killed an ancient lich
149503 | Zig:25   | Killed an ancient lich
149503 | Zig:25   | Killed a curse skull
149503 | Zig:25   | Killed an ancient lich
149503 | Zig:25   | Killed a curse skull
149503 | Zig:25   | Killed an ancient lich
149503 | Zig:25   | Noticed a curse skull
149504 | Zig:25   | Killed a curse skull
149504 | Zig:25   | Killed a curse skull
149504 | Zig:25   | Killed a curse skull
149504 | Zig:25   | Killed a dread lich
149505 | Zig:25   | Killed an ancient lich
149505 | Zig:25   | Killed a curse skull
149505 | Zig:25   | Killed a curse skull
149505 | Zig:25   | Killed a curse skull
149505 | Zig:25   | Killed an ancient lich
149505 | Zig:25   | Killed an ancient lich
149506 | Zig:25   | Reached skill level 25 in Axes
149511 | Zig:25   | Killed a dread lich
149609 | Zig:25   | Identified the +0 leather armour of Resonance {Str+2 Int+4}
149615 | Zig:25   | Identified the +5 dagger of Prudence {freeze, rElec Will+}
149619 | Zig:25   | Identified the +1 trident of the Sky {freeze, Int+2}
149856 | Zig:25   | Reached skill level 27 in Dodging
149858 | Zig:25   | Reached skill level 26 in Axes
149866 | Zig:26   | Entered Level 26 of a ziggurat
149872 | Zig:26   | Noticed a curse skull
149872 | Zig:26   | Noticed a curse skull
149873 | Zig:26   | Noticed a dread lich
149874 | Zig:26   | Noticed a curse skull
149874 | Zig:26   | Noticed an ancient lich
149874 | Zig:26   | Noticed an ancient lich
149875 | Zig:26   | Noticed an ancient lich
149875 | Zig:26   | Noticed a curse skull
149875 | Zig:26   | Noticed a curse skull
149875 | Zig:26   | Noticed a dread lich
149876 | Zig:26   | Killed a dread lich
149876 | Zig:26   | Noticed a dread lich
149876 | Zig:26   | Noticed a curse skull
149877 | Zig:26   | Noticed a curse skull
149878 | Zig:26   | Noticed a dread lich
149878 | Zig:26   | Noticed a dread lich
149878 | Zig:26   | Killed a curse skull
149879 | Zig:26   | Killed a curse skull
149879 | Zig:26   | Killed an ancient lich
149879 | Zig:26   | Noticed a dread lich
149880 | Zig:26   | Noticed an ancient lich
149880 | Zig:26   | Noticed a dread lich
149880 | Zig:26   | Noticed a curse skull
149880 | Zig:26   | Noticed a curse skull
149880 | Zig:26   | Killed a curse skull
149880 | Zig:26   | Killed a dread lich
149880 | Zig:26   | Noticed a dread lich
149881 | Zig:26   | Noticed an ancient lich
149881 | Zig:26   | Noticed a dread lich
149881 | Zig:26   | Noticed a curse skull
149881 | Zig:26   | Killed a curse skull
149881 | Zig:26   | Killed a curse skull
149881 | Zig:26   | Killed a curse skull
149881 | Zig:26   | Killed an ancient lich
149881 | Zig:26   | Killed a curse skull
149881 | Zig:26   | Noticed a dread lich
149882 | Zig:26   | Killed a dread lich
149882 | Zig:26   | Killed a dread lich
149882 | Zig:26   | Killed a dread lich
149882 | Zig:26   | Killed a dread lich
149882 | Zig:26   | Killed a dread lich
149882 | Zig:26   | Killed a dread lich
149883 | Zig:26   | Reached skill level 27 in Axes
149883 | Zig:26   | Reached skill level 20 in Translocations
149883 | Zig:26   | Noticed an ancient lich
149883 | Zig:26   | Noticed a curse skull
149883 | Zig:26   | Noticed a curse skull
149884 | Zig:26   | Noticed a curse skull
149885 | Zig:26   | Noticed a curse skull
149886 | Zig:26   | Noticed an ancient lich
149887 | Zig:26   | Killed a dread lich
149887 | Zig:26   | Killed a curse skull
149887 | Zig:26   | Killed a dread lich
149887 | Zig:26   | Killed an ancient lich
149887 | Zig:26   | Noticed an ancient lich
149888 | Zig:26   | Reached skill level 21 in Translocations
149889 | Zig:26   | Killed an ancient lich
149889 | Zig:26   | Killed a curse skull
149889 | Zig:26   | Killed a curse skull
149889 | Zig:26   | Killed a curse skull
149889 | Zig:26   | Killed a curse skull
149889 | Zig:26   | Killed a curse skull
149889 | Zig:26   | Killed a curse skull
149889 | Zig:26   | Killed an ancient lich
149889 | Zig:26   | Killed an ancient lich
149890 | Zig:26   | Reached skill level 22 in Translocations
149890 | Zig:26   | Killed an ancient lich
149891 | Zig:26   | Found the +10 Black Knight's barding {ponderous, rPois rN+}
149893 | Zig:26   | Killed an ancient lich
150285 | Zig:26   | Identified the +12 plate armour of Negligence {+Blink rCorr
                  | Str+3 Stlth+}
150300 | Zig:26   | Identified the ring "Biebb" {Fire Str+7 Int-5}
150305 | Zig:26   | Identified the +1 quarterstaff of Victory {elec, *Corrode
                  | rPois Dex+8 Stlth+}
150315 | Zig:26   | Identified the +5 glaive of Fate {freeze, rCorr Str+5}
150348 | Zig:27   | Entered Level 27 of a ziggurat
150356 | Zig:27   | Noticed an ancient lich
150356 | Zig:27   | Noticed an ancient lich
150358 | Zig:27   | Reached skill level 23 in Translocations
150359 | Zig:27   | Noticed an ancient lich
150360 | Zig:27   | Killed an ancient lich
150361 | Zig:27   | Noticed an ancient lich
150362 | Zig:27   | Noticed an ancient lich
150363 | Zig:27   | Killed an ancient lich
150363 | Zig:27   | Killed an ancient lich
150364 | Zig:27   | Reached skill level 24 in Translocations
150365 | Zig:27   | Noticed an ancient lich
150366 | Zig:27   | Noticed an ancient lich
150367 | Zig:27   | Killed an ancient lich
150367 | Zig:27   | Killed an ancient lich
150368 | Zig:27   | Reached skill level 25 in Translocations
150368 | Zig:27   | Noticed an ancient lich
150368 | Zig:27   | Noticed an ancient lich
150369 | Zig:27   | Identified a +2 robe of resistance
150370 | Zig:27   | Killed an ancient lich
150370 | Zig:27   | Killed an ancient lich
150370 | Zig:27   | Killed an ancient lich
150370 | Zig:27   | Killed an ancient lich
150455 | Zig:27   | Found the ring of the Tortoise {AC+8}
150549 | Zig:27   | Identified the +5 shortbow "Jellybane" {freeze, MP+9 Int+3}
150558 | Zig:27   | Identified the ring "Utoasor" {rN+ Will- Dex+6}
150560 | Zig:27   | Identified the +6 falchion of the Thieving Goat {protect,
                  | Str+5}
150784 | Zig:27   | Reached skill level 26 in Translocations
150785 | Zig:27   | Reached skill level 7 in Stealth
150786 | Zig:27   | Acquired 578 gold pieces
150792 | Depths:4 | Was forgiven by Vehumet
150831 | Depths:4 | Upgraded the game from 0.32-a0-768-g0f6f1dd4b9 to
                  | 0.32-a0-791-gfc315c9ecd
150907 | Zig:1    | Entered Level 1 of a ziggurat
150907 | Zig:1    | Noticed a caustic shrike
150907 | Zig:1    | Noticed a caustic shrike
150909 | Zig:1    | Killed a caustic shrike
150909 | Zig:1    | Killed a caustic shrike
150912 | Zig:1    | Reached skill level 8 in Stealth
150971 | Zig:2    | Entered Level 2 of a ziggurat
150977 | Zig:2    | Reached skill level 9 in Stealth
151102 | Zig:3    | Entered Level 3 of a ziggurat
151105 | Zig:3    | Reached skill level 10 in Stealth
151162 | Zig:3    | Identified the +8 halberd of Riwim {flame, rF+ Int+3 Dex+3}
151203 | Zig:4    | Entered Level 4 of a ziggurat
151203 | Zig:4    | Noticed an ancient lich
151205 | Zig:4    | Noticed a dread lich
151207 | Zig:4    | Reached skill level 11 in Stealth
151207 | Zig:4    | Reached skill level 23 in Evocations
151207 | Zig:4    | Killed an ancient lich
151208 | Zig:4    | Killed a dread lich
151209 | Zig:4    | Reached skill level 12 in Stealth
151316 | Zig:4    | Identified the +1 acid dragon scales of Weightlessness
                  | {rCorr Int+4}
151320 | Zig:4    | Identified the +1 leather armour of Kero {rElec Int+2
                  | Dex+3}
151336 | Zig:5    | Entered Level 5 of a ziggurat
151336 | Zig:5    | Noticed a royal mummy
151336 | Zig:5    | Noticed a royal mummy
151337 | Zig:5    | Killed a royal mummy
151338 | Zig:5    | Reached skill level 13 in Stealth
151339 | Zig:5    | Noticed a royal mummy
151344 | Zig:5    | Killed a royal mummy
151344 | Zig:5    | Noticed a royal mummy
151345 | Zig:5    | Killed a royal mummy
151346 | Zig:5    | Killed a royal mummy
151504 | Zig:6    | Entered Level 6 of a ziggurat
151509 | Zig:6    | Reached skill level 14 in Stealth
151510 | Zig:6    | Reached skill level 27 in Translocations
151513 | Zig:6    | Reached skill level 15 in Stealth
151513 | Zig:6    | Reached skill level 24 in Evocations
151516 | Zig:6    | Reached skill level 16 in Stealth
151665 | Zig:7    | Entered Level 7 of a ziggurat
151674 | Zig:7    | Reached skill level 17 in Stealth
151806 | Zig:8    | Entered Level 8 of a ziggurat
151807 | Zig:8    | Noticed a dread lich
151811 | Zig:8    | Killed a dread lich
151812 | Zig:8    | Reached skill level 18 in Stealth
151812 | Zig:8    | Reached skill level 25 in Evocations
152013 | Zig:9    | Entered Level 9 of a ziggurat
152017 | Zig:9    | Reached skill level 19 in Stealth
152024 | Zig:9    | Found the +8 orange crystal plate armour {Archmagi, Int+3
                  | Clar}
152266 | Zig:10   | Entered Level 10 of a ziggurat
152270 | Zig:10   | Reached skill level 20 in Stealth
152277 | Zig:10   | Reached skill level 26 in Evocations
152420 | Zig:10   | Identified the ring of Dawn {+Blink rF+ rC+ EV+5}
152476 | Zig:10   | Identified the +4 lajatang of the Absolute Madman {freeze,
                  | ^Drain rPois Int-3 Dex+3}
152528 | Zig:11   | Entered Level 11 of a ziggurat
152533 | Zig:11   | Reached skill level 21 in Stealth
152538 | Zig:11   | Reached skill level 22 in Stealth
152649 | Zig:11   | Identified the staff "Jac Zeut" {rN+ Dex+3 Earth}
152805 | Zig:11   | Reached skill level 23 in Stealth
152805 | Zig:11   | Reached skill level 27 in Evocations
152813 | Zig:12   | Entered Level 12 of a ziggurat
152813 | Zig:12   | Noticed a juggernaut
152813 | Zig:12   | Noticed a juggernaut
152813 | Zig:12   | Noticed a juggernaut
152814 | Zig:12   | Killed a juggernaut
152815 | Zig:12   | Reached skill level 2 in Short Blades
152815 | Zig:12   | Reached skill level 2 in Long Blades
152815 | Zig:12   | Reached skill level 1 in Staves
152815 | Zig:12   | Reached skill level 1 in Ranged Weapons
152815 | Zig:12   | Reached skill level 24 in Stealth
152815 | Zig:12   | Reached skill level 1 in Unarmed Combat
152815 | Zig:12   | Reached skill level 1 in Hexes
152815 | Zig:12   | Reached skill level 1 in Summonings
152815 | Zig:12   | Reached skill level 1 in Necromancy
152815 | Zig:12   | Reached skill level 2 in Invocations
152818 | Zig:12   | Reached skill level 2 in Summonings
152820 | Zig:12   | Reached skill level 2 in Unarmed Combat
152820 | Zig:12   | Killed a juggernaut
152821 | Zig:12   | Reached skill level 3 in Invocations
152823 | Zig:12   | Noticed a juggernaut
152824 | Zig:12   | Killed a juggernaut
152825 | Zig:12   | Reached skill level 3 in Short Blades
152825 | Zig:12   | Reached skill level 3 in Long Blades
152825 | Zig:12   | Reached skill level 2 in Staves
152825 | Zig:12   | Reached skill level 2 in Ranged Weapons
152825 | Zig:12   | Reached skill level 6 in Shields
152825 | Zig:12   | Reached skill level 2 in Necromancy
152825 | Zig:12   | Found the +8 pair of quick blades "Gyre" and "Gimble"
                  | {protect}
152827 | Zig:12   | Reached skill level 2 in Hexes
152827 | Zig:12   | Reached skill level 3 in Summonings
152829 | Zig:12   | Killed a juggernaut
153089 | Zig:12   | Identified the +8 trident "Ulec Feecob" {holy, Will- Dex+10
                  | SInv Stlth+}
153093 | Zig:12   | Identified the +5 quick blade of Gozag, Keeping {elec,
                  | +Blink Str+4 Int-3 SInv}
153094 | Zig:12   | Identified the +8 great mace of Res Ipsa Loquitur
                  | {antimagic, Fly Str-3 Dex+3 Stlth+}
153114 | Zig:12   | Identified the staff of Turmoil {Dex+3 Conj}
153118 | Zig:12   | Identified the staff of Peace {rN+ Str+4 Dex-3 Stlth+ Conj}
153138 | Zig:13   | Entered Level 13 of a ziggurat
153142 | Zig:13   | Reached skill level 4 in Short Blades
153142 | Zig:13   | Reached skill level 4 in Long Blades
153142 | Zig:13   | Reached skill level 3 in Unarmed Combat
153142 | Zig:13   | Reached skill level 4 in Invocations
153146 | Zig:13   | Reached skill level 3 in Staves
153146 | Zig:13   | Reached skill level 3 in Ranged Weapons
153146 | Zig:13   | Reached skill level 7 in Shields
153146 | Zig:13   | Reached skill level 4 in Summonings
153146 | Zig:13   | Reached skill level 3 in Necromancy
153146 | Zig:13   | Reached skill level 5 in Invocations
153147 | Zig:13   | Reached skill level 5 in Short Blades
153147 | Zig:13   | Reached skill level 5 in Long Blades
153147 | Zig:13   | Reached skill level 4 in Unarmed Combat
153147 | Zig:13   | Reached skill level 3 in Hexes
153147 | Zig:13   | Reached skill level 6 in Alchemy
153148 | Zig:13   | Found the necklace of Bloodlust {Fury *Rage Will++ Int-3
                  | Slay+6}
153152 | Zig:13   | Reached skill level 5 in Summonings
153152 | Zig:13   | Reached skill level 6 in Invocations
153153 | Zig:13   | Killed a starcursed mass
153154 | Zig:13   | Reached skill level 4 in Staves
153154 | Zig:13   | Reached skill level 4 in Necromancy
153263 | Zig:13   | Identified the staff of Xomumong {rElec rN+ Int+5 Tloc Air}
153269 | Zig:13   | Identified the +4 dagger "Newt's Death Toll" {flame, rF++
                  | Int+3}
153278 | Zig:13   | Identified the staff "Jayt" {^Fragile +Blink Necro Fire
                  | Earth}
153458 | Zig:14   | Entered Level 14 of a ziggurat
153463 | Zig:14   | Reached skill level 6 in Short Blades
153463 | Zig:14   | Reached skill level 6 in Long Blades
153463 | Zig:14   | Reached skill level 4 in Ranged Weapons
153463 | Zig:14   | Reached skill level 25 in Stealth
153463 | Zig:14   | Reached skill level 8 in Shields
153463 | Zig:14   | Reached skill level 5 in Unarmed Combat
153463 | Zig:14   | Reached skill level 7 in Invocations
153465 | Zig:14   | Reached skill level 4 in Hexes
153467 | Zig:14   | Reached skill level 6 in Summonings
153472 | Zig:14   | Reached skill level 7 in Short Blades
153472 | Zig:14   | Reached skill level 7 in Long Blades
153472 | Zig:14   | Reached skill level 5 in Necromancy
153473 | Zig:14   | Reached skill level 5 in Ranged Weapons
153473 | Zig:14   | Reached skill level 9 in Shields
153473 | Zig:14   | Reached skill level 6 in Unarmed Combat
153473 | Zig:14   | Reached skill level 7 in Alchemy
153473 | Zig:14   | Reached skill level 8 in Invocations
153478 | Zig:14   | Reached skill level 5 in Staves
153717 | Zig:14   | Identified the staff "Mihust" {rN+ Dex+4 Stlth+ Necro}
153754 | Zig:14   | Identified the +6 battleaxe of Agelorel {elec, rElec}
153769 | Zig:15   | Entered Level 15 of a ziggurat
153772 | Zig:15   | Noticed an ancient lich
153772 | Zig:15   | Noticed a dread lich
153773 | Zig:15   | Noticed an ancient lich
153773 | Zig:15   | Noticed a dread lich
153773 | Zig:15   | Noticed a dread lich
153773 | Zig:15   | Noticed an ancient lich
153773 | Zig:15   | Noticed a dread lich
153775 | Zig:15   | Reached skill level 7 in Summonings
153775 | Zig:15   | Killed an ancient lich
153775 | Zig:15   | Noticed an ancient lich
153775 | Zig:15   | Noticed an ancient lich
153776 | Zig:15   | Noticed a dread lich
153777 | Zig:15   | Noticed a dread lich
153777 | Zig:15   | Killed a dread lich
153777 | Zig:15   | Killed a dread lich
153777 | Zig:15   | Noticed a dread lich
153777 | Zig:15   | Noticed an ancient lich
153777 | Zig:15   | Noticed an ancient lich
153778 | Zig:15   | Killed a dread lich
153778 | Zig:15   | Killed an ancient lich
153778 | Zig:15   | Killed an ancient lich
153778 | Zig:15   | Killed a dread lich
153778 | Zig:15   | Killed a dread lich
153778 | Zig:15   | Killed an ancient lich
153779 | Zig:15   | Reached skill level 8 in Short Blades
153779 | Zig:15   | Reached skill level 8 in Long Blades
153779 | Zig:15   | Reached skill level 10 in Shields
153779 | Zig:15   | Reached skill level 7 in Unarmed Combat
153779 | Zig:15   | Reached skill level 5 in Hexes
153779 | Zig:15   | Reached skill level 6 in Necromancy
153779 | Zig:15   | Reached skill level 9 in Invocations
153779 | Zig:15   | Noticed an ancient lich
153779 | Zig:15   | Killed a dread lich
153779 | Zig:15   | Killed an ancient lich
153780 | Zig:15   | Reached skill level 6 in Staves
153780 | Zig:15   | Reached skill level 6 in Ranged Weapons
153780 | Zig:15   | Reached skill level 8 in Summonings
153780 | Zig:15   | Noticed an ancient lich
153780 | Zig:15   | Noticed a dread lich
153780 | Zig:15   | Killed an ancient lich
153780 | Zig:15   | Killed an ancient lich
153780 | Zig:15   | Killed a dread lich
153781 | Zig:15   | Reached skill level 9 in Short Blades
153781 | Zig:15   | Reached skill level 9 in Long Blades
153781 | Zig:15   | Reached skill level 26 in Stealth
153781 | Zig:15   | Killed an ancient lich
153782 | Zig:15   | Reached skill level 10 in Invocations
153782 | Zig:15   | Found the +5 scythe "Finisher" {speed, execute}
153783 | Zig:15   | Killed a dread lich
153784 | Zig:15   | Killed an ancient lich
153785 | Zig:15   | Reached skill level 8 in Alchemy
153887 | Zig:15   | Identified the +0 scale mail of the Desert {^Contam rF+++
                  | Int+3 Slay+2}
153889 | Zig:15   | Identified the staff of Kismet {rElec rN++ Will- Str+4 Ice
                  | Air}
154047 | Zig:16   | Entered Level 16 of a ziggurat
154048 | Zig:16   | Noticed a curse skull
154048 | Zig:16   | Noticed a curse skull
154048 | Zig:16   | Noticed a dread lich
154049 | Zig:16   | Noticed an ancient lich
154049 | Zig:16   | Noticed a curse skull
154049 | Zig:16   | Noticed a dread lich
154050 | Zig:16   | Noticed a dread lich
154050 | Zig:16   | Noticed a dread lich
154050 | Zig:16   | Noticed a curse skull
154050 | Zig:16   | Noticed an ancient lich
154051 | Zig:16   | Killed an ancient lich
154051 | Zig:16   | Noticed a curse skull
154051 | Zig:16   | Noticed an ancient lich
154051 | Zig:16   | Noticed a curse skull
154052 | Zig:16   | Reached skill level 11 in Shields
154052 | Zig:16   | Reached skill level 8 in Unarmed Combat
154052 | Zig:16   | Reached skill level 6 in Hexes
154052 | Zig:16   | Reached skill level 9 in Summonings
154052 | Zig:16   | Noticed a dread lich
154052 | Zig:16   | Noticed an ancient lich
154052 | Zig:16   | Noticed a curse skull
154052 | Zig:16   | Noticed a dread lich
154052 | Zig:16   | Killed a dread lich
154052 | Zig:16   | Noticed an ancient lich
154053 | Zig:16   | Reached skill level 7 in Necromancy
154053 | Zig:16   | Noticed a curse skull
154053 | Zig:16   | Noticed a curse skull
154054 | Zig:16   | Noticed an ancient lich
154054 | Zig:16   | Killed an ancient lich
154054 | Zig:16   | Killed a dread lich
154054 | Zig:16   | Killed an ancient lich
154054 | Zig:16   | Killed a dread lich
154054 | Zig:16   | Killed a dread lich
154054 | Zig:16   | Killed an ancient lich
154054 | Zig:16   | Noticed a dread lich
154055 | Zig:16   | Reached skill level 10 in Short Blades
154055 | Zig:16   | Reached skill level 10 in Long Blades
154055 | Zig:16   | Reached skill level 7 in Staves
154055 | Zig:16   | Reached skill level 7 in Ranged Weapons
154055 | Zig:16   | Reached skill level 11 in Invocations
154055 | Zig:16   | Noticed an ancient lich
154056 | Zig:16   | Noticed an ancient lich
154056 | Zig:16   | Noticed a dread lich
154056 | Zig:16   | Killed a curse skull
154056 | Zig:16   | Noticed a curse skull
154057 | Zig:16   | Noticed a curse skull
154057 | Zig:16   | Noticed an ancient lich
154057 | Zig:16   | Killed a curse skull
154057 | Zig:16   | Killed a curse skull
154057 | Zig:16   | Killed an ancient lich
154057 | Zig:16   | Killed a curse skull
154057 | Zig:16   | Killed a curse skull
154058 | Zig:16   | Noticed a curse skull
154058 | Zig:16   | Noticed a dread lich
154058 | Zig:16   | Killed a dread lich
154058 | Zig:16   | Killed a curse skull
154058 | Zig:16   | Killed a dread lich
154058 | Zig:16   | Killed a curse skull
154058 | Zig:16   | Killed a curse skull
154058 | Zig:16   | Killed an ancient lich
154059 | Zig:16   | Killed an ancient lich
154060 | Zig:16   | Noticed a curse skull
154060 | Zig:16   | Noticed an ancient lich
154060 | Zig:16   | Killed a curse skull
154060 | Zig:16   | Killed an ancient lich
154061 | Zig:16   | Reached skill level 9 in Unarmed Combat
154061 | Zig:16   | Killed a dread lich
154061 | Zig:16   | Killed a dread lich
154061 | Zig:16   | Killed an ancient lich
154061 | Zig:16   | Killed an ancient lich
154062 | Zig:16   | Reached skill level 11 in Long Blades
154062 | Zig:16   | Reached skill level 12 in Shields
154062 | Zig:16   | Reached skill level 7 in Hexes
154062 | Zig:16   | Reached skill level 10 in Summonings
154062 | Zig:16   | Reached skill level 12 in Invocations
154062 | Zig:16   | Killed a curse skull
154062 | Zig:16   | Killed a curse skull
154062 | Zig:16   | Killed a curse skull
154062 | Zig:16   | Killed a dread lich
154063 | Zig:16   | Reached skill level 11 in Short Blades
154063 | Zig:16   | Noticed a curse skull
154064 | Zig:16   | Killed a curse skull
154065 | Zig:16   | Reached skill level 8 in Necromancy
154065 | Zig:16   | Killed a curse skull
154275 | Zig:16   | Identified the +8 ring mail of the Twenty People {rElec rC+
                  | Str-2 Dex+3}
154320 | Zig:17   | Entered Level 17 of a ziggurat
154325 | Zig:17   | Reached skill level 27 in Stealth
154325 | Zig:17   | Reached skill level 9 in Alchemy
154330 | Zig:17   | Reached skill level 8 in Staves
154330 | Zig:17   | Reached skill level 8 in Ranged Weapons
154330 | Zig:17   | Reached skill level 11 in Summonings
154330 | Zig:17   | Reached skill level 13 in Invocations
154331 | Zig:17   | Reached skill level 10 in Unarmed Combat
154333 | Zig:17   | Reached skill level 12 in Short Blades
154333 | Zig:17   | Reached skill level 12 in Long Blades
154333 | Zig:17   | Noticed Plog the pandemonium lord
154336 | Zig:17   | Killed Plog the pandemonium lord
154337 | Zig:17   | Reached skill level 9 in Necromancy
154346 | Zig:17   | Reached skill level 8 in Hexes
154473 | Zig:17   | Identified the +3 quarterstaff "Zicsial" {freeze, ^Fragile
                  | rPois Str+3 Stlth+}
154478 | Zig:17   | Identified the +2 long sword of Xain {pain, rElec rC+}
154479 | Zig:17   | Identified the amulet of the Pharaoh's Fist {Reflect rC+
                  | Dex+2 SH+5}
154480 | Zig:17   | Identified the +3 leather armour "Pyazov" {Regen+ Dex+3
                  | Stlth+}
154683 | Zig:18   | Entered Level 18 of a ziggurat
154687 | Zig:18   | Reached skill level 9 in Staves
154687 | Zig:18   | Reached skill level 13 in Shields
154687 | Zig:18   | Reached skill level 14 in Invocations
154691 | Zig:18   | Reached skill level 9 in Ranged Weapons
154691 | Zig:18   | Reached skill level 10 in Alchemy
154693 | Zig:18   | Reached skill level 13 in Short Blades
154695 | Zig:18   | Reached skill level 13 in Long Blades
154695 | Zig:18   | Reached skill level 11 in Unarmed Combat
154699 | Zig:18   | Reached skill level 10 in Necromancy
155021 | Zig:18   | Identified the ring "Nushrie" {rN+ Str+6 Int+8}
155096 | Zig:18   | Reached skill level 12 in Summonings
155141 | Zig:19   | Entered Level 19 of a ziggurat
155144 | Zig:19   | Noticed a caustic shrike
155145 | Zig:19   | Noticed a caustic shrike
155145 | Zig:19   | Noticed a caustic shrike
155145 | Zig:19   | Noticed a caustic shrike
155146 | Zig:19   | Noticed a caustic shrike
155146 | Zig:19   | Noticed a caustic shrike
155147 | Zig:19   | Reached skill level 14 in Short Blades
155147 | Zig:19   | Reached skill level 9 in Hexes
155147 | Zig:19   | Noticed a caustic shrike
155147 | Zig:19   | Noticed a caustic shrike
155147 | Zig:19   | Noticed a caustic shrike
155147 | Zig:19   | Noticed a caustic shrike
155147 | Zig:19   | Noticed a caustic shrike
155148 | Zig:19   | Reached skill level 15 in Invocations
155148 | Zig:19   | Killed a caustic shrike
155148 | Zig:19   | Killed a caustic shrike
155148 | Zig:19   | Killed a caustic shrike
155148 | Zig:19   | Killed a caustic shrike
155148 | Zig:19   | Killed a caustic shrike
155149 | Zig:19   | Reached skill level 14 in Long Blades
155149 | Zig:19   | Reached skill level 10 in Staves
155149 | Zig:19   | Reached skill level 10 in Ranged Weapons
155149 | Zig:19   | Noticed a caustic shrike
155150 | Zig:19   | Noticed a caustic shrike
155150 | Zig:19   | Killed a caustic shrike
155150 | Zig:19   | Killed a caustic shrike
155151 | Zig:19   | Killed a caustic shrike
155153 | Zig:19   | Killed a caustic shrike
155153 | Zig:19   | Noticed a caustic shrike
155154 | Zig:19   | Killed a caustic shrike
155155 | Zig:19   | Reached skill level 12 in Unarmed Combat
155155 | Zig:19   | Reached skill level 11 in Alchemy
155155 | Zig:19   | Killed a caustic shrike
155155 | Zig:19   | Killed a caustic shrike
155155 | Zig:19   | Killed a caustic shrike
155155 | Zig:19   | Killed a caustic shrike
155156 | Zig:19   | Noticed a caustic shrike
155161 | Zig:19   | Noticed a caustic shrike
155161 | Zig:19   | Killed a caustic shrike
155163 | Zig:19   | Reached skill level 14 in Shields
155163 | Zig:19   | Reached skill level 11 in Necromancy
155165 | Zig:19   | Killed a caustic shrike
155167 | Zig:19   | Reached skill level 15 in Short Blades
155343 | Zig:19   | Found the +8 demon trident "Rift" {distort, reach+}
155408 | Zig:19   | Found the +10 dark maul {heavy}
155419 | Zig:19   | Identified the +6 flail of the Hungering Coward {vamp,
                  | rCorr}
155424 | Zig:19   | Identified the +7 chain mail of Holay {rF+ SInv}
155428 | Zig:19   | Identified the +9 shortbow of the Grinning Pill Bug {drain,
                  | rElec rF+}
155432 | Zig:19   | Identified the +10 flail of the Battered Coins {venom, rC+
                  | rCorr Str+3 Int+2}
155438 | Zig:19   | Identified the +3 scale mail of Feitsib {rElec Regen+}
155574 | Zig:20   | Entered Level 20 of a ziggurat
155578 | Zig:20   | Noticed a caustic shrike
155578 | Zig:20   | Noticed a caustic shrike
155579 | Zig:20   | Noticed a caustic shrike
155580 | Zig:20   | Noticed a caustic shrike
155580 | Zig:20   | Noticed a caustic shrike
155580 | Zig:20   | Noticed a caustic shrike
155581 | Zig:20   | Reached skill level 15 in Long Blades
155581 | Zig:20   | Noticed a caustic shrike
155582 | Zig:20   | Noticed a caustic shrike
155583 | Zig:20   | Killed a caustic shrike
155583 | Zig:20   | Killed a caustic shrike
155583 | Zig:20   | Killed a caustic shrike
155583 | Zig:20   | Noticed a caustic shrike
155583 | Zig:20   | Noticed a caustic shrike
155584 | Zig:20   | Reached skill level 11 in Staves
155584 | Zig:20   | Reached skill level 11 in Ranged Weapons
155584 | Zig:20   | Reached skill level 13 in Unarmed Combat
155584 | Zig:20   | Reached skill level 10 in Hexes
155584 | Zig:20   | Reached skill level 13 in Summonings
155584 | Zig:20   | Killed a caustic shrike
155584 | Zig:20   | Killed a caustic shrike
155584 | Zig:20   | Noticed a caustic shrike
155585 | Zig:20   | Reached skill level 16 in Invocations
155587 | Zig:20   | Noticed a caustic shrike
155587 | Zig:20   | Noticed a caustic shrike
155587 | Zig:20   | Noticed a caustic shrike
155588 | Zig:20   | Noticed a caustic shrike
155589 | Zig:20   | Killed a caustic shrike
155589 | Zig:20   | Noticed a caustic shrike
155591 | Zig:20   | Killed a caustic shrike
155592 | Zig:20   | Reached skill level 16 in Short Blades
155592 | Zig:20   | Reached skill level 12 in Necromancy
155592 | Zig:20   | Reached skill level 12 in Alchemy
155592 | Zig:20   | Killed a caustic shrike
155592 | Zig:20   | Killed a caustic shrike
155592 | Zig:20   | Killed a caustic shrike
155594 | Zig:20   | Killed a caustic shrike
155598 | Zig:20   | Killed a caustic shrike
155598 | Zig:20   | Killed a caustic shrike
155598 | Zig:20   | Killed a caustic shrike
155599 | Zig:20   | Reached skill level 16 in Long Blades
155601 | Zig:20   | Killed a caustic shrike
155601 | Zig:20   | Killed a caustic shrike
155888 | Zig:20   | Identified the staff of Ancient Evil {rPois Int+3 Summ
                  | Alchemy}
155907 | Zig:20   | Identified the ring "Tinwuph" {rC+ rN++ Dex-2 SInv}
155912 | Zig:20   | Identified a +1 crystal plate armour
155913 | Zig:20   | Identified the +11 shortbow "Dragonslayer" {heavy, SInv}
155916 | Zig:20   | Identified the +0 quarterstaff "Hell-Harrower" {heavy,
                  | *Slow rElec Stlth+}
155930 | Zig:20   | Identified the +2 trident of Rigu {chaos, Fly Will+}
155981 | Zig:21   | Entered Level 21 of a ziggurat
155993 | Zig:21   | Reached skill level 15 in Shields
155994 | Zig:21   | Reached skill level 12 in Staves
155994 | Zig:21   | Reached skill level 14 in Unarmed Combat
155994 | Zig:21   | Reached skill level 11 in Hexes
155995 | Zig:21   | Reached skill level 12 in Ranged Weapons
155997 | Zig:21   | Reached skill level 14 in Summonings
155997 | Zig:21   | Reached skill level 17 in Invocations
156000 | Zig:21   | Reached skill level 17 in Short Blades
156000 | Zig:21   | Reached skill level 13 in Necromancy
156005 | Zig:21   | Reached skill level 17 in Long Blades
156005 | Zig:21   | Reached skill level 13 in Alchemy
156186 | Zig:21   | Identified the ring "Racokheg" {rN+ Str+4 Int+6}
156187 | Zig:21   | Identified the +5 flail of Bodily Humours {heavy, Int+4}
156206 | Zig:21   | Identified the staff "Ibeoreff" {rC+ Dex+3 Summ Ice}
156443 | Zig:21   | Identified the staff of Exoneration {rElec Will+ Str-3
                  | Dex+2 Tloc Air}
156461 | Zig:22   | Entered Level 22 of a ziggurat
156469 | Zig:22   | Reached skill level 2 in Maces & Flails
156469 | Zig:22   | Reached skill level 1 in Polearms
156472 | Zig:22   | Reached skill level 3 in Maces & Flails
156472 | Zig:22   | Reached skill level 2 in Polearms
156475 | Zig:22   | Reached skill level 4 in Maces & Flails
156475 | Zig:22   | Reached skill level 15 in Unarmed Combat
156480 | Zig:22   | Reached skill level 3 in Polearms
156505 | Zig:22   | Reached skill level 5 in Maces & Flails
156517 | Zig:22   | Reached skill level 13 in Staves
156517 | Zig:22   | Noticed Misawkaa the pandemonium lord
156518 | Zig:22   | Reached skill level 13 in Ranged Weapons
156520 | Zig:22   | Reached skill level 12 in Hexes
156528 | Zig:22   | Killed Misawkaa the pandemonium lord
156873 | Zig:22   | Identified the +7 long sword of Cheese {spect, Str-5 Int+2
                  | Dex+2}
156883 | Zig:22   | Identified the +8 arbalest of Liaw {penet, ^Contam rElec
                  | rF+++ Int+2}
156953 | Zig:23   | Entered Level 23 of a ziggurat
156961 | Zig:23   | Reached skill level 6 in Maces & Flails
156961 | Zig:23   | Reached skill level 4 in Polearms
156961 | Zig:23   | Reached skill level 16 in Shields
156966 | Zig:23   | Reached skill level 7 in Maces & Flails
156966 | Zig:23   | Reached skill level 15 in Summonings
156966 | Zig:23   | Reached skill level 14 in Necromancy
156966 | Zig:23   | Reached skill level 18 in Invocations
156968 | Zig:23   | Reached skill level 5 in Polearms
156971 | Zig:23   | Reached skill level 14 in Alchemy
156971 | Zig:23   | Found the dreamshard necklace {Acrobat *Dream}
156973 | Zig:23   | Reached skill level 18 in Short Blades
156973 | Zig:23   | Reached skill level 8 in Maces & Flails
156973 | Zig:23   | Reached skill level 16 in Unarmed Combat
157064 | Zig:23   | Identified the ring "Ital" {rC++ rCorr Int-2 Dex+6}
157065 | Zig:23   | Identified the +2 pair of boots "Uromuote" {Fly Str+3 Int-5
                  | SInv}
157066 | Zig:23   | Identified a +2 crystal plate armour
157068 | Zig:23   | Identified the +2 scimitar "Eppud" {drain, rCorr Dex+2
                  | SInv}
157072 | Zig:23   | Identified the +5 plate armour "Puguh" {rC++}
157073 | Zig:23   | Identified the ring of Byfutec {Ice rElec rPois rCorr
                  | Dex-5}
157075 | Zig:23   | Identified the amulet "Alontoij" {Acrobat Slay+3}
157100 | Zig:23   | Identified the +7 dire flail "Ysuiprena" {flame, rPois}
157378 | Zig:24   | Entered Level 24 of a ziggurat
157382 | Zig:24   | Noticed an electric golem
157382 | Zig:24   | Noticed an electric golem
157383 | Zig:24   | Noticed an electric golem
157383 | Zig:24   | Noticed an electric golem
157383 | Zig:24   | Paralysed by an air elemental for 1 turns
157384 | Zig:24   | Noticed an electric golem
157385 | Zig:24   | Noticed an electric golem
157386 | Zig:24   | Reached skill level 18 in Long Blades
157386 | Zig:24   | Reached skill level 6 in Polearms
157387 | Zig:24   | Noticed an electric golem
157387 | Zig:24   | Noticed an electric golem
157388 | Zig:24   | Noticed an electric golem
157388 | Zig:24   | Killed an electric golem
157388 | Zig:24   | Killed an electric golem
157389 | Zig:24   | Killed an electric golem
157389 | Zig:24   | Killed an electric golem
157389 | Zig:24   | Noticed an electric golem
157389 | Zig:24   | Noticed an electric golem
157390 | Zig:24   | Reached skill level 9 in Maces & Flails
157390 | Zig:24   | Noticed an electric golem
157390 | Zig:24   | Noticed an electric golem
157390 | Zig:24   | Identified a +1 robe of resistance
157390 | Zig:24   | Noticed an electric golem
157390 | Zig:24   | Noticed an electric golem
157391 | Zig:24   | Killed an electric golem
157391 | Zig:24   | Killed an electric golem
157391 | Zig:24   | Killed an electric golem
157391 | Zig:24   | Killed an electric golem
157391 | Zig:24   | Killed an electric golem
157391 | Zig:24   | Noticed an electric golem
157392 | Zig:24   | Reached skill level 14 in Staves
157392 | Zig:24   | Reached skill level 14 in Ranged Weapons
157392 | Zig:24   | Noticed an electric golem
157392 | Zig:24   | Noticed an electric golem
157393 | Zig:24   | Killed an electric golem
157393 | Zig:24   | Noticed an electric golem
157394 | Zig:24   | Killed an electric golem
157394 | Zig:24   | Killed an electric golem
157394 | Zig:24   | Killed an electric golem
157394 | Zig:24   | Killed an electric golem
157395 | Zig:24   | Reached skill level 13 in Hexes
157395 | Zig:24   | Killed an electric golem
157396 | Zig:24   | Killed an electric golem
157396 | Zig:24   | Killed an electric golem
157397 | Zig:24   | Reached skill level 10 in Maces & Flails
157397 | Zig:24   | Killed an electric golem
157397 | Zig:24   | Killed an electric golem
157398 | Zig:24   | Reached skill level 7 in Polearms
157398 | Zig:24   | Noticed an electric golem
157398 | Zig:24   | Noticed an electric golem
157398 | Zig:24   | Noticed an electric golem
157400 | Zig:24   | Killed an electric golem
157400 | Zig:24   | Killed an electric golem
157400 | Zig:24   | Noticed an electric golem
157401 | Zig:24   | Reached skill level 15 in Necromancy
157401 | Zig:24   | Noticed an electric golem
157401 | Zig:24   | Noticed an electric golem
157403 | Zig:24   | Killed an electric golem
157404 | Zig:24   | Reached skill level 17 in Shields
157404 | Zig:24   | Noticed an electric golem
157405 | Zig:24   | Killed an electric golem
157405 | Zig:24   | Killed an electric golem
157405 | Zig:24   | Killed an electric golem
157415 | Zig:24   | Killed an electric golem
157743 | Zig:24   | Identified the +8 rapier of Slow Death {speed, Dex+4}
157754 | Zig:24   | Identified the ring of the Barnacle {rC+ rCorr Int+2}
157760 | Zig:24   | Identified the +1 cloak of the Blessed Realm {+Inv Will+
                  | Dex+2}
157764 | Zig:24   | Identified the +9 battleaxe of Proximity {spect, rF+ rC+
                  | Int+5}
157838 | Zig:25   | Entered Level 25 of a ziggurat
157848 | Zig:25   | Reached skill level 11 in Maces & Flails
157848 | Zig:25   | Reached skill level 17 in Unarmed Combat
157848 | Zig:25   | Reached skill level 19 in Invocations
157855 | Zig:25   | Reached skill level 12 in Maces & Flails
157855 | Zig:25   | Reached skill level 8 in Polearms
157855 | Zig:25   | Reached skill level 16 in Summonings
157855 | Zig:25   | Reached skill level 15 in Alchemy
157860 | Zig:25   | Reached skill level 19 in Short Blades
157860 | Zig:25   | Reached skill level 15 in Staves
157860 | Zig:25   | Reached skill level 15 in Ranged Weapons
157869 | Zig:25   | Reached skill level 19 in Long Blades
157965 | Zig:25   | Identified the +1 plate armour "Irreuc" {^Contam Fly rN+
                  | Int+2}
157973 | Zig:25   | Identified the +5 leather armour "Kutimp" {Will+ Dex+4}
157975 | Zig:25   | Identified the staff "Konof" {rF+ MP+9 Fire}
157992 | Zig:25   | Identified the +6 hand axe "Duqev" {protect, rF+ Str+4}
158021 | Zig:25   | Identified the staff of the Hierophant {Str+3 Conj Hexes}
158029 | Zig:25   | Identified the +6 battleaxe of Havoc {antimagic, Will+
                  | rCorr}
158034 | Zig:25   | Identified the +7 shortbow "Buoxok" {heavy, rPois Str-2
                  | Int+5}
158328 | Zig:25   | Reached skill level 9 in Polearms
158328 | Zig:25   | Reached skill level 14 in Hexes
158348 | Zig:26   | Entered Level 26 of a ziggurat
158359 | Zig:26   | Reached skill level 13 in Maces & Flails
158359 | Zig:26   | Reached skill level 16 in Necromancy
158360 | Zig:26   | Reached skill level 18 in Shields
158360 | Zig:26   | Reached skill level 18 in Unarmed Combat
158365 | Zig:26   | Reached skill level 20 in Invocations
158369 | Zig:26   | Reached skill level 14 in Maces & Flails
158369 | Zig:26   | Reached skill level 10 in Polearms
158371 | Zig:26   | Reached skill level 17 in Necromancy
158372 | Zig:26   | Reached skill level 17 in Summonings
158372 | Zig:26   | Reached skill level 16 in Alchemy
158383 | Zig:26   | Reached skill level 19 in Shields
158833 | Zig:26   | Identified the staff "Bookutt" {rElec rC+ Str-3 Int+2 Air}
158844 | Zig:26   | Identified the +6 mace of the Flying Sybil {flame, rCorr
                  | Dex+3}
158866 | Zig:26   | Reached skill level 16 in Staves
158866 | Zig:26   | Reached skill level 16 in Ranged Weapons
158883 | Zig:27   | Entered Level 27 of a ziggurat
158894 | Zig:27   | Identified a +1 robe of resistance
158895 | Zig:27   | Reached skill level 15 in Maces & Flails
158898 | Zig:27   | Reached skill level 19 in Unarmed Combat
158899 | Zig:27   | Reached skill level 20 in Short Blades
158899 | Zig:27   | Reached skill level 11 in Polearms
158899 | Zig:27   | Reached skill level 15 in Hexes
158899 | Zig:27   | Reached skill level 18 in Necromancy
158900 | Zig:27   | Reached skill level 20 in Long Blades
158906 | Zig:27   | Reached skill level 16 in Maces & Flails
158906 | Zig:27   | Reached skill level 20 in Shields
158912 | Zig:27   | Found the +12 glaive of Prune {freeze, Prune}
158913 | Zig:27   | Reached skill level 21 in Invocations
158979 | Zig:27   | Identified the +9 plate armour "Xicuhatu" {rN+ Int+3 Dex+2}
158985 | Zig:27   | Identified the ring of Idank {rN+ Will+}
159021 | Zig:27   | Identified the +5 morningstar of Wuvitzecw {flame, rF+ rN++
                  | Will++}
159368 | Zig:27   | Reached skill level 19 in Necromancy
159464 | Zig:1    | Entered Level 1 of a ziggurat
159464 | Zig:1    | Noticed a caustic shrike
159467 | Zig:1    | Killed a caustic shrike
159520 | Zig:2    | Entered Level 2 of a ziggurat
159520 | Zig:2    | Noticed an ancient lich
159520 | Zig:2    | Noticed an ancient lich
159520 | Zig:2    | Noticed an ancient lich
159520 | Zig:2    | Noticed a dread lich
159520 | Zig:2    | Noticed a dread lich
159520 | Zig:2    | Noticed an ancient lich
159521 | Zig:2    | Killed an ancient lich
159521 | Zig:2    | Killed a dread lich
159522 | Zig:2    | Reached skill level 12 in Polearms
159523 | Zig:2    | Killed an ancient lich
159523 | Zig:2    | Killed an ancient lich
159523 | Zig:2    | Killed a dread lich
159523 | Zig:2    | Killed an ancient lich
159575 | Zig:2    | Identified the +3 leather armour of the Big Bang {rPois
                  | SInv Stlth+}
159587 | Zig:3    | Entered Level 3 of a ziggurat
159589 | Zig:3    | Reached skill level 17 in Staves
159589 | Zig:3    | Reached skill level 17 in Ranged Weapons
159590 | Zig:3    | Reached skill level 17 in Alchemy
159715 | Zig:4    | Entered Level 4 of a ziggurat
159715 | Zig:4    | Noticed an ancient lich
159715 | Zig:4    | Noticed an ancient lich
159715 | Zig:4    | Noticed a dread lich
159715 | Zig:4    | Noticed an ancient lich
159716 | Zig:4    | Noticed an ancient lich
159717 | Zig:4    | Killed a dread lich
159717 | Zig:4    | Killed an ancient lich
159718 | Zig:4    | Reached skill level 17 in Maces & Flails
159718 | Zig:4    | Reached skill level 20 in Unarmed Combat
159718 | Zig:4    | Reached skill level 18 in Summonings
159719 | Zig:4    | Killed an ancient lich
159719 | Zig:4    | Killed an ancient lich
159719 | Zig:4    | Killed an ancient lich
159720 | Zig:4    | Noticed an ancient lich
159723 | Zig:4    | Killed an ancient lich
159818 | Zig:4    | Identified the +10 dagger of Trog, Devouring {heavy, rF+
                  | Str+3 Int-3}
159841 | Zig:5    | Entered Level 5 of a ziggurat
159847 | Zig:5    | Reached skill level 21 in Shields
160016 | Zig:6    | Entered Level 6 of a ziggurat
160018 | Zig:6    | Noticed an electric golem
160018 | Zig:6    | Noticed an electric golem
160018 | Zig:6    | Noticed an electric golem
160020 | Zig:6    | Reached skill level 16 in Hexes
160020 | Zig:6    | Noticed an electric golem
160020 | Zig:6    | Noticed an electric golem
160020 | Zig:6    | Killed an electric golem
160021 | Zig:6    | Noticed an electric golem
160021 | Zig:6    | Noticed an electric golem
160022 | Zig:6    | Killed an electric golem
160024 | Zig:6    | Killed an electric golem
160024 | Zig:6    | Killed an electric golem
160025 | Zig:6    | Reached skill level 20 in Necromancy
160025 | Zig:6    | Killed an electric golem
160026 | Zig:6    | Killed an electric golem
160026 | Zig:6    | Killed an electric golem
160192 | Zig:7    | Entered Level 7 of a ziggurat
160193 | Zig:7    | Noticed a caustic shrike
160194 | Zig:7    | Noticed a caustic shrike
160195 | Zig:7    | Noticed a caustic shrike
160195 | Zig:7    | Noticed a caustic shrike
160197 | Zig:7    | Killed a caustic shrike
160197 | Zig:7    | Killed a caustic shrike
160198 | Zig:7    | Noticed a caustic shrike
160199 | Zig:7    | Noticed an ancient lich
160199 | Zig:7    | Noticed a caustic shrike
160201 | Zig:7    | Killed a caustic shrike
160201 | Zig:7    | Killed a caustic shrike
160201 | Zig:7    | Killed an ancient lich
160202 | Zig:7    | Reached skill level 13 in Polearms
160202 | Zig:7    | Killed a caustic shrike
160202 | Zig:7    | Killed a caustic shrike
160203 | Zig:7    | Reached skill level 18 in Maces & Flails
160276 | Zig:7    | Identified the +4 shortbow of Deformation {heavy, rElec
                  | Str+3 SInv}
160277 | Zig:7    | Identified the +1 war axe "Dicucimi" {antimagic, rPois rF+}
160279 | Zig:7    | Identified the +4 quarterstaff "Vakiaf" {flame, rF+++ rN+
                  | Dex-2 SInv}
160281 | Zig:7    | Identified the +4 halberd "Jepness" {venom, rC++ rN+}
160361 | Zig:8    | Entered Level 8 of a ziggurat
160364 | Zig:8    | Noticed an ancient lich
160364 | Zig:8    | Noticed a dread lich
160364 | Zig:8    | Noticed a dread lich
160365 | Zig:8    | Noticed an ancient lich
160365 | Zig:8    | Noticed a dread lich
160365 | Zig:8    | Noticed an ancient lich
160365 | Zig:8    | Noticed an ancient lich
160366 | Zig:8    | Noticed an ancient lich
160366 | Zig:8    | Killed an ancient lich
160366 | Zig:8    | Killed an ancient lich
160366 | Zig:8    | Noticed an ancient lich
160367 | Zig:8    | Reached skill level 21 in Short Blades
160367 | Zig:8    | Killed an ancient lich
160367 | Zig:8    | Killed a dread lich
160368 | Zig:8    | Noticed a dread lich
160368 | Zig:8    | Noticed a dread lich
160368 | Zig:8    | Killed a dread lich
160369 | Zig:8    | Noticed an ancient lich
160370 | Zig:8    | Reached skill level 21 in Long Blades
160370 | Zig:8    | Noticed a dread lich
160370 | Zig:8    | Noticed an ancient lich
160370 | Zig:8    | Killed a dread lich
160371 | Zig:8    | Killed an ancient lich
160371 | Zig:8    | Killed an ancient lich
160371 | Zig:8    | Killed an ancient lich
160371 | Zig:8    | Killed an ancient lich
160371 | Zig:8    | Killed a dread lich
160371 | Zig:8    | Killed a dread lich
160371 | Zig:8    | Killed a dread lich
160372 | Zig:8    | Reached skill level 22 in Invocations
160372 | Zig:8    | Killed an ancient lich
160442 | Zig:8    | Identified the +0 great sword "Pecoer" {protect, *Slow rF+
                  | Str+3 Int+3}
160446 | Zig:8    | Identified the ring "Toel" {rElec Str-5 Dex+6 Stlth+}
160450 | Zig:8    | Identified the +0 scale mail of Morality {rElec Will+ Str-5
                  | Stlth+}
160474 | Zig:8    | Identified the staff "Ysier" {rElec rC+ Conj Summ Ice}
160513 | Zig:9    | Entered Level 9 of a ziggurat
160513 | Zig:9    | Noticed a juggernaut
160513 | Zig:9    | Noticed a juggernaut
160513 | Zig:9    | Noticed a juggernaut
160513 | Zig:9    | Noticed a juggernaut
160513 | Zig:9    | Noticed a juggernaut
160513 | Zig:9    | Noticed a juggernaut
160515 | Zig:9    | Reached skill level 22 in Shields
160517 | Zig:9    | Noticed a juggernaut
160517 | Zig:9    | Killed a juggernaut
160517 | Zig:9    | Noticed a juggernaut
160518 | Zig:9    | Killed a juggernaut
160518 | Zig:9    | Killed a juggernaut
160518 | Zig:9    | Killed a juggernaut
160519 | Zig:9    | Reached skill level 18 in Staves
160519 | Zig:9    | Reached skill level 21 in Unarmed Combat
160519 | Zig:9    | Killed a juggernaut
160519 | Zig:9    | Killed a juggernaut
160519 | Zig:9    | Killed a juggernaut
160519 | Zig:9    | Killed a juggernaut
160520 | Zig:9    | Reached skill level 18 in Ranged Weapons
160574 | Zig:9    | Identified the ring of the Jolly Sharing Gods {rC+ Int+6}
160588 | Zig:9    | Identified the +2 orcbow of the Immovable Knaves {flame,
                  | Will+}
160590 | Zig:9    | Identified the ring of Liengygi {rElec Will+}
160837 | Zig:10   | Entered Level 10 of a ziggurat
160846 | Zig:10   | Reached skill level 19 in Maces & Flails
160846 | Zig:10   | Reached skill level 18 in Alchemy
160853 | Zig:10   | Reached skill level 14 in Polearms
161034 | Zig:10   | Identified the +9 whip "Wauz Ola" {protect, ^Contam rElec
                  | Int+6}
161038 | Zig:10   | Identified the +9 mace "Killer Bee's Curse" {elec, *Rage
                  | rPois rC+}
161063 | Zig:10   | Identified the ring of the Circus Animal {Will+ Int+6
                  | Stlth+}
161107 | Zig:11   | Entered Level 11 of a ziggurat
161115 | Zig:11   | Reached skill level 17 in Hexes
161115 | Zig:11   | Reached skill level 19 in Summonings
161121 | Zig:11   | Reached skill level 21 in Necromancy
161188 | Zig:11   | Identified the ring "Cyfots" {rF+ Will+}
161201 | Zig:11   | Identified the ring "Gaipos" {Wiz Dex+3}
161436 | Zig:12   | Entered Level 12 of a ziggurat
161442 | Zig:12   | Noticed a caustic shrike
161443 | Zig:12   | Noticed a caustic shrike
161444 | Zig:12   | Noticed a caustic shrike
161444 | Zig:12   | Noticed a caustic shrike
161444 | Zig:12   | Noticed a caustic shrike
161444 | Zig:12   | Noticed a caustic shrike
161445 | Zig:12   | Killed a caustic shrike
161445 | Zig:12   | Killed a caustic shrike
161445 | Zig:12   | Killed a caustic shrike
161446 | Zig:12   | Reached skill level 23 in Shields
161446 | Zig:12   | Noticed a caustic shrike
161447 | Zig:12   | Killed a caustic shrike
161447 | Zig:12   | Killed a caustic shrike
161447 | Zig:12   | Noticed a caustic shrike
161447 | Zig:12   | Killed a caustic shrike
161448 | Zig:12   | Reached skill level 20 in Maces & Flails
161448 | Zig:12   | Killed a caustic shrike
161448 | Zig:12   | Noticed a caustic shrike
161449 | Zig:12   | Noticed a caustic shrike
161450 | Zig:12   | Killed a caustic shrike
161450 | Zig:12   | Noticed a caustic shrike
161452 | Zig:12   | Killed a caustic shrike
161452 | Zig:12   | Noticed a caustic shrike
161452 | Zig:12   | Killed a caustic shrike
161454 | Zig:12   | Killed a caustic shrike
161456 | Zig:12   | Killed a caustic shrike
161457 | Zig:12   | Reached skill level 22 in Unarmed Combat
161693 | Zig:12   | Identified the +0 helmet of Cynicism {Str+4 Dex+3 Slay+2
                  | SInv}
161695 | Zig:12   | Identified the amulet "Cisunn" {Reflect Str+3 SH+5}
161706 | Zig:12   | Identified the ring "Ojosen" {rPois rF++ rC+ Will+}
161758 | Zig:12   | Identified the +8 spear of Discord {spect, Will+}
161788 | Zig:13   | Entered Level 13 of a ziggurat
161794 | Zig:13   | Noticed an ancient lich
161795 | Zig:13   | Noticed an ancient lich
161796 | Zig:13   | Noticed an ancient lich
161796 | Zig:13   | Identified a +1 robe of resistance
161798 | Zig:13   | Reached skill level 22 in Short Blades
161798 | Zig:13   | Reached skill level 19 in Ranged Weapons
161798 | Zig:13   | Reached skill level 23 in Invocations
161798 | Zig:13   | Noticed an ancient lich
161799 | Zig:13   | Identified a +2 robe of resistance
161800 | Zig:13   | Noticed an ancient lich
161800 | Zig:13   | Noticed an ancient lich
161801 | Zig:13   | Noticed an ancient lich
161802 | Zig:13   | Reached skill level 19 in Staves
161802 | Zig:13   | Killed an ancient lich
161802 | Zig:13   | Killed an ancient lich
161802 | Zig:13   | Killed an ancient lich
161803 | Zig:13   | Reached skill level 22 in Long Blades
161803 | Zig:13   | Reached skill level 15 in Polearms
161803 | Zig:13   | Killed an ancient lich
161803 | Zig:13   | Killed an ancient lich
161803 | Zig:13   | Killed an ancient lich
161803 | Zig:13   | Killed an ancient lich
161804 | Zig:13   | Noticed an ancient lich
161806 | Zig:13   | Killed an ancient lich
161893 | Zig:13   | Identified the +8 spear "Basimil" {heavy, ^Fragile rF+ rC+
                  | rCorr}
161911 | Zig:13   | Identified the +4 hand axe "Pilor" {freeze, Fly rElec Will+
                  | Int+3}
162092 | Zig:14   | Entered Level 14 of a ziggurat
162102 | Zig:14   | Reached skill level 21 in Maces & Flails
162102 | Zig:14   | Reached skill level 19 in Alchemy
162107 | Zig:14   | Found the amulet of the Four Winds {rN+ Will+++ Clar}
162110 | Zig:14   | Reached skill level 18 in Hexes
162198 | Zig:14   | Found the macabre finger necklace {Finger+ rN+}
162336 | Zig:14   | Identified the +6 falchion of Non Obstante Veredicto {holy,
                  | rN+ rCorr Dex+4}
162350 | Zig:14   | Identified the +6 rapier of Disorder {holy, rF+ MP+9 Str+2}
162429 | Zig:15   | Entered Level 15 of a ziggurat
162439 | Zig:15   | Reached skill level 20 in Summonings
162442 | Zig:15   | Reached skill level 22 in Necromancy
162450 | Zig:15   | Reached skill level 16 in Polearms
162450 | Zig:15   | Reached skill level 24 in Shields
162450 | Zig:15   | Reached skill level 23 in Unarmed Combat
162524 | Zig:15   | Identified the +2 pair of gloves "Duklyex" {Will+ Dex+4}
162575 | Zig:15   | Identified the ring "Goh Kaugua" {rF+ rN+ Str+4 SInv}
162795 | Zig:16   | Entered Level 16 of a ziggurat
162814 | Zig:16   | Reached skill level 20 in Staves
162814 | Zig:16   | Reached skill level 20 in Ranged Weapons
162814 | Zig:16   | Reached skill level 24 in Invocations
162823 | Zig:16   | Reached skill level 23 in Short Blades
163062 | Zig:16   | Identified the ring "Ziesanut" {rF+ rC+}
163091 | Zig:16   | Identified the +2 leather armour "Goohic" {-Tele Fly Int+5}
163103 | Zig:16   | Identified the ring of Light {rN+ Int+4 SInv}
163115 | Zig:16   | Identified the ring "Jaif" {rElec Dex+6}
163119 | Zig:16   | Identified the +7 great sword "Ryjiul Nipa" {heavy, rPois
                  | Str+8 Dex+4}
163138 | Zig:16   | Identified the ring "Syohuwk" {rPois rN+ Dex+7}
163140 | Zig:16   | Identified the amulet of the Commoners {Acrobat Dex+2 SInv}
163145 | Zig:16   | Identified the ring of Toroludgh {rElec rF+++ AC+4 Str-3
                  | Int+4}
163150 | Zig:16   | Identified the +2 short sword of the Mauling Gods {heavy,
                  | Int+5 Dex+4}
163157 | Zig:16   | Identified the +8 battleaxe "Rifupawk" {heavy, Fly Int+3}
163242 | Zig:17   | Entered Level 17 of a ziggurat
163257 | Zig:17   | Reached skill level 23 in Long Blades
163257 | Zig:17   | Reached skill level 22 in Maces & Flails
163262 | Zig:17   | Reached skill level 20 in Alchemy
163265 | Zig:17   | Reached skill level 17 in Polearms
163265 | Zig:17   | Reached skill level 19 in Hexes
163339 | Zig:17   | Identified the +5 chain mail "Cazoakk" {Harm Int+2 Dex-3
                  | SInv}
163340 | Zig:17   | Identified the staff of Amortisation {+Blink rPois rF+
                  | Dex+4 Stlth- Earth}
163347 | Zig:17   | Identified the +5 ring mail "Fudwezof" {Str+6}
163364 | Zig:17   | Identified the +0 acid dragon scales of the Nine of
                  | Pentacles {rCorr Dex+3}
163597 | Zig:18   | Entered Level 18 of a ziggurat
163615 | Zig:18   | Reached skill level 24 in Unarmed Combat
163617 | Zig:18   | Reached skill level 21 in Summonings
163620 | Zig:18   | Reached skill level 23 in Necromancy
163623 | Zig:18   | Reached skill level 25 in Shields
163942 | Zig:18   | Identified the ring of Onuik {Fire rElec rPois Int-5 Dex-5}
163950 | Zig:18   | Identified a +0 crystal plate armour
164001 | Zig:18   | Identified the ring "Meconger" {Wiz Will+ Slay+2}
164004 | Zig:18   | Identified the ring of the Heavens {rF- rN+ Will+ Int+4}
164084 | Zig:19   | Entered Level 19 of a ziggurat
164103 | Zig:19   | Reached skill level 21 in Staves
164103 | Zig:19   | Reached skill level 21 in Ranged Weapons
164103 | Zig:19   | Reached skill level 25 in Invocations
164110 | Zig:19   | Reached skill level 18 in Polearms
164241 | Zig:19   | Identified the +6 dagger of the Lurker {distort, rF+ Str+4
                  | Int+4}
164246 | Zig:19   | Identified the +7 hand axe of Doom {heavy, Int+6}
164256 | Zig:19   | Identified the +5 plate armour of Bedevilment {Harm rN+}
164261 | Zig:19   | Identified the staff "Kyol" {^Fragile rElec rPois rCorr
                  | Earth}
164627 | Zig:20   | Entered Level 20 of a ziggurat
164639 | Zig:20   | Noticed a dread lich
164641 | Zig:20   | Paralysed by a wendigo for 1 turns
164645 | Zig:20   | Paralysed by a wendigo for 1 turns
164647 | Zig:20   | Noticed a dread lich
164648 | Zig:20   | Noticed an ancient lich
164649 | Zig:20   | Reached skill level 24 in Short Blades
164649 | Zig:20   | Killed an ancient lich
164649 | Zig:20   | Killed a dread lich
164650 | Zig:20   | Reached skill level 24 in Long Blades
164650 | Zig:20   | Reached skill level 23 in Maces & Flails
164650 | Zig:20   | Reached skill level 26 in Shields
164650 | Zig:20   | Killed a dread lich
164652 | Zig:20   | Noticed an ancient lich
164653 | Zig:20   | Reached skill level 21 in Alchemy
164655 | Zig:20   | Reached skill level 25 in Unarmed Combat
164655 | Zig:20   | Reached skill level 20 in Hexes
164658 | Zig:20   | Killed an ancient lich
164660 | Zig:20   | Found the sphere of Battle
164935 | Zig:20   | Identified the ring of Rublem {+Blink Str+6 Int+3 Dex+3}
164968 | Zig:20   | Identified the staff "Isumpeb" {rC+ Int+2 Ice}
164977 | Zig:20   | Identified the ring "Voeguruy" {+Blink rCorr AC+4}
165008 | Zig:20   | Identified the ring of Patience {rC+ Int+5 SInv}
165026 | Zig:20   | Identified the +0 ring mail of Onagogu {rPois}
165107 | Zig:20   | Acquired 767 gold pieces
165114 | Zig:21   | Entered Level 21 of a ziggurat
165136 | Zig:21   | Reached skill level 24 in Necromancy
165138 | Zig:21   | Reached skill level 22 in Summonings
165139 | Zig:21   | Reached skill level 22 in Staves
165139 | Zig:21   | Reached skill level 22 in Ranged Weapons
165139 | Zig:21   | Reached skill level 26 in Invocations
165142 | Zig:21   | Found the +3 pair of gauntlets of War {Slay+5}
165142 | Zig:21   | Found the +2 pair of slick slippers {slick, slippery, EV+4}
165145 | Zig:21   | Reached skill level 19 in Polearms
165146 | Zig:21   | Reached skill level 25 in Long Blades
165257 | Zig:21   | Identified the +0 chain mail of the Eternal Fruit {-Tele
                  | +Inv Str+2}
165280 | Zig:21   | Identified the +2 pair of boots of the Wonderful God {Will+
                  | rCorr MP+9}
165803 | Zig:22   | Entered Level 22 of a ziggurat
165822 | Zig:22   | Reached skill level 27 in Shields
165828 | Zig:22   | Reached skill level 26 in Unarmed Combat
165832 | Zig:22   | Reached skill level 25 in Short Blades
165832 | Zig:22   | Reached skill level 24 in Maces & Flails
165833 | Zig:22   | Found the +2 Maxwell's thermic engine {flame, freeze, rev}
165836 | Zig:22   | Reached skill level 22 in Alchemy
166184 | Zig:22   | Identified the +0 robe of the Heron {^Drain +Inv rF+}
166259 | Zig:22   | Identified the +4 orcbow of Generosity {freeze, *Corrode
                  | rC- Int+2 Dex+6}
166263 | Zig:22   | Identified the +3 rapier of Valour {flame, Str-4 Int+6
                  | Dex+2}
166275 | Zig:22   | Identified the storm talisman "Zoatz" {Str-4 Int+2 Dex+4}
166503 | Zig:23   | Entered Level 23 of a ziggurat
166522 | Zig:23   | Reached skill level 26 in Long Blades
166522 | Zig:23   | Reached skill level 21 in Hexes
166530 | Zig:23   | Reached skill level 20 in Polearms
166532 | Zig:23   | Reached skill level 25 in Necromancy
166533 | Zig:23   | Reached skill level 23 in Summonings
166533 | Zig:23   | Reached skill level 27 in Invocations
166536 | Zig:23   | Reached skill level 23 in Ranged Weapons
166537 | Zig:23   | Reached skill level 23 in Staves
166539 | Zig:23   | Reached skill level 26 in Short Blades
166675 | Zig:23   | Identified the amulet "Appomp" {Fly Regen+ Dex+5}
166706 | Zig:23   | Identified the +1 orcbow of Wunaaqad {heavy, rPois Int+4}
167128 | Zig:24   | Entered Level 24 of a ziggurat
167152 | Zig:24   | Reached skill level 27 in Unarmed Combat
167161 | Zig:24   | Found the +7 mace of Variability {chaos, chaos arc}
167163 | Zig:24   | Reached skill level 25 in Maces & Flails
167163 | Zig:24   | Reached skill level 23 in Alchemy
167166 | Zig:24   | Found the +5 Lochaber axe {reach-cleave, Poleaxe ^Drain}
167182 | Zig:24   | Reached skill level 27 in Long Blades
167398 | Zig:24   | Reached skill level 27 in Short Blades
167652 | Zig:24   | Identified the +4 hand axe "Moexa" {spect, *Noise rF+ rC+++
                  | Int-2}
167654 | Zig:24   | Identified the +0 plate armour "Hyim" {rC+ Int+6}
167702 | Zig:24   | Identified the +1 robe of Sestrarah {rElec rF+ Dex-4}
167712 | Zig:24   | Identified the +8 falchion of Disgust {venom, Int+3}
167715 | Zig:24   | Identified the +1 great sword "Dablidav" {flame, rElec
                  | rPois}
167723 | Zig:24   | Identified the +1 mace of Generosity {heavy, Str+3 Int+3}
167733 | Zig:24   | Identified the ring "Lirr" {AC+4 Dex+2}
167938 | Zig:25   | Entered Level 25 of a ziggurat
167950 | Zig:25   | Noticed Hiz Mun's ghost (veteran MfGl)
167951 | Zig:25   | Noticed Gealluifoe's ghost (legendary DrFi)
167951 | Zig:25   | Noticed Diylu's ghost (veteran DsCj)
167951 | Zig:25   | Noticed Has Pue's ghost (legendary FoFi)
167952 | Zig:25   | Noticed Zycouta's ghost (legendary DrSh)
167952 | Zig:25   | Noticed Zycouta's ghost (legendary DrSh)
167952 | Zig:25   | Noticed Juunidd's ghost (veteran BaHu)
167952 | Zig:25   | Noticed a curse toe
167952 | Zig:25   | Noticed Tefur's ghost (legendary GnFi)
167952 | Zig:25   | Noticed Poalor's ghost (legendary GnWn)
167952 | Zig:25   | Noticed Gealluifoe's ghost (legendary DrFi)
167953 | Zig:25   | Noticed Hahenefa's ghost (legendary DsWn)
167953 | Zig:25   | Noticed Has Pue's ghost (legendary FoFi)
167953 | Zig:25   | Noticed Qyuhokk's ghost (veteran MDFE)
167953 | Zig:25   | Noticed Beofaps's ghost (legendary HuCj)
167953 | Zig:25   | Noticed a curse skull
167954 | Zig:25   | Noticed Amovulon's ghost (legendary GrEE)
167955 | Zig:25   | Reached skill level 21 in Polearms
167955 | Zig:25   | Noticed Beofaps's ghost (legendary HuCj)
167956 | Zig:25   | Noticed Zaib's ghost (legendary CeHu)
167956 | Zig:25   | Noticed a curse skull
167957 | Zig:25   | Killed Hiz Mun's ghost
167957 | Zig:25   | Killed Hahenefa's ghost
167957 | Zig:25   | Noticed Juunidd's ghost (veteran BaHu)
167957 | Zig:25   | Noticed Tefur's ghost (legendary GnFi)
167957 | Zig:25   | Noticed Neapotai's ghost (veteran DsMo)
167958 | Zig:25   | Killed Has Pue's ghost
167958 | Zig:25   | Killed a curse skull
167958 | Zig:25   | Killed Gealluifoe's ghost
167958 | Zig:25   | Noticed Zycouta's ghost (legendary DrSh)
167958 | Zig:25   | Noticed Qyuhokk's ghost (veteran MDFE)
167958 | Zig:25   | Noticed Piash's ghost (master OnEE)
167959 | Zig:25   | Reached skill level 22 in Hexes
167959 | Zig:25   | Killed Diylu's ghost
167959 | Zig:25   | Killed Zycouta's ghost
167959 | Zig:25   | Killed Zycouta's ghost
167959 | Zig:25   | Killed Beofaps's ghost
167960 | Zig:25   | Killed a curse skull
167960 | Zig:25   | Noticed Beofaps's ghost (legendary HuCj)
167960 | Zig:25   | Noticed Jecaful's ghost (legendary NaMo)
167961 | Zig:25   | Killed Gealluifoe's ghost
167961 | Zig:25   | Killed a curse skull
167961 | Zig:25   | Noticed Has Pue's ghost (legendary FoFi)
167961 | Zig:25   | Noticed Amovulon's ghost (legendary GrEE)
167961 | Zig:25   | Noticed Jataj's ghost (legendary GrFi)
167962 | Zig:25   | Reached skill level 26 in Necromancy
167962 | Zig:25   | Killed a curse toe
167962 | Zig:25   | Killed Has Pue's ghost
167962 | Zig:25   | Killed Poalor's ghost
167962 | Zig:25   | Noticed a curse skull
167963 | Zig:25   | Noticed Neapotai's ghost (veteran DsMo)
167963 | Zig:25   | Noticed Has Pue's ghost (legendary FoFi)
167963 | Zig:25   | Noticed a curse skull
167963 | Zig:25   | Noticed Has Pue's ghost (legendary FoFi)
167963 | Zig:25   | Noticed a curse skull
167963 | Zig:25   | Noticed Poalor's ghost (legendary GnWn)
167963 | Zig:25   | Noticed a curse skull
167963 | Zig:25   | Noticed Minism's ghost (legendary MiFi)
167963 | Zig:25   | Noticed Zycouta's ghost (legendary DrSh)
167963 | Zig:25   | Noticed Qyuhokk's ghost (veteran MDFE)
167964 | Zig:25   | Killed Piash's ghost
167964 | Zig:25   | Killed a curse skull
167964 | Zig:25   | Killed Has Pue's ghost
167964 | Zig:25   | Noticed Kyik Kue's ghost (legendary DEFE)
167964 | Zig:25   | Killed Qyuhokk's ghost
167965 | Zig:25   | Noticed Neapotai's ghost (veteran DsMo)
167965 | Zig:25   | Noticed Poalor's ghost (legendary GnWn)
167965 | Zig:25   | Noticed Zaib's ghost (legendary CeHu)
167965 | Zig:25   | Noticed Poalor's ghost (legendary GnWn)
167966 | Zig:25   | Killed a curse skull
167966 | Zig:25   | Killed a curse skull
167966 | Zig:25   | Noticed a curse skull
167966 | Zig:25   | Noticed Zaib's ghost (legendary CeHu)
167966 | Zig:25   | Killed Tefur's ghost
167966 | Zig:25   | Killed a curse skull
167966 | Zig:25   | Killed Juunidd's ghost
167967 | Zig:25   | Reached skill level 24 in Summonings
167967 | Zig:25   | Killed a curse skull
167967 | Zig:25   | Killed Has Pue's ghost
167967 | Zig:25   | Killed Zycouta's ghost
167967 | Zig:25   | Killed Beofaps's ghost
167967 | Zig:25   | Killed Kyik Kue's ghost
167967 | Zig:25   | Killed Minism's ghost
167967 | Zig:25   | Killed Beofaps's ghost
167967 | Zig:25   | Killed Amovulon's ghost
167967 | Zig:25   | Killed Tefur's ghost
167967 | Zig:25   | Noticed Kyik Kue's ghost (legendary DEFE)
167967 | Zig:25   | Noticed Qyuhokk's ghost (veteran MDFE)
167967 | Zig:25   | Noticed Gealluifoe's ghost (legendary DrFi)
167968 | Zig:25   | Reached skill level 24 in Staves
167968 | Zig:25   | Reached skill level 24 in Ranged Weapons
167968 | Zig:25   | Killed Zaib's ghost
167968 | Zig:25   | Killed Amovulon's ghost
167968 | Zig:25   | Killed a curse skull
167968 | Zig:25   | Killed Jataj's ghost
167968 | Zig:25   | Killed Zycouta's ghost
167969 | Zig:25   | Noticed Amovulon's ghost (legendary GrEE)
167969 | Zig:25   | Noticed Hiz Mun's ghost (veteran MfGl)
167970 | Zig:25   | Killed Neapotai's ghost
167970 | Zig:25   | Killed Neapotai's ghost
167970 | Zig:25   | Killed Qyuhokk's ghost
167970 | Zig:25   | Noticed Hiz Mun's ghost (veteran MfGl)
167971 | Zig:25   | Killed Qyuhokk's ghost
167971 | Zig:25   | Killed Juunidd's ghost
167972 | Zig:25   | Noticed Hahenefa's ghost (legendary DsWn)
167972 | Zig:25   | Noticed Piash's ghost (master OnEE)
167972 | Zig:25   | Noticed Jecaful's ghost (legendary NaMo)
167972 | Zig:25   | Noticed Hahenefa's ghost (legendary DsWn)
167973 | Zig:25   | Noticed a curse toe
167974 | Zig:25   | Killed Has Pue's ghost
167974 | Zig:25   | Killed Piash's ghost
167975 | Zig:25   | Noticed Minism's ghost (legendary MiFi)
167978 | Zig:25   | Killed Hiz Mun's ghost
167978 | Zig:25   | Killed Amovulon's ghost
167978 | Zig:25   | Killed Hiz Mun's ghost
167978 | Zig:25   | Noticed Jataj's ghost (legendary GrFi)
167979 | Zig:25   | Noticed Poalor's ghost (legendary GnWn)
167979 | Zig:25   | Noticed Hiz Mun's ghost (veteran MfGl)
167979 | Zig:25   | Noticed Zycouta's ghost (legendary DrSh)
167979 | Zig:25   | Killed a curse toe
167980 | Zig:25   | Killed Neapotai's ghost
167980 | Zig:25   | Killed Qyuhokk's ghost
167980 | Zig:25   | Killed Gealluifoe's ghost
167980 | Zig:25   | Noticed a curse toe
167981 | Zig:25   | Killed Hahenefa's ghost
167981 | Zig:25   | Noticed Amovulon's ghost (legendary GrEE)
167981 | Zig:25   | Noticed Diylu's ghost (veteran DsCj)
167981 | Zig:25   | Noticed Zaib's ghost (legendary CeHu)
167981 | Zig:25   | Noticed Zaib's ghost (legendary CeHu)
167982 | Zig:25   | Killed Zaib's ghost
167982 | Zig:25   | Noticed Juunidd's ghost (veteran BaHu)
167983 | Zig:25   | Killed Minism's ghost
167983 | Zig:25   | Killed a curse toe
167983 | Zig:25   | Killed Hahenefa's ghost
167983 | Zig:25   | Killed Poalor's ghost
167983 | Zig:25   | Noticed a curse skull
167983 | Zig:25   | Noticed a curse skull
167984 | Zig:25   | Noticed Gealluifoe's ghost (legendary DrFi)
167985 | Zig:25   | Killed Kyik Kue's ghost
167990 | Zig:25   | Killed a curse skull
167990 | Zig:25   | Killed a curse skull
167990 | Zig:25   | Killed a curse skull
167991 | Zig:25   | Killed Diylu's ghost
167991 | Zig:25   | Killed Juunidd's ghost
167991 | Zig:25   | Killed a curse toe
167992 | Zig:25   | Killed Jataj's ghost
167992 | Zig:25   | Killed Poalor's ghost
167993 | Zig:25   | Noticed Tefur's ghost (legendary GnFi)
167994 | Zig:25   | Killed Poalor's ghost
167994 | Zig:25   | Noticed Amovulon's ghost (legendary GrEE)
167995 | Zig:25   | Noticed Poalor's ghost (legendary GnWn)
167995 | Zig:25   | Noticed Kyik Kue's ghost (legendary DEFE)
167996 | Zig:25   | Noticed a curse toe
167996 | Zig:25   | Noticed Piash's ghost (master OnEE)
167997 | Zig:25   | Killed a curse toe
167999 | Zig:25   | Noticed Neapotai's ghost (veteran DsMo)
167999 | Zig:25   | Killed Hiz Mun's ghost
167999 | Zig:25   | Killed Zycouta's ghost
167999 | Zig:25   | Killed Zaib's ghost
168001 | Zig:25   | Killed Zaib's ghost
168001 | Zig:25   | Killed a curse toe
168001 | Zig:25   | Killed Gealluifoe's ghost
168001 | Zig:25   | Killed Kyik Kue's ghost
168001 | Zig:25   | Noticed Neapotai's ghost (veteran DsMo)
168002 | Zig:25   | Killed Tefur's ghost
168002 | Zig:25   | Killed Piash's ghost
168002 | Zig:25   | Killed Jecaful's ghost
168002 | Zig:25   | Noticed Piash's ghost (master OnEE)
168002 | Zig:25   | Noticed Jataj's ghost (legendary GrFi)
168003 | Zig:25   | Killed Amovulon's ghost
168004 | Zig:25   | Killed Poalor's ghost
168004 | Zig:25   | Killed Neapotai's ghost
168004 | Zig:25   | Noticed Gealluifoe's ghost (legendary DrFi)
168004 | Zig:25   | Noticed Qyuhokk's ghost (veteran MDFE)
168005 | Zig:25   | Reached skill level 22 in Polearms
168005 | Zig:25   | Noticed Jecaful's ghost (legendary NaMo)
168007 | Zig:25   | Noticed Beofaps's ghost (legendary HuCj)
168007 | Zig:25   | Noticed Hahenefa's ghost (legendary DsWn)
168008 | Zig:25   | Killed Piash's ghost
168008 | Zig:25   | Killed Amovulon's ghost
168008 | Zig:25   | Killed Neapotai's ghost
168010 | Zig:25   | Killed Beofaps's ghost
168010 | Zig:25   | Noticed Has Pue's ghost (legendary FoFi)
168023 | Zig:25   | Killed Gealluifoe's ghost
168025 | Zig:25   | Noticed Kyik Kue's ghost (legendary DEFE)
168027 | Zig:25   | Killed Jataj's ghost
168028 | Zig:25   | Killed Has Pue's ghost
168028 | Zig:25   | Killed Jecaful's ghost
168029 | Zig:25   | Reached skill level 24 in Alchemy
168029 | Zig:25   | Killed Zaib's ghost
168030 | Zig:25   | Killed Kyik Kue's ghost
168030 | Zig:25   | Killed Jecaful's ghost
168031 | Zig:25   | Reached skill level 26 in Maces & Flails
168037 | Zig:25   | Killed Hahenefa's ghost
168038 | Zig:25   | Killed Qyuhokk's ghost
168348 | Zig:25   | Identified the +4 morningstar of Darkness {heavy, rF++
                  | Will+}
168354 | Zig:25   | Identified the staff "Ishes" {rN+ MP+9 Necro}
168365 | Zig:25   | Identified the +7 great mace of Sandy Indomitability
                  | {venom, rElec rCorr}
168366 | Zig:25   | Identified the +7 falchion "Reble" {flame, Dex+5}
168370 | Zig:25   | Identified the +1 scimitar of Meito {heavy, rC+ Int+3}
168473 | Zig:26   | Entered Level 26 of a ziggurat
168489 | Zig:26   | Noticed a dread lich
168492 | Zig:26   | Noticed an ancient lich
168493 | Zig:26   | Noticed an ancient lich
168493 | Zig:26   | Noticed a dread lich
168495 | Zig:26   | Noticed a dread lich
168496 | Zig:26   | Noticed an ancient lich
168496 | Zig:26   | Noticed an ancient lich
168498 | Zig:26   | Killed an ancient lich
168499 | Zig:26   | Noticed a dread lich
168499 | Zig:26   | Noticed a dread lich
168499 | Zig:26   | Noticed a dread lich
168499 | Zig:26   | Killed a dread lich
168500 | Zig:26   | Noticed a dread lich
168500 | Zig:26   | Noticed an ancient lich
168500 | Zig:26   | Noticed an ancient lich
168500 | Zig:26   | Noticed an ancient lich
168500 | Zig:26   | Noticed a dread lich
168500 | Zig:26   | Killed a dread lich
168500 | Zig:26   | Killed an ancient lich
168501 | Zig:26   | Killed a dread lich
168501 | Zig:26   | Killed a dread lich
168501 | Zig:26   | Killed a dread lich
168501 | Zig:26   | Killed an ancient lich
168501 | Zig:26   | Killed a dread lich
168501 | Zig:26   | Killed an ancient lich
168501 | Zig:26   | Noticed a dread lich
168502 | Zig:26   | Reached skill level 25 in Ranged Weapons
168502 | Zig:26   | Reached skill level 23 in Hexes
168502 | Zig:26   | Reached skill level 27 in Necromancy
168502 | Zig:26   | Noticed an ancient lich
168502 | Zig:26   | Noticed a dread lich
168502 | Zig:26   | Noticed an ancient lich
168502 | Zig:26   | Noticed a dread lich
168502 | Zig:26   | Killed a dread lich
168502 | Zig:26   | Killed an ancient lich
168502 | Zig:26   | Noticed a dread lich
168503 | Zig:26   | Noticed a dread lich
168503 | Zig:26   | Noticed a dread lich
168503 | Zig:26   | Noticed a dread lich
168503 | Zig:26   | Noticed a dread lich
168503 | Zig:26   | Noticed a dread lich
168503 | Zig:26   | Noticed an ancient lich
168503 | Zig:26   | Noticed an ancient lich
168504 | Zig:26   | Reached skill level 25 in Staves
168504 | Zig:26   | Reached skill level 25 in Summonings
168504 | Zig:26   | Noticed a dread lich
168504 | Zig:26   | Noticed an ancient lich
168504 | Zig:26   | Killed a dread lich
168504 | Zig:26   | Killed an ancient lich
168505 | Zig:26   | Killed an ancient lich
168505 | Zig:26   | Killed a dread lich
168505 | Zig:26   | Killed a dread lich
168505 | Zig:26   | Killed a dread lich
168505 | Zig:26   | Killed an ancient lich
168506 | Zig:26   | Noticed an ancient lich
168506 | Zig:26   | Noticed a dread lich
168506 | Zig:26   | Noticed an ancient lich
168506 | Zig:26   | Noticed a dread lich
168506 | Zig:26   | Noticed an ancient lich
168506 | Zig:26   | Killed an ancient lich
168507 | Zig:26   | Noticed an ancient lich
168507 | Zig:26   | Noticed a dread lich
168507 | Zig:26   | Killed an ancient lich
168508 | Zig:26   | Killed an ancient lich
168508 | Zig:26   | Killed an ancient lich
168508 | Zig:26   | Killed a dread lich
168508 | Zig:26   | Killed a dread lich
168508 | Zig:26   | Killed an ancient lich
168508 | Zig:26   | Killed a dread lich
168508 | Zig:26   | Killed a dread lich
168508 | Zig:26   | Killed an ancient lich
168508 | Zig:26   | Killed a dread lich
168508 | Zig:26   | Killed an ancient lich
168508 | Zig:26   | Killed a dread lich
168508 | Zig:26   | Killed a dread lich
168508 | Zig:26   | Killed a dread lich
168509 | Zig:26   | Reached skill level 23 in Polearms
168509 | Zig:26   | Reached skill level 26 in Ranged Weapons
168509 | Zig:26   | Killed a dread lich
168509 | Zig:26   | Killed an ancient lich
168509 | Zig:26   | Killed a dread lich
168510 | Zig:26   | Reached skill level 25 in Alchemy
168510 | Zig:26   | Noticed an ancient lich
168510 | Zig:26   | Noticed a dread lich
168514 | Zig:26   | Killed a dread lich
168514 | Zig:26   | Killed an ancient lich
168515 | Zig:26   | Reached skill level 27 in Maces & Flails
168515 | Zig:26   | Found the +3 robe of Clouds {*Thunder rCloud rElec}
168939 | Zig:26   | Identified the +3 short sword of Giucuerch {flame, *Noise
                  | rN+++ MP+9 Int-4}
168953 | Zig:26   | Identified the +2 spear of Diusytz {flame, rCorr Int+3}
168966 | Zig:26   | Identified the staff "Worm's Wrath" {*Slow rPois Will+
                  | Str+4 Int+3 Alchemy}
168973 | Zig:26   | Identified the ring of Varituyza {rF+ Slay+6}
168975 | Zig:26   | Identified the +4 rapier of the Bear {antimagic, rF++}
169074 | Zig:26   | Acquired 880 gold pieces
169075 | Zig:26   | Acquired 599 gold pieces
169076 | Zig:26   | Acquired 816 gold pieces
169085 | Zig:27   | Entered Level 27 of a ziggurat
169094 | Zig:27   | Noticed a royal mummy
169094 | Zig:27   | Noticed a royal mummy
169096 | Zig:27   | Noticed a royal mummy
169097 | Zig:27   | Noticed a royal mummy
169097 | Zig:27   | Noticed a royal mummy
169098 | Zig:27   | Noticed a royal mummy
169099 | Zig:27   | Noticed a royal mummy
169099 | Zig:27   | Noticed a royal mummy
169099 | Zig:27   | Noticed a royal mummy
169099 | Zig:27   | Noticed a royal mummy
169100 | Zig:27   | Killed a royal mummy
169100 | Zig:27   | Killed a royal mummy
169100 | Zig:27   | Killed a royal mummy
169100 | Zig:27   | Killed a royal mummy
169100 | Zig:27   | Killed a royal mummy
169101 | Zig:27   | Reached skill level 27 in Ranged Weapons
169101 | Zig:27   | Noticed a royal mummy
169101 | Zig:27   | Noticed a royal mummy
169101 | Zig:27   | Noticed a royal mummy
169101 | Zig:27   | Noticed a royal mummy
169101 | Zig:27   | Noticed a royal mummy
169102 | Zig:27   | Noticed a royal mummy
169102 | Zig:27   | Killed a royal mummy
169102 | Zig:27   | Noticed a royal mummy
169102 | Zig:27   | Noticed a royal mummy
169103 | Zig:27   | Killed a royal mummy
169103 | Zig:27   | Killed a royal mummy
169103 | Zig:27   | Killed a royal mummy
169103 | Zig:27   | Killed a royal mummy
169103 | Zig:27   | Killed a royal mummy
169103 | Zig:27   | Killed a royal mummy
169103 | Zig:27   | Noticed a royal mummy
169103 | Zig:27   | Noticed a royal mummy
169104 | Zig:27   | Reached skill level 24 in Polearms
169104 | Zig:27   | Reached skill level 26 in Staves
169104 | Zig:27   | Reached skill level 24 in Hexes
169104 | Zig:27   | Reached skill level 26 in Summonings
169104 | Zig:27   | Noticed a royal mummy
169104 | Zig:27   | Killed a royal mummy
169104 | Zig:27   | Noticed a royal mummy
169104 | Zig:27   | Killed a royal mummy
169104 | Zig:27   | Noticed a royal mummy
169104 | Zig:27   | Noticed a royal mummy
169106 | Zig:27   | Noticed a royal mummy
169106 | Zig:27   | Noticed a royal mummy
169107 | Zig:27   | Killed a royal mummy
169107 | Zig:27   | Killed a royal mummy
169107 | Zig:27   | Killed a royal mummy
169107 | Zig:27   | Killed a royal mummy
169107 | Zig:27   | Killed a royal mummy
169107 | Zig:27   | Killed a royal mummy
169107 | Zig:27   | Killed a royal mummy
169107 | Zig:27   | Killed a royal mummy
169107 | Zig:27   | Killed a royal mummy
169107 | Zig:27   | Noticed a royal mummy
169107 | Zig:27   | Noticed a royal mummy
169107 | Zig:27   | Noticed a royal mummy
169108 | Zig:27   | Killed a royal mummy
169109 | Zig:27   | Noticed a royal mummy
169109 | Zig:27   | Noticed a royal mummy
169109 | Zig:27   | Noticed a royal mummy
169109 | Zig:27   | Noticed a royal mummy
169110 | Zig:27   | Noticed a royal mummy
169110 | Zig:27   | Noticed a royal mummy
169110 | Zig:27   | Noticed a royal mummy
169111 | Zig:27   | Killed a royal mummy
169111 | Zig:27   | Killed a royal mummy
169111 | Zig:27   | Killed a royal mummy
169111 | Zig:27   | Noticed a royal mummy
169112 | Zig:27   | Noticed a royal mummy
169112 | Zig:27   | Killed a royal mummy
169112 | Zig:27   | Killed a royal mummy
169113 | Zig:27   | Noticed a royal mummy
169113 | Zig:27   | Noticed a royal mummy
169113 | Zig:27   | Noticed a royal mummy
169113 | Zig:27   | Killed a royal mummy
169113 | Zig:27   | Killed a royal mummy
169113 | Zig:27   | Noticed a royal mummy
169114 | Zig:27   | Killed a royal mummy
169114 | Zig:27   | Killed a royal mummy
169114 | Zig:27   | Killed a royal mummy
169114 | Zig:27   | Killed a royal mummy
169114 | Zig:27   | Killed a royal mummy
169115 | Zig:27   | Reached skill level 25 in Polearms
169115 | Zig:27   | Killed a royal mummy
169115 | Zig:27   | Killed a royal mummy
169115 | Zig:27   | Noticed a royal mummy
169115 | Zig:27   | Noticed a royal mummy
169116 | Zig:27   | Killed a royal mummy
169116 | Zig:27   | Killed a royal mummy
169116 | Zig:27   | Killed a royal mummy
169116 | Zig:27   | Killed a royal mummy
169116 | Zig:27   | Killed a royal mummy
169116 | Zig:27   | Noticed a royal mummy
169116 | Zig:27   | Noticed a royal mummy
169117 | Zig:27   | Reached skill level 26 in Alchemy
169117 | Zig:27   | Noticed a royal mummy
169117 | Zig:27   | Noticed a royal mummy
169117 | Zig:27   | Noticed a royal mummy
169118 | Zig:27   | Noticed a royal mummy
169118 | Zig:27   | Noticed a royal mummy
169119 | Zig:27   | Killed a royal mummy
169119 | Zig:27   | Killed a royal mummy
169119 | Zig:27   | Killed a royal mummy
169119 | Zig:27   | Killed a royal mummy
169119 | Zig:27   | Killed a royal mummy
169119 | Zig:27   | Noticed a royal mummy
169119 | Zig:27   | Noticed a royal mummy
169120 | Zig:27   | Killed a royal mummy
169120 | Zig:27   | Noticed a royal mummy
169120 | Zig:27   | Noticed a royal mummy
169121 | Zig:27   | Noticed a royal mummy
169121 | Zig:27   | Killed a royal mummy
169121 | Zig:27   | Killed a royal mummy
169121 | Zig:27   | Killed a royal mummy
169121 | Zig:27   | Killed a royal mummy
169121 | Zig:27   | Killed a royal mummy
169122 | Zig:27   | Noticed a royal mummy
169122 | Zig:27   | Noticed a royal mummy
169122 | Zig:27   | Noticed a royal mummy
169122 | Zig:27   | Noticed a royal mummy
169122 | Zig:27   | Noticed a royal mummy
169123 | Zig:27   | Killed a royal mummy
169123 | Zig:27   | Killed a royal mummy
169124 | Zig:27   | Noticed a royal mummy
169124 | Zig:27   | Noticed a royal mummy
169124 | Zig:27   | Noticed a royal mummy
169124 | Zig:27   | Killed a royal mummy
169124 | Zig:27   | Killed a royal mummy
169125 | Zig:27   | Killed a royal mummy
169125 | Zig:27   | Killed a royal mummy
169125 | Zig:27   | Killed a royal mummy
169125 | Zig:27   | Killed a royal mummy
169125 | Zig:27   | Killed a royal mummy
169125 | Zig:27   | Killed a royal mummy
169125 | Zig:27   | Killed a royal mummy
169126 | Zig:27   | Noticed a royal mummy
169126 | Zig:27   | Noticed a royal mummy
169126 | Zig:27   | Noticed a royal mummy
169127 | Zig:27   | Noticed a royal mummy
169127 | Zig:27   | Noticed a royal mummy
169127 | Zig:27   | Noticed a royal mummy
169127 | Zig:27   | Noticed a royal mummy
169128 | Zig:27   | Noticed a royal mummy
169128 | Zig:27   | Noticed a royal mummy
169129 | Zig:27   | Killed a royal mummy
169129 | Zig:27   | Killed a royal mummy
169129 | Zig:27   | Killed a royal mummy
169129 | Zig:27   | Killed a royal mummy
169129 | Zig:27   | Killed a royal mummy
169129 | Zig:27   | Killed a royal mummy
169129 | Zig:27   | Killed a royal mummy
169129 | Zig:27   | Killed a royal mummy
169130 | Zig:27   | Reached skill level 27 in Staves
169130 | Zig:27   | Reached skill level 25 in Hexes
169130 | Zig:27   | Reached skill level 27 in Summonings
169130 | Zig:27   | Killed a royal mummy
169130 | Zig:27   | Noticed a royal mummy
169132 | Zig:27   | Noticed a royal mummy
169133 | Zig:27   | Noticed a royal mummy
169133 | Zig:27   | Noticed a royal mummy
169134 | Zig:27   | Killed a royal mummy
169134 | Zig:27   | Killed a royal mummy
169134 | Zig:27   | Killed a royal mummy
169135 | Zig:27   | Reached skill level 26 in Polearms
169135 | Zig:27   | Killed a royal mummy
169137 | Zig:27   | Noticed a royal mummy
169139 | Zig:27   | Found the +11 Singing Sword {sonic wave}
169140 | Zig:27   | Killed a royal mummy
169143 | Zig:27   | Killed a royal mummy
169227 | Zig:27   | Found the +0 mask of the Dragon {Will+ Slay+3 SInv}
169238 | Zig:27   | Identified the +4 rapier "Onkeonoe" {vamp, +Blink Dex+3}
169253 | Zig:27   | Identified the +5 arbalest of Inquiry {drain, Will+}
169266 | Zig:27   | Identified the +5 great sword of Parts Unknown {venom,
                  | rPois}
169277 | Zig:27   | Identified the +6 morningstar of Nitsox {protect, Int+3
                  | Dex+5}
169278 | Zig:27   | Identified the +4 scale mail of the Equinox {rC++}
169840 | Zig:27   | Identified the staff of Reshra {^Fragile rElec Str-4 Int+9
                  | Hexes Air}
169975 | Depths:4 | Bought the +0 pair of gloves "Eproalae" {+Inv Int+5 Dex+3}
                  | for 741 gold pieces
169987 | Depths:4 | Bought a crystal plate armour for 2720 gold pieces
169987 | Depths:4 | Identified a +0 crystal plate armour (You bought it in a
                  | shop on level 4 of the Depths)
169998 | Depths:4 | Upgraded the game from 0.32-a0-791-gfc315c9ecd to
                  | 0.32-a0-814-g0968bab981
170103 | Zig:1    | Entered Level 1 of a ziggurat
170103 | Zig:1    | Noticed a caustic shrike
170106 | Zig:1    | Killed a caustic shrike
170182 | Zig:2    | Entered Level 2 of a ziggurat
170182 | Zig:2    | Noticed an ancient lich
170182 | Zig:2    | Noticed a curse skull
170183 | Zig:2    | Noticed a dread lich
170184 | Zig:2    | Noticed a curse skull
170184 | Zig:2    | Noticed an ancient lich
170185 | Zig:2    | Killed a dread lich
170188 | Zig:2    | Killed a curse skull
170188 | Zig:2    | Killed a curse skull
170188 | Zig:2    | Killed an ancient lich
170191 | Zig:2    | Killed an ancient lich
170302 | Zig:3    | Entered Level 3 of a ziggurat
170302 | Zig:3    | Noticed a dread lich
170302 | Zig:3    | Noticed a curse skull
170302 | Zig:3    | Noticed an ancient lich
170302 | Zig:3    | Noticed a dread lich
170302 | Zig:3    | Noticed a curse skull
170302 | Zig:3    | Noticed a dread lich
170303 | Zig:3    | Noticed an ancient lich
170303 | Zig:3    | Noticed a dread lich
170303 | Zig:3    | Noticed an ancient lich
170304 | Zig:3    | Killed an ancient lich
170304 | Zig:3    | Killed a dread lich
170304 | Zig:3    | Killed an ancient lich
170304 | Zig:3    | Killed a curse skull
170305 | Zig:3    | Reached skill level 27 in Alchemy
170306 | Zig:3    | Noticed a curse skull
170307 | Zig:3    | Killed a dread lich
170307 | Zig:3    | Killed a dread lich
170308 | Zig:3    | Killed a curse skull
170309 | Zig:3    | Killed a curse skull
170309 | Zig:3    | Killed an ancient lich
170310 | Zig:3    | Killed a dread lich
170434 | Zig:4    | Entered Level 4 of a ziggurat
170434 | Zig:4    | Noticed a dread lich
170434 | Zig:4    | Noticed a dread lich
170434 | Zig:4    | Noticed an ancient lich
170434 | Zig:4    | Noticed an ancient lich
170434 | Zig:4    | Noticed a curse skull
170434 | Zig:4    | Noticed an ancient lich
170434 | Zig:4    | Noticed a curse skull
170434 | Zig:4    | Noticed a curse skull
170434 | Zig:4    | Noticed a curse skull
170435 | Zig:4    | Noticed a dread lich
170436 | Zig:4    | Noticed a dread lich
170436 | Zig:4    | Killed a dread lich
170436 | Zig:4    | Killed a curse skull
170436 | Zig:4    | Killed an ancient lich
170436 | Zig:4    | Killed an ancient lich
170436 | Zig:4    | Noticed a curse skull
170437 | Zig:4    | Reached skill level 27 in Polearms
170437 | Zig:4    | Reached skill level 26 in Hexes
170437 | Zig:4    | Killed a curse skull
170437 | Zig:4    | Killed a dread lich
170439 | Zig:4    | Noticed a curse skull
170439 | Zig:4    | Killed a curse skull
170439 | Zig:4    | Killed an ancient lich
170439 | Zig:4    | Killed a dread lich
170440 | Zig:4    | Killed a curse skull
170441 | Zig:4    | Killed a dread lich
170441 | Zig:4    | Killed a curse skull
170442 | Zig:4    | Killed a curse skull
170623 | Zig:5    | Entered Level 5 of a ziggurat
170623 | Zig:5    | Noticed a dread lich
170623 | Zig:5    | Noticed an ancient lich
170623 | Zig:5    | Noticed an ancient lich
170623 | Zig:5    | Noticed an ancient lich
170623 | Zig:5    | Noticed an ancient lich
170625 | Zig:5    | Noticed an ancient lich
170625 | Zig:5    | Noticed an ancient lich
170626 | Zig:5    | Killed an ancient lich
170626 | Zig:5    | Killed an ancient lich
170626 | Zig:5    | Killed an ancient lich
170626 | Zig:5    | Killed a dread lich
170626 | Zig:5    | Killed an ancient lich
170626 | Zig:5    | Noticed an ancient lich
170627 | Zig:5    | Reached skill level 27 in Hexes
170628 | Zig:5    | Noticed an ancient lich
170628 | Zig:5    | Killed an ancient lich
170629 | Zig:5    | Noticed an ancient lich
170630 | Zig:5    | Killed an ancient lich
170631 | Zig:5    | Killed an ancient lich
170632 | Zig:5    | Killed an ancient lich
170632 | Zig:5    | Killed an ancient lich
170782 | Zig:5    | Identified the ring "Xuvval" {rElec Dex+6 SInv Stlth+}
170788 | Zig:5    | Identified the +8 morningstar of Ikutiuq {flame, rPois
                  | Dex+3}
170860 | Zig:6    | Entered Level 6 of a ziggurat
170860 | Zig:6    | Noticed a curse skull
170860 | Zig:6    | Noticed a curse skull
170860 | Zig:6    | Noticed a dread lich
170860 | Zig:6    | Noticed a curse skull
170861 | Zig:6    | Noticed a curse skull
170861 | Zig:6    | Noticed a dread lich
170862 | Zig:6    | Noticed an ancient lich
170862 | Zig:6    | Killed a dread lich
170862 | Zig:6    | Noticed a dread lich
170862 | Zig:6    | Noticed an ancient lich
170862 | Zig:6    | Noticed a curse skull
170863 | Zig:6    | Noticed a dread lich
170863 | Zig:6    | Noticed a dread lich
170864 | Zig:6    | Noticed a curse skull
170864 | Zig:6    | Noticed a curse skull
170864 | Zig:6    | Noticed a curse skull
170865 | Zig:6    | Noticed a dread lich
170865 | Zig:6    | Noticed an ancient lich
170865 | Zig:6    | Noticed a dread lich
170865 | Zig:6    | Noticed a curse skull
170865 | Zig:6    | Noticed an ancient lich
170865 | Zig:6    | Killed a curse skull
170865 | Zig:6    | Killed a curse skull
170866 | Zig:6    | Noticed a dread lich
170866 | Zig:6    | Noticed a curse skull
170866 | Zig:6    | Killed a curse skull
170866 | Zig:6    | Killed an ancient lich
170866 | Zig:6    | Killed a curse skull
170867 | Zig:6    | Killed a dread lich
170867 | Zig:6    | Killed an ancient lich
170867 | Zig:6    | Killed a dread lich
170867 | Zig:6    | Killed a dread lich
170867 | Zig:6    | Killed a dread lich
170868 | Zig:6    | Killed a curse skull
170868 | Zig:6    | Killed a curse skull
170868 | Zig:6    | Killed a curse skull
170868 | Zig:6    | Killed a dread lich
170868 | Zig:6    | Killed a curse skull
170868 | Zig:6    | Killed an ancient lich
170868 | Zig:6    | Killed an ancient lich
170868 | Zig:6    | Killed a dread lich
170868 | Zig:6    | Killed a dread lich
170871 | Zig:6    | Killed a curse skull
170872 | Zig:6    | Killed a curse skull
171060 | Zig:6    | Identified the +6 mace of the Spinneret {vamp, Str+2
                  | Stlth+}
171103 | Zig:7    | Entered Level 7 of a ziggurat
171103 | Zig:7    | Noticed a royal mummy
171103 | Zig:7    | Noticed a royal mummy
171103 | Zig:7    | Noticed a royal mummy
171103 | Zig:7    | Noticed a royal mummy
171103 | Zig:7    | Noticed a royal mummy
171103 | Zig:7    | Noticed a royal mummy
171103 | Zig:7    | Noticed a royal mummy
171103 | Zig:7    | Noticed a royal mummy
171103 | Zig:7    | Noticed a royal mummy
171104 | Zig:7    | Killed a royal mummy
171104 | Zig:7    | Killed a royal mummy
171104 | Zig:7    | Killed a royal mummy
171104 | Zig:7    | Killed a royal mummy
171104 | Zig:7    | Killed a royal mummy
171104 | Zig:7    | Killed a royal mummy
171105 | Zig:7    | Killed a royal mummy
171105 | Zig:7    | Killed a royal mummy
171106 | Zig:7    | Noticed a royal mummy
171106 | Zig:7    | Noticed a royal mummy
171106 | Zig:7    | Noticed a royal mummy
171106 | Zig:7    | Killed a royal mummy
171106 | Zig:7    | Noticed a royal mummy
171107 | Zig:7    | Noticed a royal mummy
171108 | Zig:7    | Noticed a royal mummy
171109 | Zig:7    | Killed a royal mummy
171109 | Zig:7    | Killed a royal mummy
171109 | Zig:7    | Noticed a royal mummy
171110 | Zig:7    | Killed a royal mummy
171110 | Zig:7    | Killed a royal mummy
171111 | Zig:7    | Killed a royal mummy
171112 | Zig:7    | Killed a royal mummy
171114 | Zig:7    | Noticed a royal mummy
171116 | Zig:7    | Killed a royal mummy
171116 | Zig:7    | Killed a royal mummy
171275 | Zig:7    | Identified the ring "Duobeol" {rC+ rN+ rCorr}
171277 | Zig:7    | Identified the staff of Extoidur {Str+3 Earth}
171281 | Zig:7    | Identified the +2 battleaxe "Rilud" {holy, rN+ Will+}
171439 | Zig:8    | Entered Level 8 of a ziggurat
171653 | Zig:8    | Identified the +5 broad axe of Evisceration {freeze, rF+
                  | Will- Dex+8}
171667 | Zig:9    | Entered Level 9 of a ziggurat
171679 | Zig:9    | Found the +13 sword of the Doom Knight {doom -Cast ^Drain
                  | Will+}
171848 | Zig:9    | Identified the +2 orcbow of Koimer {flame, *Corrode Int+4
                  | Dex+3}
172085 | Zig:10   | Entered Level 10 of a ziggurat
172382 | Zig:11   | Entered Level 11 of a ziggurat
172487 | Zig:11   | Identified the staff "Niss" {^Fragile Conj Hexes Tloc Ice}
172726 | Zig:12   | Entered Level 12 of a ziggurat
173041 | Zig:12   | Identified the +1 dagger "Gynaeher" {spect, Int+3}
173091 | Zig:13   | Entered Level 13 of a ziggurat
173091 | Zig:13   | Noticed an orb of fire
173091 | Zig:13   | Noticed an orb of fire
173091 | Zig:13   | Noticed an orb of fire
173091 | Zig:13   | Noticed an orb of fire
173091 | Zig:13   | Noticed an orb of fire
173094 | Zig:13   | Noticed an orb of fire
173095 | Zig:13   | Noticed an orb of fire
173095 | Zig:13   | Noticed an orb of fire
173095 | Zig:13   | Noticed an orb of fire
173095 | Zig:13   | Noticed an orb of fire
173095 | Zig:13   | Noticed an orb of fire
173095 | Zig:13   | Noticed an orb of fire
173096 | Zig:13   | Noticed an orb of fire
173096 | Zig:13   | Noticed an orb of fire
173097 | Zig:13   | Killed an orb of fire
173097 | Zig:13   | Killed an orb of fire
173097 | Zig:13   | Killed an orb of fire
173097 | Zig:13   | Killed an orb of fire
173097 | Zig:13   | Noticed an orb of fire
173097 | Zig:13   | Noticed an orb of fire
173097 | Zig:13   | Killed an orb of fire
173098 | Zig:13   | Noticed an orb of fire
173098 | Zig:13   | Killed an orb of fire
173098 | Zig:13   | Killed an orb of fire
173098 | Zig:13   | Noticed an orb of fire
173099 | Zig:13   | Noticed an orb of fire
173099 | Zig:13   | Noticed an orb of fire
173099 | Zig:13   | Noticed an orb of fire
173099 | Zig:13   | Noticed an orb of fire
173099 | Zig:13   | Noticed an orb of fire
173099 | Zig:13   | Noticed an orb of fire
173100 | Zig:13   | Noticed an orb of fire
173100 | Zig:13   | Killed an orb of fire
173100 | Zig:13   | Killed an orb of fire
173100 | Zig:13   | Killed an orb of fire
173100 | Zig:13   | Killed an orb of fire
173100 | Zig:13   | Noticed an orb of fire
173100 | Zig:13   | Noticed an orb of fire
173101 | Zig:13   | Killed an orb of fire
173101 | Zig:13   | Killed an orb of fire
173102 | Zig:13   | Noticed an orb of fire
173103 | Zig:13   | Noticed an orb of fire
173104 | Zig:13   | Killed an orb of fire
173104 | Zig:13   | Killed an orb of fire
173105 | Zig:13   | Noticed an orb of fire
173105 | Zig:13   | Killed an orb of fire
173105 | Zig:13   | Killed an orb of fire
173105 | Zig:13   | Killed an orb of fire
173105 | Zig:13   | Killed an orb of fire
173105 | Zig:13   | Killed an orb of fire
173105 | Zig:13   | Killed an orb of fire
173105 | Zig:13   | Killed an orb of fire
173105 | Zig:13   | Killed an orb of fire
173105 | Zig:13   | Noticed an orb of fire
173106 | Zig:13   | Killed an orb of fire
173106 | Zig:13   | Killed an orb of fire
173106 | Zig:13   | Killed an orb of fire
173106 | Zig:13   | Killed an orb of fire
173106 | Zig:13   | Killed an orb of fire
173109 | Zig:13   | Noticed an orb of fire
173110 | Zig:13   | Noticed an orb of fire
173110 | Zig:13   | Noticed an orb of fire
173110 | Zig:13   | Noticed an orb of fire
173111 | Zig:13   | Killed an orb of fire
173112 | Zig:13   | Noticed an orb of fire
173112 | Zig:13   | Noticed an orb of fire
173113 | Zig:13   | Killed an orb of fire
173113 | Zig:13   | Killed an orb of fire
173115 | Zig:13   | Noticed an orb of fire
173117 | Zig:13   | Killed an orb of fire
173117 | Zig:13   | Killed an orb of fire
173117 | Zig:13   | Killed an orb of fire
173118 | Zig:13   | Killed an orb of fire
173118 | Zig:13   | Killed an orb of fire
173119 | Zig:13   | Killed an orb of fire
173120 | Zig:13   | Killed an orb of fire
173279 | Zig:13   | Identified the +1 halberd of the Warrior-Mage {freeze,
                  | *Slow rElec rPois Stlth+}
173288 | Zig:13   | Identified the +9 mace of Cungiaro {freeze, rF- Int+8}
173432 | Zig:14   | Entered Level 14 of a ziggurat
173432 | Zig:14   | Noticed a caustic shrike
173432 | Zig:14   | Noticed a caustic shrike
173432 | Zig:14   | Noticed a caustic shrike
173432 | Zig:14   | Noticed a caustic shrike
173432 | Zig:14   | Noticed a caustic shrike
173432 | Zig:14   | Noticed a caustic shrike
173432 | Zig:14   | Noticed a caustic shrike
173432 | Zig:14   | Noticed a caustic shrike
173432 | Zig:14   | Noticed a caustic shrike
173432 | Zig:14   | Noticed a caustic shrike
173432 | Zig:14   | Noticed a caustic shrike
173432 | Zig:14   | Noticed a caustic shrike
173432 | Zig:14   | Noticed a caustic shrike
173432 | Zig:14   | Noticed a caustic shrike
173433 | Zig:14   | Killed a caustic shrike
173433 | Zig:14   | Killed a caustic shrike
173433 | Zig:14   | Killed a caustic shrike
173433 | Zig:14   | Killed a caustic shrike
173433 | Zig:14   | Killed a caustic shrike
173433 | Zig:14   | Killed a caustic shrike
173433 | Zig:14   | Killed a caustic shrike
173433 | Zig:14   | Killed a caustic shrike
173433 | Zig:14   | Killed a caustic shrike
173433 | Zig:14   | Noticed a caustic shrike
173435 | Zig:14   | Noticed a caustic shrike
173435 | Zig:14   | Noticed a caustic shrike
173435 | Zig:14   | Noticed a caustic shrike
173435 | Zig:14   | Noticed a caustic shrike
173436 | Zig:14   | Noticed a caustic shrike
173436 | Zig:14   | Noticed a caustic shrike
173436 | Zig:14   | Killed a caustic shrike
173436 | Zig:14   | Noticed a caustic shrike
173436 | Zig:14   | Noticed a caustic shrike
173437 | Zig:14   | Noticed a caustic shrike
173437 | Zig:14   | Noticed a caustic shrike
173437 | Zig:14   | Killed a caustic shrike
173437 | Zig:14   | Killed a caustic shrike
173438 | Zig:14   | Killed a caustic shrike
173438 | Zig:14   | Killed a caustic shrike
173438 | Zig:14   | Killed a caustic shrike
173438 | Zig:14   | Killed a caustic shrike
173438 | Zig:14   | Killed a caustic shrike
173438 | Zig:14   | Killed a caustic shrike
173438 | Zig:14   | Killed a caustic shrike
173438 | Zig:14   | Killed a caustic shrike
173438 | Zig:14   | Killed a caustic shrike
173438 | Zig:14   | Killed a caustic shrike
173438 | Zig:14   | Killed a caustic shrike
173438 | Zig:14   | Killed a caustic shrike
173438 | Zig:14   | Noticed a caustic shrike
173438 | Zig:14   | Noticed a caustic shrike
173439 | Zig:14   | Noticed a caustic shrike
173439 | Zig:14   | Noticed a caustic shrike
173440 | Zig:14   | Noticed a caustic shrike
173440 | Zig:14   | Noticed a caustic shrike
173440 | Zig:14   | Noticed a caustic shrike
173440 | Zig:14   | Noticed a caustic shrike
173441 | Zig:14   | Noticed a caustic shrike
173442 | Zig:14   | Noticed a caustic shrike
173442 | Zig:14   | Killed a caustic shrike
173442 | Zig:14   | Killed a caustic shrike
173442 | Zig:14   | Killed a caustic shrike
173442 | Zig:14   | Killed a caustic shrike
173442 | Zig:14   | Killed a caustic shrike
173442 | Zig:14   | Killed a caustic shrike
173442 | Zig:14   | Killed a caustic shrike
173442 | Zig:14   | Noticed a caustic shrike
173445 | Zig:14   | Killed a caustic shrike
173445 | Zig:14   | Killed a caustic shrike
173446 | Zig:14   | Found the ring of the Hare {EV+10}
173450 | Zig:14   | Killed a caustic shrike
173452 | Zig:14   | Killed a caustic shrike
173452 | Zig:14   | Killed a caustic shrike
173802 | Zig:14   | Identified the +10 arbalest "Ygedan" {speed, rCorr MP+9
                  | Str+2 Stlth-}
173812 | Zig:14   | Identified the +1 great sword "Miekko" {holy, rF+}
173867 | Zig:15   | Entered Level 15 of a ziggurat
173867 | Zig:15   | Noticed a caustic shrike
173867 | Zig:15   | Noticed a caustic shrike
173867 | Zig:15   | Noticed a caustic shrike
173867 | Zig:15   | Noticed a caustic shrike
173867 | Zig:15   | Noticed a caustic shrike
173867 | Zig:15   | Noticed a caustic shrike
173867 | Zig:15   | Noticed a caustic shrike
173867 | Zig:15   | Noticed a caustic shrike
173867 | Zig:15   | Noticed a caustic shrike
173867 | Zig:15   | Noticed a caustic shrike
173868 | Zig:15   | Killed a caustic shrike
173868 | Zig:15   | Killed a caustic shrike
173868 | Zig:15   | Killed a caustic shrike
173868 | Zig:15   | Killed a caustic shrike
173868 | Zig:15   | Killed a caustic shrike
173869 | Zig:15   | Noticed a caustic shrike
173869 | Zig:15   | Noticed a caustic shrike
173870 | Zig:15   | Noticed a caustic shrike
173870 | Zig:15   | Noticed a caustic shrike
173871 | Zig:15   | Noticed a caustic shrike
173872 | Zig:15   | Noticed a caustic shrike
173872 | Zig:15   | Noticed a caustic shrike
173872 | Zig:15   | Noticed a caustic shrike
173872 | Zig:15   | Noticed a caustic shrike
173872 | Zig:15   | Noticed a caustic shrike
173872 | Zig:15   | Killed a caustic shrike
173872 | Zig:15   | Killed a caustic shrike
173873 | Zig:15   | Noticed a caustic shrike
173873 | Zig:15   | Noticed a caustic shrike
173873 | Zig:15   | Killed a caustic shrike
173873 | Zig:15   | Killed a caustic shrike
173873 | Zig:15   | Killed a caustic shrike
173874 | Zig:15   | Noticed a caustic shrike
173874 | Zig:15   | Killed a caustic shrike
173874 | Zig:15   | Killed a caustic shrike
173874 | Zig:15   | Killed a caustic shrike
173874 | Zig:15   | Killed a caustic shrike
173874 | Zig:15   | Killed a caustic shrike
173874 | Zig:15   | Killed a caustic shrike
173874 | Zig:15   | Killed a caustic shrike
173874 | Zig:15   | Killed a caustic shrike
173874 | Zig:15   | Killed a caustic shrike
173874 | Zig:15   | Noticed a caustic shrike
173875 | Zig:15   | Noticed a caustic shrike
173875 | Zig:15   | Noticed a caustic shrike
173875 | Zig:15   | Killed a caustic shrike
173875 | Zig:15   | Killed a caustic shrike
173875 | Zig:15   | Noticed a caustic shrike
173875 | Zig:15   | Noticed a caustic shrike
173876 | Zig:15   | Noticed a caustic shrike
173876 | Zig:15   | Noticed a caustic shrike
173876 | Zig:15   | Noticed a caustic shrike
173877 | Zig:15   | Noticed a caustic shrike
173877 | Zig:15   | Noticed a caustic shrike
173878 | Zig:15   | Noticed a caustic shrike
173879 | Zig:15   | Noticed a caustic shrike
173879 | Zig:15   | Killed a caustic shrike
173879 | Zig:15   | Killed a caustic shrike
173879 | Zig:15   | Killed a caustic shrike
173879 | Zig:15   | Killed a caustic shrike
173879 | Zig:15   | Killed a caustic shrike
173879 | Zig:15   | Killed a caustic shrike
173880 | Zig:15   | Noticed a caustic shrike
173881 | Zig:15   | Noticed a caustic shrike
173882 | Zig:15   | Killed a caustic shrike
173883 | Zig:15   | Killed a caustic shrike
173883 | Zig:15   | Killed a caustic shrike
173884 | Zig:15   | Killed a caustic shrike
173884 | Zig:15   | Killed a caustic shrike
173884 | Zig:15   | Killed a caustic shrike
173884 | Zig:15   | Killed a caustic shrike
173884 | Zig:15   | Killed a caustic shrike
173884 | Zig:15   | Killed a caustic shrike
173884 | Zig:15   | Killed a caustic shrike
174000 | Zig:15   | Identified the ring "Attuapsi" {rPois Str+6 Dex+3}
174002 | Zig:15   | Identified the staff "Ygustir" {rC+ Str+2 Ice}
174299 | Zig:16   | Entered Level 16 of a ziggurat
174791 | Zig:16   | Identified the +7 hand axe of Lior {vamp, rPois}
174792 | Zig:16   | Identified the +8 sling of the Ten Wars {freeze, rElec rC-
                  | Will- Dex+4}
174794 | Zig:16   | Identified the +4 plate armour of Duclon {Int-3 Dex+7}
174798 | Zig:16   | Identified the +9 rapier "Fyr Cog" {flame, Str+2 Dex+4}
174820 | Zig:16   | Identified the storm talisman "Vaasky" {rF+ Slay+3}
174833 | Zig:16   | Identified a +2 robe of resistance
174834 | Zig:16   | Identified the +0 plate armour of Paukus {Regen+ Stlth+}
174846 | Zig:17   | Entered Level 17 of a ziggurat
174846 | Zig:17   | Noticed a caustic shrike
174846 | Zig:17   | Noticed a caustic shrike
174846 | Zig:17   | Noticed a caustic shrike
174846 | Zig:17   | Noticed a caustic shrike
174846 | Zig:17   | Noticed a caustic shrike
174846 | Zig:17   | Noticed a caustic shrike
174846 | Zig:17   | Noticed a caustic shrike
174846 | Zig:17   | Noticed a caustic shrike
174846 | Zig:17   | Noticed a caustic shrike
174847 | Zig:17   | Killed a caustic shrike
174847 | Zig:17   | Killed a caustic shrike
174847 | Zig:17   | Killed a caustic shrike
174847 | Zig:17   | Killed a caustic shrike
174847 | Zig:17   | Killed a caustic shrike
174847 | Zig:17   | Killed a caustic shrike
174847 | Zig:17   | Killed a caustic shrike
174847 | Zig:17   | Noticed a caustic shrike
174847 | Zig:17   | Noticed a caustic shrike
174847 | Zig:17   | Noticed a caustic shrike
174848 | Zig:17   | Noticed a caustic shrike
174848 | Zig:17   | Noticed a caustic shrike
174848 | Zig:17   | Noticed a caustic shrike
174848 | Zig:17   | Noticed a caustic shrike
174850 | Zig:17   | Noticed a caustic shrike
174850 | Zig:17   | Noticed a caustic shrike
174851 | Zig:17   | Noticed a caustic shrike
174851 | Zig:17   | Noticed a caustic shrike
174851 | Zig:17   | Noticed a caustic shrike
174851 | Zig:17   | Killed a caustic shrike
174852 | Zig:17   | Noticed a caustic shrike
174852 | Zig:17   | Noticed a caustic shrike
174852 | Zig:17   | Noticed a caustic shrike
174852 | Zig:17   | Killed a caustic shrike
174852 | Zig:17   | Killed a caustic shrike
174852 | Zig:17   | Noticed a caustic shrike
174853 | Zig:17   | Noticed a caustic shrike
174853 | Zig:17   | Killed a caustic shrike
174853 | Zig:17   | Killed a caustic shrike
174853 | Zig:17   | Killed a caustic shrike
174853 | Zig:17   | Killed a caustic shrike
174853 | Zig:17   | Killed a caustic shrike
174853 | Zig:17   | Killed a caustic shrike
174853 | Zig:17   | Killed a caustic shrike
174853 | Zig:17   | Killed a caustic shrike
174853 | Zig:17   | Killed a caustic shrike
174853 | Zig:17   | Killed a caustic shrike
174853 | Zig:17   | Killed a caustic shrike
174853 | Zig:17   | Killed a caustic shrike
174853 | Zig:17   | Killed a caustic shrike
174853 | Zig:17   | Noticed a caustic shrike
174853 | Zig:17   | Noticed a caustic shrike
174853 | Zig:17   | Noticed a caustic shrike
174854 | Zig:17   | Noticed a caustic shrike
174854 | Zig:17   | Noticed a caustic shrike
174854 | Zig:17   | Noticed a caustic shrike
174854 | Zig:17   | Noticed a caustic shrike
174854 | Zig:17   | Noticed a caustic shrike
174854 | Zig:17   | Noticed a caustic shrike
174854 | Zig:17   | Noticed a caustic shrike
174855 | Zig:17   | Noticed a caustic shrike
174855 | Zig:17   | Noticed a caustic shrike
174855 | Zig:17   | Noticed a caustic shrike
174856 | Zig:17   | Noticed a caustic shrike
174856 | Zig:17   | Noticed a caustic shrike
174856 | Zig:17   | Noticed a caustic shrike
174857 | Zig:17   | Noticed a caustic shrike
174857 | Zig:17   | Killed a caustic shrike
174857 | Zig:17   | Killed a caustic shrike
174857 | Zig:17   | Killed a caustic shrike
174857 | Zig:17   | Killed a caustic shrike
174857 | Zig:17   | Killed a caustic shrike
174857 | Zig:17   | Killed a caustic shrike
174857 | Zig:17   | Killed a caustic shrike
174857 | Zig:17   | Killed a caustic shrike
174857 | Zig:17   | Killed a caustic shrike
174857 | Zig:17   | Killed a caustic shrike
174857 | Zig:17   | Killed a caustic shrike
174857 | Zig:17   | Killed a caustic shrike
174857 | Zig:17   | Noticed a caustic shrike
174858 | Zig:17   | Killed a caustic shrike
174858 | Zig:17   | Killed a caustic shrike
174858 | Zig:17   | Killed a caustic shrike
174858 | Zig:17   | Killed a caustic shrike
174858 | Zig:17   | Killed a caustic shrike
174858 | Zig:17   | Killed a caustic shrike
174860 | Zig:17   | Noticed a caustic shrike
174861 | Zig:17   | Noticed a caustic shrike
174863 | Zig:17   | Killed a caustic shrike
174863 | Zig:17   | Killed a caustic shrike
174864 | Zig:17   | Killed a caustic shrike
174864 | Zig:17   | Killed a caustic shrike
174866 | Zig:17   | Killed a caustic shrike
174984 | Zig:17   | Found the +11 plutonium sword {^Contam Stlth-}
175006 | Zig:17   | Identified the +6 halberd "Owubuyz" {pain, rF- Int+3}
175020 | Zig:17   | Identified the ring "Eniptig" {Wiz ^Drain rC++ Int+3}
175040 | Zig:17   | Identified the +2 pair of boots of Kutem {Int+6}
175048 | Zig:17   | Identified the +0 flail of the Rat {spect, Will++}
175413 | Zig:18   | Entered Level 18 of a ziggurat
175929 | Zig:18   | Identified the +0 chain mail of the Onion {-Tele Rampage
                  | Regen+}
175941 | Zig:18   | Identified the staff of Nann {^Contam +Blink rElec rCorr
                  | Int-3 Air}
175946 | Zig:18   | Identified the amulet of Ykamobeo {Reflect Str+4 Int+3
                  | Dex+4 SH+5}
175961 | Zig:18   | Identified the +10 morningstar of Temu {venom, rElec rPois
                  | Will+ Dex+4}
175983 | Zig:18   | Identified the +6 shortbow of the Pariah {drain, rElec
                  | rPois rN++ Dex-5}
175987 | Zig:18   | Identified the +8 sling "Meileakhe" {antimagic, +Blink
                  | rCorr SInv}
176052 | Zig:19   | Entered Level 19 of a ziggurat
176196 | Zig:19   | Identified the staff of Chagrin {rF+ rC+ Will- rCorr Str+2
                  | Fire}
176202 | Zig:19   | Identified the +0 quick blade of Conflict {venom, Str+3}
176208 | Zig:19   | Identified the +7 halberd "Peomafin" {vamp, Fly}
176228 | Zig:19   | Identified the +9 quarterstaff of Deflation {heavy, SInv}
176239 | Zig:19   | Identified the +5 dagger of Pride {venom, rCorr Int+5
                  | Dex-4}
176247 | Zig:19   | Identified the +1 leather armour of Ankezaiq {rN+}
176313 | Zig:19   | Identified the +10 war axe of Distraction {heavy, rF+ rC+}
176561 | Zig:20   | Entered Level 20 of a ziggurat
176562 | Zig:20   | Noticed a dread lich
176562 | Zig:20   | Noticed a dread lich
176562 | Zig:20   | Noticed a curse skull
176562 | Zig:20   | Noticed an ancient lich
176562 | Zig:20   | Noticed an ancient lich
176562 | Zig:20   | Noticed a curse skull
176562 | Zig:20   | Noticed an ancient lich
176562 | Zig:20   | Noticed a dread lich
176563 | Zig:20   | Noticed an ancient lich
176563 | Zig:20   | Noticed an ancient lich
176563 | Zig:20   | Noticed a dread lich
176563 | Zig:20   | Noticed a dread lich
176563 | Zig:20   | Noticed an ancient lich
176563 | Zig:20   | Noticed a curse skull
176564 | Zig:20   | Noticed an ancient lich
176564 | Zig:20   | Noticed an ancient lich
176564 | Zig:20   | Noticed a curse skull
176564 | Zig:20   | Noticed a curse skull
176564 | Zig:20   | Noticed a dread lich
176564 | Zig:20   | Noticed a curse skull
176564 | Zig:20   | Noticed a dread lich
176565 | Zig:20   | Noticed a dread lich
176565 | Zig:20   | Noticed a dread lich
176565 | Zig:20   | Noticed a dread lich
176565 | Zig:20   | Noticed an ancient lich
176566 | Zig:20   | Killed a dread lich
176566 | Zig:20   | Killed a dread lich
176566 | Zig:20   | Killed an ancient lich
176566 | Zig:20   | Killed a dread lich
176566 | Zig:20   | Killed an ancient lich
176566 | Zig:20   | Killed a dread lich
176566 | Zig:20   | Killed a dread lich
176566 | Zig:20   | Killed an ancient lich
176566 | Zig:20   | Killed a dread lich
176566 | Zig:20   | Killed a dread lich
176566 | Zig:20   | Noticed a dread lich
176566 | Zig:20   | Noticed an ancient lich
176567 | Zig:20   | Killed a curse skull
176567 | Zig:20   | Noticed an ancient lich
176567 | Zig:20   | Killed a curse skull
176567 | Zig:20   | Noticed a dread lich
176567 | Zig:20   | Noticed a curse skull
176568 | Zig:20   | Noticed an ancient lich
176568 | Zig:20   | Noticed an ancient lich
176568 | Zig:20   | Noticed a dread lich
176568 | Zig:20   | Noticed a dread lich
176568 | Zig:20   | Noticed a curse skull
176568 | Zig:20   | Noticed a curse skull
176568 | Zig:20   | Noticed a dread lich
176568 | Zig:20   | Killed an ancient lich
176569 | Zig:20   | Killed a curse skull
176569 | Zig:20   | Killed an ancient lich
176569 | Zig:20   | Killed a curse skull
176569 | Zig:20   | Killed an ancient lich
176569 | Zig:20   | Killed a dread lich
176569 | Zig:20   | Killed a curse skull
176569 | Zig:20   | Killed an ancient lich
176569 | Zig:20   | Killed an ancient lich
176569 | Zig:20   | Killed a curse skull
176569 | Zig:20   | Killed a dread lich
176569 | Zig:20   | Killed a dread lich
176569 | Zig:20   | Killed a curse skull
176569 | Zig:20   | Killed a curse skull
176569 | Zig:20   | Killed a dread lich
176569 | Zig:20   | Killed a curse skull
176569 | Zig:20   | Killed an ancient lich
176569 | Zig:20   | Killed a dread lich
176569 | Zig:20   | Killed a dread lich
176569 | Zig:20   | Killed an ancient lich
176569 | Zig:20   | Killed a dread lich
176569 | Zig:20   | Noticed an ancient lich
176569 | Zig:20   | Noticed a dread lich
176569 | Zig:20   | Noticed a dread lich
176569 | Zig:20   | Noticed an ancient lich
176570 | Zig:20   | Noticed a dread lich
176570 | Zig:20   | Noticed an ancient lich
176570 | Zig:20   | Noticed a curse skull
176570 | Zig:20   | Noticed an ancient lich
176570 | Zig:20   | Noticed an ancient lich
176570 | Zig:20   | Noticed an ancient lich
176570 | Zig:20   | Noticed a curse skull
176570 | Zig:20   | Noticed an ancient lich
176571 | Zig:20   | Noticed a dread lich
176571 | Zig:20   | Noticed a dread lich
176571 | Zig:20   | Noticed an ancient lich
176571 | Zig:20   | Noticed a dread lich
176572 | Zig:20   | Killed an ancient lich
176572 | Zig:20   | Killed an ancient lich
176572 | Zig:20   | Killed a dread lich
176572 | Zig:20   | Killed an ancient lich
176572 | Zig:20   | Killed an ancient lich
176572 | Zig:20   | Killed a dread lich
176572 | Zig:20   | Killed an ancient lich
176572 | Zig:20   | Killed an ancient lich
176572 | Zig:20   | Killed an ancient lich
176572 | Zig:20   | Killed a dread lich
176572 | Zig:20   | Killed a dread lich
176572 | Zig:20   | Killed an ancient lich
176572 | Zig:20   | Noticed an ancient lich
176572 | Zig:20   | Noticed an ancient lich
176572 | Zig:20   | Noticed a curse skull
176572 | Zig:20   | Noticed a curse skull
176572 | Zig:20   | Noticed a curse skull
176573 | Zig:20   | Noticed an ancient lich
176573 | Zig:20   | Noticed a curse skull
176573 | Zig:20   | Noticed a curse skull
176573 | Zig:20   | Killed a curse skull
176573 | Zig:20   | Killed an ancient lich
176573 | Zig:20   | Noticed a curse skull
176574 | Zig:20   | Noticed an ancient lich
176574 | Zig:20   | Noticed a dread lich
176574 | Zig:20   | Noticed an ancient lich
176574 | Zig:20   | Noticed a dread lich
176574 | Zig:20   | Noticed an ancient lich
176574 | Zig:20   | Noticed a curse skull
176574 | Zig:20   | Killed an ancient lich
176574 | Zig:20   | Killed a dread lich
176574 | Zig:20   | Killed an ancient lich
176574 | Zig:20   | Killed a dread lich
176575 | Zig:20   | Killed an ancient lich
176575 | Zig:20   | Killed an ancient lich
176575 | Zig:20   | Killed a curse skull
176575 | Zig:20   | Killed an ancient lich
176575 | Zig:20   | Killed a dread lich
176575 | Zig:20   | Noticed a dread lich
176576 | Zig:20   | Noticed a dread lich
176576 | Zig:20   | Noticed a dread lich
176576 | Zig:20   | Noticed a curse skull
176577 | Zig:20   | Noticed a dread lich
176577 | Zig:20   | Noticed a dread lich
176577 | Zig:20   | Killed a curse skull
176578 | Zig:20   | Noticed an ancient lich
176578 | Zig:20   | Killed an ancient lich
176578 | Zig:20   | Killed a curse skull
176578 | Zig:20   | Killed a dread lich
176578 | Zig:20   | Killed an ancient lich
176578 | Zig:20   | Killed a curse skull
176578 | Zig:20   | Killed a dread lich
176578 | Zig:20   | Killed a curse skull
176578 | Zig:20   | Killed a dread lich
176578 | Zig:20   | Killed a dread lich
176578 | Zig:20   | Killed a dread lich
176579 | Zig:20   | Noticed a curse skull
176579 | Zig:20   | Noticed a dread lich
176579 | Zig:20   | Noticed a curse skull
176580 | Zig:20   | Noticed a dread lich
176580 | Zig:20   | Noticed a dread lich
176580 | Zig:20   | Noticed an ancient lich
176581 | Zig:20   | Killed an ancient lich
176581 | Zig:20   | Killed a dread lich
176581 | Zig:20   | Killed a dread lich
176581 | Zig:20   | Killed a dread lich
176581 | Zig:20   | Killed an ancient lich
176581 | Zig:20   | Killed a dread lich
176581 | Zig:20   | Killed a curse skull
176582 | Zig:20   | Noticed a curse skull
176582 | Zig:20   | Noticed a curse skull
176583 | Zig:20   | Noticed a dread lich
176583 | Zig:20   | Found the +3 giant club "Skullcrusher" {speed, Str+7}
176583 | Zig:20   | Found the amulet of Vitality {Regen++ RegenMP++}
176584 | Zig:20   | Killed an ancient lich
176585 | Zig:20   | Killed a curse skull
176585 | Zig:20   | Killed a curse skull
176585 | Zig:20   | Killed a dread lich
176585 | Zig:20   | Killed a curse skull
176585 | Zig:20   | Killed a curse skull
176585 | Zig:20   | Killed a curse skull
176585 | Zig:20   | Killed a curse skull
176585 | Zig:20   | Killed a dread lich
176585 | Zig:20   | Killed a curse skull
176962 | Zig:20   | Identified the +8 chain mail of Omission {Fly rN+ rCorr
                  | Str-5}
176966 | Zig:20   | Identified the +9 falchion of Ash {freeze, ^Contam rPois
                  | Str+5 Int+2}
177033 | Zig:20   | Identified the ring "Iheany" {rPois rCorr}
177035 | Zig:20   | Identified the +5 dagger of the Median {flame, rN+ Str+4
                  | Dex+2}
177039 | Zig:20   | Identified the ring "Min Fuff" {rCorr EV+5 Str+3 Dex+5
                  | Slay-6}
177077 | Zig:21   | Entered Level 21 of a ziggurat
177078 | Zig:21   | Noticed a seraph
177078 | Zig:21   | Identified +0 pearl dragon scales
177078 | Zig:21   | Noticed a seraph
177078 | Zig:21   | Noticed a seraph
177079 | Zig:21   | Identified +2 pearl dragon scales
177079 | Zig:21   | Noticed a seraph
177079 | Zig:21   | Noticed a seraph
177080 | Zig:21   | Killed a seraph
177080 | Zig:21   | Killed a seraph
177082 | Zig:21   | Killed a seraph
177082 | Zig:21   | Noticed a seraph
177083 | Zig:21   | Noticed a seraph
177083 | Zig:21   | Noticed a seraph
177083 | Zig:21   | Identified +2 pearl dragon scales
177083 | Zig:21   | Noticed a seraph
177083 | Zig:21   | Noticed a seraph
177084 | Zig:21   | Killed a seraph
177085 | Zig:21   | Noticed a seraph
177085 | Zig:21   | Identified +2 pearl dragon scales
177085 | Zig:21   | Noticed a seraph
177085 | Zig:21   | Noticed a seraph
177085 | Zig:21   | Identified +2 pearl dragon scales
177085 | Zig:21   | Noticed a seraph
177085 | Zig:21   | Identified +1 pearl dragon scales
177085 | Zig:21   | Noticed a seraph
177085 | Zig:21   | Noticed a seraph
177085 | Zig:21   | Killed a seraph
177087 | Zig:21   | Identified +0 pearl dragon scales
177087 | Zig:21   | Noticed a seraph
177087 | Zig:21   | Identified +2 pearl dragon scales
177087 | Zig:21   | Noticed a seraph
177087 | Zig:21   | Identified the +7 tower shield of Daffodils {Regen+}
177087 | Zig:21   | Killed a seraph
177087 | Zig:21   | Noticed a seraph
177089 | Zig:21   | Identified +1 pearl dragon scales
177089 | Zig:21   | Noticed a seraph
177089 | Zig:21   | Noticed a seraph
177089 | Zig:21   | Noticed a seraph
177089 | Zig:21   | Killed a seraph
177089 | Zig:21   | Killed a seraph
177089 | Zig:21   | Killed a seraph
177089 | Zig:21   | Noticed a seraph
177091 | Zig:21   | Killed a seraph
177091 | Zig:21   | Noticed a seraph
177092 | Zig:21   | Killed a seraph
177092 | Zig:21   | Killed a seraph
177092 | Zig:21   | Killed a seraph
177092 | Zig:21   | Killed a seraph
177092 | Zig:21   | Killed a seraph
177096 | Zig:21   | Identified +0 pearl dragon scales
177096 | Zig:21   | Noticed a seraph
177096 | Zig:21   | Identified the +2 tower shield of Kecamm {Harm rF+ rC-
                  | Int+4}
177097 | Zig:21   | Identified +0 pearl dragon scales
177097 | Zig:21   | Noticed a seraph
177097 | Zig:21   | Noticed a seraph
177097 | Zig:21   | Killed a seraph
177098 | Zig:21   | Killed a seraph
177098 | Zig:21   | Killed a seraph
177099 | Zig:21   | Killed a seraph
177100 | Zig:21   | Killed a seraph
177101 | Zig:21   | Identified +1 pearl dragon scales
177101 | Zig:21   | Noticed a seraph
177101 | Zig:21   | Killed a seraph
177102 | Zig:21   | Killed a seraph
177104 | Zig:21   | Noticed a seraph
177105 | Zig:21   | Identified the +0 buckler of Grace {rC+ Int+2}
177105 | Zig:21   | Killed a seraph
177106 | Zig:21   | Identified +0 pearl dragon scales
177106 | Zig:21   | Noticed a seraph
177106 | Zig:21   | Killed a seraph
177106 | Zig:21   | Noticed a seraph
177107 | Zig:21   | Killed a seraph
177107 | Zig:21   | Killed a seraph
177107 | Zig:21   | Killed a seraph
177107 | Zig:21   | Identified the +3 buckler "Sicsunid" {^Drain rF++ Dex+4}
177108 | Zig:21   | Killed a seraph
177109 | Zig:21   | Killed a seraph
177109 | Zig:21   | Identified the +3 tower shield of the Present {rF+ Str+3}
177114 | Zig:21   | Identified the +8 tower shield "Hewk" {rPois Str+3}
177116 | Zig:21   | Killed a seraph
177117 | Zig:21   | Killed a seraph
177465 | Zig:21   | Identified the +7 ring mail "Sosuocab" {rElec rPois}
177468 | Zig:21   | Identified the +5 broad axe of the Eel {flame, rF+ Dex+4}
177471 | Zig:21   | Identified the +7 battleaxe "Ydghath" {freeze, Will+ Int+3}
177488 | Zig:21   | Identified the +0 scale mail of the Present {MP+9 Str+4}
177492 | Zig:21   | Identified the +2 scale mail of the Desert {-Cast rF+++ rC+
                  | Str-4}
177499 | Zig:21   | Identified the amulet of Zokedirch {Acrobat rC+}
177797 | Zig:22   | Entered Level 22 of a ziggurat
177797 | Zig:22   | Noticed a juggernaut
177797 | Zig:22   | Identified a +2 robe of resistance
177797 | Zig:22   | Noticed a juggernaut
177797 | Zig:22   | Noticed a juggernaut
177797 | Zig:22   | Noticed a juggernaut
177797 | Zig:22   | Noticed a juggernaut
177797 | Zig:22   | Noticed a juggernaut
177797 | Zig:22   | Noticed a juggernaut
177797 | Zig:22   | Noticed a juggernaut
177797 | Zig:22   | Noticed a juggernaut
177798 | Zig:22   | Killed a juggernaut
177798 | Zig:22   | Killed a juggernaut
177798 | Zig:22   | Killed a juggernaut
177798 | Zig:22   | Killed a juggernaut
177798 | Zig:22   | Killed a juggernaut
177798 | Zig:22   | Killed a juggernaut
177798 | Zig:22   | Killed a juggernaut
177798 | Zig:22   | Killed a juggernaut
177798 | Zig:22   | Noticed a juggernaut
177802 | Zig:22   | Noticed a juggernaut
177804 | Zig:22   | Noticed a juggernaut
177804 | Zig:22   | Noticed a juggernaut
177804 | Zig:22   | Killed a juggernaut
177804 | Zig:22   | Noticed a juggernaut
177805 | Zig:22   | Killed a juggernaut
177805 | Zig:22   | Noticed a juggernaut
177805 | Zig:22   | Noticed a juggernaut
177806 | Zig:22   | Noticed a juggernaut
177806 | Zig:22   | Killed a juggernaut
177806 | Zig:22   | Noticed a juggernaut
177807 | Zig:22   | Noticed a juggernaut
177807 | Zig:22   | Noticed a juggernaut
177807 | Zig:22   | Noticed a juggernaut
177807 | Zig:22   | Noticed a juggernaut
177807 | Zig:22   | Noticed a juggernaut
177807 | Zig:22   | Killed a juggernaut
177809 | Zig:22   | Noticed a juggernaut
177809 | Zig:22   | Noticed a juggernaut
177809 | Zig:22   | Noticed a juggernaut
177810 | Zig:22   | Noticed a juggernaut
177810 | Zig:22   | Noticed a juggernaut
177810 | Zig:22   | Killed a juggernaut
177810 | Zig:22   | Killed a juggernaut
177810 | Zig:22   | Killed a juggernaut
177810 | Zig:22   | Killed a juggernaut
177810 | Zig:22   | Killed a juggernaut
177810 | Zig:22   | Killed a juggernaut
177810 | Zig:22   | Killed a juggernaut
177810 | Zig:22   | Noticed a juggernaut
177811 | Zig:22   | Killed a juggernaut
177811 | Zig:22   | Killed a juggernaut
177811 | Zig:22   | Killed a juggernaut
177811 | Zig:22   | Killed a juggernaut
177811 | Zig:22   | Killed a juggernaut
177811 | Zig:22   | Killed a juggernaut
177811 | Zig:22   | Killed a juggernaut
177811 | Zig:22   | Killed a juggernaut
177812 | Zig:22   | Noticed a juggernaut
177813 | Zig:22   | Noticed a juggernaut
177814 | Zig:22   | Noticed a juggernaut
177814 | Zig:22   | Noticed a juggernaut
177815 | Zig:22   | Noticed a juggernaut
177816 | Zig:22   | Killed a juggernaut
177816 | Zig:22   | Killed a juggernaut
177816 | Zig:22   | Killed a juggernaut
177816 | Zig:22   | Killed a juggernaut
177816 | Zig:22   | Killed a juggernaut
177820 | Zig:22   | Killed a juggernaut
177820 | Zig:22   | Killed a juggernaut
178455 | Zig:22   | Identified the staff of the Present {rF+ rC+ Ice}
178551 | Zig:23   | Entered Level 23 of a ziggurat
178551 | Zig:23   | Noticed a royal mummy
178551 | Zig:23   | Noticed a royal mummy
178551 | Zig:23   | Noticed a royal mummy
178551 | Zig:23   | Noticed a royal mummy
178551 | Zig:23   | Noticed a royal mummy
178551 | Zig:23   | Noticed a royal mummy
178551 | Zig:23   | Noticed a royal mummy
178551 | Zig:23   | Noticed a royal mummy
178551 | Zig:23   | Noticed a royal mummy
178552 | Zig:23   | Killed a royal mummy
178552 | Zig:23   | Killed a royal mummy
178552 | Zig:23   | Killed a royal mummy
178552 | Zig:23   | Killed a royal mummy
178552 | Zig:23   | Killed a royal mummy
178552 | Zig:23   | Killed a royal mummy
178552 | Zig:23   | Killed a royal mummy
178554 | Zig:23   | Noticed a royal mummy
178554 | Zig:23   | Noticed a royal mummy
178554 | Zig:23   | Noticed a royal mummy
178555 | Zig:23   | Noticed a royal mummy
178555 | Zig:23   | Noticed a royal mummy
178555 | Zig:23   | Noticed a royal mummy
178556 | Zig:23   | Noticed a royal mummy
178556 | Zig:23   | Noticed a royal mummy
178556 | Zig:23   | Killed a royal mummy
178556 | Zig:23   | Killed a royal mummy
178556 | Zig:23   | Noticed a royal mummy
178557 | Zig:23   | Killed a royal mummy
178557 | Zig:23   | Killed a royal mummy
178557 | Zig:23   | Killed a royal mummy
178557 | Zig:23   | Killed a royal mummy
178557 | Zig:23   | Killed a royal mummy
178557 | Zig:23   | Killed a royal mummy
178557 | Zig:23   | Killed a royal mummy
178557 | Zig:23   | Noticed a royal mummy
178558 | Zig:23   | Killed a royal mummy
178558 | Zig:23   | Killed a royal mummy
178558 | Zig:23   | Noticed a royal mummy
178559 | Zig:23   | Noticed a royal mummy
178559 | Zig:23   | Noticed a royal mummy
178560 | Zig:23   | Noticed a royal mummy
178560 | Zig:23   | Noticed a royal mummy
178560 | Zig:23   | Noticed a royal mummy
178560 | Zig:23   | Noticed a royal mummy
178560 | Zig:23   | Noticed a royal mummy
178560 | Zig:23   | Noticed a royal mummy
178561 | Zig:23   | Killed a royal mummy
178561 | Zig:23   | Killed a royal mummy
178561 | Zig:23   | Killed a royal mummy
178561 | Zig:23   | Killed a royal mummy
178561 | Zig:23   | Killed a royal mummy
178561 | Zig:23   | Killed a royal mummy
178561 | Zig:23   | Killed a royal mummy
178561 | Zig:23   | Killed a royal mummy
178561 | Zig:23   | Killed a royal mummy
178562 | Zig:23   | Noticed a royal mummy
178563 | Zig:23   | Killed a royal mummy
178563 | Zig:23   | Killed a royal mummy
178563 | Zig:23   | Killed an ancient lich
178564 | Zig:23   | Killed a royal mummy
178564 | Zig:23   | Killed a royal mummy
178565 | Zig:23   | Noticed a royal mummy
178565 | Zig:23   | Noticed a royal mummy
178565 | Zig:23   | Noticed a royal mummy
178565 | Zig:23   | Noticed a royal mummy
178565 | Zig:23   | Noticed a royal mummy
178565 | Zig:23   | Noticed a royal mummy
178566 | Zig:23   | Killed a royal mummy
178566 | Zig:23   | Killed a royal mummy
178566 | Zig:23   | Killed a royal mummy
178566 | Zig:23   | Killed a royal mummy
178567 | Zig:23   | Noticed a royal mummy
178567 | Zig:23   | Noticed a royal mummy
178567 | Zig:23   | Noticed a royal mummy
178567 | Zig:23   | Noticed a royal mummy
178568 | Zig:23   | Killed a royal mummy
178568 | Zig:23   | Killed a royal mummy
178568 | Zig:23   | Killed a royal mummy
178568 | Zig:23   | Killed a royal mummy
178569 | Zig:23   | Noticed a royal mummy
178569 | Zig:23   | Noticed a royal mummy
178569 | Zig:23   | Noticed a royal mummy
178569 | Zig:23   | Killed a royal mummy
178570 | Zig:23   | Killed a royal mummy
178570 | Zig:23   | Killed a royal mummy
178571 | Zig:23   | Noticed a royal mummy
178571 | Zig:23   | Noticed a royal mummy
178571 | Zig:23   | Noticed a royal mummy
178571 | Zig:23   | Killed a royal mummy
178572 | Zig:23   | Killed a royal mummy
178572 | Zig:23   | Killed a royal mummy
178572 | Zig:23   | Noticed a royal mummy
178572 | Zig:23   | Noticed a royal mummy
178573 | Zig:23   | Noticed a royal mummy
178574 | Zig:23   | Noticed a royal mummy
178574 | Zig:23   | Noticed a royal mummy
178574 | Zig:23   | Noticed a royal mummy
178575 | Zig:23   | Killed a royal mummy
178575 | Zig:23   | Killed a royal mummy
178575 | Zig:23   | Killed a royal mummy
178575 | Zig:23   | Killed a royal mummy
178575 | Zig:23   | Killed a royal mummy
178575 | Zig:23   | Noticed a royal mummy
178575 | Zig:23   | Killed a royal mummy
178576 | Zig:23   | Noticed a royal mummy
178577 | Zig:23   | Noticed a royal mummy
178577 | Zig:23   | Noticed a royal mummy
178580 | Zig:23   | Killed a royal mummy
178580 | Zig:23   | Killed a royal mummy
178580 | Zig:23   | Killed a royal mummy
178580 | Zig:23   | Killed a royal mummy
178580 | Zig:23   | Killed a royal mummy
178581 | Zig:23   | Killed a royal mummy
178790 | Zig:23   | Found the ring of the Octopus King
178812 | Zig:23   | Identified the +9 arbalest "Hulk" {speed, rF+ rN+ Str+2}
178818 | Zig:23   | Identified a ring of the Octopus King {rF+ HP+2 AC+2 EV+2
                  | SH+2}
178819 | Zig:23   | Identified the staff "Rasun" {rElec rN+++ Str-4 Int+3
                  | Earth}
178828 | Zig:23   | Identified the +6 great mace "Ankylymm" {freeze, rElec
                  | Will- rCorr Str+3}
178830 | Zig:23   | Identified the ring of Toedoced {Wiz Str+6 Int+3}
178831 | Zig:23   | Identified the +1 mace of Xali Bij {spect, rCorr Int+7}
178833 | Zig:23   | Identified the staff of Vehumet, Burning {rPois Conj}
178836 | Zig:23   | Identified the staff of Wutuat {Fly rPois rF+ Stlth+ Fire
                  | Ice}
178839 | Zig:23   | Identified the +6 whip of Hufi {speed, rElec Will+}
178845 | Zig:23   | Identified the staff of Valiance {rPois Str+2 Alchemy}
178850 | Zig:23   | Identified the +0 long sword "Azaor" {heavy, *Noise +Blink
                  | rElec rF+}
179267 | Zig:24   | Entered Level 24 of a ziggurat
179270 | Zig:24   | Noticed a curse toe
179275 | Zig:24   | Killed a curse toe
179279 | Zig:24   | Noticed a curse toe
179279 | Zig:24   | Noticed a dread lich
179279 | Zig:24   | Killed a curse toe
179284 | Zig:24   | Noticed a curse toe
179284 | Zig:24   | Killed a dread lich
179287 | Zig:24   | Found the +1 robe of Vines {NoPotionHeal Regen++++}
179291 | Zig:24   | Noticed an ancient lich
179291 | Zig:24   | Noticed a curse toe
179291 | Zig:24   | Found the +8 longbow "Zephyr" {speed, Dex+3 SInv}
179295 | Zig:24   | Killed an ancient lich
179296 | Zig:24   | Killed a curse toe
179304 | Zig:24   | Killed a curse toe
179305 | Zig:24   | Killed a curse toe
179861 | Zig:24   | Identified the +0 flail of the Past {chaos, rF+}
179869 | Zig:24   | Identified the +9 arbalest of Vetug {heavy, rPois Int+2}
179873 | Zig:24   | Identified the +7 dagger "Gaim" {freeze, ^Drain rElec rF+
                  | Dex+5}
179891 | Zig:24   | Identified the staff "Qiyttes" {rN++ Int+3 Conj}
179912 | Zig:24   | Identified the +5 quarterstaff of the Sufficient God
                  | {flame, rC+ Str+4}
179928 | Zig:24   | Identified the amulet "Icratiuz" {Acrobat rElec}
179933 | Zig:24   | Identified the +5 falchion of the Protecting Gods
                  | {antimagic, *Noise rN+ Dex+4}
179957 | Zig:24   | Identified the amulet of Figeis {Faith rF+ rC+ Will+}
180023 | Zig:25   | Entered Level 25 of a ziggurat
180219 | Zig:25   | Identified the +0 triple sword of Integrity {pain, rC-
                  | Str+4 Dex+3}
180225 | Zig:25   | Identified the +7 rapier "Bingo" {speed, rF+ rC- Str+4}
180234 | Zig:25   | Identified the +8 short sword of Dissatisfaction {flame,
                  | Str+2 Dex+4}
180254 | Zig:25   | Identified the +7 whip "Fupianank" {holy, Dex+3}
180261 | Zig:25   | Identified the staff of Division {Dex+3 Earth}
180831 | Zig:26   | Entered Level 26 of a ziggurat
181383 | Zig:26   | Found the +6 Majin-Bo {spellvamp, MP+6 Int+6}
181549 | Zig:26   | Identified the staff of Erieduorph {+Blink Fly rPois rC+
                  | Will- Ice}
181556 | Zig:26   | Identified the staff "Siruq" {rF+ Int+2 Fire}
181592 | Zig:26   | Identified the staff "Oteoh" {rC+ Will+ rCorr Str-4 Ice}
181604 | Zig:27   | Entered Level 27 of a ziggurat
181604 | Zig:27   | Noticed an ancient lich
181604 | Zig:27   | Noticed a dread lich
181604 | Zig:27   | Noticed a dread lich
181604 | Zig:27   | Noticed an ancient lich
181604 | Zig:27   | Noticed an ancient lich
181605 | Zig:27   | Noticed a dread lich
181605 | Zig:27   | Noticed a curse skull
181605 | Zig:27   | Noticed an ancient lich
181605 | Zig:27   | Noticed a dread lich
181605 | Zig:27   | Noticed a dread lich
181605 | Zig:27   | Noticed a dread lich
181605 | Zig:27   | Noticed an ancient lich
181605 | Zig:27   | Noticed an ancient lich
181605 | Zig:27   | Noticed a dread lich
181606 | Zig:27   | Noticed an ancient lich
181606 | Zig:27   | Noticed a dread lich
181606 | Zig:27   | Noticed a dread lich
181606 | Zig:27   | Noticed a curse skull
181606 | Zig:27   | Noticed a curse skull
181606 | Zig:27   | Noticed an ancient lich
181606 | Zig:27   | Noticed a dread lich
181607 | Zig:27   | Noticed a dread lich
181607 | Zig:27   | Killed an ancient lich
181607 | Zig:27   | Killed a dread lich
181607 | Zig:27   | Killed a dread lich
181607 | Zig:27   | Killed an ancient lich
181607 | Zig:27   | Killed a dread lich
181607 | Zig:27   | Killed an ancient lich
181607 | Zig:27   | Killed an ancient lich
181607 | Zig:27   | Killed a dread lich
181607 | Zig:27   | Noticed a curse skull
181607 | Zig:27   | Noticed a curse skull
181607 | Zig:27   | Noticed a dread lich
181607 | Zig:27   | Noticed a dread lich
181607 | Zig:27   | Noticed an ancient lich
181608 | Zig:27   | Noticed a curse skull
181609 | Zig:27   | Noticed a dread lich
181609 | Zig:27   | Noticed an ancient lich
181609 | Zig:27   | Noticed a curse skull
181609 | Zig:27   | Noticed an ancient lich
181609 | Zig:27   | Noticed a dread lich
181609 | Zig:27   | Noticed a dread lich
181610 | Zig:27   | Noticed a dread lich
181610 | Zig:27   | Killed a dread lich
181610 | Zig:27   | Killed a dread lich
181610 | Zig:27   | Killed an ancient lich
181610 | Zig:27   | Killed a dread lich
181610 | Zig:27   | Killed a dread lich
181610 | Zig:27   | Killed a dread lich
181610 | Zig:27   | Killed a dread lich
181610 | Zig:27   | Killed an ancient lich
181610 | Zig:27   | Killed a dread lich
181610 | Zig:27   | Killed a dread lich
181610 | Zig:27   | Killed a dread lich
181610 | Zig:27   | Killed a curse skull
181610 | Zig:27   | Killed an ancient lich
181610 | Zig:27   | Noticed a curse skull
181611 | Zig:27   | Noticed a curse skull
181611 | Zig:27   | Noticed a curse skull
181611 | Zig:27   | Noticed a dread lich
181611 | Zig:27   | Noticed a curse skull
181611 | Zig:27   | Noticed a curse skull
181611 | Zig:27   | Noticed a curse skull
181611 | Zig:27   | Noticed a curse skull
181611 | Zig:27   | Noticed an ancient lich
181611 | Zig:27   | Noticed a dread lich
181611 | Zig:27   | Noticed an ancient lich
181611 | Zig:27   | Killed a curse skull
181611 | Zig:27   | Killed a curse skull
181611 | Zig:27   | Noticed a dread lich
181612 | Zig:27   | Killed an ancient lich
181612 | Zig:27   | Killed an ancient lich
181612 | Zig:27   | Killed a curse skull
181612 | Zig:27   | Killed a dread lich
181612 | Zig:27   | Killed a curse skull
181612 | Zig:27   | Killed a dread lich
181612 | Zig:27   | Killed an ancient lich
181612 | Zig:27   | Killed a curse skull
181612 | Zig:27   | Killed a curse skull
181612 | Zig:27   | Killed a curse skull
181612 | Zig:27   | Killed a curse skull
181612 | Zig:27   | Killed a curse skull
181612 | Zig:27   | Killed a dread lich
181612 | Zig:27   | Killed an ancient lich
181612 | Zig:27   | Killed a dread lich
181612 | Zig:27   | Killed a curse skull
181612 | Zig:27   | Killed a dread lich
181612 | Zig:27   | Killed a curse skull
181612 | Zig:27   | Killed an ancient lich
181612 | Zig:27   | Killed an ancient lich
181612 | Zig:27   | Killed a curse skull
181612 | Zig:27   | Killed a curse skull
181612 | Zig:27   | Killed a dread lich
181612 | Zig:27   | Noticed an ancient lich
181613 | Zig:27   | Noticed a dread lich
181613 | Zig:27   | Noticed an ancient lich
181613 | Zig:27   | Noticed a dread lich
181613 | Zig:27   | Noticed a curse skull
181613 | Zig:27   | Noticed a curse skull
181613 | Zig:27   | Noticed an ancient lich
181613 | Zig:27   | Killed a dread lich
181613 | Zig:27   | Noticed a curse skull
181614 | Zig:27   | Noticed an ancient lich
181614 | Zig:27   | Noticed an ancient lich
181614 | Zig:27   | Noticed a dread lich
181614 | Zig:27   | Noticed a curse skull
181615 | Zig:27   | Noticed a curse skull
181615 | Zig:27   | Noticed a dread lich
181615 | Zig:27   | Noticed a dread lich
181615 | Zig:27   | Noticed a dread lich
181615 | Zig:27   | Noticed a curse skull
181615 | Zig:27   | Noticed a curse skull
181616 | Zig:27   | Noticed a dread lich
181616 | Zig:27   | Noticed an ancient lich
181616 | Zig:27   | Killed an ancient lich
181616 | Zig:27   | Killed an ancient lich
181616 | Zig:27   | Killed a dread lich
181616 | Zig:27   | Killed a dread lich
181616 | Zig:27   | Killed a dread lich
181616 | Zig:27   | Killed a curse skull
181616 | Zig:27   | Killed an ancient lich
181616 | Zig:27   | Killed a curse skull
181616 | Zig:27   | Killed an ancient lich
181616 | Zig:27   | Noticed a dread lich
181616 | Zig:27   | Noticed an ancient lich
181617 | Zig:27   | Noticed a dread lich
181617 | Zig:27   | Noticed an ancient lich
181617 | Zig:27   | Noticed a dread lich
181617 | Zig:27   | Noticed an ancient lich
181617 | Zig:27   | Noticed a dread lich
181618 | Zig:27   | Noticed a dread lich
181618 | Zig:27   | Noticed a dread lich
181618 | Zig:27   | Noticed an ancient lich
181618 | Zig:27   | Noticed a dread lich
181618 | Zig:27   | Noticed a dread lich
181618 | Zig:27   | Noticed a curse skull
181618 | Zig:27   | Noticed a dread lich
181618 | Zig:27   | Noticed a dread lich
181618 | Zig:27   | Noticed an ancient lich
181619 | Zig:27   | Noticed an ancient lich
181619 | Zig:27   | Noticed a dread lich
181619 | Zig:27   | Noticed a dread lich
181619 | Zig:27   | Noticed an ancient lich
181620 | Zig:27   | Killed a curse skull
181620 | Zig:27   | Killed an ancient lich
181620 | Zig:27   | Killed a dread lich
181620 | Zig:27   | Killed a dread lich
181620 | Zig:27   | Killed a dread lich
181620 | Zig:27   | Killed a dread lich
181620 | Zig:27   | Killed a dread lich
181620 | Zig:27   | Killed a curse skull
181620 | Zig:27   | Killed a dread lich
181620 | Zig:27   | Killed a dread lich
181620 | Zig:27   | Killed an ancient lich
181620 | Zig:27   | Killed a dread lich
181620 | Zig:27   | Killed an ancient lich
181620 | Zig:27   | Killed an ancient lich
181620 | Zig:27   | Killed a dread lich
181620 | Zig:27   | Killed a dread lich
181620 | Zig:27   | Killed a dread lich
181620 | Zig:27   | Killed a dread lich
181621 | Zig:27   | Noticed a dread lich
181621 | Zig:27   | Noticed a dread lich
181621 | Zig:27   | Noticed a curse skull
181621 | Zig:27   | Noticed an ancient lich
181621 | Zig:27   | Noticed a curse skull
181621 | Zig:27   | Noticed a curse skull
181621 | Zig:27   | Noticed a curse skull
181622 | Zig:27   | Noticed an ancient lich
181622 | Zig:27   | Noticed a dread lich
181622 | Zig:27   | Noticed an ancient lich
181622 | Zig:27   | Noticed a dread lich
181622 | Zig:27   | Noticed an ancient lich
181622 | Zig:27   | Killed an ancient lich
181623 | Zig:27   | Noticed an ancient lich
181623 | Zig:27   | Noticed a dread lich
181624 | Zig:27   | Killed a dread lich
181624 | Zig:27   | Killed a curse skull
181624 | Zig:27   | Killed a curse skull
181624 | Zig:27   | Killed an ancient lich
181624 | Zig:27   | Killed an ancient lich
181624 | Zig:27   | Killed a dread lich
181624 | Zig:27   | Killed a dread lich
181624 | Zig:27   | Killed a dread lich
181624 | Zig:27   | Killed a curse skull
181624 | Zig:27   | Killed a curse skull
181624 | Zig:27   | Killed an ancient lich
181624 | Zig:27   | Killed an ancient lich
181624 | Zig:27   | Killed a dread lich
181624 | Zig:27   | Killed a curse skull
181624 | Zig:27   | Killed an ancient lich
181624 | Zig:27   | Killed a curse skull
181624 | Zig:27   | Killed a dread lich
181624 | Zig:27   | Killed a curse skull
181624 | Zig:27   | Killed a dread lich
181624 | Zig:27   | Killed a curse skull
181624 | Zig:27   | Noticed a dread lich
181624 | Zig:27   | Noticed an ancient lich
181624 | Zig:27   | Noticed a dread lich
181625 | Zig:27   | Noticed an ancient lich
181626 | Zig:27   | Noticed an ancient lich
181626 | Zig:27   | Noticed a curse skull
181627 | Zig:27   | Noticed a dread lich
181627 | Zig:27   | Noticed a curse skull
181627 | Zig:27   | Noticed a curse skull
181627 | Zig:27   | Noticed a curse skull
181627 | Zig:27   | Killed a dread lich
181627 | Zig:27   | Killed an ancient lich
181627 | Zig:27   | Noticed an ancient lich
181629 | Zig:27   | Killed an ancient lich
181629 | Zig:27   | Killed a dread lich
181629 | Zig:27   | Killed an ancient lich
181629 | Zig:27   | Killed an ancient lich
181629 | Zig:27   | Killed an ancient lich
181629 | Zig:27   | Killed a dread lich
181629 | Zig:27   | Noticed a curse skull
181630 | Zig:27   | Noticed a curse skull
181630 | Zig:27   | Noticed a curse skull
181630 | Zig:27   | Noticed a dread lich
181631 | Zig:27   | Killed a dread lich
181631 | Zig:27   | Killed a dread lich
181631 | Zig:27   | Killed a curse skull
181631 | Zig:27   | Killed a curse skull
181631 | Zig:27   | Killed an ancient lich
181632 | Zig:27   | Killed a curse skull
181632 | Zig:27   | Killed a curse skull
181632 | Zig:27   | Killed an ancient lich
181632 | Zig:27   | Killed a curse skull
181632 | Zig:27   | Killed a curse skull
181632 | Zig:27   | Killed a dread lich
181632 | Zig:27   | Killed an ancient lich
181632 | Zig:27   | Killed a curse skull
181634 | Zig:27   | Found the +8 arc blade {discharge, rElec}
181781 | Zig:27   | Found the +8 Wrath of Trog {antimagic, *Rage Rampage}
181845 | Zig:27   | Identified the staff "Negosuig" {Will+ Int+6 Earth}
181862 | Zig:27   | Identified the staff of Akehewka {MP+9 Int+3 Earth}
181865 | Zig:27   | Identified the ring of Qares Meam {Fly rCorr}
181876 | Zig:27   | Identified the +4 mace of Modern Responsibility {elec,
                  | rPois}
182302 | Zig:27   | Identified the ring of Peace {rC++ EV+5 Slay+6}
182310 | Zig:27   | Acquired 1087 gold pieces
182393 | Depths:4 | Bought a scroll of blinking for 180 gold pieces
182393 | Depths:4 | Bought a scroll of fog for 96 gold pieces
182393 | Depths:4 | Bought a scroll of blinking for 180 gold pieces
182399 | Depths:4 | Bought a pair of ichor-stained boots for 180 gold pieces
182399 | Depths:4 | Identified the +2 pair of boots "Qiwniod" {+Inv rCorr Int-5
                  | Dex-3} (You bought it in a shop on level 4 of the Depths)
182419 | Zig:1    | Entered Level 1 of a ziggurat
182531 | Zig:2    | Entered Level 2 of a ziggurat
182706 | Zig:3    | Entered Level 3 of a ziggurat
182706 | Zig:3    | Noticed a caustic shrike
182706 | Zig:3    | Noticed a caustic shrike
182706 | Zig:3    | Noticed a caustic shrike
182706 | Zig:3    | Noticed a caustic shrike
182706 | Zig:3    | Noticed a caustic shrike
182706 | Zig:3    | Noticed a caustic shrike
182707 | Zig:3    | Killed a caustic shrike
182707 | Zig:3    | Killed a caustic shrike
182707 | Zig:3    | Killed a caustic shrike
182707 | Zig:3    | Killed a caustic shrike
182707 | Zig:3    | Noticed a caustic shrike
182710 | Zig:3    | Killed a caustic shrike
182710 | Zig:3    | Killed a caustic shrike
182715 | Zig:3    | Killed a caustic shrike
182856 | Zig:3    | Identified the staff "Umatagod" {Dex+2 SInv Hexes Earth}
182912 | Zig:4    | Entered Level 4 of a ziggurat
183096 | Zig:4    | Identified a +1 buckler of resistance
183106 | Zig:5    | Entered Level 5 of a ziggurat
183321 | Zig:6    | Entered Level 6 of a ziggurat
183509 | Zig:6    | Identified the +4 scimitar of the Goat {freeze, rPois
                  | Str+5}
183557 | Zig:7    | Entered Level 7 of a ziggurat
183634 | Zig:7    | Identified the +9 orcbow "Aryoh" {heavy, ^Drain Int+5}
183817 | Zig:8    | Entered Level 8 of a ziggurat
183817 | Zig:8    | Noticed an ancient lich
183817 | Zig:8    | Noticed a curse skull
183817 | Zig:8    | Noticed a curse skull
183817 | Zig:8    | Noticed an ancient lich
183817 | Zig:8    | Noticed a dread lich
183817 | Zig:8    | Noticed a curse skull
183817 | Zig:8    | Noticed a dread lich
183817 | Zig:8    | Noticed a curse skull
183817 | Zig:8    | Noticed a dread lich
183817 | Zig:8    | Noticed a curse skull
183817 | Zig:8    | Noticed a curse skull
183817 | Zig:8    | Noticed an ancient lich
183817 | Zig:8    | Noticed a curse skull
183817 | Zig:8    | Noticed a curse skull
183817 | Zig:8    | Noticed a curse skull
183817 | Zig:8    | Noticed a curse skull
183817 | Zig:8    | Noticed a curse skull
183817 | Zig:8    | Noticed a curse skull
183817 | Zig:8    | Noticed a curse skull
183817 | Zig:8    | Noticed an ancient lich
183818 | Zig:8    | Killed a dread lich
183818 | Zig:8    | Killed a dread lich
183819 | Zig:8    | Killed an ancient lich
183819 | Zig:8    | Noticed a dread lich
183820 | Zig:8    | Noticed an ancient lich
183820 | Zig:8    | Noticed a dread lich
183820 | Zig:8    | Noticed a dread lich
183820 | Zig:8    | Noticed an ancient lich
183820 | Zig:8    | Killed a curse skull
183821 | Zig:8    | Killed an ancient lich
183821 | Zig:8    | Killed a curse skull
183821 | Zig:8    | Killed a curse skull
183821 | Zig:8    | Killed a curse skull
183821 | Zig:8    | Killed a curse skull
183821 | Zig:8    | Killed a curse skull
183821 | Zig:8    | Killed a curse skull
183821 | Zig:8    | Killed a curse skull
183821 | Zig:8    | Killed an ancient lich
183821 | Zig:8    | Killed a curse skull
183821 | Zig:8    | Killed a curse skull
183821 | Zig:8    | Killed a curse skull
183821 | Zig:8    | Killed a curse skull
183821 | Zig:8    | Killed a dread lich
183821 | Zig:8    | Killed a curse skull
183821 | Zig:8    | Killed an ancient lich
183821 | Zig:8    | Killed a dread lich
183821 | Zig:8    | Killed an ancient lich
183821 | Zig:8    | Noticed a dread lich
183821 | Zig:8    | Killed an ancient lich
183822 | Zig:8    | Noticed a dread lich
183822 | Zig:8    | Noticed a dread lich
183822 | Zig:8    | Noticed an ancient lich
183822 | Zig:8    | Noticed a dread lich
183822 | Zig:8    | Killed a dread lich
183822 | Zig:8    | Noticed an ancient lich
183823 | Zig:8    | Noticed an ancient lich
183823 | Zig:8    | Noticed a dread lich
183823 | Zig:8    | Killed a dread lich
183823 | Zig:8    | Noticed an ancient lich
183824 | Zig:8    | Noticed a dread lich
183824 | Zig:8    | Noticed a dread lich
183824 | Zig:8    | Noticed an ancient lich
183824 | Zig:8    | Noticed a dread lich
183825 | Zig:8    | Noticed an ancient lich
183825 | Zig:8    | Noticed a curse skull
183825 | Zig:8    | Noticed a dread lich
183826 | Zig:8    | Noticed a dread lich
183826 | Zig:8    | Killed a dread lich
183826 | Zig:8    | Killed an ancient lich
183826 | Zig:8    | Killed a dread lich
183826 | Zig:8    | Killed a dread lich
183826 | Zig:8    | Killed an ancient lich
183826 | Zig:8    | Killed a dread lich
183826 | Zig:8    | Killed a dread lich
183826 | Zig:8    | Killed an ancient lich
183826 | Zig:8    | Killed an ancient lich
183827 | Zig:8    | Killed a dread lich
183827 | Zig:8    | Killed a dread lich
183827 | Zig:8    | Killed a dread lich
183827 | Zig:8    | Killed a dread lich
183827 | Zig:8    | Noticed a curse skull
183829 | Zig:8    | Killed a dread lich
183829 | Zig:8    | Killed a curse skull
183830 | Zig:8    | Killed a curse skull
183830 | Zig:8    | Killed an ancient lich
183830 | Zig:8    | Killed an ancient lich
184154 | Zig:8    | Identified the +9 quarterstaff of Grandeur {flame, Dex+3}
184183 | Zig:9    | Entered Level 9 of a ziggurat
184281 | Zig:9    | Identified the +4 steam dragon scales of Arojo {*Corrode
                  | rN++ Will- Int+2 Dex+3}
184289 | Zig:9    | Identified the +3 sling of Hiokuhuesk {heavy, Will- Str+2
                  | Stlth+}
184292 | Zig:9    | Identified the +0 chain mail of Absence {rElec Int+5 Dex-5
                  | SInv}
184505 | Zig:10   | Entered Level 10 of a ziggurat
184515 | Zig:10   | Found the +5 Force Lance {heavy, knockback}
184791 | Zig:10   | Identified the +3 pair of boots of Pessimism {rElec}
184801 | Zig:10   | Identified the +9 long sword of Bodily Humours {drain,
                  | rCorr SInv}
184840 | Zig:10   | Identified the staff "Jellybane" {rN+ SInv Stlth+ Conj
                  | Hexes}
184841 | Zig:10   | Identified the +2 helmet of Layson {rF+ Will++}
184870 | Zig:11   | Entered Level 11 of a ziggurat
184870 | Zig:11   | Noticed a dread lich
184870 | Zig:11   | Noticed a curse skull
184870 | Zig:11   | Noticed an ancient lich
184870 | Zig:11   | Noticed a dread lich
184870 | Zig:11   | Noticed a curse skull
184870 | Zig:11   | Noticed a curse skull
184870 | Zig:11   | Noticed a dread lich
184870 | Zig:11   | Noticed a curse skull
184870 | Zig:11   | Noticed a dread lich
184870 | Zig:11   | Noticed an ancient lich
184870 | Zig:11   | Noticed a dread lich
184870 | Zig:11   | Noticed a dread lich
184870 | Zig:11   | Noticed a curse skull
184870 | Zig:11   | Noticed an ancient lich
184870 | Zig:11   | Noticed a dread lich
184870 | Zig:11   | Noticed a dread lich
184870 | Zig:11   | Noticed a dread lich
184870 | Zig:11   | Noticed a curse skull
184870 | Zig:11   | Noticed an ancient lich
184870 | Zig:11   | Noticed a curse skull
184870 | Zig:11   | Noticed an ancient lich
184870 | Zig:11   | Noticed a dread lich
184870 | Zig:11   | Noticed a curse skull
184871 | Zig:11   | Killed a dread lich
184871 | Zig:11   | Killed a dread lich
184871 | Zig:11   | Killed a dread lich
184871 | Zig:11   | Killed a dread lich
184871 | Zig:11   | Killed an ancient lich
184872 | Zig:11   | Killed a dread lich
184872 | Zig:11   | Killed a curse skull
184872 | Zig:11   | Killed an ancient lich
184872 | Zig:11   | Killed a curse skull
184872 | Zig:11   | Killed a dread lich
184872 | Zig:11   | Killed an ancient lich
184872 | Zig:11   | Killed a curse skull
184872 | Zig:11   | Killed a curse skull
184872 | Zig:11   | Killed a dread lich
184872 | Zig:11   | Killed an ancient lich
184872 | Zig:11   | Killed a curse skull
184872 | Zig:11   | Killed a dread lich
184872 | Zig:11   | Killed a curse skull
184872 | Zig:11   | Killed an ancient lich
184872 | Zig:11   | Killed a dread lich
184872 | Zig:11   | Killed a curse skull
184872 | Zig:11   | Killed a curse skull
184872 | Zig:11   | Killed a dread lich
184872 | Zig:11   | Noticed a curse skull
184872 | Zig:11   | Noticed a curse skull
184872 | Zig:11   | Noticed a curse skull
184872 | Zig:11   | Noticed a curse skull
184872 | Zig:11   | Noticed a dread lich
184873 | Zig:11   | Noticed an ancient lich
184873 | Zig:11   | Noticed a dread lich
184874 | Zig:11   | Noticed an ancient lich
184874 | Zig:11   | Noticed a dread lich
184874 | Zig:11   | Noticed a dread lich
184874 | Zig:11   | Noticed a curse skull
184874 | Zig:11   | Noticed a dread lich
184875 | Zig:11   | Noticed a dread lich
184875 | Zig:11   | Noticed a dread lich
184875 | Zig:11   | Noticed a curse skull
184875 | Zig:11   | Noticed a dread lich
184876 | Zig:11   | Noticed a curse skull
184876 | Zig:11   | Noticed a dread lich
184876 | Zig:11   | Noticed a dread lich
184876 | Zig:11   | Noticed a dread lich
184876 | Zig:11   | Killed a curse skull
184876 | Zig:11   | Killed a curse skull
184876 | Zig:11   | Killed a curse skull
184877 | Zig:11   | Killed a dread lich
184877 | Zig:11   | Killed a dread lich
184877 | Zig:11   | Killed a curse skull
184877 | Zig:11   | Killed an ancient lich
184877 | Zig:11   | Killed a dread lich
184877 | Zig:11   | Killed a dread lich
184878 | Zig:11   | Noticed a dread lich
184878 | Zig:11   | Noticed an ancient lich
184878 | Zig:11   | Noticed a curse skull
184878 | Zig:11   | Noticed a dread lich
184878 | Zig:11   | Killed an ancient lich
184878 | Zig:11   | Killed a dread lich
184878 | Zig:11   | Killed a dread lich
184878 | Zig:11   | Noticed a curse skull
184879 | Zig:11   | Noticed a curse skull
184880 | Zig:11   | Noticed a dread lich
184880 | Zig:11   | Noticed a dread lich
184881 | Zig:11   | Noticed an ancient lich
184881 | Zig:11   | Noticed a dread lich
184882 | Zig:11   | Killed an ancient lich
184882 | Zig:11   | Killed a dread lich
184882 | Zig:11   | Killed a dread lich
184882 | Zig:11   | Killed a curse skull
184882 | Zig:11   | Killed a curse skull
184882 | Zig:11   | Killed a dread lich
184882 | Zig:11   | Killed a curse skull
184882 | Zig:11   | Killed a curse skull
184882 | Zig:11   | Killed a curse skull
184882 | Zig:11   | Killed a curse skull
184882 | Zig:11   | Killed a dread lich
184882 | Zig:11   | Killed a dread lich
184882 | Zig:11   | Killed a dread lich
184882 | Zig:11   | Killed a dread lich
184883 | Zig:11   | Killed a dread lich
184883 | Zig:11   | Killed a dread lich
184887 | Zig:11   | Killed an ancient lich
184887 | Zig:11   | Killed a dread lich
185198 | Zig:12   | Entered Level 12 of a ziggurat
185198 | Zig:12   | Noticed a dread lich
185198 | Zig:12   | Noticed a dread lich
185198 | Zig:12   | Noticed a dread lich
185198 | Zig:12   | Noticed an ancient lich
185198 | Zig:12   | Noticed an ancient lich
185199 | Zig:12   | Noticed an ancient lich
185199 | Zig:12   | Noticed an ancient lich
185199 | Zig:12   | Noticed an ancient lich
185200 | Zig:12   | Noticed an ancient lich
185201 | Zig:12   | Killed an ancient lich
185201 | Zig:12   | Killed an ancient lich
185201 | Zig:12   | Killed an ancient lich
185201 | Zig:12   | Killed an ancient lich
185201 | Zig:12   | Killed a dread lich
185201 | Zig:12   | Killed an ancient lich
185202 | Zig:12   | Killed a dread lich
185204 | Zig:12   | Noticed a dread lich
185204 | Zig:12   | Killed a dread lich
185205 | Zig:12   | Noticed a dread lich
185205 | Zig:12   | Noticed an ancient lich
185205 | Zig:12   | Killed an ancient lich
185206 | Zig:12   | Noticed an ancient lich
185206 | Zig:12   | Noticed an ancient lich
185207 | Zig:12   | Noticed an ancient lich
185207 | Zig:12   | Noticed a dread lich
185208 | Zig:12   | Noticed an ancient lich
185208 | Zig:12   | Killed an ancient lich
185208 | Zig:12   | Killed a dread lich
185208 | Zig:12   | Killed an ancient lich
185208 | Zig:12   | Killed an ancient lich
185208 | Zig:12   | Killed a dread lich
185208 | Zig:12   | Noticed an ancient lich
185209 | Zig:12   | Noticed an ancient lich
185209 | Zig:12   | Killed a dread lich
185209 | Zig:12   | Killed an ancient lich
185210 | Zig:12   | Killed an ancient lich
185210 | Zig:12   | Killed an ancient lich
185210 | Zig:12   | Killed an ancient lich
185212 | Zig:12   | Noticed a dread lich
185214 | Zig:12   | Killed a dread lich
185532 | Zig:12   | Identified the staff "Ebuitwun" {rElec rPois Dex+3 Air}
185534 | Zig:12   | Identified the +1 trident "Beliu" {flame, rElec rC+ Str+2}
185542 | Zig:12   | Identified the +2 scale mail "Cohushae" {rElec}
185550 | Zig:12   | Identified the staff of Deformation {rF+ Tloc Fire}
185603 | Zig:13   | Entered Level 13 of a ziggurat
185738 | Zig:13   | Identified the +6 short sword "Ywosudaq" {heavy, *Rage
                  | ^Fragile rElec Will+++}
185753 | Zig:13   | Identified the +1 leather armour of Loss {Rampage rN+}
185759 | Zig:13   | Identified the staff of Sloth {Int+3 Conj}
186050 | Zig:14   | Entered Level 14 of a ziggurat
186492 | Zig:14   | Identified the +5 battleaxe "Konaq" {freeze, +Blink rElec}
186505 | Zig:14   | Identified the ring "Tuzanios" {Int+4 SInv}
186508 | Zig:14   | Identified the staff of the Mind {rElec rF+ Air}
186534 | Zig:14   | Identified the +7 flail "Ygheoc" {flame, MP+9 Stlth+}
186536 | Zig:14   | Identified the ring "Qikluw" {rF+ rCorr Int+3}
186549 | Zig:14   | Identified the +2 pair of gloves "Riegiupt" {Int+3}
186555 | Zig:14   | Acquired the ring of Usmiq {rC+ Str+6 Int+2 SInv}
186556 | Zig:14   | Acquired the +0 cloak "Oloqyec" {MP+9 Str+4}
186557 | Zig:14   | Acquired the +3 Mad Mage's Maulers {Infuse+∞ VampMP -Cast}
186557 | Zig:14   | Found the +3 Mad Mage's Maulers {Infuse+∞ VampMP -Cast}
186569 | Zig:15   | Entered Level 15 of a ziggurat
186583 | Zig:15   | Found the +8 lance "Wyrmbane" {slay drac, rPois rF+ rC+
                  | AC+3}
186693 | Zig:15   | Identified the +0 dagger of Wrath {flame, Str+2}
186695 | Zig:15   | Identified the +4 spear of the Gnashing Gods {venom, rPois
                  | Will+}
186711 | Zig:15   | Identified the staff of Dyf Magaa {Dex+7 Earth}
187026 | Zig:16   | Entered Level 16 of a ziggurat
187409 | Zig:16   | Identified the +4 great sword of the Hall of Blades {flame,
                  | rPois}
187410 | Zig:16   | Identified the +1 scale mail "Fuga" {rC- rN+++ Dex+4}
187450 | Zig:17   | Entered Level 17 of a ziggurat
187450 | Zig:17   | Noticed Neapotai's ghost (veteran DsMo)
187450 | Zig:17   | Noticed a curse toe
187450 | Zig:17   | Noticed Has Pue's ghost (legendary FoFi)
187450 | Zig:17   | Noticed Qyuhokk's ghost (veteran MDFE)
187450 | Zig:17   | Noticed Qatt's ghost (legendary GnWn)
187450 | Zig:17   | Noticed Neapotai's ghost (veteran DsMo)
187450 | Zig:17   | Noticed a curse toe
187450 | Zig:17   | Noticed Beofaps's ghost (legendary HuCj)
187450 | Zig:17   | Noticed Poalor's ghost (legendary GnWn)
187450 | Zig:17   | Noticed Diylu's ghost (veteran DsCj)
187450 | Zig:17   | Noticed Zycouta's ghost (legendary DrSh)
187450 | Zig:17   | Noticed Zaib's ghost (legendary CeHu)
187450 | Zig:17   | Noticed a curse skull
187450 | Zig:17   | Noticed Juunidd's ghost (veteran BaHu)
187450 | Zig:17   | Noticed Tefur's ghost (legendary GnFi)
187450 | Zig:17   | Noticed Zaib's ghost (legendary CeHu)
187450 | Zig:17   | Noticed Qatt's ghost (legendary GnWn)
187450 | Zig:17   | Noticed Minism's ghost (legendary MiFi)
187450 | Zig:17   | Noticed Qyuhokk's ghost (veteran MDFE)
187450 | Zig:17   | Noticed Qatt's ghost (legendary GnWn)
187450 | Zig:17   | Noticed Tefur's ghost (legendary GnFi)
187450 | Zig:17   | Noticed Juunidd's ghost (veteran BaHu)
187450 | Zig:17   | Noticed Neapotai's ghost (veteran DsMo)
187450 | Zig:17   | Noticed Tefur's ghost (legendary GnFi)
187450 | Zig:17   | Noticed Tefur's ghost (legendary GnFi)
187450 | Zig:17   | Noticed a curse skull
187450 | Zig:17   | Noticed Poalor's ghost (legendary GnWn)
187450 | Zig:17   | Noticed Beofaps's ghost (legendary HuCj)
187450 | Zig:17   | Noticed Jecaful's ghost (legendary NaMo)
187450 | Zig:17   | Noticed Minism's ghost (legendary MiFi)
187450 | Zig:17   | Noticed a curse toe
187452 | Zig:17   | Noticed Neapotai's ghost (veteran DsMo)
187453 | Zig:17   | Noticed Piash's ghost (master OnEE)
187455 | Zig:17   | Killed a curse toe
187455 | Zig:17   | Killed a curse skull
187455 | Zig:17   | Killed a curse skull
187455 | Zig:17   | Killed a curse toe
187455 | Zig:17   | Noticed Has Pue's ghost (legendary FoFi)
187456 | Zig:17   | Killed Piash's ghost
187457 | Zig:17   | Killed Tefur's ghost
187457 | Zig:17   | Killed a curse toe
187457 | Zig:17   | Killed Qyuhokk's ghost
187457 | Zig:17   | Killed Qatt's ghost
187457 | Zig:17   | Killed Minism's ghost
187457 | Zig:17   | Killed Diylu's ghost
187458 | Zig:17   | Killed Tefur's ghost
187458 | Zig:17   | Killed Has Pue's ghost
187458 | Zig:17   | Killed Qatt's ghost
187458 | Zig:17   | Killed Minism's ghost
187458 | Zig:17   | Killed Has Pue's ghost
187458 | Zig:17   | Noticed Hiz Mun's ghost (veteran MfGl)
187458 | Zig:17   | Killed Poalor's ghost
187458 | Zig:17   | Killed Beofaps's ghost
187459 | Zig:17   | Noticed Jataj's ghost (legendary GrFi)
187459 | Zig:17   | Noticed Minism's ghost (legendary MiFi)
187459 | Zig:17   | Killed Zaib's ghost
187459 | Zig:17   | Noticed Diylu's ghost (veteran DsCj)
187459 | Zig:17   | Killed Tefur's ghost
187460 | Zig:17   | Killed Neapotai's ghost
187461 | Zig:17   | Killed Zaib's ghost
187461 | Zig:17   | Killed Juunidd's ghost
187461 | Zig:17   | Killed Zycouta's ghost
187461 | Zig:17   | Killed Neapotai's ghost
187461 | Zig:17   | Killed Qatt's ghost
187461 | Zig:17   | Noticed Gealluifoe's ghost (legendary DrFi)
187462 | Zig:17   | Killed Juunidd's ghost
187465 | Zig:17   | Killed Poalor's ghost
187465 | Zig:17   | Killed Jecaful's ghost
187465 | Zig:17   | Noticed Qatt's ghost (legendary GnWn)
187466 | Zig:17   | Noticed Jecaful's ghost (legendary NaMo)
187466 | Zig:17   | Noticed a curse toe
187467 | Zig:17   | Noticed Diylu's ghost (veteran DsCj)
187467 | Zig:17   | Noticed Zycouta's ghost (legendary DrSh)
187467 | Zig:17   | Noticed Qyuhokk's ghost (veteran MDFE)
187468 | Zig:17   | Noticed Gealluifoe's ghost (legendary DrFi)
187468 | Zig:17   | Noticed a curse skull
187468 | Zig:17   | Killed Qyuhokk's ghost
187468 | Zig:17   | Killed Beofaps's ghost
187468 | Zig:17   | Killed Hiz Mun's ghost
187468 | Zig:17   | Killed a curse skull
187468 | Zig:17   | Killed Diylu's ghost
187468 | Zig:17   | Killed Neapotai's ghost
187468 | Zig:17   | Noticed a curse skull
187468 | Zig:17   | Noticed Jecaful's ghost (legendary NaMo)
187468 | Zig:17   | Killed Tefur's ghost
187468 | Zig:17   | Noticed Zycouta's ghost (legendary DrSh)
187469 | Zig:17   | Noticed Beofaps's ghost (legendary HuCj)
187469 | Zig:17   | Noticed Juunidd's ghost (veteran BaHu)
187469 | Zig:17   | Killed a curse toe
187469 | Zig:17   | Killed a curse skull
187470 | Zig:17   | Killed a curse toe
187470 | Zig:17   | Killed a curse skull
187470 | Zig:17   | Noticed Qatt's ghost (legendary GnWn)
187470 | Zig:17   | Noticed Tefur's ghost (legendary GnFi)
187470 | Zig:17   | Noticed Zaib's ghost (legendary CeHu)
187470 | Zig:17   | Noticed Gealluifoe's ghost (legendary DrFi)
187470 | Zig:17   | Noticed Zycouta's ghost (legendary DrSh)
187471 | Zig:17   | Noticed Juunidd's ghost (veteran BaHu)
187471 | Zig:17   | Killed Zycouta's ghost
187471 | Zig:17   | Killed Beofaps's ghost
187471 | Zig:17   | Killed Kyik Kue's ghost
187471 | Zig:17   | Killed Qatt's ghost
187471 | Zig:17   | Noticed Qatt's ghost (legendary GnWn)
187471 | Zig:17   | Noticed Qatt's ghost (legendary GnWn)
187471 | Zig:17   | Noticed Piash's ghost (master OnEE)
187471 | Zig:17   | Noticed Hahenefa's ghost (legendary DsWn)
187472 | Zig:17   | Noticed Hahenefa's ghost (legendary DsWn)
187472 | Zig:17   | Noticed Jecaful's ghost (legendary NaMo)
187472 | Zig:17   | Killed Qatt's ghost
187472 | Zig:17   | Killed Juunidd's ghost
187472 | Zig:17   | Killed Gealluifoe's ghost
187472 | Zig:17   | Killed Neapotai's ghost
187472 | Zig:17   | Killed Tefur's ghost
187473 | Zig:17   | Killed Hahenefa's ghost
187473 | Zig:17   | Killed Piash's ghost
187473 | Zig:17   | Killed Gealluifoe's ghost
187473 | Zig:17   | Killed Qatt's ghost
187473 | Zig:17   | Killed a curse skull
187473 | Zig:17   | Killed Zaib's ghost
187473 | Zig:17   | Killed a curse skull
187473 | Zig:17   | Killed Gealluifoe's ghost
187473 | Zig:17   | Killed Zycouta's ghost
187473 | Zig:17   | Noticed Qatt's ghost (legendary GnWn)
187473 | Zig:17   | Killed a curse toe
187473 | Zig:17   | Killed a curse skull
187473 | Zig:17   | Noticed Beofaps's ghost (legendary HuCj)
187473 | Zig:17   | Noticed Kyik Kue's ghost (legendary DEFE)
187473 | Zig:17   | Killed Hahenefa's ghost
187473 | Zig:17   | Noticed Minism's ghost (legendary MiFi)
187473 | Zig:17   | Noticed Hiz Mun's ghost (veteran MfGl)
187473 | Zig:17   | Noticed Poalor's ghost (legendary GnWn)
187473 | Zig:17   | Noticed Beofaps's ghost (legendary HuCj)
187473 | Zig:17   | Noticed a curse skull
187474 | Zig:17   | Noticed Jataj's ghost (legendary GrFi)
187474 | Zig:17   | Noticed Zycouta's ghost (legendary DrSh)
187474 | Zig:17   | Killed Diylu's ghost
187474 | Zig:17   | Killed Beofaps's ghost
187474 | Zig:17   | Killed Has Pue's ghost
187474 | Zig:17   | Killed Juunidd's ghost
187474 | Zig:17   | Noticed Zycouta's ghost (legendary DrSh)
187474 | Zig:17   | Noticed Jecaful's ghost (legendary NaMo)
187475 | Zig:17   | Noticed Zaib's ghost (legendary CeHu)
187475 | Zig:17   | Noticed Kyik Kue's ghost (legendary DEFE)
187475 | Zig:17   | Killed Qatt's ghost
187475 | Zig:17   | Killed a curse skull
187476 | Zig:17   | Killed Kyik Kue's ghost
187476 | Zig:17   | Noticed Piash's ghost (master OnEE)
187477 | Zig:17   | Killed Zycouta's ghost
187477 | Zig:17   | Killed Piash's ghost
187477 | Zig:17   | Killed Zycouta's ghost
187477 | Zig:17   | Killed Kyik Kue's ghost
187477 | Zig:17   | Killed Minism's ghost
187477 | Zig:17   | Killed Qatt's ghost
187477 | Zig:17   | Killed Jecaful's ghost
187477 | Zig:17   | Killed Beofaps's ghost
187477 | Zig:17   | Killed Hiz Mun's ghost
187477 | Zig:17   | Noticed Hiz Mun's ghost (veteran MfGl)
187478 | Zig:17   | Noticed Kyik Kue's ghost (legendary DEFE)
187478 | Zig:17   | Noticed Hahenefa's ghost (legendary DsWn)
187478 | Zig:17   | Noticed a curse toe
187478 | Zig:17   | Noticed Kyik Kue's ghost (legendary DEFE)
187479 | Zig:17   | Killed Hiz Mun's ghost
187479 | Zig:17   | Killed a curse toe
187479 | Zig:17   | Noticed Piash's ghost (master OnEE)
187479 | Zig:17   | Killed Poalor's ghost
187481 | Zig:17   | Noticed Hiz Mun's ghost (veteran MfGl)
187482 | Zig:17   | Killed Jataj's ghost
187482 | Zig:17   | Killed Zycouta's ghost
187482 | Zig:17   | Killed Hiz Mun's ghost
187482 | Zig:17   | Killed Jecaful's ghost
187484 | Zig:17   | Killed Kyik Kue's ghost
187484 | Zig:17   | Killed Jecaful's ghost
187485 | Zig:17   | Killed Zaib's ghost
187485 | Zig:17   | Killed Qyuhokk's ghost
187486 | Zig:17   | Noticed Amovulon's ghost (legendary GrEE)
187487 | Zig:17   | Noticed a curse skull
187488 | Zig:17   | Noticed Beofaps's ghost (legendary HuCj)
187489 | Zig:17   | Noticed a curse skull
187489 | Zig:17   | Noticed Zaib's ghost (legendary CeHu)
187490 | Zig:17   | Noticed a curse skull
187491 | Zig:17   | Killed a curse skull
187491 | Zig:17   | Killed a curse skull
187491 | Zig:17   | Killed a curse skull
187491 | Zig:17   | Noticed Zaib's ghost (legendary CeHu)
187491 | Zig:17   | Noticed Amovulon's ghost (legendary GrEE)
187492 | Zig:17   | Killed Amovulon's ghost
187492 | Zig:17   | Killed a curse toe
187492 | Zig:17   | Killed a curse skull
187493 | Zig:17   | Killed Beofaps's ghost
187495 | Zig:17   | Noticed a curse toe
187497 | Zig:17   | Noticed Amovulon's ghost (legendary GrEE)
187498 | Zig:17   | Killed a curse toe
187498 | Zig:17   | Killed a curse skull
187499 | Zig:17   | Noticed Zycouta's ghost (legendary DrSh)
187501 | Zig:17   | Noticed Zycouta's ghost (legendary DrSh)
187501 | Zig:17   | Noticed Minism's ghost (legendary MiFi)
187502 | Zig:17   | Killed Amovulon's ghost
187502 | Zig:17   | Killed Jecaful's ghost
187503 | Zig:17   | Killed Zycouta's ghost
187503 | Zig:17   | Killed Amovulon's ghost
187503 | Zig:17   | Killed Zycouta's ghost
187506 | Zig:17   | Noticed Juunidd's ghost (veteran BaHu)
187508 | Zig:17   | Killed Minism's ghost
187508 | Zig:17   | Killed Zaib's ghost
187511 | Zig:17   | Killed Juunidd's ghost
187513 | Zig:17   | Killed Piash's ghost
187519 | Zig:17   | Killed Zaib's ghost
187905 | Zig:17   | Identified the staff of Linearity {+Blink rElec rF+ Will+
                  | Earth}
187971 | Zig:18   | Entered Level 18 of a ziggurat
188464 | Zig:18   | Identified the +1 robe of the Endless Expanse {Int+2 Dex+3}
188468 | Zig:18   | Identified the +0 mace of Yskijogg {venom, *Slow Str+2
                  | Int+3}
188475 | Zig:18   | Identified the +5 mace of Joyful Slaughter {holy, Int+3
                  | Stlth+}
188478 | Zig:18   | Identified the amulet "Qomoeph" {Reflect -Cast -Tele rCorr
                  | SH+5 SInv}
188479 | Zig:18   | Identified the +2 troll leather armour of Weirdness {Regen+
                  | Str+2 Dex+4}
188499 | Zig:19   | Entered Level 19 of a ziggurat
188499 | Zig:19   | Noticed a caustic shrike
188499 | Zig:19   | Noticed a caustic shrike
188499 | Zig:19   | Noticed a caustic shrike
188499 | Zig:19   | Noticed a caustic shrike
188499 | Zig:19   | Noticed a caustic shrike
188499 | Zig:19   | Noticed a caustic shrike
188499 | Zig:19   | Noticed a caustic shrike
188499 | Zig:19   | Noticed a caustic shrike
188499 | Zig:19   | Noticed a caustic shrike
188499 | Zig:19   | Noticed a caustic shrike
188499 | Zig:19   | Noticed a caustic shrike
188499 | Zig:19   | Noticed a caustic shrike
188499 | Zig:19   | Noticed a caustic shrike
188499 | Zig:19   | Noticed a caustic shrike
188499 | Zig:19   | Noticed a caustic shrike
188499 | Zig:19   | Noticed a caustic shrike
188499 | Zig:19   | Noticed a caustic shrike
188500 | Zig:19   | Killed a caustic shrike
188500 | Zig:19   | Killed a caustic shrike
188500 | Zig:19   | Killed a caustic shrike
188500 | Zig:19   | Killed a caustic shrike
188500 | Zig:19   | Killed a caustic shrike
188500 | Zig:19   | Killed a caustic shrike
188500 | Zig:19   | Killed a caustic shrike
188500 | Zig:19   | Killed a caustic shrike
188500 | Zig:19   | Killed a caustic shrike
188500 | Zig:19   | Killed a caustic shrike
188500 | Zig:19   | Killed a caustic shrike
188500 | Zig:19   | Killed a caustic shrike
188500 | Zig:19   | Noticed a caustic shrike
188500 | Zig:19   | Noticed a caustic shrike
188501 | Zig:19   | Noticed a caustic shrike
188501 | Zig:19   | Noticed a caustic shrike
188501 | Zig:19   | Noticed a caustic shrike
188501 | Zig:19   | Noticed a caustic shrike
188501 | Zig:19   | Noticed a caustic shrike
188502 | Zig:19   | Noticed a caustic shrike
188503 | Zig:19   | Noticed a caustic shrike
188503 | Zig:19   | Noticed a caustic shrike
188503 | Zig:19   | Noticed a caustic shrike
188503 | Zig:19   | Killed a caustic shrike
188503 | Zig:19   | Noticed a caustic shrike
188504 | Zig:19   | Noticed a caustic shrike
188504 | Zig:19   | Noticed a caustic shrike
188504 | Zig:19   | Killed a caustic shrike
188505 | Zig:19   | Noticed a caustic shrike
188505 | Zig:19   | Noticed a caustic shrike
188505 | Zig:19   | Noticed a caustic shrike
188505 | Zig:19   | Killed a caustic shrike
188505 | Zig:19   | Killed a caustic shrike
188505 | Zig:19   | Killed a caustic shrike
188505 | Zig:19   | Killed a caustic shrike
188505 | Zig:19   | Killed a caustic shrike
188505 | Zig:19   | Killed a caustic shrike
188506 | Zig:19   | Noticed a caustic shrike
188506 | Zig:19   | Killed a caustic shrike
188506 | Zig:19   | Killed a caustic shrike
188506 | Zig:19   | Killed a caustic shrike
188506 | Zig:19   | Killed a caustic shrike
188506 | Zig:19   | Killed a caustic shrike
188506 | Zig:19   | Killed a caustic shrike
188506 | Zig:19   | Killed a caustic shrike
188506 | Zig:19   | Killed a caustic shrike
188506 | Zig:19   | Killed a caustic shrike
188506 | Zig:19   | Killed a caustic shrike
188506 | Zig:19   | Noticed a caustic shrike
188506 | Zig:19   | Noticed a caustic shrike
188506 | Zig:19   | Noticed a caustic shrike
188506 | Zig:19   | Noticed a caustic shrike
188507 | Zig:19   | Noticed a caustic shrike
188507 | Zig:19   | Noticed a caustic shrike
188507 | Zig:19   | Killed a caustic shrike
188507 | Zig:19   | Noticed a caustic shrike
188507 | Zig:19   | Noticed a caustic shrike
188508 | Zig:19   | Noticed a caustic shrike
188508 | Zig:19   | Noticed a caustic shrike
188508 | Zig:19   | Killed a caustic shrike
188508 | Zig:19   | Killed a caustic shrike
188508 | Zig:19   | Killed a caustic shrike
188509 | Zig:19   | Noticed a caustic shrike
188509 | Zig:19   | Noticed a caustic shrike
188509 | Zig:19   | Noticed a caustic shrike
188510 | Zig:19   | Noticed a caustic shrike
188511 | Zig:19   | Noticed a caustic shrike
188511 | Zig:19   | Killed a caustic shrike
188511 | Zig:19   | Killed a caustic shrike
188511 | Zig:19   | Killed a caustic shrike
188511 | Zig:19   | Killed a caustic shrike
188511 | Zig:19   | Killed a caustic shrike
188511 | Zig:19   | Killed a caustic shrike
188511 | Zig:19   | Killed a caustic shrike
188511 | Zig:19   | Killed a caustic shrike
188511 | Zig:19   | Killed a caustic shrike
188511 | Zig:19   | Killed a caustic shrike
188511 | Zig:19   | Killed a caustic shrike
188511 | Zig:19   | Killed a caustic shrike
188511 | Zig:19   | Killed a caustic shrike
188511 | Zig:19   | Killed a caustic shrike
188511 | Zig:19   | Killed a caustic shrike
188511 | Zig:19   | Noticed a caustic shrike
188515 | Zig:19   | Noticed a caustic shrike
188515 | Zig:19   | Noticed a caustic shrike
188515 | Zig:19   | Noticed a caustic shrike
188516 | Zig:19   | Killed a caustic shrike
188517 | Zig:19   | Killed a caustic shrike
188517 | Zig:19   | Killed a caustic shrike
188521 | Zig:19   | Killed a caustic shrike
188521 | Zig:19   | Killed a caustic shrike
188637 | Zig:19   | Identified the +0 leather armour "Itixeesi" {rF- rCorr
                  | Dex+5 SInv}
188638 | Zig:19   | Identified the +0 chain mail of Zaapp {rElec Will++ rCorr
                  | Dex-3}
188650 | Zig:19   | Identified the +0 scale mail of the Dropbear {Str+4 Dex+4}
188659 | Zig:19   | Identified the +7 arbalest of Sequestration {drain, Str+6
                  | Int-2 SInv}
188662 | Zig:19   | Identified the +0 cloak of Theory {rPois rCorr Int+3 Dex-3
                  | Slay+2}
189019 | Zig:20   | Entered Level 20 of a ziggurat
189019 | Zig:20   | Noticed Rale the pandemonium lord
189019 | Zig:20   | Noticed Bihaq the pandemonium lord
189019 | Zig:20   | Noticed Koh Seto the pandemonium lord
189019 | Zig:20   | Noticed Becie the pandemonium lord
189019 | Zig:20   | Noticed Tankuam the pandemonium lord
189019 | Zig:20   | Noticed Jytothaz the pandemonium lord
189019 | Zig:20   | Noticed Xut Veer the pandemonium lord
189019 | Zig:20   | Noticed Lucriusu the pandemonium lord
189019 | Zig:20   | Noticed Poluur the pandemonium lord
189019 | Zig:20   | Noticed Gaipi the pandemonium lord
189019 | Zig:20   | Noticed Sijyhuut the pandemonium lord
189019 | Zig:20   | Noticed Kuwof the pandemonium lord
189019 | Zig:20   | Noticed Ycheud the pandemonium lord
189019 | Zig:20   | Noticed Qoliseolo the pandemonium lord
189019 | Zig:20   | Noticed Nilopnit the pandemonium lord
189019 | Zig:20   | Noticed Polupa the pandemonium lord
189019 | Zig:20   | Noticed Wyedouci the pandemonium lord
189019 | Zig:20   | Noticed Duutimis the pandemonium lord
189019 | Zig:20   | Noticed Cevvaehi the pandemonium lord
189019 | Zig:20   | Noticed Venat the pandemonium lord
189019 | Zig:20   | Noticed Ququipus the pandemonium lord
189019 | Zig:20   | Noticed Luiqouh the pandemonium lord
189019 | Zig:20   | Noticed Goneamax the pandemonium lord
189020 | Zig:20   | Noticed Paomnenu the pandemonium lord
189020 | Zig:20   | Noticed Ceogg the pandemonium lord
189020 | Zig:20   | Noticed Pugau the pandemonium lord
189020 | Zig:20   | Noticed Guyr the pandemonium lord
189021 | Zig:20   | Killed Paomnenu the pandemonium lord
189021 | Zig:20   | Killed Bihaq the pandemonium lord
189021 | Zig:20   | Killed Gaipi the pandemonium lord
189021 | Zig:20   | Killed Ycheud the pandemonium lord
189021 | Zig:20   | Killed Ququipus the pandemonium lord
189021 | Zig:20   | Killed Goneamax the pandemonium lord
189021 | Zig:20   | Noticed Xaanics the pandemonium lord
189021 | Zig:20   | Killed Nilopnit the pandemonium lord
189021 | Zig:20   | Noticed Ihuus the pandemonium lord
189022 | Zig:20   | Noticed Foudojy the pandemonium lord
189022 | Zig:20   | Noticed Puntajow the pandemonium lord
189022 | Zig:20   | Noticed Xihugat the pandemonium lord
189023 | Zig:20   | Killed Venat the pandemonium lord
189023 | Zig:20   | Killed Luiqouh the pandemonium lord
189023 | Zig:20   | Killed Cevvaehi the pandemonium lord
189023 | Zig:20   | Killed Tankuam the pandemonium lord
189023 | Zig:20   | Killed Duutimis the pandemonium lord
189023 | Zig:20   | Killed Kuwof the pandemonium lord
189023 | Zig:20   | Killed Becie the pandemonium lord
189023 | Zig:20   | Killed Jytothaz the pandemonium lord
189023 | Zig:20   | Killed Qoliseolo the pandemonium lord
189023 | Zig:20   | Noticed Bios the pandemonium lord
189023 | Zig:20   | Killed Xut Veer the pandemonium lord
189024 | Zig:20   | Noticed Olaklymi the pandemonium lord
189025 | Zig:20   | Killed Koh Seto the pandemonium lord
189025 | Zig:20   | Killed Lucriusu the pandemonium lord
189025 | Zig:20   | Killed Guyr the pandemonium lord
189025 | Zig:20   | Killed Sijyhuut the pandemonium lord
189025 | Zig:20   | Killed Wyedouci the pandemonium lord
189025 | Zig:20   | Killed Poluur the pandemonium lord
189025 | Zig:20   | Noticed Xerom the pandemonium lord
189025 | Zig:20   | Noticed Moloenab the pandemonium lord
189025 | Zig:20   | Noticed Maodoigoa the pandemonium lord
189025 | Zig:20   | Noticed Gyzxoppu the pandemonium lord
189026 | Zig:20   | Noticed Bewnimot the pandemonium lord
189026 | Zig:20   | Killed Foudojy the pandemonium lord
189026 | Zig:20   | Killed Maodoigoa the pandemonium lord
189026 | Zig:20   | Killed Rale the pandemonium lord
189026 | Zig:20   | Killed Pugau the pandemonium lord
189026 | Zig:20   | Noticed Habiy the pandemonium lord
189027 | Zig:20   | Noticed Peety the pandemonium lord
189028 | Zig:20   | Killed Ceogg the pandemonium lord
189029 | Zig:20   | Noticed Ceyssirgh the pandemonium lord
189029 | Zig:20   | Killed Puntajow the pandemonium lord
189029 | Zig:20   | Killed Moloenab the pandemonium lord
189030 | Zig:20   | Killed Polupa the pandemonium lord
189030 | Zig:20   | Killed Gyzxoppu the pandemonium lord
189030 | Zig:20   | Killed Bios the pandemonium lord
189031 | Zig:20   | Noticed Heurgh the pandemonium lord
189031 | Zig:20   | Noticed Lajibb the pandemonium lord
189031 | Zig:20   | Noticed Gyenuam the pandemonium lord
189031 | Zig:20   | Noticed Juaf Jymys the pandemonium lord
189031 | Zig:20   | Noticed Tuos Tyf the pandemonium lord
189031 | Zig:20   | Noticed Ryrph the pandemonium lord
189031 | Zig:20   | Killed Xaanics the pandemonium lord
189031 | Zig:20   | Killed Habiy the pandemonium lord
189032 | Zig:20   | Noticed Gidutiach the pandemonium lord
189032 | Zig:20   | Noticed Jallod the pandemonium lord
189032 | Zig:20   | Noticed Qonubes the pandemonium lord
189032 | Zig:20   | Noticed Ecegh the pandemonium lord
189032 | Zig:20   | Noticed Neduath the pandemonium lord
189032 | Zig:20   | Noticed Gucaffy the pandemonium lord
189033 | Zig:20   | Noticed Hechiby the pandemonium lord
189033 | Zig:20   | Killed Ecegh the pandemonium lord
189033 | Zig:20   | Killed Qonubes the pandemonium lord
189033 | Zig:20   | Killed Peety the pandemonium lord
189034 | Zig:20   | Killed Lajibb the pandemonium lord
189034 | Zig:20   | Killed Gyenuam the pandemonium lord
189034 | Zig:20   | Killed Jallod the pandemonium lord
189034 | Zig:20   | Killed Tuos Tyf the pandemonium lord
189035 | Zig:20   | Noticed Gaeruf the pandemonium lord
189035 | Zig:20   | Noticed Oroomih the pandemonium lord
189035 | Zig:20   | Killed Olaklymi the pandemonium lord
189036 | Zig:20   | Killed Ceyssirgh the pandemonium lord
189036 | Zig:20   | Killed Heurgh the pandemonium lord
189036 | Zig:20   | Killed Xerom the pandemonium lord
189036 | Zig:20   | Noticed Dykhadan the pandemonium lord
189036 | Zig:20   | Noticed Jiuraijo the pandemonium lord
189036 | Zig:20   | Noticed Zeig the pandemonium lord
189036 | Zig:20   | Noticed Fitoxt the pandemonium lord
189036 | Zig:20   | Killed Ryrph the pandemonium lord
189036 | Zig:20   | Killed Hechiby the pandemonium lord
189037 | Zig:20   | Noticed Erugiq the pandemonium lord
189037 | Zig:20   | Noticed Muthrok the pandemonium lord
189037 | Zig:20   | Noticed Dutroaxog the pandemonium lord
189037 | Zig:20   | Noticed Durav the pandemonium lord
189039 | Zig:20   | Noticed Itaiwn Qefo the pandemonium lord
189039 | Zig:20   | Killed Bewnimot the pandemonium lord
189039 | Zig:20   | Killed Jiuraijo the pandemonium lord
189039 | Zig:20   | Killed Gucaffy the pandemonium lord
189039 | Zig:20   | Killed Ihuus the pandemonium lord
189040 | Zig:20   | Killed Neduath the pandemonium lord
189040 | Zig:20   | Killed Zeig the pandemonium lord
189040 | Zig:20   | Killed Nouryofo the pandemonium lord
189040 | Zig:20   | Killed Gidutiach the pandemonium lord
189040 | Zig:20   | Noticed Typrut the pandemonium lord
189040 | Zig:20   | Killed Durav the pandemonium lord
189041 | Zig:20   | Killed Gaeruf the pandemonium lord
189041 | Zig:20   | Killed Juaf Jymys the pandemonium lord
189041 | Zig:20   | Killed Fitoxt the pandemonium lord
189041 | Zig:20   | Noticed Kumek the pandemonium lord
189041 | Zig:20   | Noticed Neafetugg the pandemonium lord
189041 | Zig:20   | Noticed Bielecuga the pandemonium lord
189041 | Zig:20   | Noticed Qaijudup the pandemonium lord
189041 | Zig:20   | Noticed Xianakez the pandemonium lord
189041 | Zig:20   | Killed Xihugat the pandemonium lord
189042 | Zig:20   | Noticed Fast the pandemonium lord
189042 | Zig:20   | Noticed Punoelirche the pandemonium lord
189043 | Zig:20   | Noticed Nobrits Dopt the pandemonium lord
189043 | Zig:20   | Killed Erugiq the pandemonium lord
189043 | Zig:20   | Noticed Nimo the pandemonium lord
189043 | Zig:20   | Noticed Tanneydd the pandemonium lord
189043 | Zig:20   | Noticed Guosithru the pandemonium lord
189044 | Zig:20   | Killed Dykhadan the pandemonium lord
189044 | Zig:20   | Killed Neafetugg the pandemonium lord
189044 | Zig:20   | Killed Muthrok the pandemonium lord
189044 | Zig:20   | Killed Dutroaxog the pandemonium lord
189044 | Zig:20   | Killed Itaiwn Qefo the pandemonium lord
189044 | Zig:20   | Killed Qaijudup the pandemonium lord
189044 | Zig:20   | Killed Kumek the pandemonium lord
189044 | Zig:20   | Noticed Desyror the pandemonium lord
189045 | Zig:20   | Noticed Ydeuban the pandemonium lord
189046 | Zig:20   | Noticed Vuzauz the pandemonium lord
189046 | Zig:20   | Noticed Naentir the pandemonium lord
189047 | Zig:20   | Noticed Qoedeil the pandemonium lord
189047 | Zig:20   | Noticed Haoxusath the pandemonium lord
189047 | Zig:20   | Noticed Uxzuobb the pandemonium lord
189047 | Zig:20   | Noticed Duotebb the pandemonium lord
189047 | Zig:20   | Noticed Podujio the pandemonium lord
189047 | Zig:20   | Noticed Vuomuel the pandemonium lord
189047 | Zig:20   | Noticed Xaacud the pandemonium lord
189047 | Zig:20   | Noticed Wixaucesu the pandemonium lord
189047 | Zig:20   | Noticed Jocsa the pandemonium lord
189047 | Zig:20   | Noticed Jirchenue the pandemonium lord
189047 | Zig:20   | Noticed Jankagya the pandemonium lord
189047 | Zig:20   | Noticed Cipi the pandemonium lord
189047 | Zig:20   | Noticed Zottuq the pandemonium lord
189047 | Zig:20   | Noticed Agijy the pandemonium lord
189047 | Zig:20   | Noticed Niraste the pandemonium lord
189047 | Zig:20   | Killed Nimo the pandemonium lord
189048 | Zig:20   | Noticed Bamnefe the pandemonium lord
189049 | Zig:20   | Noticed Yxzucueg the pandemonium lord
189050 | Zig:20   | Killed Bielecuga the pandemonium lord
189050 | Zig:20   | Killed Xianakez the pandemonium lord
189050 | Zig:20   | Killed Tanneydd the pandemonium lord
189051 | Zig:20   | Noticed Peghus the pandemonium lord
189051 | Zig:20   | Killed Fast the pandemonium lord
189051 | Zig:20   | Killed Typrut the pandemonium lord
189051 | Zig:20   | Killed Xaacud the pandemonium lord
189051 | Zig:20   | Killed Desyror the pandemonium lord
189051 | Zig:20   | Killed Nobrits Dopt the pandemonium lord
189051 | Zig:20   | Noticed Yhoustog the pandemonium lord
189053 | Zig:20   | Killed Podujio the pandemonium lord
189053 | Zig:20   | Killed Ydeuban the pandemonium lord
189053 | Zig:20   | Killed Guosithru the pandemonium lord
189054 | Zig:20   | Killed Vuzauz the pandemonium lord
189054 | Zig:20   | Killed Punoelirche the pandemonium lord
189054 | Zig:20   | Killed Vuomuel the pandemonium lord
189054 | Zig:20   | Killed Agijy the pandemonium lord
189054 | Zig:20   | Killed Jirchenue the pandemonium lord
189054 | Zig:20   | Killed Niraste the pandemonium lord
189054 | Zig:20   | Killed Oroomih the pandemonium lord
189054 | Zig:20   | Killed Bamnefe the pandemonium lord
189054 | Zig:20   | Banished Naentir the pandemonium lord
189057 | Zig:20   | Killed Uxzuobb the pandemonium lord
189057 | Zig:20   | Killed Qoedeil the pandemonium lord
189057 | Zig:20   | Killed Wixaucesu the pandemonium lord
189057 | Zig:20   | Killed Jocsa the pandemonium lord
189058 | Zig:20   | Noticed Oru Surch the pandemonium lord
189058 | Zig:20   | Noticed Rety the pandemonium lord
189059 | Zig:20   | Noticed Setur the pandemonium lord
189059 | Zig:20   | Noticed Pufaqasi the pandemonium lord
189059 | Zig:20   | Noticed Xush the pandemonium lord
189060 | Zig:20   | Killed Yxzucueg the pandemonium lord
189060 | Zig:20   | Killed Peghus the pandemonium lord
189061 | Zig:20   | Noticed Sasmu the pandemonium lord
189061 | Zig:20   | Killed Xush the pandemonium lord
189061 | Zig:20   | Killed Haoxusath the pandemonium lord
189061 | Zig:20   | Killed Pufaqasi the pandemonium lord
189061 | Zig:20   | Killed Oru Surch the pandemonium lord
189061 | Zig:20   | Killed Cipi the pandemonium lord
189061 | Zig:20   | Killed Jankagya the pandemonium lord
189061 | Zig:20   | Noticed Hotoocem the pandemonium lord
189062 | Zig:20   | Noticed Olikuo the pandemonium lord
189062 | Zig:20   | Noticed Moaxoh the pandemonium lord
189062 | Zig:20   | Noticed Benen the pandemonium lord
189062 | Zig:20   | Noticed Suk Bapt the pandemonium lord
189062 | Zig:20   | Noticed Bawke Vei the pandemonium lord
189062 | Zig:20   | Killed Duotebb the pandemonium lord
189062 | Zig:20   | Killed Yhoustog the pandemonium lord
189062 | Zig:20   | Noticed Gixkom the pandemonium lord
189062 | Zig:20   | Noticed Joali the pandemonium lord
189064 | Zig:20   | Killed Setur the pandemonium lord
189065 | Zig:20   | Killed Rety the pandemonium lord
189065 | Zig:20   | Noticed Viuklix the pandemonium lord
189066 | Zig:20   | Killed Joali the pandemonium lord
189066 | Zig:20   | Killed Hotoocem the pandemonium lord
189066 | Zig:20   | Killed Sasmu the pandemonium lord
189066 | Zig:20   | Killed Benen the pandemonium lord
189066 | Zig:20   | Killed Bawke Vei the pandemonium lord
189066 | Zig:20   | Killed Qeacaoqu the pandemonium lord
189066 | Zig:20   | Noticed Odequss the pandemonium lord
189067 | Zig:20   | Noticed Xeiquej the pandemonium lord
189067 | Zig:20   | Noticed Hoijat the pandemonium lord
189067 | Zig:20   | Noticed Galari the pandemonium lord
189067 | Zig:20   | Noticed Wayzar the pandemonium lord
189068 | Zig:20   | Killed Gixkom the pandemonium lord
189069 | Zig:20   | Killed Odequss the pandemonium lord
189069 | Zig:20   | Killed Suk Bapt the pandemonium lord
189069 | Zig:20   | Killed Hoijat the pandemonium lord
189069 | Zig:20   | Killed Moaxoh the pandemonium lord
189069 | Zig:20   | Killed Viuklix the pandemonium lord
189069 | Zig:20   | Killed Olikuo the pandemonium lord
189069 | Zig:20   | Noticed Ruptyb the pandemonium lord
189070 | Zig:20   | Killed Wayzar the pandemonium lord
189072 | Zig:20   | Noticed Tegotene the pandemonium lord
189074 | Zig:20   | Killed Xeiquej the pandemonium lord
189074 | Zig:20   | Killed Galari the pandemonium lord
189074 | Zig:20   | Noticed Ceikafek the pandemonium lord
189075 | Zig:20   | Killed Tegotene the pandemonium lord
189076 | Zig:20   | Killed Ruptyb the pandemonium lord
189076 | Zig:20   | Killed Zottuq the pandemonium lord
189077 | Zig:20   | Killed Ceikafek the pandemonium lord
189570 | Zig:20   | Identified the +0 orcbow "Vyoptil" {freeze, rN+ Str+4 Int-2
                  | Dex+4}
189581 | Zig:20   | Identified the +1 chain mail of Jyerph {rC+ rCorr Str+2}
189610 | Zig:21   | Entered Level 21 of a ziggurat
189610 | Zig:21   | Noticed a juggernaut
189610 | Zig:21   | Noticed a juggernaut
189610 | Zig:21   | Noticed a juggernaut
189610 | Zig:21   | Noticed a juggernaut
189610 | Zig:21   | Noticed a juggernaut
189610 | Zig:21   | Noticed a juggernaut
189610 | Zig:21   | Noticed a juggernaut
189611 | Zig:21   | Killed a juggernaut
189611 | Zig:21   | Killed a juggernaut
189611 | Zig:21   | Killed a juggernaut
189611 | Zig:21   | Killed a juggernaut
189611 | Zig:21   | Killed a juggernaut
189611 | Zig:21   | Killed a juggernaut
189611 | Zig:21   | Noticed a juggernaut
189611 | Zig:21   | Noticed a juggernaut
189612 | Zig:21   | Noticed a juggernaut
189614 | Zig:21   | Noticed a juggernaut
189614 | Zig:21   | Noticed a juggernaut
189614 | Zig:21   | Noticed a juggernaut
189615 | Zig:21   | Noticed a juggernaut
189615 | Zig:21   | Noticed a juggernaut
189615 | Zig:21   | Killed a juggernaut
189615 | Zig:21   | Killed a juggernaut
189615 | Zig:21   | Noticed a juggernaut
189615 | Zig:21   | Noticed a juggernaut
189615 | Zig:21   | Noticed a juggernaut
189616 | Zig:21   | Noticed a juggernaut
189616 | Zig:21   | Killed a juggernaut
189616 | Zig:21   | Killed a juggernaut
189617 | Zig:21   | Noticed a juggernaut
189617 | Zig:21   | Killed a juggernaut
189617 | Zig:21   | Killed a juggernaut
189618 | Zig:21   | Noticed a juggernaut
189618 | Zig:21   | Noticed a juggernaut
189618 | Zig:21   | Killed a juggernaut
189618 | Zig:21   | Killed a juggernaut
189618 | Zig:21   | Killed a juggernaut
189618 | Zig:21   | Killed a juggernaut
189620 | Zig:21   | Killed a juggernaut
189620 | Zig:21   | Killed a juggernaut
189620 | Zig:21   | Killed a juggernaut
189620 | Zig:21   | Killed a juggernaut
189620 | Zig:21   | Killed a juggernaut
189620 | Zig:21   | Noticed a juggernaut
189621 | Zig:21   | Noticed a juggernaut
189621 | Zig:21   | Noticed a juggernaut
189621 | Zig:21   | Noticed a juggernaut
189622 | Zig:21   | Noticed a juggernaut
189623 | Zig:21   | Killed a juggernaut
189623 | Zig:21   | Killed a juggernaut
189623 | Zig:21   | Killed a juggernaut
189623 | Zig:21   | Killed a juggernaut
189624 | Zig:21   | Noticed a juggernaut
189625 | Zig:21   | Noticed a juggernaut
189625 | Zig:21   | Noticed a juggernaut
189625 | Zig:21   | Noticed a juggernaut
189626 | Zig:21   | Killed a juggernaut
189626 | Zig:21   | Noticed a juggernaut
189627 | Zig:21   | Noticed a juggernaut
189627 | Zig:21   | Noticed a juggernaut
189627 | Zig:21   | Killed a juggernaut
189629 | Zig:21   | Killed a juggernaut
189629 | Zig:21   | Killed a juggernaut
189629 | Zig:21   | Killed a juggernaut
189629 | Zig:21   | Killed a juggernaut
189629 | Zig:21   | Killed a juggernaut
189630 | Zig:21   | Killed a juggernaut
189630 | Zig:21   | Killed a juggernaut
189630 | Zig:21   | Noticed a juggernaut
189630 | Zig:21   | Noticed a juggernaut
189633 | Zig:21   | Found the +27 heavy crossbow "Sniper" {heavy, Acc+∞ SInv}
189635 | Zig:21   | Killed a juggernaut
189635 | Zig:21   | Killed a juggernaut
189639 | Zig:21   | Found the +10 zealot's sword {holy, Zealotry, *Rage rN+
                  | EV+3}
189814 | Zig:21   | Identified the ring of Lugonu, Conjuring {*Slow Fly rPois
                  | Str+2 Dex+3}
189830 | Zig:21   | Identified the +9 flail of Past Mistakes {freeze, rPois
                  | Will- Int+4 Dex+2}
189842 | Zig:21   | Identified the +0 chain mail of Sufficient Life {rF+ Str+3}
189851 | Zig:21   | Identified the +2 robe "Kudibo Wymn" {rElec rPois Str+3}
189859 | Zig:21   | Identified the +2 pearl dragon scales of Caemodd {Fly rElec
                  | rN+ Will++ Slay-6}
189874 | Zig:21   | Identified the ring of Pieghaz {rPois MP+9 SInv}
189884 | Zig:21   | Identified the +0 ring mail of Rationality {rPois rF+
                  | rCorr}
189928 | Zig:21   | Identified the staff "Raesch" {Will++ rCorr Conj}
190394 | Zig:22   | Entered Level 22 of a ziggurat
190953 | Zig:22   | Identified the staff of Figikosm {rElec Dex+5 Air}
190954 | Zig:22   | Identified the +0 robe of Raloum {rF++ Dex+3}
190961 | Zig:22   | Identified the +0 leather armour of Folorelice {rPois rN+
                  | Int+2 Slay-4}
191052 | Zig:22   | Identified the amulet of Roosob {Acrobat Harm Int+3}
191080 | Zig:22   | Identified the -1 pair of boots of Xoageali {rPois}
191154 | Zig:23   | Entered Level 23 of a ziggurat
191154 | Zig:23   | Noticed a royal mummy
191154 | Zig:23   | Noticed a royal mummy
191154 | Zig:23   | Noticed a royal mummy
191154 | Zig:23   | Noticed a royal mummy
191154 | Zig:23   | Noticed a royal mummy
191154 | Zig:23   | Noticed a royal mummy
191155 | Zig:23   | Killed a royal mummy
191155 | Zig:23   | Killed a royal mummy
191155 | Zig:23   | Killed a royal mummy
191155 | Zig:23   | Killed a royal mummy
191155 | Zig:23   | Killed a royal mummy
191155 | Zig:23   | Killed a royal mummy
191156 | Zig:23   | Noticed a royal mummy
191156 | Zig:23   | Noticed a royal mummy
191157 | Zig:23   | Noticed a royal mummy
191158 | Zig:23   | Noticed a royal mummy
191159 | Zig:23   | Noticed a royal mummy
191159 | Zig:23   | Noticed a royal mummy
191159 | Zig:23   | Noticed a royal mummy
191160 | Zig:23   | Noticed a royal mummy
191160 | Zig:23   | Noticed a royal mummy
191160 | Zig:23   | Noticed a royal mummy
191160 | Zig:23   | Noticed a royal mummy
191160 | Zig:23   | Noticed a royal mummy
191160 | Zig:23   | Noticed a royal mummy
191160 | Zig:23   | Noticed a royal mummy
191160 | Zig:23   | Noticed a royal mummy
191160 | Zig:23   | Killed a royal mummy
191160 | Zig:23   | Killed a royal mummy
191161 | Zig:23   | Killed a royal mummy
191161 | Zig:23   | Killed a royal mummy
191161 | Zig:23   | Killed a royal mummy
191161 | Zig:23   | Killed a royal mummy
191161 | Zig:23   | Killed a royal mummy
191161 | Zig:23   | Killed a royal mummy
191161 | Zig:23   | Killed a royal mummy
191161 | Zig:23   | Noticed a royal mummy
191162 | Zig:23   | Noticed a royal mummy
191162 | Zig:23   | Noticed a royal mummy
191162 | Zig:23   | Noticed a royal mummy
191162 | Zig:23   | Killed a royal mummy
191162 | Zig:23   | Noticed a royal mummy
191163 | Zig:23   | Noticed a royal mummy
191163 | Zig:23   | Noticed a royal mummy
191163 | Zig:23   | Noticed a royal mummy
191163 | Zig:23   | Killed a royal mummy
191163 | Zig:23   | Noticed a royal mummy
191163 | Zig:23   | Noticed a royal mummy
191163 | Zig:23   | Killed a royal mummy
191163 | Zig:23   | Noticed a royal mummy
191164 | Zig:23   | Killed a royal mummy
191164 | Zig:23   | Killed a royal mummy
191164 | Zig:23   | Killed a royal mummy
191164 | Zig:23   | Killed a royal mummy
191164 | Zig:23   | Killed a royal mummy
191164 | Zig:23   | Killed a royal mummy
191164 | Zig:23   | Killed a royal mummy
191164 | Zig:23   | Killed a royal mummy
191164 | Zig:23   | Killed a royal mummy
191165 | Zig:23   | Noticed a royal mummy
191165 | Zig:23   | Noticed a royal mummy
191165 | Zig:23   | Noticed a royal mummy
191165 | Zig:23   | Noticed a royal mummy
191165 | Zig:23   | Killed a royal mummy
191165 | Zig:23   | Noticed a royal mummy
191165 | Zig:23   | Noticed a royal mummy
191165 | Zig:23   | Noticed a royal mummy
191166 | Zig:23   | Noticed a royal mummy
191166 | Zig:23   | Noticed a royal mummy
191166 | Zig:23   | Noticed a royal mummy
191167 | Zig:23   | Noticed a royal mummy
191167 | Zig:23   | Noticed a royal mummy
191167 | Zig:23   | Killed a royal mummy
191167 | Zig:23   | Noticed a royal mummy
191167 | Zig:23   | Killed a royal mummy
191167 | Zig:23   | Noticed a royal mummy
191167 | Zig:23   | Noticed a royal mummy
191167 | Zig:23   | Noticed a royal mummy
191168 | Zig:23   | Killed a royal mummy
191168 | Zig:23   | Killed a royal mummy
191168 | Zig:23   | Noticed a royal mummy
191169 | Zig:23   | Killed a royal mummy
191169 | Zig:23   | Killed a royal mummy
191169 | Zig:23   | Killed a royal mummy
191169 | Zig:23   | Killed a royal mummy
191169 | Zig:23   | Killed a royal mummy
191169 | Zig:23   | Killed a royal mummy
191169 | Zig:23   | Killed a royal mummy
191169 | Zig:23   | Killed a royal mummy
191169 | Zig:23   | Killed a royal mummy
191169 | Zig:23   | Killed a royal mummy
191169 | Zig:23   | Killed a royal mummy
191169 | Zig:23   | Killed a royal mummy
191169 | Zig:23   | Killed a royal mummy
191169 | Zig:23   | Killed a royal mummy
191170 | Zig:23   | Killed a royal mummy
191170 | Zig:23   | Killed a royal mummy
191173 | Zig:23   | Killed a royal mummy
191173 | Zig:23   | Noticed a royal mummy
191175 | Zig:23   | Noticed a royal mummy
191175 | Zig:23   | Noticed a royal mummy
191176 | Zig:23   | Noticed a royal mummy
191177 | Zig:23   | Noticed a royal mummy
191177 | Zig:23   | Noticed a royal mummy
191178 | Zig:23   | Noticed a royal mummy
191178 | Zig:23   | Noticed a royal mummy
191178 | Zig:23   | Noticed a royal mummy
191178 | Zig:23   | Noticed a royal mummy
191179 | Zig:23   | Found the ring of the Octopus King
191179 | Zig:23   | Killed a royal mummy
191180 | Zig:23   | Killed a royal mummy
191180 | Zig:23   | Killed a royal mummy
191180 | Zig:23   | Killed a royal mummy
191180 | Zig:23   | Killed a royal mummy
191180 | Zig:23   | Killed a royal mummy
191181 | Zig:23   | Killed a royal mummy
191181 | Zig:23   | Killed a royal mummy
191181 | Zig:23   | Killed a royal mummy
191183 | Zig:23   | Killed a royal mummy
191361 | Zig:23   | Identified the staff of Demonkind {rC+ Will+ Conj}
191362 | Zig:23   | Identified the +8 quick blade of the Lair of Beasts {flame,
                  | MP+9 Dex+3}
191363 | Zig:23   | Identified the +11 chain mail "Uskut" {Harm Int+3}
191365 | Zig:23   | Identified the +0 trident "Feliuhol" {flame, Int+2}
191368 | Zig:23   | Identified the +6 morningstar of Doecwola {antimagic,
                  | ^Fragile Int+5 SInv}
191369 | Zig:23   | Identified the staff of Spring {rElec rN+ Conj Necro}
191377 | Zig:23   | Identified the staff of Checkmate {rCorr MP+9 Earth}
191381 | Zig:23   | Identified the +9 hand axe "Juashregye" {heavy, rC+ Int+3}
191394 | Zig:23   | Identified the +6 falchion "Meonkorgh" {drain, rC++ rN+
                  | Int-4}
191402 | Zig:23   | Identified a ring of the Octopus King {rN+ HP+2 AC+2 EV+2
                  | SH+2}
191407 | Zig:23   | Identified the staff of Forgiveness {Fly Earth}
191436 | Zig:23   | Identified the ring of the Worm {rF++ Str-4 Slay+6 SInv
                  | Stlth+}
191792 | Zig:23   | Acquired the +1 pair of boots "Venost" {rElec Regen+
                  | Stlth+}
191819 | Zig:24   | Entered Level 24 of a ziggurat
191819 | Zig:24   | Noticed Gaicverr the pandemonium lord
191819 | Zig:24   | Noticed Feudeup the pandemonium lord
191819 | Zig:24   | Noticed Biasodyr the pandemonium lord
191819 | Zig:24   | Noticed Bomny the pandemonium lord
191819 | Zig:24   | Noticed Juockebu the pandemonium lord
191819 | Zig:24   | Noticed Coasaf the pandemonium lord
191819 | Zig:24   | Noticed Qimm the pandemonium lord
191819 | Zig:24   | Noticed Zozodo the pandemonium lord
191819 | Zig:24   | Noticed Joto Boc the pandemonium lord
191819 | Zig:24   | Noticed Jurrioqu the pandemonium lord
191819 | Zig:24   | Noticed Koaxt the pandemonium lord
191819 | Zig:24   | Noticed Zoadipu the pandemonium lord
191819 | Zig:24   | Noticed Woerueph the pandemonium lord
191819 | Zig:24   | Noticed Feusaj the pandemonium lord
191819 | Zig:24   | Noticed Memn the pandemonium lord
191819 | Zig:24   | Noticed Qaprunach the pandemonium lord
191819 | Zig:24   | Noticed Asuimyce the pandemonium lord
191819 | Zig:24   | Noticed Wutonui the pandemonium lord
191819 | Zig:24   | Noticed Den Jaor the pandemonium lord
191819 | Zig:24   | Noticed Odawi the pandemonium lord
191819 | Zig:24   | Noticed Izioqoory the pandemonium lord
191819 | Zig:24   | Noticed Ittiloec the pandemonium lord
191819 | Zig:24   | Noticed Mosykluf the pandemonium lord
191819 | Zig:24   | Noticed Vuijeiq the pandemonium lord
191819 | Zig:24   | Noticed Tiwisona the pandemonium lord
191819 | Zig:24   | Noticed Kivigh the pandemonium lord
191819 | Zig:24   | Noticed Sajanock the pandemonium lord
191819 | Zig:24   | Noticed Roph the pandemonium lord
191819 | Zig:24   | Noticed Geyhid the pandemonium lord
191819 | Zig:24   | Noticed Wommik the pandemonium lord
191819 | Zig:24   | Noticed Picvazoz the pandemonium lord
191820 | Zig:24   | Killed Zoadipu the pandemonium lord
191820 | Zig:24   | Killed Woerueph the pandemonium lord
191820 | Zig:24   | Killed Feusaj the pandemonium lord
191820 | Zig:24   | Killed Joto Boc the pandemonium lord
191820 | Zig:24   | Killed Qaprunach the pandemonium lord
191820 | Zig:24   | Killed Ittiloec the pandemonium lord
191820 | Zig:24   | Killed Tiwisona the pandemonium lord
191820 | Zig:24   | Killed Kivigh the pandemonium lord
191820 | Zig:24   | Killed Roph the pandemonium lord
191820 | Zig:24   | Killed Geyhid the pandemonium lord
191820 | Zig:24   | Noticed Ediel the pandemonium lord
191821 | Zig:24   | Killed Vuijeiq the pandemonium lord
191821 | Zig:24   | Killed Feudeup the pandemonium lord
191821 | Zig:24   | Killed Sajanock the pandemonium lord
191821 | Zig:24   | Killed Koaxt the pandemonium lord
191821 | Zig:24   | Killed Izioqoory the pandemonium lord
191821 | Zig:24   | Noticed Deiquats the pandemonium lord
191821 | Zig:24   | Noticed Urghoyv the pandemonium lord
191821 | Zig:24   | Noticed Jounkeq the pandemonium lord
191821 | Zig:24   | Noticed Numae the pandemonium lord
191822 | Zig:24   | Killed Biasodyr the pandemonium lord
191823 | Zig:24   | Noticed Hytzy the pandemonium lord
191823 | Zig:24   | Killed Jounkeq the pandemonium lord
191823 | Zig:24   | Killed Wutonui the pandemonium lord
191823 | Zig:24   | Killed Memn the pandemonium lord
191823 | Zig:24   | Killed Coasaf the pandemonium lord
191823 | Zig:24   | Killed Zozodo the pandemonium lord
191823 | Zig:24   | Killed Ediel the pandemonium lord
191823 | Zig:24   | Killed Picvazoz the pandemonium lord
191823 | Zig:24   | Noticed Goiruc the pandemonium lord
191823 | Zig:24   | Noticed Mesir the pandemonium lord
191823 | Zig:24   | Noticed Jur Weph the pandemonium lord
191824 | Zig:24   | Killed Wommik the pandemonium lord
191824 | Zig:24   | Killed Odawi the pandemonium lord
191824 | Zig:24   | Killed Gaicverr the pandemonium lord
191824 | Zig:24   | Killed Juockebu the pandemonium lord
191824 | Zig:24   | Killed Jurrioqu the pandemonium lord
191824 | Zig:24   | Killed Mosykluf the pandemonium lord
191824 | Zig:24   | Killed Deiquats the pandemonium lord
191824 | Zig:24   | Noticed Licsided the pandemonium lord
191824 | Zig:24   | Noticed Zagouropt the pandemonium lord
191824 | Zig:24   | Noticed Tymeb the pandemonium lord
191825 | Zig:24   | Noticed Emyzaugo the pandemonium lord
191826 | Zig:24   | Noticed Mogirr the pandemonium lord
191826 | Zig:24   | Noticed Lyzotuz the pandemonium lord
191826 | Zig:24   | Noticed Kucor the pandemonium lord
191826 | Zig:24   | Noticed Oxanepuli the pandemonium lord
191826 | Zig:24   | Noticed Oco Okli the pandemonium lord
191826 | Zig:24   | Noticed Biatycuy the pandemonium lord
191826 | Zig:24   | Noticed Aweavoc the pandemonium lord
191826 | Zig:24   | Killed Aweavoc the pandemonium lord
191826 | Zig:24   | Noticed Piajenic the pandemonium lord
191827 | Zig:24   | Noticed Vudegaus the pandemonium lord
191827 | Zig:24   | Noticed Gexaxiz the pandemonium lord
191827 | Zig:24   | Noticed Ebeocifo the pandemonium lord
191827 | Zig:24   | Noticed Maskim the pandemonium lord
191827 | Zig:24   | Noticed Voux the pandemonium lord
191827 | Zig:24   | Killed Asuimyce the pandemonium lord
191827 | Zig:24   | Killed Bomny the pandemonium lord
191828 | Zig:24   | Noticed Erpheafe the pandemonium lord
191828 | Zig:24   | Killed Goiruc the pandemonium lord
191828 | Zig:24   | Killed Zagouropt the pandemonium lord
191828 | Zig:24   | Killed Urghoyv the pandemonium lord
191828 | Zig:24   | Killed Jur Weph the pandemonium lord
191828 | Zig:24   | Killed Den Jaor the pandemonium lord
191828 | Zig:24   | Killed Numae the pandemonium lord
191828 | Zig:24   | Killed Erpheafe the pandemonium lord
191828 | Zig:24   | Killed Mogirr the pandemonium lord
191828 | Zig:24   | Killed Hytzy the pandemonium lord
191828 | Zig:24   | Noticed Gyrul the pandemonium lord
191829 | Zig:24   | Noticed Suxewoaf the pandemonium lord
191829 | Zig:24   | Killed Emyzaugo the pandemonium lord
191829 | Zig:24   | Killed Mesir the pandemonium lord
191829 | Zig:24   | Killed Lyzotuz the pandemonium lord
191829 | Zig:24   | Killed Qimm the pandemonium lord
191829 | Zig:24   | Killed Tymeb the pandemonium lord
191829 | Zig:24   | Noticed Pukhlerr the pandemonium lord
191829 | Zig:24   | Noticed Xuudgh the pandemonium lord
191829 | Zig:24   | Noticed Rameduene the pandemonium lord
191830 | Zig:24   | Noticed Vaol the pandemonium lord
191830 | Zig:24   | Killed Voux the pandemonium lord
191830 | Zig:24   | Killed Suxewoaf the pandemonium lord
191830 | Zig:24   | Killed Oco Okli the pandemonium lord
191830 | Zig:24   | Killed Vudegaus the pandemonium lord
191830 | Zig:24   | Killed Biatycuy the pandemonium lord
191830 | Zig:24   | Killed Gexaxiz the pandemonium lord
191830 | Zig:24   | Killed Licsided the pandemonium lord
191830 | Zig:24   | Killed Piajenic the pandemonium lord
191830 | Zig:24   | Noticed Voadastru the pandemonium lord
191830 | Zig:24   | Killed Ebeocifo the pandemonium lord
191831 | Zig:24   | Noticed Comyo the pandemonium lord
191831 | Zig:24   | Noticed Pepiek the pandemonium lord
191831 | Zig:24   | Noticed Duwkit the pandemonium lord
191831 | Zig:24   | Noticed Iffienor the pandemonium lord
191831 | Zig:24   | Noticed Derua the pandemonium lord
191832 | Zig:24   | Noticed Pisoogul the pandemonium lord
191832 | Zig:24   | Noticed Esuun the pandemonium lord
191832 | Zig:24   | Noticed Cyucios the pandemonium lord
191832 | Zig:24   | Noticed Cuexzeesie the pandemonium lord
191832 | Zig:24   | Noticed Fitt the pandemonium lord
191833 | Zig:24   | Noticed Towu the pandemonium lord
191833 | Zig:24   | Killed Kucor the pandemonium lord
191833 | Zig:24   | Killed Maskim the pandemonium lord
191833 | Zig:24   | Noticed Satuvolu the pandemonium lord
191833 | Zig:24   | Noticed Laqizis the pandemonium lord
191833 | Zig:24   | Noticed Rompag the pandemonium lord
191833 | Zig:24   | Killed Xuudgh the pandemonium lord
191834 | Zig:24   | Noticed Tauk the pandemonium lord
191834 | Zig:24   | Killed Gyrul the pandemonium lord
191834 | Zig:24   | Killed Fitt the pandemonium lord
191834 | Zig:24   | Killed Vaol the pandemonium lord
191834 | Zig:24   | Killed Esuun the pandemonium lord
191834 | Zig:24   | Noticed Satipy the pandemonium lord
191834 | Zig:24   | Noticed Kiyrok the pandemonium lord
191834 | Zig:24   | Noticed Xoynn the pandemonium lord
191835 | Zig:24   | Killed Oxanepuli the pandemonium lord
191835 | Zig:24   | Killed Pisoogul the pandemonium lord
191835 | Zig:24   | Noticed Bouquy the pandemonium lord
191835 | Zig:24   | Noticed Haoned the pandemonium lord
191836 | Zig:24   | Noticed Vagum the pandemonium lord
191836 | Zig:24   | Noticed Cuestid the pandemonium lord
191837 | Zig:24   | Noticed Liufre the pandemonium lord
191838 | Zig:24   | Killed Rompag the pandemonium lord
191839 | Zig:24   | Noticed Vaygewoz the pandemonium lord
191839 | Zig:24   | Noticed Qagaegil the pandemonium lord
191840 | Zig:24   | Killed Voadastru the pandemonium lord
191840 | Zig:24   | Killed Satuvolu the pandemonium lord
191840 | Zig:24   | Killed Rameduene the pandemonium lord
191840 | Zig:24   | Killed Cuexzeesie the pandemonium lord
191840 | Zig:24   | Killed Tauk the pandemonium lord
191840 | Zig:24   | Killed Laqizis the pandemonium lord
191840 | Zig:24   | Killed Pepiek the pandemonium lord
191840 | Zig:24   | Killed Duwkit the pandemonium lord
191841 | Zig:24   | Noticed Ohupritta the pandemonium lord
191841 | Zig:24   | Noticed Erahural the pandemonium lord
191841 | Zig:24   | Noticed Joanun the pandemonium lord
191842 | Zig:24   | Noticed Mocebaps the pandemonium lord
191842 | Zig:24   | Killed Kiyrok the pandemonium lord
191842 | Zig:24   | Noticed Pigitat the pandemonium lord
191843 | Zig:24   | Noticed Califus the pandemonium lord
191843 | Zig:24   | Killed Vagum the pandemonium lord
191843 | Zig:24   | Killed Comyo the pandemonium lord
191843 | Zig:24   | Killed Derua the pandemonium lord
191843 | Zig:24   | Killed Pukhlerr the pandemonium lord
191843 | Zig:24   | Noticed Herghotu the pandemonium lord
191844 | Zig:24   | Killed Cuestid the pandemonium lord
191844 | Zig:24   | Killed Cyucios the pandemonium lord
191844 | Zig:24   | Killed Bouquy the pandemonium lord
191844 | Zig:24   | Killed Liufre the pandemonium lord
191844 | Zig:24   | Noticed Vuuvuhau the pandemonium lord
191844 | Zig:24   | Noticed Plog the pandemonium lord
191844 | Zig:24   | Noticed Zebab the pandemonium lord
191844 | Zig:24   | Killed Haoned the pandemonium lord
191844 | Zig:24   | Killed Satipy the pandemonium lord
191844 | Zig:24   | Noticed Voupna the pandemonium lord
191844 | Zig:24   | Killed Qagaegil the pandemonium lord
191845 | Zig:24   | Noticed Urytyu the pandemonium lord
191845 | Zig:24   | Noticed Akhlox the pandemonium lord
191845 | Zig:24   | Noticed Purchooji the pandemonium lord
191845 | Zig:24   | Noticed Jeugah the pandemonium lord
191845 | Zig:24   | Killed Ohupritta the pandemonium lord
191845 | Zig:24   | Killed Xoynn the pandemonium lord
191845 | Zig:24   | Noticed Jorghups the pandemonium lord
191845 | Zig:24   | Noticed Xemoec the pandemonium lord
191846 | Zig:24   | Noticed Wuijek the pandemonium lord
191846 | Zig:24   | Noticed Ulyab the pandemonium lord
191846 | Zig:24   | Noticed Neab the pandemonium lord
191846 | Zig:24   | Noticed Xunkar the pandemonium lord
191846 | Zig:24   | Noticed Zouq the pandemonium lord
191846 | Zig:24   | Noticed Umagy the pandemonium lord
191846 | Zig:24   | Noticed Pysmiosu the pandemonium lord
191847 | Zig:24   | Noticed Vynokuxe the pandemonium lord
191848 | Zig:24   | Killed Joanun the pandemonium lord
191848 | Zig:24   | Killed Xemoec the pandemonium lord
191848 | Zig:24   | Killed Purchooji the pandemonium lord
191848 | Zig:24   | Killed Voupna the pandemonium lord
191848 | Zig:24   | Noticed Ligg the pandemonium lord
191848 | Zig:24   | Noticed Likes the pandemonium lord
191849 | Zig:24   | Noticed Qioxyih the pandemonium lord
191849 | Zig:24   | Noticed Muodene the pandemonium lord
191849 | Zig:24   | Killed Urytyu the pandemonium lord
191850 | Zig:24   | Killed Plog the pandemonium lord
191850 | Zig:24   | Killed Jorghups the pandemonium lord
191850 | Zig:24   | Killed Califus the pandemonium lord
191850 | Zig:24   | Killed Zebab the pandemonium lord
191850 | Zig:24   | Killed Erahural the pandemonium lord
191850 | Zig:24   | Killed Xunkar the pandemonium lord
191850 | Zig:24   | Noticed Qistraxops the pandemonium lord
191851 | Zig:24   | Noticed Taerphuss the pandemonium lord
191851 | Zig:24   | Noticed Wuonait the pandemonium lord
191851 | Zig:24   | Killed Mocebaps the pandemonium lord
191851 | Zig:24   | Killed Vuuvuhau the pandemonium lord
191852 | Zig:24   | Killed Herghotu the pandemonium lord
191852 | Zig:24   | Killed Towu the pandemonium lord
191852 | Zig:24   | Killed Jeugah the pandemonium lord
191852 | Zig:24   | Killed Vaygewoz the pandemonium lord
191853 | Zig:24   | Killed Pysmiosu the pandemonium lord
191853 | Zig:24   | Killed Qistraxops the pandemonium lord
191853 | Zig:24   | Killed Neab the pandemonium lord
191853 | Zig:24   | Noticed Momec the pandemonium lord
191853 | Zig:24   | Killed Umagy the pandemonium lord
191853 | Zig:24   | Noticed Gestroum the pandemonium lord
191853 | Zig:24   | Noticed Giyts the pandemonium lord
191854 | Zig:24   | Noticed Sakkowic the pandemonium lord
191854 | Zig:24   | Noticed Susuixiw the pandemonium lord
191854 | Zig:24   | Killed Wuijek the pandemonium lord
191854 | Zig:24   | Killed Qioxyih the pandemonium lord
191854 | Zig:24   | Killed Likes the pandemonium lord
191854 | Zig:24   | Killed Wuonait the pandemonium lord
191854 | Zig:24   | Killed Iffienor the pandemonium lord
191855 | Zig:24   | Killed Sakkowic the pandemonium lord
191855 | Zig:24   | Killed Ligg the pandemonium lord
191855 | Zig:24   | Killed Zouq the pandemonium lord
191855 | Zig:24   | Killed Taerphuss the pandemonium lord
191855 | Zig:24   | Noticed Dimati the pandemonium lord
191856 | Zig:24   | Noticed Ypagad the pandemonium lord
191856 | Zig:24   | Noticed Susiciu the pandemonium lord
191856 | Zig:24   | Killed Pigitat the pandemonium lord
191858 | Zig:24   | Killed Muodene the pandemonium lord
191858 | Zig:24   | Killed Momec the pandemonium lord
191858 | Zig:24   | Noticed Nydd the pandemonium lord
191858 | Zig:24   | Noticed Ufigir the pandemonium lord
191858 | Zig:24   | Noticed Zotseg the pandemonium lord
191859 | Zig:24   | Noticed Afikiec the pandemonium lord
191859 | Zig:24   | Killed Ypagad the pandemonium lord
191860 | Zig:24   | Noticed Ynedirucw the pandemonium lord
191860 | Zig:24   | Noticed Hyxza the pandemonium lord
191860 | Zig:24   | Noticed Siquiwk the pandemonium lord
191860 | Zig:24   | Noticed Madwukyomets the pandemonium lord
191861 | Zig:24   | Noticed Taopucuw the pandemonium lord
191861 | Zig:24   | Noticed Puothy the pandemonium lord
191861 | Zig:24   | Noticed Unuennaz the pandemonium lord
191862 | Zig:24   | Killed Susuixiw the pandemonium lord
191862 | Zig:24   | Killed Vynokuxe the pandemonium lord
191862 | Zig:24   | Killed Nydd the pandemonium lord
191862 | Zig:24   | Killed Gestroum the pandemonium lord
191863 | Zig:24   | Killed Ynedirucw the pandemonium lord
191863 | Zig:24   | Killed Susiciu the pandemonium lord
191863 | Zig:24   | Killed Ufigir the pandemonium lord
191863 | Zig:24   | Killed Zotseg the pandemonium lord
191863 | Zig:24   | Killed Siquiwk the pandemonium lord
191863 | Zig:24   | Killed Hyxza the pandemonium lord
191863 | Zig:24   | Killed Giyts the pandemonium lord
191863 | Zig:24   | Killed Dimati the pandemonium lord
191864 | Zig:24   | Noticed Tihehypa the pandemonium lord
191864 | Zig:24   | Killed Taopucuw the pandemonium lord
191864 | Zig:24   | Killed Akhlox the pandemonium lord
191865 | Zig:24   | Noticed Tigih the pandemonium lord
191866 | Zig:24   | Noticed Kysea the pandemonium lord
191868 | Zig:24   | Killed Madwukyomets the pandemonium lord
191868 | Zig:24   | Killed Tihehypa the pandemonium lord
191868 | Zig:24   | Noticed Ulicib the pandemonium lord
191869 | Zig:24   | Noticed Buatug the pandemonium lord
191869 | Zig:24   | Noticed Ciymm the pandemonium lord
191869 | Zig:24   | Noticed Umnipt the pandemonium lord
191869 | Zig:24   | Noticed Wacat the pandemonium lord
191870 | Zig:24   | Killed Kysea the pandemonium lord
191870 | Zig:24   | Killed Unuennaz the pandemonium lord
191871 | Zig:24   | Noticed Vunov the pandemonium lord
191871 | Zig:24   | Killed Tigih the pandemonium lord
191871 | Zig:24   | Killed Ulicib the pandemonium lord
191871 | Zig:24   | Noticed Xeung the pandemonium lord
191872 | Zig:24   | Noticed Culeih the pandemonium lord
191872 | Zig:24   | Killed Wacat the pandemonium lord
191872 | Zig:24   | Killed Afikiec the pandemonium lord
191873 | Zig:24   | Killed Puothy the pandemonium lord
191873 | Zig:24   | Noticed Ogeal the pandemonium lord
191880 | Zig:24   | Killed Ciymm the pandemonium lord
191882 | Zig:24   | Killed Xeung the pandemonium lord
191887 | Zig:24   | Killed Vunov the pandemonium lord
191887 | Zig:24   | Killed Umnipt the pandemonium lord
191889 | Zig:24   | Noticed Geqen the pandemonium lord
191889 | Zig:24   | Killed Ogeal the pandemonium lord
191890 | Zig:24   | Killed Ulyab the pandemonium lord
191890 | Zig:24   | Killed Geqen the pandemonium lord
191891 | Zig:24   | Killed Culeih the pandemonium lord
191892 | Zig:24   | Killed Buatug the pandemonium lord
192446 | Zig:24   | Identified the ring "Laro" {rF++ Str+6 Stlth+}
192458 | Zig:24   | Identified the +5 quarterstaff of the Brain {drain, Str+3
                  | Int+5 Dex+4}
192461 | Zig:24   | Identified the +9 mace of the Tired Brambles {freeze, *Rage
                  | rCorr Str+3}
192463 | Zig:24   | Identified the ring of Mewn {Fly rPois Str+5 Slay+3 SInv}
192464 | Zig:24   | Identified the +2 war axe of Hitul {protect, rElec rN++
                  | Int-5 Stlth+}
192467 | Zig:24   | Identified the +1 spear of Cheibriados, Growing {flame,
                  | rPois Will+ Dex-5}
192469 | Zig:24   | Identified the +9 lajatang of Radicalism {venom, rElec
                  | Str+6 Dex+3}
192474 | Zig:24   | Identified the +1 glaive of Indomitability {protect, +Blink
                  | rPois}
192522 | Zig:24   | Identified the +1 troll leather armour of Duck's Teeth
                  | {rElec rPois Will+ Regen+ Slay-5}
192556 | Zig:25   | Entered Level 25 of a ziggurat
192708 | Zig:25   | Identified the +2 shortbow of Fragile Peace {antimagic, rC+
                  | Will+ Dex+2 SInv}
192721 | Zig:25   | Identified the +1 mace of the Ecumenical Temple {elec,
                  | +Blink Str+6 Int+3}
192724 | Zig:25   | Identified the +2 falchion of Hitoh {freeze, rPois Stlth+}
192734 | Zig:25   | Identified the +4 hand axe of the Median {flame, *Rage rC+
                  | Int+3 Dex+7}
192751 | Zig:25   | Identified the +6 scimitar of the Poles {freeze, Str+4
                  | Int+5 Dex+2}
192757 | Zig:25   | Identified the +1 robe of Fun {Will++ rCorr Int-5 SInv}
193306 | Zig:25   | Acquired 1010 gold pieces
193310 | Zig:26   | Entered Level 26 of a ziggurat
193960 | Zig:26   | Identified the +2 ring mail of Intuition {Rampage Int+2}
193977 | Zig:26   | Identified the +1 lajatang of the Evening {pain, +Blink}
194001 | Zig:26   | Identified the +1 great sword "Killer Bee's Bane" {heavy,
                  | rF+}
194009 | Zig:26   | Identified the +0 quarterstaff "Ygompe" {venom, rCorr Str+8
                  | Dex-2 Stlth+}
194015 | Zig:26   | Identified the ring "Jyukhi" {rElec rF+ rC+++ Will- Slay-6}
194024 | Zig:26   | Identified the +3 cloak of Circular Logic {Harm rN+ Int+3}
194034 | Zig:26   | Identified the staff "Foip" {rPois Str-5 Int+3 Conj
                  | Alchemy}
194054 | Zig:26   | Identified the +0 chain mail of Gozag's Approval {rC+ Dex+3
                  | Stlth+}
194057 | Zig:26   | Identified the +4 shortbow of Sint {heavy, rC+ Int+3}
194059 | Zig:26   | Identified the +4 ring mail of the Snail {Int+5}
194073 | Zig:26   | Identified the +9 plate armour of the Squeaky God {rElec
                  | Str-3 Stlth+}
194074 | Zig:26   | Identified the +2 robe "Nanoanad" {rPois Dex+3}
194119 | Zig:27   | Entered Level 27 of a ziggurat
194119 | Zig:27   | Noticed Coahinn the pandemonium lord
194119 | Zig:27   | Noticed Sutiumma the pandemonium lord
194119 | Zig:27   | Noticed Cuwn the pandemonium lord
194119 | Zig:27   | Noticed Paeph the pandemonium lord
194119 | Zig:27   | Noticed Polosy the pandemonium lord
194119 | Zig:27   | Noticed Qaenta the pandemonium lord
194119 | Zig:27   | Noticed Nomuptup the pandemonium lord
194119 | Zig:27   | Noticed Hyatt the pandemonium lord
194119 | Zig:27   | Noticed Guhyza the pandemonium lord
194119 | Zig:27   | Noticed Sem Saps the pandemonium lord
194119 | Zig:27   | Noticed Furell the pandemonium lord
194119 | Zig:27   | Noticed Zusiext the pandemonium lord
194119 | Zig:27   | Noticed Veqiowahad the pandemonium lord
194119 | Zig:27   | Noticed Xiucuvurph the pandemonium lord
194119 | Zig:27   | Noticed Vylir the pandemonium lord
194119 | Zig:27   | Noticed Tyhyan the pandemonium lord
194119 | Zig:27   | Noticed Pisosh the pandemonium lord
194119 | Zig:27   | Noticed Vaking the pandemonium lord
194119 | Zig:27   | Noticed Wilioh the pandemonium lord
194119 | Zig:27   | Noticed Inutyru the pandemonium lord
194119 | Zig:27   | Noticed Vur Wabb the pandemonium lord
194119 | Zig:27   | Noticed Herchur the pandemonium lord
194119 | Zig:27   | Noticed Girraqol the pandemonium lord
194119 | Zig:27   | Noticed Bonakufa the pandemonium lord
194119 | Zig:27   | Noticed Veqia the pandemonium lord
194119 | Zig:27   | Noticed Nefizan the pandemonium lord
194119 | Zig:27   | Noticed Gickexku the pandemonium lord
194119 | Zig:27   | Noticed Xora the pandemonium lord
194119 | Zig:27   | Noticed Dedukh the pandemonium lord
194119 | Zig:27   | Noticed Ysasedwo the pandemonium lord
194119 | Zig:27   | Noticed Riochew the pandemonium lord
194119 | Zig:27   | Noticed Osyav the pandemonium lord
194119 | Zig:27   | Noticed Wiycuxuw the pandemonium lord
194120 | Zig:27   | Killed Sem Saps the pandemonium lord
194120 | Zig:27   | Killed Paeph the pandemonium lord
194120 | Zig:27   | Killed Vur Wabb the pandemonium lord
194120 | Zig:27   | Killed Veqiowahad the pandemonium lord
194120 | Zig:27   | Killed Nomuptup the pandemonium lord
194120 | Zig:27   | Killed Vylir the pandemonium lord
194120 | Zig:27   | Killed Inutyru the pandemonium lord
194120 | Zig:27   | Killed Zusiext the pandemonium lord
194120 | Zig:27   | Killed Xiucuvurph the pandemonium lord
194120 | Zig:27   | Killed Tyhyan the pandemonium lord
194120 | Zig:27   | Killed Girraqol the pandemonium lord
194120 | Zig:27   | Killed Bonakufa the pandemonium lord
194120 | Zig:27   | Killed Ysasedwo the pandemonium lord
194120 | Zig:27   | Killed Nefizan the pandemonium lord
194120 | Zig:27   | Killed Osyav the pandemonium lord
194121 | Zig:27   | Noticed Yntorion the pandemonium lord
194121 | Zig:27   | Noticed Xaeghott the pandemonium lord
194121 | Zig:27   | Killed Veqia the pandemonium lord
194121 | Zig:27   | Killed Dedukh the pandemonium lord
194121 | Zig:27   | Killed Vaking the pandemonium lord
194122 | Zig:27   | Noticed Gaibast the pandemonium lord
194123 | Zig:27   | Killed Gickexku the pandemonium lord
194123 | Zig:27   | Killed Guhyza the pandemonium lord
194123 | Zig:27   | Killed Xora the pandemonium lord
194123 | Zig:27   | Killed Wilioh the pandemonium lord
194123 | Zig:27   | Killed Polosy the pandemonium lord
194123 | Zig:27   | Killed Pisosh the pandemonium lord
194123 | Zig:27   | Noticed Gisuhato the pandemonium lord
194123 | Zig:27   | Noticed Cyefruepp the pandemonium lord
194124 | Zig:27   | Killed Wiycuxuw the pandemonium lord
194124 | Zig:27   | Killed Hyatt the pandemonium lord
194124 | Zig:27   | Killed Xaeghott the pandemonium lord
194124 | Zig:27   | Killed Gaibast the pandemonium lord
194124 | Zig:27   | Killed Sutiumma the pandemonium lord
194124 | Zig:27   | Noticed Seofauc the pandemonium lord
194125 | Zig:27   | Noticed Rijifuom the pandemonium lord
194125 | Zig:27   | Killed Herchur the pandemonium lord
194125 | Zig:27   | Killed Cuwn the pandemonium lord
194125 | Zig:27   | Killed Coahinn the pandemonium lord
194125 | Zig:27   | Killed Yntorion the pandemonium lord
194125 | Zig:27   | Noticed Inikh the pandemonium lord
194125 | Zig:27   | Killed Qaenta the pandemonium lord
194125 | Zig:27   | Noticed Ykouc the pandemonium lord
194125 | Zig:27   | Noticed Xopliut the pandemonium lord
194126 | Zig:27   | Killed Riochew the pandemonium lord
194126 | Zig:27   | Killed Furell the pandemonium lord
194126 | Zig:27   | Killed Cyefruepp the pandemonium lord
194126 | Zig:27   | Killed Seofauc the pandemonium lord
194126 | Zig:27   | Noticed Vutuz the pandemonium lord
194126 | Zig:27   | Noticed Teder the pandemonium lord
194127 | Zig:27   | Noticed Ocuts the pandemonium lord
194127 | Zig:27   | Noticed Zaerroim the pandemonium lord
194127 | Zig:27   | Noticed Beqagoxt the pandemonium lord
194128 | Zig:27   | Killed Gisuhato the pandemonium lord
194128 | Zig:27   | Noticed Quith the pandemonium lord
194129 | Zig:27   | Killed Ykouc the pandemonium lord
194129 | Zig:27   | Noticed Zyec the pandemonium lord
194129 | Zig:27   | Noticed Eblacudu the pandemonium lord
194130 | Zig:27   | Noticed Ceffank the pandemonium lord
194130 | Zig:27   | Noticed Ydaukh the pandemonium lord
194130 | Zig:27   | Noticed Duxtiysi the pandemonium lord
194130 | Zig:27   | Noticed Poefiliv the pandemonium lord
194130 | Zig:27   | Killed Ocuts the pandemonium lord
194130 | Zig:27   | Noticed Kalia the pandemonium lord
194130 | Zig:27   | Killed Rijifuom the pandemonium lord
194130 | Zig:27   | Noticed Ziaketep the pandemonium lord
194131 | Zig:27   | Killed Inikh the pandemonium lord
194131 | Zig:27   | Killed Beqagoxt the pandemonium lord
194131 | Zig:27   | Noticed Kupoeh the pandemonium lord
194132 | Zig:27   | Killed Eblacudu the pandemonium lord
194132 | Zig:27   | Killed Zaerroim the pandemonium lord
194132 | Zig:27   | Killed Zyec the pandemonium lord
194132 | Zig:27   | Killed Ydaukh the pandemonium lord
194132 | Zig:27   | Killed Poefiliv the pandemonium lord
194132 | Zig:27   | Killed Xopliut the pandemonium lord
194132 | Zig:27   | Killed Vutuz the pandemonium lord
194132 | Zig:27   | Killed Ziaketep the pandemonium lord
194132 | Zig:27   | Noticed Vilok Dessy the pandemonium lord
194133 | Zig:27   | Noticed Ikkod the pandemonium lord
194133 | Zig:27   | Killed Teder the pandemonium lord
194133 | Zig:27   | Noticed Moroup the pandemonium lord
194134 | Zig:27   | Noticed Miyshes the pandemonium lord
194134 | Zig:27   | Noticed Xiciafah the pandemonium lord
194134 | Zig:27   | Noticed Jearunaq the pandemonium lord
194134 | Zig:27   | Noticed Noysiw the pandemonium lord
194135 | Zig:27   | Killed Ceffank the pandemonium lord
194135 | Zig:27   | Noticed Uroemier the pandemonium lord
194135 | Zig:27   | Noticed Ikhos the pandemonium lord
194136 | Zig:27   | Noticed Fehopicu the pandemonium lord
194136 | Zig:27   | Noticed Ukliosyr the pandemonium lord
194136 | Zig:27   | Killed Quith the pandemonium lord
194136 | Zig:27   | Killed Duxtiysi the pandemonium lord
194137 | Zig:27   | Killed Kupoeh the pandemonium lord
194137 | Zig:27   | Killed Jearunaq the pandemonium lord
194137 | Zig:27   | Killed Miyshes the pandemonium lord
194137 | Zig:27   | Noticed Hatzoann the pandemonium lord
194138 | Zig:27   | Killed Ikkod the pandemonium lord
194138 | Zig:27   | Killed Kalia the pandemonium lord
194138 | Zig:27   | Killed Noysiw the pandemonium lord
194138 | Zig:27   | Noticed Ciucarel the pandemonium lord
194138 | Zig:27   | Noticed Esul the pandemonium lord
194139 | Zig:27   | Noticed Voazoof the pandemonium lord
194139 | Zig:27   | Noticed Bezen the pandemonium lord
194140 | Zig:27   | Noticed Sedaehu the pandemonium lord
194140 | Zig:27   | Noticed Ampoafed the pandemonium lord
194140 | Zig:27   | Noticed Licie the pandemonium lord
194140 | Zig:27   | Killed Vilok Dessy the pandemonium lord
194140 | Zig:27   | Noticed Roisuuce the pandemonium lord
194140 | Zig:27   | Noticed Qojynull the pandemonium lord
194141 | Zig:27   | Noticed Desyti the pandemonium lord
194141 | Zig:27   | Killed Ukliosyr the pandemonium lord
194141 | Zig:27   | Killed Xiciafah the pandemonium lord
194141 | Zig:27   | Killed Moroup the pandemonium lord
194141 | Zig:27   | Killed Uroemier the pandemonium lord
194141 | Zig:27   | Killed Ciucarel the pandemonium lord
194141 | Zig:27   | Noticed Foptugox the pandemonium lord
194141 | Zig:27   | Noticed Jemeruahaf the pandemonium lord
194141 | Zig:27   | Noticed Cyosk the pandemonium lord
194141 | Zig:27   | Noticed Ruder the pandemonium lord
194142 | Zig:27   | Killed Sedaehu the pandemonium lord
194142 | Zig:27   | Killed Bezen the pandemonium lord
194142 | Zig:27   | Killed Roisuuce the pandemonium lord
194142 | Zig:27   | Killed Ikhos the pandemonium lord
194142 | Zig:27   | Noticed Xorous the pandemonium lord
194142 | Zig:27   | Noticed Laich the pandemonium lord
194143 | Zig:27   | Noticed Geisoer the pandemonium lord
194143 | Zig:27   | Noticed Siasaer the pandemonium lord
194143 | Zig:27   | Noticed Leavidd the pandemonium lord
194143 | Zig:27   | Noticed Kexauli the pandemonium lord
194143 | Zig:27   | Noticed Iclipp the pandemonium lord
194143 | Zig:27   | Noticed Zamodd the pandemonium lord
194143 | Zig:27   | Noticed Ymin the pandemonium lord
194143 | Zig:27   | Killed Hatzoann the pandemonium lord
194143 | Zig:27   | Noticed Ipawiakk the pandemonium lord
194143 | Zig:27   | Noticed Bymaxilu the pandemonium lord
194144 | Zig:27   | Noticed Oladgho the pandemonium lord
194144 | Zig:27   | Killed Esul the pandemonium lord
194144 | Zig:27   | Killed Ampoafed the pandemonium lord
194144 | Zig:27   | Killed Fehopicu the pandemonium lord
194145 | Zig:27   | Noticed Nirisuip the pandemonium lord
194145 | Zig:27   | Noticed Viexuxta the pandemonium lord
194145 | Zig:27   | Noticed Laofesuc the pandemonium lord
194146 | Zig:27   | Killed Ipawiakk the pandemonium lord
194146 | Zig:27   | Killed Zamodd the pandemonium lord
194146 | Zig:27   | Killed Jemeruahaf the pandemonium lord
194147 | Zig:27   | Noticed Hiaxen the pandemonium lord
194147 | Zig:27   | Noticed Ragoima the pandemonium lord
194147 | Zig:27   | Noticed Watz the pandemonium lord
194147 | Zig:27   | Noticed Xag Byc the pandemonium lord
194147 | Zig:27   | Noticed Neckad the pandemonium lord
194147 | Zig:27   | Noticed Xianor the pandemonium lord
194147 | Zig:27   | Noticed Dofinn the pandemonium lord
194147 | Zig:27   | Noticed Gaced the pandemonium lord
194147 | Zig:27   | Noticed Uxoweq the pandemonium lord
194148 | Zig:27   | Killed Iclipp the pandemonium lord
194148 | Zig:27   | Killed Kexauli the pandemonium lord
194148 | Zig:27   | Killed Desyti the pandemonium lord
194148 | Zig:27   | Killed Licie the pandemonium lord
194148 | Zig:27   | Killed Qojynull the pandemonium lord
194148 | Zig:27   | Noticed Asuetuy the pandemonium lord
194148 | Zig:27   | Killed Laich the pandemonium lord
194148 | Zig:27   | Noticed Myrumuj the pandemonium lord
194148 | Zig:27   | Noticed Urauxarch the pandemonium lord
194148 | Zig:27   | Noticed Beis the pandemonium lord
194148 | Zig:27   | Noticed Adapeuso the pandemonium lord
194148 | Zig:27   | Killed Cyosk the pandemonium lord
194149 | Zig:27   | Killed Geisoer the pandemonium lord
194149 | Zig:27   | Killed Ragoima the pandemonium lord
194149 | Zig:27   | Killed Oladgho the pandemonium lord
194149 | Zig:27   | Killed Leavidd the pandemonium lord
194149 | Zig:27   | Killed Siasaer the pandemonium lord
194149 | Zig:27   | Noticed Rusooket the pandemonium lord
194149 | Zig:27   | Noticed Gaino the pandemonium lord
194149 | Zig:27   | Killed Nirisuip the pandemonium lord
194150 | Zig:27   | Noticed Qixuvef the pandemonium lord
194150 | Zig:27   | Killed Dofinn the pandemonium lord
194150 | Zig:27   | Noticed Roafuin the pandemonium lord
194152 | Zig:27   | Noticed Hesyrghae the pandemonium lord
194152 | Zig:27   | Noticed Sawk the pandemonium lord
194152 | Zig:27   | Killed Xag Byc the pandemonium lord
194152 | Zig:27   | Killed Gaced the pandemonium lord
194152 | Zig:27   | Killed Neckad the pandemonium lord
194152 | Zig:27   | Killed Laofesuc the pandemonium lord
194152 | Zig:27   | Killed Xianor the pandemonium lord
194152 | Zig:27   | Killed Viexuxta the pandemonium lord
194153 | Zig:27   | Killed Bymaxilu the pandemonium lord
194153 | Zig:27   | Killed Urauxarch the pandemonium lord
194153 | Zig:27   | Killed Uxoweq the pandemonium lord
194153 | Zig:27   | Noticed Vagegy the pandemonium lord
194153 | Zig:27   | Noticed Unupp the pandemonium lord
194153 | Zig:27   | Noticed Qikkar the pandemonium lord
194153 | Zig:27   | Killed Asuetuy the pandemonium lord
194153 | Zig:27   | Noticed Gasuheh the pandemonium lord
194154 | Zig:27   | Killed Voazoof the pandemonium lord
194154 | Zig:27   | Noticed Qoel the pandemonium lord
194154 | Zig:27   | Killed Giuhoa the pandemonium lord
194155 | Zig:27   | Killed Qixuvef the pandemonium lord
194155 | Zig:27   | Killed Vagegy the pandemonium lord
194155 | Zig:27   | Killed Hesyrghae the pandemonium lord
194155 | Zig:27   | Killed Adapeuso the pandemonium lord
194155 | Zig:27   | Killed Hiaxen the pandemonium lord
194155 | Zig:27   | Killed a caustic shrike
194155 | Zig:27   | Killed Sawk the pandemonium lord
194155 | Zig:27   | Killed Unupp the pandemonium lord
194155 | Zig:27   | Noticed Monu the pandemonium lord
194155 | Zig:27   | Noticed Vant the pandemonium lord
194158 | Zig:27   | Killed Qikkar the pandemonium lord
194159 | Zig:27   | Killed Watz the pandemonium lord
194159 | Zig:27   | Killed Ymin the pandemonium lord
194160 | Zig:27   | Banished Roafuin the pandemonium lord
194162 | Zig:27   | Banished Gasuheh the pandemonium lord
194162 | Zig:27   | Killed Foptugox the pandemonium lord
194164 | Zig:27   | Killed Rusooket the pandemonium lord
194168 | Zig:27   | Killed Xorous the pandemonium lord
194170 | Zig:27   | Noticed Baav Kia the pandemonium lord
194170 | Zig:27   | Killed Qoel the pandemonium lord
194170 | Zig:27   | Killed Ruder the pandemonium lord
194171 | Zig:27   | Killed Baav Kia the pandemonium lord
194171 | Zig:27   | Killed Myrumuj the pandemonium lord
194171 | Zig:27   | Noticed Somuorod the pandemonium lord
194172 | Zig:27   | Killed Vant the pandemonium lord
194172 | Zig:27   | Noticed Aneonen the pandemonium lord
194173 | Zig:27   | Noticed Zeyv Ume the pandemonium lord
194173 | Zig:27   | Noticed Jita the pandemonium lord
194173 | Zig:27   | Noticed Ziach the pandemonium lord
194173 | Zig:27   | Noticed Joapal Alif the pandemonium lord
194175 | Zig:27   | Noticed Jaemes the pandemonium lord
194175 | Zig:27   | Noticed Bonkufin the pandemonium lord
194175 | Zig:27   | Noticed Lijigik the pandemonium lord
194176 | Zig:27   | Noticed Odeedih the pandemonium lord
194176 | Zig:27   | Killed Joapal Alif the pandemonium lord
194176 | Zig:27   | Noticed Afruady the pandemonium lord
194176 | Zig:27   | Noticed Weczum the pandemonium lord
194177 | Zig:27   | Noticed Ikkofouz the pandemonium lord
194177 | Zig:27   | Killed Aneonen the pandemonium lord
194178 | Zig:27   | Noticed Fycucwuff the pandemonium lord
194180 | Zig:27   | Killed Gaino the pandemonium lord
194180 | Zig:27   | Killed Jita the pandemonium lord
194180 | Zig:27   | Killed Zeyv Ume the pandemonium lord
194180 | Zig:27   | Killed Bonkufin the pandemonium lord
194180 | Zig:27   | Killed Ziach the pandemonium lord
194180 | Zig:27   | Killed Ikkofouz the pandemonium lord
194180 | Zig:27   | Killed Beis the pandemonium lord
194180 | Zig:27   | Killed Jaemes the pandemonium lord
194180 | Zig:27   | Killed Odeedih the pandemonium lord
194180 | Zig:27   | Killed Monu the pandemonium lord
194181 | Zig:27   | Noticed Qelihav the pandemonium lord
194181 | Zig:27   | Noticed Impeyhan the pandemonium lord
194181 | Zig:27   | Noticed Ongonni the pandemonium lord
194181 | Zig:27   | Noticed Faudgh the pandemonium lord
194181 | Zig:27   | Noticed Ufounk the pandemonium lord
194182 | Zig:27   | Noticed Sogacatol the pandemonium lord
194182 | Zig:27   | Noticed Qaofops the pandemonium lord
194182 | Zig:27   | Noticed Dikkolun the pandemonium lord
194183 | Zig:27   | Killed Fycucwuff the pandemonium lord
194183 | Zig:27   | Killed Impeyhan the pandemonium lord
194183 | Zig:27   | Killed Ongonni the pandemonium lord
194183 | Zig:27   | Noticed Datoggou the pandemonium lord
194183 | Zig:27   | Noticed Ecoj the pandemonium lord
194183 | Zig:27   | Noticed Huowawut the pandemonium lord
194183 | Zig:27   | Noticed Saweritt the pandemonium lord
194184 | Zig:27   | Killed Afruady the pandemonium lord
194184 | Zig:27   | Killed Faudgh the pandemonium lord
194184 | Zig:27   | Killed Qaofops the pandemonium lord
194184 | Zig:27   | Killed Qelihav the pandemonium lord
194184 | Zig:27   | Killed Weczum the pandemonium lord
194184 | Zig:27   | Noticed Jufinlij the pandemonium lord
194185 | Zig:27   | Killed Huowawut the pandemonium lord
194185 | Zig:27   | Noticed Reuf the pandemonium lord
194186 | Zig:27   | Noticed Feremomeu the pandemonium lord
194186 | Zig:27   | Noticed Osetan the pandemonium lord
194186 | Zig:27   | Noticed Utarhuon the pandemonium lord
194187 | Zig:27   | Killed Somuorod the pandemonium lord
194187 | Zig:27   | Killed Sogacatol the pandemonium lord
194187 | Zig:27   | Killed Lijigik the pandemonium lord
194187 | Zig:27   | Killed Ufounk the pandemonium lord
194187 | Zig:27   | Killed Dikkolun the pandemonium lord
194189 | Zig:27   | Noticed Opiuxiy the pandemonium lord
194189 | Zig:27   | Noticed Duddesyr the pandemonium lord
194189 | Zig:27   | Noticed Ceycuer the pandemonium lord
194189 | Zig:27   | Noticed Luot the pandemonium lord
194189 | Zig:27   | Noticed Keenk the pandemonium lord
194190 | Zig:27   | Killed Saweritt the pandemonium lord
194190 | Zig:27   | Killed Ecoj the pandemonium lord
194190 | Zig:27   | Killed Osetan the pandemonium lord
194190 | Zig:27   | Killed Feremomeu the pandemonium lord
194190 | Zig:27   | Killed Reuf the pandemonium lord
194191 | Zig:27   | Killed Utarhuon the pandemonium lord
194192 | Zig:27   | Killed Datoggou the pandemonium lord
194192 | Zig:27   | Killed Luot the pandemonium lord
194192 | Zig:27   | Noticed Suashr Ossag the pandemonium lord
194192 | Zig:27   | Noticed Wiunlepp the pandemonium lord
194193 | Zig:27   | Noticed Nipteo Noube the pandemonium lord
194193 | Zig:27   | Noticed Ufiengem the pandemonium lord
194194 | Zig:27   | Noticed Jacider the pandemonium lord
194195 | Zig:27   | Killed Nipteo Noube the pandemonium lord
194195 | Zig:27   | Killed Duddesyr the pandemonium lord
194195 | Zig:27   | Noticed Ynesatag the pandemonium lord
194195 | Zig:27   | Noticed Qabroz the pandemonium lord
194195 | Zig:27   | Noticed Qourisko the pandemonium lord
194195 | Zig:27   | Noticed Biedagif the pandemonium lord
194196 | Zig:27   | Killed Suashr Ossag the pandemonium lord
194196 | Zig:27   | Killed Keenk the pandemonium lord
194196 | Zig:27   | Killed Ceycuer the pandemonium lord
194196 | Zig:27   | Noticed Rapax the pandemonium lord
194197 | Zig:27   | Noticed Ziwnamia the pandemonium lord
194198 | Zig:27   | Noticed Malyamukk the pandemonium lord
194198 | Zig:27   | Noticed Gerab the pandemonium lord
194198 | Zig:27   | Noticed Zuemaxan the pandemonium lord
194198 | Zig:27   | Noticed Ukidd the pandemonium lord
194198 | Zig:27   | Killed Jacider the pandemonium lord
194198 | Zig:27   | Killed Qourisko the pandemonium lord
194199 | Zig:27   | Killed Jufinlij the pandemonium lord
194199 | Zig:27   | Killed Opiuxiy the pandemonium lord
194199 | Zig:27   | Killed Ufiengem the pandemonium lord
194199 | Zig:27   | Killed Gerab the pandemonium lord
194200 | Zig:27   | Killed Qabroz the pandemonium lord
194200 | Zig:27   | Killed Ukidd the pandemonium lord
194200 | Zig:27   | Killed Malyamukk the pandemonium lord
194200 | Zig:27   | Killed Zuemaxan the pandemonium lord
194200 | Zig:27   | Killed Ynesatag the pandemonium lord
194200 | Zig:27   | Killed Biedagif the pandemonium lord
194200 | Zig:27   | Killed Ziwnamia the pandemonium lord
194200 | Zig:27   | Noticed Ogomuh the pandemonium lord
194200 | Zig:27   | Noticed Vonehiol the pandemonium lord
194201 | Zig:27   | Noticed Etuh the pandemonium lord
194201 | Zig:27   | Noticed Cyhy the pandemonium lord
194201 | Zig:27   | Noticed Dahapiobb the pandemonium lord
194201 | Zig:27   | Noticed Miblamoz the pandemonium lord
194202 | Zig:27   | Killed Rapax the pandemonium lord
194203 | Zig:27   | Killed Ogomuh the pandemonium lord
194203 | Zig:27   | Killed Etuh the pandemonium lord
194203 | Zig:27   | Killed Vonehiol the pandemonium lord
194203 | Zig:27   | Killed Miblamoz the pandemonium lord
194204 | Zig:27   | Noticed Wibarig the pandemonium lord
194205 | Zig:27   | Noticed Zudyrefe the pandemonium lord
194206 | Zig:27   | Killed Dahapiobb the pandemonium lord
194206 | Zig:27   | Killed Cyhy the pandemonium lord
194212 | Zig:27   | Killed Wibarig the pandemonium lord
194212 | Zig:27   | Killed Wiunlepp the pandemonium lord
194213 | Zig:27   | Killed Zudyrefe the pandemonium lord
194402 | Zig:27   | Found the +7 sceptre of Torment {pain, torment}
194413 | Zig:27   | Identified the +8 quarterstaff "Bodiz" {drain, rElec Int+3}
194429 | Zig:27   | Identified the +2 dagger of Duty {drain, rC+ Dex+3}
194445 | Zig:27   | Identified the staff of the Onslaught {rF+ rN+ Summ Fire}
194446 | Zig:27   | Identified the +11 orcbow of Dishonesty {flame, Str+3}
194864 | Zig:27   | Identified the amulet "Kily" {*Corrode rPois rN+ RegenMP+
                  | SInv}
194866 | Zig:27   | Identified the +0 rapier "Taho" {protect, rF++ Dex+2}
195061 | Zot:5    | Got the Orb of Zot
195117 | Zot:5    | Noticed an orb of fire
195122 | Zot:5    | Killed an orb of fire
195309 | Depths:1 | Noticed Maahes the pandemonium lord
195315 | Depths:1 | Killed Maahes the pandemonium lord
195527 | D:2      | Noticed Ythrum Afob the pandemonium lord
195561 | D:$      | Escaped with the Orb!

Vanquished Creatures
  Cerebov (Pan)
  the Royal Jelly (Slime:5)
  Dissolution (Slime:3)
  Gloorx Vloq (Pan)
  Mnoleg (Pan)
  The ghost of Piash the Metallomancer, a master OnEE of Gozag (Zig:17)
  The ghost of Piash the Metallomancer, a master OnEE of Gozag (Zig:17)
  The ghost of Piash the Metallomancer, a master OnEE of Gozag (Zig:17)
  The ghost of Piash the Metallomancer, a master OnEE of Gozag (Zig:25)
  The ghost of Piash the Metallomancer, a master OnEE of Gozag (Zig:17)
  The ghost of Piash the Metallomancer, a master OnEE of Gozag (Zig:25)
  The ghost of Piash the Metallomancer, a master OnEE of Gozag (Zig:25)
  The ghost of Poalor the Merry Gnoll, a legendary GnWn of Qazlal (Zig:25)
  The ghost of Poalor the Merry Gnoll, a legendary GnWn of Qazlal (Zig:17)
  The ghost of Poalor the Merry Gnoll, a legendary GnWn of Qazlal (Zig:25)
  The ghost of Poalor the Merry Gnoll, a legendary GnWn of Qazlal (Zig:25)
  The ghost of Poalor the Merry Gnoll, a legendary GnWn of Qazlal (Zig:19)
  The ghost of Poalor the Merry Gnoll, a legendary GnWn of Qazlal (Zig:19)
  The ghost of Poalor the Merry Gnoll, a legendary GnWn of Qazlal (Zig:25)
  The ghost of Neapotai the Annihilator, a veteran DsMo of Ru (Zig:25)
  The ghost of Neapotai the Annihilator, a veteran DsMo of Ru (Zig:25)
  The ghost of Neapotai the Annihilator, a veteran DsMo of Ru (Zig:19)
  The ghost of Neapotai the Annihilator, a veteran DsMo of Ru (Zig:19)
  The ghost of Neapotai the Annihilator, a veteran DsMo of Ru (Zig:17)
  The ghost of Neapotai the Annihilator, a veteran DsMo of Ru (Zig:17)
  The ghost of Neapotai the Annihilator, a veteran DsMo of Ru (Zig:25)
  The ghost of Neapotai the Annihilator, a veteran DsMo of Ru (Zig:26)
  The ghost of Neapotai the Annihilator, a veteran DsMo of Ru (Zig:17)
  The ghost of Neapotai the Annihilator, a veteran DsMo of Ru (Zig:25)
  The ghost of Amovulon the Petrodigitator, a legendary GrEE of Vehumet (Zig:25)
  The ghost of Amovulon the Petrodigitator, a legendary GrEE of Vehumet (Zig:25)
  The ghost of Amovulon the Petrodigitator, a legendary GrEE of Vehumet (Zig:26)
  The ghost of Amovulon the Petrodigitator, a legendary GrEE of Vehumet (Zig:25)
  The ghost of Amovulon the Petrodigitator, a legendary GrEE of Vehumet (Zig:17)
  The ghost of Amovulon the Petrodigitator, a legendary GrEE of Vehumet (Zig:17)
  The ghost of Amovulon the Petrodigitator, a legendary GrEE of Vehumet (Zig:17)
  The ghost of Has Pue the Sorcerer, a legendary FoFi of Vehumet (Zig:17)
  The ghost of Has Pue the Sorcerer, a legendary FoFi of Vehumet (Zig:26)
  The ghost of Has Pue the Sorcerer, a legendary FoFi of Vehumet (Zig:19)
  The ghost of Has Pue the Sorcerer, a legendary FoFi of Vehumet (Zig:25)
  The ghost of Has Pue the Sorcerer, a legendary FoFi of Vehumet (Zig:25)
  The ghost of Has Pue the Sorcerer, a legendary FoFi of Vehumet (Zig:26)
  The ghost of Has Pue the Sorcerer, a legendary FoFi of Vehumet (Zig:25)
  The ghost of Has Pue the Sorcerer, a legendary FoFi of Vehumet (Zig:25)
  The ghost of Has Pue the Sorcerer, a legendary FoFi of Vehumet (Zig:17)
  The ghost of Has Pue the Sorcerer, a legendary FoFi of Vehumet (Zig:25)
  16 seraphim (Zig:21)
  The ghost of NotYourErnst the Ruinous, a legendary DsAl of Gozag (Zig:26)
  221 dread liches
  Lom Lobon (Pan)
  The ghost of Zycouta the Cloud Mage, a legendary DrSh of Cheibriados (Zig:25)
  The ghost of Zycouta the Cloud Mage, a legendary DrSh of Cheibriados (Zig:25)
  The ghost of Zycouta the Cloud Mage, a legendary DrSh of Cheibriados (Zig:25)
  The ghost of Zycouta the Cloud Mage, a legendary DrSh of Cheibriados (Zig:17)
  The ghost of Zycouta the Cloud Mage, a legendary DrSh of Cheibriados (Zig:25)
  The ghost of Zycouta the Cloud Mage, a legendary DrSh of Cheibriados (Zig:17)
  The ghost of Zycouta the Cloud Mage, a legendary DrSh of Cheibriados (Zig:19)
  The ghost of Zycouta the Cloud Mage, a legendary DrSh of Cheibriados (Zig:17)
  The ghost of Zycouta the Cloud Mage, a legendary DrSh of Cheibriados (Zig:17)
  The ghost of Zycouta the Cloud Mage, a legendary DrSh of Cheibriados (Zig:17)
  The ghost of Zycouta the Cloud Mage, a legendary DrSh of Cheibriados (Zig:17)
  The ghost of Zycouta the Cloud Mage, a legendary DrSh of Cheibriados (Zig:17)
  The ghost of Kyik Kue the Ex Machina, a legendary DEFE of Vehumet (Zig:19)
  The ghost of Kyik Kue the Ex Machina, a legendary DEFE of Vehumet (Zig:26)
  The ghost of Kyik Kue the Ex Machina, a legendary DEFE of Vehumet (Zig:25)
  The ghost of Kyik Kue the Ex Machina, a legendary DEFE of Vehumet (Zig:25)
  The ghost of Kyik Kue the Ex Machina, a legendary DEFE of Vehumet (Zig:17)
  The ghost of Kyik Kue the Ex Machina, a legendary DEFE of Vehumet (Zig:25)
  The ghost of Kyik Kue the Ex Machina, a legendary DEFE of Vehumet (Zig:25)
  The ghost of Kyik Kue the Ex Machina, a legendary DEFE of Vehumet (Zig:17)
  43 orbs of fire
  The ghost of Dirtsage the Wrestler, a legendary TrSh of Wu Jian (Zig:26)
  Tiamat (Zot:2)
  221 ancient liches
  The ghost of Beofaps the Ruinous, a legendary HuCj of Vehumet (Zig:19)
  The ghost of Beofaps the Ruinous, a legendary HuCj of Vehumet (Zig:25)
  The ghost of Beofaps the Ruinous, a legendary HuCj of Vehumet (Zig:17)
  The ghost of Beofaps the Ruinous, a legendary HuCj of Vehumet (Zig:25)
  The ghost of Beofaps the Ruinous, a legendary HuCj of Vehumet (Zig:19)
  The ghost of Beofaps the Ruinous, a legendary HuCj of Vehumet (Zig:17)
  The ghost of Beofaps the Ruinous, a legendary HuCj of Vehumet (Zig:25)
  The ghost of Beofaps the Ruinous, a legendary HuCj of Vehumet (Zig:25)
  The ghost of Beofaps the Ruinous, a legendary HuCj of Vehumet (Zig:17)
  The ghost of Beofaps the Ruinous, a legendary HuCj of Vehumet (Zig:17)
  The ghost of Tefur the Slayer, a legendary GnFi of Cheibriados (Zig:17)
  The ghost of Tefur the Slayer, a legendary GnFi of Cheibriados (Zig:17)
  The ghost of Tefur the Slayer, a legendary GnFi of Cheibriados (Zig:26)
  The ghost of Tefur the Slayer, a legendary GnFi of Cheibriados (Zig:17)
  The ghost of Tefur the Slayer, a legendary GnFi of Cheibriados (Zig:26)
  The ghost of Tefur the Slayer, a legendary GnFi of Cheibriados (Zig:17)
  The ghost of Tefur the Slayer, a legendary GnFi of Cheibriados (Zig:26)
  The ghost of Tefur the Slayer, a legendary GnFi of Cheibriados (Zig:25)
  The ghost of Jataj the Acolyte, a legendary GrFi of the Shining One (Zig:17)
  The ghost of Jataj the Acolyte, a legendary GrFi of the Shining One (Zig:25)
  The ghost of Jataj the Bringer of Light, a legendary GrFi of the Shining One (Zig:26)
  The ghost of Jataj the Acolyte, a legendary GrFi of the Shining One (Zig:19)
  The ghost of Jataj the Acolyte, a legendary GrFi of the Shining One (Zig:25)
  The ghost of Gealluifoe the Conqueror, a legendary DrFi of Makhleb (Zig:25)
  The ghost of Gealluifoe the Conqueror, a legendary DrFi of Makhleb (Zig:19)
  The ghost of Jafujy the Conqueror, a legendary MiAK of Lugonu (Zot:3)
  The ghost of Gealluifoe the Conqueror, a legendary DrFi of Makhleb (Zig:25)
  The ghost of Gealluifoe the Conqueror, a legendary DrFi of Makhleb (Zig:17)
  The ghost of Gealluifoe the Conqueror, a legendary DrFi of Makhleb (Zig:26)
  The ghost of Gealluifoe the Conqueror, a legendary DrFi of Makhleb (Zig:26)
  The ghost of Gealluifoe the Conqueror, a legendary DrFi of Makhleb (Zig:17)
  The ghost of Gealluifoe the Conqueror, a legendary DrFi of Makhleb (Zig:25)
  The ghost of Gealluifoe the Conqueror, a legendary DrFi of Makhleb (Zig:26)
  The ghost of Gealluifoe the Conqueror, a legendary DrFi of Makhleb (Zig:25)
  The ghost of Qyuhokk the Pyromancer, a veteran MDFE of Ashenzari (Zig:19)
  The ghost of Qyuhokk the Pyromancer, a veteran MDFE of Ashenzari (Zig:17)
  The ghost of Qyuhokk the Pyromancer, a veteran MDFE of Ashenzari (Zig:25)
  The ghost of Qyuhokk the Pyromancer, a veteran MDFE of Ashenzari (Zig:17)
  The ghost of Qyuhokk the Pyromancer, a veteran MDFE of Ashenzari (Zig:25)
  The ghost of Qyuhokk the Pyromancer, a veteran MDFE of Ashenzari (Zig:19)
  The ghost of Qyuhokk the Pyromancer, a veteran MDFE of Ashenzari (Zig:26)
  The ghost of Qyuhokk the Pyromancer, a veteran MDFE of Ashenzari (Zig:25)
  The ghost of Jecaful the Peltast, a legendary NaMo of Cheibriados (Zig:25)
  The ghost of Jecaful the Peltast, a legendary NaMo of Cheibriados (Zig:17)
  The ghost of Jecaful the Peltast, a legendary NaMo of Cheibriados (Zig:17)
  The ghost of Jecaful the Peltast, a legendary NaMo of Cheibriados (Zig:17)
  The ghost of Jecaful the Peltast, a legendary NaMo of Cheibriados (Zig:25)
  The ghost of Jecaful the Peltast, a legendary NaMo of Cheibriados (Zig:19)
  The ghost of Jecaful the Peltast, a legendary NaMo of Cheibriados (Zig:17)
  The ghost of Minism the Axe Maniac, a legendary MiFi of the Shining One (Zig:17)
  The ghost of Minism the Axe Maniac, a legendary MiFi of the Shining One (Zig:17)
  The ghost of Minism the Axe Maniac, a legendary MiFi of the Shining One (Zig:17)
  The ghost of Minism the Axe Maniac, a legendary MiFi of the Shining One (Zig:25)
  The ghost of Minism the Axe Maniac, a legendary MiFi of the Shining One (Zig:17)
  The ghost of Minism the Axe Maniac, a legendary MiFi of the Shining One (Zig:25)
  The ghost of Minism the Axe Maniac, a legendary MiFi of the Shining One (Zig:26)
  The ghost of Qatt the Cursed, a legendary GnWn of Ashenzari (Zig:17)
  The ghost of Qatt the Cursed, a legendary GnWn of Ashenzari (Zig:17)
  The ghost of Qatt the Cursed, a legendary GnWn of Ashenzari (Zig:17)
  The ghost of Qatt the Cursed, a legendary GnWn of Ashenzari (Zig:19)
  The ghost of Qatt the Omniscient, a legendary GnWn of Ashenzari (Zig:26)
  The ghost of Qatt the Omniscient, a legendary GnWn of Ashenzari (Zig:26)
  The ghost of Qatt the Cursed, a legendary GnWn of Ashenzari (Zig:17)
  The ghost of Qatt the Cursed, a legendary GnWn of Ashenzari (Zig:17)
  The ghost of Qatt the Cursed, a legendary GnWn of Ashenzari (Zig:17)
  The ghost of Zaib the Slayer, a legendary CeHu of the Shining One (Zig:17)
  The ghost of Zaib the Slayer, a legendary CeHu of the Shining One (Zig:17)
  The ghost of Zaib the Slayer, a legendary CeHu of the Shining One (Zig:17)
  The ghost of Zaib the Slayer, a legendary CeHu of the Shining One (Zig:17)
  The ghost of Zaib the Slayer, a legendary CeHu of the Shining One (Zig:25)
  The ghost of Zaib the Slayer, a legendary CeHu of the Shining One (Zig:25)
  The ghost of Zaib the Slayer, a legendary CeHu of the Shining One (Zig:25)
  The ghost of Zaib the Slayer, a legendary CeHu of the Shining One (Zig:19)
  The ghost of Zaib the Slayer, a legendary CeHu of the Shining One (Zig:25)
  The ghost of Zaib the Slayer, a legendary CeHu of the Shining One (Zig:17)
  The ghost of ViolentViolet the Evocator, a legendary CoAr of Ashenzari (Zig:26)
  Mara (Vaults:4)
  The ghost of Tenar the Scorcher, a legendary MDCA of Gozag (Zig:26)
  108 juggernauts
  The ghost of Hahenefa the Sensei, a legendary DsWn of Uskayaw (Zig:25)
  The ghost of Hahenefa the Sensei, a legendary DsWn of Uskayaw (Zig:25)
  The ghost of Hahenefa the Sensei, a legendary DsWn of Uskayaw (Zig:19)
  The ghost of Hahenefa the Sensei, a legendary DsWn of Uskayaw (Zig:25)
  The ghost of Hahenefa the Sensei, a legendary DsWn of Uskayaw (Zig:19)
  The ghost of Hahenefa the Sensei, a legendary DsWn of Uskayaw (Zig:17)
  The ghost of Hahenefa the Sensei, a legendary DsWn of Uskayaw (Zig:25)
  225 royal mummies
  The ghost of Diylu the Necromancer, a veteran DsCj of Gozag (Zig:25)
  The ghost of Diylu the Necromancer, a veteran DsCj of Gozag (Zig:17)
  The ghost of Diylu the Necromancer, a veteran DsCj of Gozag (Zig:26)
  The ghost of Diylu the Necromancer, a veteran DsCj of Gozag (Zig:25)
  The ghost of Diylu the Necromancer, a veteran DsCj of Gozag (Zig:26)
  The ghost of Juunidd the Merry Frog, a veteran BaHu of Okawaru (Zig:17)
  The ghost of Juunidd the Merry Frog, a veteran BaHu of Okawaru (Zig:19)
  The ghost of Juunidd the Merry Frog, a veteran BaHu of Okawaru (Zig:17)
  The ghost of Juunidd the Merry Frog, a veteran BaHu of Okawaru (Zig:25)
  The ghost of Juunidd the Merry Frog, a veteran BaHu of Okawaru (Zig:17)
  Sojobo (Crypt:1)
  The ghost of Jymib the Ruinous, a veteran DgCj (Depths:1)
  83 shard shrikes
  Parghit (Zot:3)
  125 Killer Klowns
  The ghost of Mafape the Warrior, a veteran OnGl of Okawaru (Depths:1)
  A Head Instructor (WizLab)
  230 caustic shrikes
  Saint Roka (Elf:3)
  19 curse toes
  A caustic shrike (shapeshifter) (Zig:27)
  The ghost of Hiz Mun the Phalangite, a veteran MfGl of Yredelemnul (Zig:19)
  The ghost of Hiz Mun the Phalangite, a veteran MfGl of Yredelemnul (Zig:25)
  The ghost of Hiz Mun the Phalangite, a veteran MfGl of Yredelemnul (Zig:25)
  The ghost of Hiz Mun the Phalangite, a veteran MfGl of Yredelemnul (Zig:25)
  The ghost of Hiz Mun the Phalangite, a veteran MfGl of Yredelemnul (Zig:17)
  The ghost of Hiz Mun the Phalangite, a veteran MfGl of Yredelemnul (Zig:17)
  The ghost of Hiz Mun the Phalangite, a veteran MfGl of Yredelemnul (Zig:26)
  The ghost of Hiz Mun the Phalangite, a veteran MfGl of Yredelemnul (Zig:17)
  Margery (Vaults:2)
  412 golden dragons
  426 pandemonium lords
  Geryon (Hell)
  A golden dragon (shapeshifter) (Zig:11)
  74 pearl dragons
  9 profane servitors
  36 electric golems
  98 bone dragons
  Arachne (Spider:3)
  32 Brimstone Fiends
  186 hellephants
  63 Tzitzimimeh
  44 doom hounds
  152 Ice Fiends
  4 walking crystal tomes
  26 Orb Guardians (Zot:5)
  50 tainted leviathans
  55 iron giants
  530 tentacled monstrosities
  113 Hell Sentinels
  101 quicksilver dragons
  134 liches
  47 deep elf blademasters
  24 walking frostbound tomes
  17 searing wretches
  The ghost of Galebb the Warrior, an adept MiFi of Okawaru (Depths:1)
  8 quicksilver dragons (shapeshifter)
  63 deep elf master archers
  201 acid blobs
  193 titans
  52 Executioners
  An acid blob (shapeshifter) (Zig:27)
  53 sphinxes
  Agnes (Elf:1)
  141 ancient champions
  59 tentacled starspawn
  4 sphinxes (shapeshifter)
  The ghost of shadizar the Eclecticist, an adept DjCj of Makhleb (Elf:2)
  3 eldritch tentacles
  The ghost of Filo the Executioner, an adept MiBe of Trog (Swamp:2)
  The ghost of Rehacw the Warrior, an adept HOMo of Beogh (Depths:3)
  7 death cobs
  Donald (Elf:3)
  86 shadow dragons
  111 storm dragons
  A storm dragon (shapeshifter) (Zig:24)
  A shadow dragon (shapeshifter) (Zig:27)
  268 nagarajas
  56 tengu reavers
  141 draconian monks
  An azure jelly (shapeshifter) (Zig:24)
  21 thorn hunters
  227 fenstrider witches
  111 protean progenitors
  93 daevas
  68 rockslimes
  203 draconian knights
  84 azure jellies
  289 revenants
  4 fenstrider witches (shapeshifter)
  45 demonspawn warmongers
  27 fire giants
  59 frost giants
  12 frost giants (shapeshifter)
  8 fire giants (shapeshifter)
  81 narguns
  79 quicksilver elementals
  The ghost of fpsbossfight the Spry, an adept SpBe of Trog (Swamp:1)
  2 imperial myrmidons (Desolation)
  116 emperor scorpions
  64 vault wardens
  An emperor scorpion (shapeshifter) (Zig:24)
  71 iron dragons
  2 spectral juggernauts (Zig:24)
  8 caustic shrike zombies
  198 curse skulls
  67 balrugs
  8 deep elf elementalists
  29 deep elf sorcerers
  39 ironbound preservers
  147 draconian shifters
  2 spectral caustic shrikes (Zig:24)
  426 draconian scorchers
  55 quicksilver oozes
  The ghost of Urontig the Protected, a journeyman AtMo of Yredelemnul (Lair:5)
  Louise (Elf:3)
  275 ghost moths
  7 juggernaut zombies
  45 ghouls
  A spriggan defender (Depths:3)
  183 orc warlords
  410 draconian stormcallers
  43 angels
  97 reapers
  112 demonspawn corrupters
  139 stone giants
  49 cacodemons
  65 demonspawn blood saints
  17 caustic shrike skeletons
  A quicksilver ooze (shapeshifter) (Zig:27)
  165 draconian annihilators
  25 formless jellyfish
  37 ophanim
  71 green draconians
  20 broodmothers
  39 ironbound thunderhulks
  4 formless jellyfish (shapeshifter)
  22 juggernaut skeletons
  66 very ugly things
  2 starflowers (Abyss:5)
  62 eleionomae
  61 deep elf demonologists
  3 stone giants (shapeshifter)
  Nessos (D:15)
  52 putrid mouths
  70 deep elf annihilators
  61 demonspawn black suns
  28 lorocyprocas
  91 deep elf death magi
  52 apis
  10 eleionomae (shapeshifter)
  67 black draconians
  A halazid warlock (Desolation)
  76 purple draconians
  120 vampire knights
  58 red draconians
  154 starcursed masses
  The ghost of Riskot the Eclecticist, a journeyman OpAl of Dithmenos (Lair:5)
  86 yellow draconians
  38 war gargoyles
  83 bennus
  A minotaur (Gauntlet)
  79 dire elephants
  A spark wasp (shapeshifter) (Zig:27)
  72 wendigos
  49 spark wasps
  71 white draconians
  2 dire elephants (shapeshifter) (Zig:20)
  A minotaur (shapeshifter) (Zig:18)
  56 bunyips
  165 eidola
  Snorg (Orc:1)
  106 merfolk javelineers
  23 jiangshi
  58 blizzard demons
  A fire dragon (shapeshifter) (Zig:18)
  42 ettins
  67 merfolk impalers
  27 crystal guardians
  310 green deaths
  4 shapeshifters
  181 mummy priests
  3 ettins (shapeshifter)
  52 fire dragons
  55 iron golems
  54 ice dragons
  3 quicksilver dragon zombies
  71 deep elf high priests
  A spectral kraken (Zig:17)
  6 ragged hierophants (Desolation)
  11 spriggan zombies
  A spectral spriggan (Zig:24)
  7 rakshasas
  596 shambling mangroves
  8 servants of whispers
  23 great orbs of eyes
  55 yaktaur captains
  210 salamander tyrants
  45 vault guards
  A great orb of eyes (shapeshifter) (Zig:24)
  117 entropy weavers
  2 ice dragons (shapeshifter)
  5 quicksilver dragon skeletons
  2 spectral shadow dragons (Zig:24)
  A spectral tengu (Zig:24)
  131 hydras
  13 peacekeepers
  5 caustic shrike simulacra
  36 hell beasts
  2 spectral sphinxes (Zig:24)
  56 spriggan air magi
  11 juggernaut simulacra
  10 ironbound frosthearts
  12 jorogumos
  66 alligators
  2 alligators (shapeshifter)
  24 centaur warriors
  A bennu zombie (Crypt:2)
  22 ogre magi
  42 anacondas
  119 merfolk aquamancers
  6 sphinx zombies
  16 spriggan skeletons
  8 alligator snapping turtles
  6 alligator snapping turtles (shapeshifter)
  53 ghost crabs
  15 radroaches
  64 catoblepae
  2 death knights
  An anaconda (shapeshifter) (Zig:20)
  3 deep troll shamans
  11 deep troll earth magi
  The ghost of Mll the Fighter, a novice MiFi of Okawaru (D:9)
  A boulder beetle (shapeshifter) (Zig:27)
  93 dancing weapons
  A stoker (Zig:2)
  3 two-headed ogres (shapeshifter)
  A bennu skeleton (Crypt:1)
  39 demonic crawlers
  9 hell hogs
  113 death scarabs
  10 sphinx skeletons
  29 satyrs
  2 satyrs (shapeshifter)
  81 naga sharpshooters
  5 tengu warriors
  32 two-headed ogres
  31 boulder beetles
  25 merfolk avatars
  13 titan zombies
  4 death yaks (shapeshifter)
  6 holy swine (Pan)
  84 soul eaters
  22 death yaks
  6 occultists
  210 orc high priests
  151 vampire magi
  8 spriggan berserkers
  75 thrashing horrors
  4 storm dragon zombies
  Urug (D:9)
  42 naga warriors
  A spectral storm dragon (Zig:24)
  A spectral death yak (Lair:5)
  55 iron trolls
  82 sun demons
  5 hellephant skeletons (Pan)
  5 shock serpents (shapeshifter)
  82 shock serpents
  97 wretched stars
  69 deep elf knights
  24 crystal echidnas
  85 shadow wraiths
  53 sea snakes
  9 skysharks (shapeshifter)
  13 titan skeletons
  2 goliath frogs (shapeshifter)
  22 hell knights
  4 golden dragon zombies
  65 sixfirhies
  75 skysharks
  6 iron trolls (shapeshifter)
  138 large abominations
  5 fire crabs
  14 glowing orange brains
  18 salamander mystics
  16 skeletal warriors
  8 storm dragon skeletons
  4 bunyip zombies
  29 spatial maelstroms
  2 death drakes (shapeshifter) (Zig:24)
  32 mana vipers
  3 orb spiders (shapeshifter)
  28 pharaoh ants
  44 goliath frogs
  3 quicksilver dragon simulacra
  A spectral anaconda (Lair:5)
  4 sea snakes (shapeshifter)
  4 swamp dragons (shapeshifter)
  27 death drakes
  103 swamp dragons
  12 arcanists
  116 spriggan druids
  45 cherubim
  61 deep elf archers
  84 flayed ghosts
  62 deep trolls
  36 orb spiders
  3 sun moths (shapeshifter)
  7 golden dragon skeletons
  8 sun moths
  4 deep trolls (shapeshifter)
  3 kraken simulacra (Zig:17)
  10 tengu zombies
  18 bog bodies
  8 obsidian statues
  10 spriggan simulacra
  30 naga ritualists
  3 lindwurms (shapeshifter)
  3 spectral iron dragons
  3 bunyip skeletons
  92 phantasmal warriors
  2 steelbarb worms (shapeshifter)
  77 deep elf pyromancers
  22 shadow demons
  An iron giant skeleton (Tomb:3)
  22 lindwurms
  2 harpies (shapeshifter)
  39 ironbound convokers
  23 necromancers
  11 shadow dragon zombies
  27 harpies
  53 orc knights
  A glowing shapeshifter (Zig:20)
  9 orange crystal statues
  13 thermic dynamos
  74 deep elf zephyrmancers
  50 wolf spiders
  13 obsidian bats
  A sphinx simulacrum (Zig:23)
  2 shining eyes (shapeshifter)
  3 lightning spires (Zig:21)
  8 iron dragon zombies
  25 oklob plants
  A stone giant zombie (Crypt:2)
  34 steelbarb worms
  2 wolf spiders (shapeshifter)
  A fire giant zombie (Zig:7)
  4 frost giant zombies
  18 fauns
  85 orc sorcerers
  An ugly thing (shapeshifter) (Zig:27)
  45 shining eyes
  32 ugly things
  12 shadow dragon skeletons
  12 tengu skeletons
  10 fauns (shapeshifter)
  8 mana vipers (shapeshifter)
  4 manticores (shapeshifter)
  60 will-o-the-wisps
  3 elephants (shapeshifter)
  2 cyclopes (shapeshifter)
  10 salamanders
  64 manticores
  A spectral centaur (Crypt:3)
  40 cyclopes
  An alligator skeleton (Crypt:3)
  154 moths of wrath
  9 worldbinders
  2 meliai (shapeshifter)
  A moth of wrath (shapeshifter) (Zig:20)
  31 merfolk sirens
  2 toenail golems
  A black mamba (shapeshifter) (Zig:24)
  69 guardian serpents
  10 water nymphs (shapeshifter)
  A centaur zombie (Crypt:1)
  A guardian serpent (shapeshifter) (Zig:26)
  4 meliai
  12 rust devils
  2 stone giant skeletons
  22 eyes of devastation
  6 eyes of devastation (shapeshifter)
  6 torpor snails (shapeshifter)
  636 water nymphs
  150 black mambas
  30 elephants
  29 orange demons
  27 vault sentinels
  4 titan simulacra
  57 cane toads
  A dire elephant skeleton (Crypt:1)
  3 molten gargoyles
  11 ice statues
  71 kobold blastminers
  15 iron dragon skeletons
  52 apocalypse crabs
  An eleionoma skeleton (Crypt:2)
  86 naga magi
  112 smoke demons
  5 gargoyles
  6 storm dragon simulacra
  2 cane toads (shapeshifter)
  71 tormentors
  284 torpor snails
  3 unseen horrors (D:11)
  3 centaur skeletons
  27 yaktaurs
  2 kobold demonologists (D:11)
  33 rime drakes
  36 komodo dragons
  19 freezing wraiths
  4 golden dragon simulacra
  73 ancient zymes
  64 hellions
  280 guardian mummies
  21 ice devils
  14 efreet
  7 silent spectres
  3 tengu conjurers
  4 komodo dragons (shapeshifter)
  11 red devils
  A catoblepas skeleton (Crypt:1)
  4 spectral glowing shapeshifters (Zig:24)
  11 polar bears
  A spectral harpy (Crypt:3)
  22 bloated husks
  6 merfolk (shapeshifter)
  A polar bear (shapeshifter) (Zig:10)
  46 tyrant leeches
  2 queen bees (shapeshifter)
  54 saltlings (Desolation)
  65 merfolk
  5 shadow dragon simulacra
  37 hellwings
  69 trolls
  3 raiju (shapeshifter)
  17 blink frogs
  A wolf spider simulacrum (D:15)
  48 tarantellas
  3 glass eyes (shapeshifter)
  59 wind drakes
  A tengu simulacrum (Zig:17)
  36 glass eyes
  998 hornets
  A spectral elephant (Lair:5)
  35 raiju
  A frost giant simulacrum (Depths:2)
  A harpy skeleton (Crypt:1)
  4 snapping turtles (shapeshifter)
  2 iron dragon simulacra (Zig:17)
  4 dream sheep
  2 dream sheep (shapeshifter)
  A wind drake (shapeshifter) (Zig:24)
  A draconian simulacrum (Hell)
  56 jumping spiders
  2 stone giant simulacra (Zig:4)
  A slime creature (shapeshifter) (Zig:18)
  229 slime creatures
  A centaur simulacrum (Tomb:3)
  7 shadows (Crypt:3)
  67 snapping turtles
  5 vampires
  A culicivora (shapeshifter) (Zig:24)
  106 ushabtiu
  2 spriggans (shapeshifter)
  50 spriggans
  23 air elementals
  2 jumping spiders (shapeshifter)
  23 wyverns
  3 yaks (shapeshifter)
  49 culicivoras
  A satyr skeleton (Crypt:2)
  65 yaks
  14 wraiths
  Eustachio (D:4)
  A wyvern (shapeshifter) (Zig:26)
  67 ynoxinuls
  3 fire bats (shapeshifter)
  A human (shapeshifter) (Zig:15)
  50 wargs
  54 water elementals
  13 fire elementals
  6 fire bats
  20 basilisks
  A basilisk (shapeshifter) (Zig:5)
  41 golden eyes
  72 neqoxecs
  100 redbacks
  26 steam dragons
  A warg (shapeshifter) (Zig:20)
  2 redbacks (shapeshifter)
  Grum (Lair:1)
  A steam dragon (shapeshifter) (Zig:26)
  2 death yak simulacra (Lair:5)
  17 vampire mosquitoes
  75 chaos spawn
  2 spectral cane toads (Lair:5)
  A human zombie (Zig:5)
  14 swamp worms
  11 glowing shapeshifter zombies
  A harpy simulacrum (Hell)
  45 nagas
  12 spatial vortices
  4 swamp worms (shapeshifter)
  23 acid dragons
  2 naga zombies
  52 water moccasins
  6 hell hounds
  9 glowing shapeshifter skeletons
  23 swamp drakes
  A black bear (shapeshifter) (Zig:21)
  A human skeleton (Zig:11)
  294 orc warriors
  2 sky beasts (D:7)
  3 ice beasts
  4 black bears
  A snapping turtle zombie (Crypt:2)
  A tengu (shapeshifter) (Zig:20)
  A small abomination (Abyss:5)
  33 laughing skulls
  16 centaurs
  A manticore zombie (Crypt:1)
  140 ogres
  28 wolves
  A centaur (shapeshifter) (Abyss:5)
  3 elephant skeletons
  A swamp dragon skeleton (Crypt:3)
  2 rime drake skeletons
  2 kobold brigands
  13 weeping skulls
  9 bullfrogs
  2 cane toad simulacra (Lair:5)
  3 gnoll sergeants
  2 scorpions
  A warg zombie (Crypt:1)
  27 earth elementals
  A glowing shapeshifter simulacrum (Zig:20)
  5 wights
  A hornet simulacrum (D:14)
  7 killer bees
  2 electric eels
  11 howler monkeys
  4 crimson imps (Depths:3)
  A wolf skeleton (Crypt:3)
  2 hounds
  3 bombardier beetles
  A bullfrog skeleton (Crypt:2)
  58 orc priests
  10 iron imps
  A gnoll bouda (D:8)
  2 iguanas (shapeshifter)
  8 iguanas
  2 sleepcaps
  65 orc wizards
  5 hell rats (Lair:5)
  An acid dragon skeleton (Crypt:3)
  522 mummies
  Robin (D:4)
  A howler monkey zombie (Crypt:1)
  10 adders
  27 gnolls
  A shadow imp (D:6)
  A white imp (D:6)
  4 dart slugs
  3 ribbon worms
  85 orcs
  10 endoplasms
  A giant cockroach (D:3)
  14 hobgoblins
  3 jackals (D:3)
  5 quokkas
  3 ball pythons
  7 bats
  A bombardier beetle zombie (Crypt:3)
  A frilled lizard (D:3)
  13 goblins
  A hobgoblin skeleton (Crypt:1)
  11 kobolds
  A rat (D:3)
  A spectral hobgoblin (D:3)
  171 aspiring fleshes
  16 ball lightnings
  284 fire vortices
  2 lurking horrors (Abyss:5)
  A spectral weapon (Zig:14)
  15 starspawn tentacles
  4 tentacles (Zig:17)
26153 creatures vanquished.

Vanquished Creatures (collateral kills)
  41 pandemonium lords
  The ghost of Piash the Metallomancer, a master OnEE of Gozag (Zig:26)
  The ghost of Poalor the Merry Gnoll, a legendary GnWn of Qazlal (Zig:17)
  The ghost of Poalor the Merry Gnoll, a legendary GnWn of Qazlal (Zig:25)
  The ghost of Poalor the Merry Gnoll, a legendary GnWn of Qazlal (Zig:17)
  The ghost of Neapotai the Annihilator, a veteran DsMo of Ru (Zig:19)
  The ghost of Neapotai the Annihilator, a veteran DsMo of Ru (Zig:25)
  18 seraphim (Zig:21)
  The ghost of Amovulon the Petrodigitator, a legendary GrEE of Vehumet (Zig:25)
  16 dread liches
  16 ancient liches
  The ghost of Beofaps the Ruinous, a legendary HuCj of Vehumet (Zig:17)
  The ghost of Beofaps the Ruinous, a legendary HuCj of Vehumet (Zig:26)
  The ghost of Tefur the Slayer, a legendary GnFi of Cheibriados (Zig:25)
  The ghost of Qyuhokk the Pyromancer, a veteran MDFE of Ashenzari (Zig:26)
  The ghost of Qyuhokk the Pyromancer, a veteran MDFE of Ashenzari (Zig:26)
  The ghost of Qyuhokk the Pyromancer, a veteran MDFE of Ashenzari (Zig:17)
  The ghost of Qyuhokk the Pyromancer, a veteran MDFE of Ashenzari (Zig:25)
  3 juggernauts
  The ghost of Hahenefa the Sensei, a legendary DsWn of Uskayaw (Zig:19)
  36 royal mummies
  The ghost of Juunidd the Merry Frog, a veteran BaHu of Okawaru (Zig:19)
  The ghost of Juunidd the Merry Frog, a veteran BaHu of Okawaru (Zig:25)
  The ghost of Juunidd the Merry Frog, a veteran BaHu of Okawaru (Zig:17)
  The ghost of Juunidd the Merry Frog, a veteran BaHu of Okawaru (Zig:17)
  15 Killer Klowns
  4 curse toes
  2 shard shrikes
  The ghost of Hiz Mun the Phalangite, a veteran MfGl of Yredelemnul (Zig:25)
  The ghost of Hiz Mun the Phalangite, a veteran MfGl of Yredelemnul (Zig:17)
  10 caustic shrikes
  A golden dragon (shapeshifter) (Zig:27)
  67 golden dragons
  7 bone dragons
  11 pearl dragons
  2 profane servitors
  3 Tzitzimimeh
  A doom hound (Zig:24)
  4 Brimstone Fiends
  14 Hell Sentinels
  6 iron giants
  An electric golem (Zig:6)
  5 Ice Fiends
  A hellephant (Zig:20)
  96 tentacled monstrosities
  6 titans
  6 tainted leviathans
  6 liches
  A walking frostbound tome (Zig:8)
  2 quicksilver dragons (Zig:23)
  16 acid blobs
  A quicksilver dragon (shapeshifter) (Zig:20)
  2 sphinxes (shapeshifter)
  2 sphinxes
  An Executioner (Zig:22)
  3 searing wretches (Zig:20)
  An eldritch tentacle (Zig:25)
  3 tengu reavers
  3 storm dragons
  2 ancient champions
  7 nagarajas
  A tentacled starspawn (Zig:22)
  8 shadow dragons
  8 revenants
  9 fenstrider witches
  16 protean progenitors
  5 draconian monks
  5 fire giants
  3 draconian knights
  3 narguns
  7 daevas (Zig:21)
  A frost giant (shapeshifter) (Zig:20)
  A deep elf sorcerer (Zig:26)
  3 demonspawn warmongers (Zig:22)
  6 rockslimes
  5 draconian scorchers
  An emperor scorpion (Zig:14)
  13 iron dragons
  4 frost giants
  6 ghost moths
  3 draconian shifters (Zig:27)
  2 quicksilver elementals
  8 balrugs
  10 curse skulls
  A caustic shrike zombie (Zig:27)
  3 juggernaut zombies (Zig:23)
  4 reapers
  3 draconian stormcallers
  6 very ugly things
  A spectral caustic shrike (Zig:24)
  7 angels
  15 orc warlords
  A caustic shrike skeleton (Zig:27)
  An ironbound preserver (Zig:12)
  2 ghouls
  4 demonspawn corrupters
  10 ophanim
  4 apis (Zig:21)
  8 demonspawn blood saints
  3 cacodemons
  3 draconian annihilators
  A broodmother (Zig:27)
  An elemental wellspring (Hell)
  A quicksilver ooze (Zig:18)
  4 stone giants
  A formless jellyfish (shapeshifter) (Zig:24)
  2 formless jellyfish (Zig:23)
  33 bennus
  An ironbound thunderhulk (Zig:24)
  2 deep elf death magi
  3 starcursed masses
  2 eleionomae
  A vampire knight (Zig:9)
  2 lorocyprocas
  7 demonspawn black suns
  A putrid mouth (Zig:8)
  A bunyip (Zig:25)
  2 black draconians (Zig:21)
  A deep elf annihilator (Zig:24)
  2 purple draconians
  A red draconian (Zig:27)
  2 war gargoyles
  A wendigo (Zig:17)
  2 dire elephants
  A spark wasp (shapeshifter) (Zig:27)
  8 fire dragons
  3 ettins
  9 eidola
  6 iron golems
  19 green deaths
  A jiangshi (Zig:26)
  2 merfolk javelineers
  A blizzard demon (Zig:22)
  3 deep elf high priests
  30 shambling mangroves
  11 mummy priests
  2 spriggan zombies (Zig:25)
  2 yaktaur captains (Zig:26)
  A hydra (Zig:25)
  4 entropy weavers
  A hell beast (Zig:17)
  11 salamander tyrants
  2 alligators (Zig:22)
  3 catoblepae
  2 anacondas
  An alligator snapping turtle (shapeshifter) (Zig:27)
  A merfolk aquamancer (Zig:26)
  An ironbound frostheart (Zig:8)
  7 ghost crabs
  A sphinx skeleton (Zig:27)
  A stoker (Zig:20)
  2 sphinx zombies
  A two-headed ogre (Orc:2)
  11 death scarabs
  2 boulder beetles
  3 satyrs
  A death yak (Zig:19)
  A two-headed ogre (shapeshifter) (Zig:24)
  2 shock serpents (shapeshifter)
  A demonic crawler (Zig:22)
  6 naga sharpshooters
  2 vampire magi
  A shock serpent (Zig:22)
  A hell hog (Hell)
  2 naga warriors
  5 orc high priests
  5 thrashing horrors
  A skyshark (Zig:18)
  4 soul eaters
  A salamander mystic (Zig:23)
  2 storm dragon zombies
  3 crystal echidnas
  A sun demon (Zig:17)
  A titan skeleton (Zig:27)
  6 wretched stars
  2 iron trolls
  4 pharaoh ants
  3 skeletal warriors (Tomb:1)
  4 goliath frogs
  5 shadow wraiths
  A sea snake (Zig:20)
  A skyshark (shapeshifter) (Zig:24)
  5 spriggan druids
  2 sixfirhies
  A death drake (Zig:18)
  A sea snake (shapeshifter) (Zig:24)
  8 cherubim (Zig:21)
  A deep troll (shapeshifter) (Zig:24)
  6 spatial maelstroms
  5 flayed ghosts
  3 sun moths
  4 bog bodies
  A swamp dragon (shapeshifter) (Zig:27)
  A shadow demon (Zig:22)
  5 swamp dragons
  3 steelbarb worms
  2 golden dragon skeletons
  A thermic dynamo (Zig:10)
  A phantasmal warrior (Crypt:3)
  A glowing orange brain (shapeshifter) (Zig:24)
  2 harpies
  2 shadow dragon skeletons (Zig:23)
  2 shadow dragon zombies (Zig:27)
  A lightning spire (Zig:21)
  3 iron dragon zombies
  3 manticores
  A wolf spider (Zig:15)
  2 obsidian bats
  2 orc knights
  2 orc sorcerers
  A faun (shapeshifter) (Zig:9)
  2 shining eyes (shapeshifter) (Zig:27)
  A salamander (Zig:18)
  5 will-o-the-wisps
  4 moths of wrath
  3 cyclopes
  4 large abominations
  An iron dragon skeleton (Zig:25)
  11 smoke demons
  A vault sentinel (Zig:9)
  5 black mambas
  A rust devil (Hell)
  4 water nymphs
  7 torpor snails
  A molten gargoyle (Hell)
  A gargoyle (Zig:20)
  3 naga magi
  An eye of devastation (shapeshifter) (Zig:24)
  10 apocalypse crabs
  A cane toad (shapeshifter) (Zig:24)
  A torpor snail (shapeshifter) (Zig:20)
  A cane toad (Zig:18)
  5 hellions
  An orange demon (Zig:22)
  An ice devil (Zig:22)
  A freezing wraith (Zig:17)
  4 tormentors
  2 ancient zymes
  2 red devils (Zig:22)
  2 rime drakes
  29 guardian mummies
  A merfolk (shapeshifter) (Zig:24)
  2 trolls
  3 tyrant leeches
  A hellwing (Zig:22)
  A polar bear (Zig:18)
  64 hornets
  A bloated husk (Zig:22)
  A blink frog (Zig:19)
  A dream sheep (shapeshifter) (Zig:24)
  A culicivora (shapeshifter) (Zig:24)
  A spriggan (Zig:25)
  A jumping spider (Zig:20)
  4 slime creatures
  2 ynoxinuls
  A wraith (Zig:11)
  15 ushabtiu
  3 golden eyes
  2 neqoxecs
  A redback (shapeshifter) (Zig:18)
  A steam dragon (Zig:18)
  2 yaks
  5 wargs
  3 redbacks
  7 chaos spawn
  A naga (Zig:18)
  2 acid dragons (Zig:23)
  A glowing shapeshifter skeleton (Zig:23)
  2 water moccasins (Zig:18)
  2 swamp drakes
  13 orc warriors
  4 ogres
  A manticore skeleton (Crypt:3)
  A hog zombie (Crypt:3)
  An earth elemental (Zig:20)
  A cerulean imp (Zig:22)
  2 orc priests
  An orc wizard (Zig:16)
  40 mummies
  10 aspiring fleshes
  9 ball lightnings
  43 fire vortices
  A starspawn tentacle (Zig:22)
1406 creatures vanquished.

Vanquished Creatures (others)
  The ghost of Piash the Metallomancer, a master OnEE of Gozag (Zig:19)
  The ghost of Piash the Metallomancer, a master OnEE of Gozag (Zig:25)
  The ghost of Piash the Metallomancer, a master OnEE of Gozag (Zig:19)
  The ghost of Piash the Metallomancer, a master OnEE of Gozag (Zig:19)
  The ghost of Piash the Metallomancer, a master OnEE of Gozag (Zig:19)
  The ghost of Poalor the Merry Gnoll, a legendary GnWn of Qazlal (Zig:26)
  The ghost of Neapotai the Annihilator, a veteran DsMo of Ru (Zig:19)
  The ghost of Neapotai the Annihilator, a veteran DsMo of Ru (Zig:17)
  The ghost of Neapotai the Annihilator, a veteran DsMo of Ru (Zig:19)
  The ghost of Amovulon the Petrodigitator, a legendary GrEE of Vehumet (Zig:25)
  A seraph (Zig:21)
  64 pandemonium lords
  The ghost of Has Pue the Sorcerer, a legendary FoFi of Vehumet (Zig:25)
  The ghost of Has Pue the Sorcerer, a legendary FoFi of Vehumet (Zig:17)
  The ghost of Zycouta the Cloud Mage, a legendary DrSh of Cheibriados (Zig:17)
  The ghost of Zycouta the Cloud Mage, a legendary DrSh of Cheibriados (Zig:25)
  The ghost of Kyik Kue the Ex Machina, a legendary DEFE of Vehumet (Zig:17)
  The ghost of Kyik Kue the Ex Machina, a legendary DEFE of Vehumet (Zig:17)
  12 dread liches
  The ghost of Beofaps the Ruinous, a legendary HuCj of Vehumet (Zig:19)
  The ghost of Beofaps the Ruinous, a legendary HuCj of Vehumet (Zig:17)
  9 ancient liches
  The ghost of Tefur the Slayer, a legendary GnFi of Cheibriados (Zig:17)
  The ghost of Tefur the Slayer, a legendary GnFi of Cheibriados (Zig:26)
  The ghost of Tefur the Slayer, a legendary GnFi of Cheibriados (Zig:25)
  The ghost of Jataj the Acolyte, a legendary GrFi of the Shining One (Zig:25)
  The ghost of Gealluifoe the Conqueror, a legendary DrFi of Makhleb (Zig:25)
  The ghost of Gealluifoe the Conqueror, a legendary DrFi of Makhleb (Zig:17)
  The ghost of Qyuhokk the Pyromancer, a veteran MDFE of Ashenzari (Zig:25)
  The ghost of mopl the Sorcerer, a master DEFE of Vehumet (Zig:26)
  The ghost of Jecaful the Peltast, a legendary NaMo of Cheibriados (Zig:17)
  The ghost of Jecaful the Peltast, a legendary NaMo of Cheibriados (Zig:25)
  The ghost of Qatt the Cursed, a legendary GnWn of Ashenzari (Zig:17)
  The ghost of Qatt the Cursed, a legendary GnWn of Ashenzari (Zig:17)
  The ghost of Zaib the Slayer, a legendary CeHu of the Shining One (Zig:25)
  The ghost of Zaib the Slayer, a legendary CeHu of the Shining One (Zig:26)
  The ghost of Zaib the Slayer, a legendary CeHu of the Shining One (Zig:17)
  5 orbs of fire
  2 juggernauts
  The ghost of Hahenefa the Sensei, a legendary DsWn of Uskayaw (Zig:17)
  The ghost of Hahenefa the Sensei, a legendary DsWn of Uskayaw (Zig:26)
  The ghost of Diylu the Necromancer, a veteran DsCj of Gozag (Zig:17)
  The ghost of Diylu the Necromancer, a veteran DsCj of Gozag (Zig:17)
  The ghost of Diylu the Necromancer, a veteran DsCj of Gozag (Zig:26)
  The ghost of Juunidd the Merry Frog, a veteran BaHu of Okawaru (Zig:25)
  The ghost of Juunidd the Merry Frog, a veteran BaHu of Okawaru (Zig:19)
  13 royal mummies
  11 Killer Klowns
  6 curse toes
  7 caustic shrikes
  20 golden dragons
  A pearl dragon (Zig:21)
  3 bone dragons (Zig:24)
  4 Brimstone Fiends
  6 iron giants
  A Tzitzimitl (Zig:8)
  2 doom hounds (Zig:24)
  5 Ice Fiends
  2 liches
  4 tainted leviathans (Zig:24)
  8 Hell Sentinels
  61 tentacled monstrosities
  6 titans
  A deep elf master archer (Zig:16)
  3 quicksilver dragons
  A sphinx (shapeshifter) (Zig:24)
  A sphinx (Zig:15)
  5 acid blobs
  An eldritch tentacle (Pan)
  An Executioner (Zig:22)
  An ancient champion (Zig:25)
  9 nagarajas
  13 shadow dragons
  2 daevas (Zig:21)
  A storm dragon (Zig:22)
  2 fenstrider witches
  6 protean progenitors
  7 rockslimes
  3 fire giants (shapeshifter)
  16 revenants
  4 draconian monks
  A frost giant (Zig:19)
  2 fire giants
  A frost giant (shapeshifter) (Zig:20)
  7 iron dragons
  A deep elf elementalist (Zig:10)
  2 angels (Zig:21)
  3 balrugs
  3 cacodemons
  4 draconian scorchers
  2 demonspawn corrupters (Zig:22)
  16 curse skulls
  An orc warlord (Zig:19)
  A draconian annihilator (Zig:24)
  A reaper (Zig:11)
  4 very ugly things
  A formless jellyfish (shapeshifter) (Zig:27)
  A demonspawn blood saint (Zig:22)
  An ironbound preserver (Zig:26)
  2 stone giants
  2 vampire knights
  2 black draconians
  A lorocyproca (Zig:22)
  A wendigo (Zig:20)
  A deep elf annihilator (Zig:13)
  9 demonspawn black suns
  13 deep elf death magi
  A putrid mouth (Zig:24)
  A yellow draconian (Zig:24)
  14 bennus
  2 white draconians
  An eleionoma (Zig:22)
  3 starcursed masses
  4 red draconians
  A dire elephant (Zig:19)
  7 green deaths
  2 blizzard demons
  26 eidola
  An ettin (Zig:20)
  2 mummy priests
  An entropy weaver (shapeshifter) (Zig:24)
  4 entropy weavers
  6 shambling mangroves
  3 great orbs of eyes
  An ice dragon (Zig:24)
  4 salamander tyrants
  A servant of whispers (Zig:25)
  A caustic shrike simulacrum (Zig:20)
  An alligator (Zig:24)
  A jorogumo (shapeshifter) (Zig:24)
  An anaconda (shapeshifter) (Zig:24)
  A boulder beetle (Zig:27)
  A radroach (Zig:27)
  9 ghost crabs
  An alligator (shapeshifter) (Zig:24)
  A jorogumo (Zig:20)
  A two-headed ogre (shapeshifter) (Zig:24)
  A demonic crawler (Zig:17)
  2 merfolk aquamancers
  A dancing weapon (Zig:10)
  2 hell hogs
  A vampire mage (Zig:9)
  2 death scarabs
  A shock serpent (Zig:22)
  A sun demon (Hell)
  8 soul eaters
  A crystal echidna (Zig:12)
  2 skeletal warriors
  A skyshark (shapeshifter) (Zig:18)
  3 wretched stars (Zig:22)
  A spatial maelstrom (Zig:21)
  A shadow wraith (Crypt:3)
  A sea snake (shapeshifter) (Zig:20)
  An iron troll (shapeshifter) (Zig:24)
  A goliath frog (Zig:11)
  A skyshark (Zig:18)
  A sixfirhy (Zig:22)
  3 cherubim (Zig:21)
  A mana viper (shapeshifter) (Zig:24)
  6 spriggan druids
  A naga ritualist (Zig:18)
  9 phantasmal warriors
  A shadow demon (Zig:22)
  A steelbarb worm (shapeshifter) (Zig:18)
  An obsidian bat (Zig:9)
  An obsidian statue (Zig:11)
  A harpy (Zig:20)
  A wolf spider (shapeshifter) (Zig:27)
  A deep elf pyromancer (Zig:10)
  2 will-o-the-wisps
  2 shining eyes (shapeshifter) (Zig:24)
  2 cyclopes
  A faun (Zig:16)
  3 guardian serpents
  A smoke demon (Zig:18)
  7 apocalypse crabs
  4 naga magi
  2 black mambas (Zig:10)
  2 water nymphs (shapeshifter)
  A water nymph (Zig:25)
  An elephant (Zig:18)
  A storm dragon simulacrum (Zig:17)
  An eye of devastation (shapeshifter) (Zig:20)
  A komodo dragon (Zig:19)
  5 guardian mummies
  2 wind drakes
  4 bloated husks
  19 hornets
  A dream sheep (shapeshifter) (Zig:27)
  A raiju (Zig:22)
  A snapping turtle (Zig:20)
  2 spriggans
  A fire elemental (Zig:24)
  4 ushabtiu
  A warg (Zig:12)
  7 chaos spawn
  A swamp worm (shapeshifter) (Zig:24)
  4 nagas
  A swamp drake (Zig:23)
  An ice beast (shapeshifter) (Zig:27)
  An orc wizard (Zig:19)
  A mummy (Tomb:1)
  16 aspiring fleshes
  21 ball lightnings
  176 fire vortices
  30 foxfires
  12 starspawn tentacles
  4 tentacles (Zig:17)
963 creatures vanquished.

Grand Total: 28522 creatures vanquished

Table legend: (Time is in decaauts)
 A = Elapsed time spent in this place.
 B = Non-inter-level travel time spent in this place.
 C = Inter-level travel time spent in this place.
 D = Time resting spent in this place.
 E = Time spent auto-exploring this place.
 F = Levels seen in this place.
 G = Mean time per level.
                   A        B        C        D        E       F      G
               +--------+--------+--------+--------+--------+-----+--------+
         Total | 195264 | 177309 |  17955 |  20477 | 129223 | 274 |  712.6 |
       Dungeon |  30239 |  24631 |   5608 |   4521 |  16405 |  15 | 2015.9 |
        Temple |     25 |      7 |     18 |      0 |      0 |   1 |   25.0 |
          Lair |  15254 |  13001 |   2253 |   3164 |   7785 |   5 | 3050.8 |
         Swamp |   8856 |   7936 |    920 |   2205 |   4530 |   4 | 2214.0 |
   Spider Nest |   6397 |   5788 |    609 |   1221 |   3652 |   4 | 1599.2 |
    Slime Pits |   4122 |   3755 |    367 |    902 |   2293 |   5 |  824.4 |
  Orcish Mines |   4830 |   4250 |    580 |   1698 |   1740 |   2 | 2415.0 |
   Elven Halls |   8536 |   7399 |   1137 |   1437 |   4898 |   3 | 2845.3 |
        Vaults |  12794 |  10887 |   1907 |    711 |   8595 |   5 | 2558.8 |
         Crypt |   3340 |   2933 |    407 |    204 |   2244 |   3 | 1113.3 |
          Tomb |   3535 |   2993 |    542 |    464 |   1874 |   3 | 1178.3 |
        Depths |   8309 |   6320 |   1989 |    806 |   3973 |   4 | 2077.2 |
          Hell |    660 |    650 |     10 |      0 |    550 |   1 |  660.0 |
           Zot |   9618 |   8015 |   1603 |   1134 |   5439 |   5 | 1923.6 |
         Abyss |    486 |    486 |      0 |      0 |    228 |   7 |   69.4 |
   Pandemonium |  17017 |  17017 |      0 |    825 |  13115 |  14 | 1215.5 |
      Ziggurat |  57737 |  57737 |      0 |    130 |  50418 | 189 |  305.5 |
         Trove |     91 |     91 |      0 |      0 |     61 |   1 |   91.0 |
        Wizlab |    499 |    499 |      0 |      0 |    380 |   1 |  499.0 |
    Desolation |   2099 |   2099 |      0 |    855 |    671 |   1 | 2099.0 |
      Gauntlet |    812 |    812 |      0 |    197 |    368 |   1 |  812.0 |
               +--------+--------+--------+--------+--------+-----+--------+

Top non-repeatable levels by time:
     D:9: 4173 daAuts
  Lair:5: 4102 daAuts
  Zig:26: 3895 daAuts
    D:12: 3868 daAuts
  Zig:27: 3763 daAuts
  Zig:25: 3614 daAuts
  Zig:24: 3542 daAuts
  Zig:21: 3521 daAuts
  Zig:22: 3470 daAuts
Vaults:2: 3423 daAuts
   Elf:2: 3399 daAuts
  Zig:23: 3306 daAuts
  Lair:4: 3208 daAuts
  Lair:2: 3193 daAuts
   Zot:2: 3050 daAuts

Table legend:
 A = Non-vault XP
 B = Vault XP
 C = Vault XP percentage of total XP
 D = Non-vault monster count
 E = Vault monster count
 F = Vault count percentage of total count
                 A         B        C        D         E       F
            +---------+---------+-------+---------+---------+-------
      Total | 7565199 | 1411152 |  15.7 |   25718 |    1602 |   5.9
            +---------+---------+-------+---------+---------+-------
        D:1 |      31 |       0 |   0.0 |      11 |       0 |   0.0
        D:2 |      51 |       0 |   0.0 |      16 |       0 |   0.0
        D:3 |     281 |      88 |  23.8 |      27 |      10 |  27.0
        D:4 |     426 |     383 |  47.3 |      19 |      16 |  45.7
        D:5 |     354 |     145 |  29.1 |      16 |       2 |  11.1
        D:6 |    1007 |       0 |   0.0 |      24 |       0 |   0.0
        D:7 |    1127 |    2470 |  68.7 |      25 |      15 |  37.5
        D:8 |    2196 |       0 |   0.0 |      25 |       0 |   0.0
        D:9 |    5198 |    2828 |  35.2 |      34 |       7 |  17.1
       D:10 |    1342 |    2385 |  64.0 |      12 |       4 |  25.0
       D:11 |    3876 |     139 |   3.5 |      22 |       2 |   8.3
       D:12 |    7453 |       0 |   0.0 |      25 |       0 |   0.0
       D:13 |    5354 |    1639 |  23.4 |      25 |       3 |  10.7
       D:14 |    6491 |    1700 |  20.8 |      13 |       2 |  13.3
       D:15 |    7735 |    2329 |  23.1 |      18 |       2 |  10.0
     Lair:1 |    2435 |     411 |  14.4 |      14 |       3 |  17.6
     Lair:2 |    5886 |    2514 |  29.9 |      15 |       7 |  31.8
     Lair:3 |   10203 |       0 |   0.0 |      34 |       0 |   0.0
     Lair:4 |   12616 |    3248 |  20.5 |      30 |       4 |  11.8
     Lair:5 |   10942 |   15335 |  58.4 |      33 |      34 |  50.7
    Swamp:1 |   16692 |    8112 |  32.7 |      37 |       9 |  19.6
    Swamp:2 |   13994 |    8334 |  37.3 |      26 |      10 |  27.8
    Swamp:3 |   21286 |     743 |   3.4 |      32 |       1 |   3.0
    Swamp:4 |   11424 |   17357 |  60.3 |      22 |      31 |  58.5
   Spider:1 |   15583 |       0 |   0.0 |      40 |       0 |   0.0
   Spider:2 |   17885 |       0 |   0.0 |      50 |       0 |   0.0
   Spider:3 |   14654 |    2122 |  12.6 |      37 |       1 |   2.6
   Spider:4 |    6597 |   24730 |  78.9 |      19 |      49 |  72.1
    Slime:1 |   12703 |       0 |   0.0 |      31 |       0 |   0.0
    Slime:2 |    5895 |       0 |   0.0 |       7 |       0 |   0.0
    Slime:3 |   17893 |    7747 |  30.2 |      38 |       1 |   2.6
    Slime:4 |    7273 |    1103 |  13.2 |      11 |       1 |   8.3
    Slime:5 |   15888 |   26259 |  62.3 |      30 |      21 |  41.2
      Orc:1 |    5417 |     939 |  14.8 |      36 |       1 |   2.7
      Orc:2 |    2696 |   18350 |  87.2 |      36 |      45 |  55.6
      Elf:1 |    9010 |   15852 |  63.8 |      14 |      17 |  54.8
      Elf:2 |   28297 |   35067 |  55.3 |      42 |      41 |  49.4
      Elf:3 |   12627 |   37872 |  75.0 |      21 |      42 |  66.7
   Vaults:1 |   24059 |   11033 |  31.4 |      38 |      16 |  29.6
   Vaults:2 |   39526 |   36745 |  48.2 |      56 |      41 |  42.3
   Vaults:3 |   21630 |   62810 |  74.4 |      25 |      68 |  73.1
   Vaults:4 |   34744 |   21565 |  38.3 |      48 |      22 |  31.4
   Vaults:5 |   21877 |  120884 |  84.7 |      38 |     104 |  73.2
    Crypt:1 |   17037 |   29213 |  63.2 |      31 |      29 |  48.3
    Crypt:2 |   27848 |    1534 |   5.2 |      51 |       9 |  15.0
    Crypt:3 |   23342 |   40839 |  63.6 |      37 |      74 |  66.7
     Tomb:1 |    5262 |   91860 |  94.6 |      19 |      69 |  78.4
     Tomb:2 |    9994 |   31406 |  75.9 |      24 |      51 |  68.0
     Tomb:3 |    9905 |   66774 |  87.1 |      30 |      76 |  71.7
   Depths:1 |   12455 |   29166 |  70.1 |      14 |      21 |  60.0
   Depths:2 |   18227 |    6415 |  26.0 |      24 |       6 |  20.0
   Depths:3 |   35800 |   51062 |  58.8 |      35 |      43 |  55.1
   Depths:4 |   30442 |   19288 |  38.8 |      41 |      18 |  30.5
       Hell |   41227 |   27412 |  39.9 |      56 |      30 |  34.9
      Zot:1 |   40567 |    6384 |  13.6 |      34 |       5 |  12.8
      Zot:2 |   44925 |   49375 |  52.4 |      39 |      41 |  51.2
      Zot:3 |   40109 |   26839 |  40.1 |      32 |      16 |  33.3
      Zot:4 |   34990 |   15614 |  30.9 |      30 |       7 |  18.9
      Zot:5 |   45659 |  104066 |  69.5 |      37 |      42 |  53.2
    Abyss:1 |     487 |       0 |   0.0 |       1 |       0 |   0.0
    Abyss:2 |     775 |       0 |   0.0 |       1 |       0 |   0.0
    Abyss:5 |   43988 |   12874 |  22.6 |      77 |      17 |  18.1
        Pan |  434313 |  219306 |  33.6 |     588 |     207 |  26.0
      Zig:1 |   15941 |       0 |   0.0 |      62 |       0 |   0.0
      Zig:2 |   33350 |    2263 |   6.4 |      97 |       4 |   4.0
      Zig:3 |   49983 |       0 |   0.0 |     169 |       0 |   0.0
      Zig:4 |   74787 |       0 |   0.0 |     226 |       0 |   0.0
      Zig:5 |   74520 |       0 |   0.0 |     305 |       0 |   0.0
      Zig:6 |  106102 |       0 |   0.0 |     347 |       0 |   0.0
      Zig:7 |  107587 |       0 |   0.0 |     421 |       0 |   0.0
      Zig:8 |  142528 |       0 |   0.0 |     448 |       0 |   0.0
      Zig:9 |  192246 |       0 |   0.0 |     611 |       0 |   0.0
     Zig:10 |  153886 |       0 |   0.0 |     584 |       0 |   0.0
     Zig:11 |  235995 |       0 |   0.0 |     677 |       8 |   1.2
     Zig:12 |  203513 |       0 |   0.0 |     697 |       0 |   0.0
     Zig:13 |  243294 |    1855 |   0.8 |     670 |       4 |   0.6
     Zig:14 |  236614 |       0 |   0.0 |     858 |       0 |   0.0
     Zig:15 |  380767 |       0 |   0.0 |     776 |       0 |   0.0
     Zig:16 |  359536 |       0 |   0.0 |     922 |       4 |   0.4
     Zig:17 |  361072 |    3005 |   0.8 |     902 |       4 |   0.4
     Zig:18 |  263745 |    2732 |   1.0 |    1110 |       4 |   0.4
     Zig:19 |  218525 |       0 |   0.0 |    1145 |       4 |   0.3
     Zig:20 |  186101 |       0 |   0.0 |    1164 |       0 |   0.0
     Zig:21 |  315474 |       0 |   0.0 |    1348 |       8 |   0.6
     Zig:22 |  275478 |       0 |   0.0 |    1655 |       4 |   0.2
     Zig:23 |  313074 |       0 |   0.0 |    1492 |       0 |   0.0
     Zig:24 |  340857 |    5498 |   1.6 |    1523 |      35 |   2.2
     Zig:25 |  425805 |    2605 |   0.6 |    1639 |       4 |   0.2
     Zig:26 |  465062 |       0 |   0.0 |    1640 |       0 |   0.0
     Zig:27 |  409351 |       0 |   0.0 |    1857 |       0 |   0.0
     WizLab |       0 |   24706 | 100.0 |       0 |      28 | 100.0
 Desolation |       0 |   40780 | 100.0 |       0 |      84 | 100.0
   Gauntlet |       0 |    5043 | 100.0 |       0 |      14 | 100.0
            +---------+---------+-------+---------+---------+-------
